 Dungeon Crawl Stone Soup version 0.30-a0-1116-gebefce21f7 (webtiles) character file.

Game seed: 2344358903910563112

1563340 Implojin the Acrobat (level 25, 207/207 HPs)
             Began as a Yellow Draconian Gladiator on Apr 21, 2023.
             Was a High Priest of Hepliaklqana.
             Escaped with the Orb
             ... and 3 runes!
             The game lasted 02:42:29 (77697 turns).

Implojin the Acrobat (Yellow Draconian Gladiator)  Turns: 77697, Time: 02:42:29

Health: 207/207    AC: 31    Str: 23    XL:     25   Next: 88%
Magic:  27/29      EV: 31    Int: 12    God:    Hepliaklqana [*****.]
Gold:   1768       SH: 26    Dex: 23    Spells: 24/24 levels left

rFire   + + .      SeeInvis .    a - +9 demon blade (freeze)
rCold   + . .      Faith    .    J - +1 tower shield {rC+}
rNeg    . . .      Spirit   +    (body armour unavailable)
rPois   +          Reflect  .    Z - +2 hat
rElec   +          Rampage  .    O - +2 cloak {rPois}
rCorr   +                        W - +2 pair of gloves {Stlth+}
Will    ++...                    s - +2 pair of boots {Stlth+}
Stlth   ++                       l - amulet "Yfruumpua" {Spirit rElec rF+ Int+3 Slay+3}
HPRegen 0.54/turn                Q - ring of the Tortoise {AC+8}
MPRegen 0.21/turn                L - ring of the Genius {rElec rF+ Will+ Dex+3 Slay-2}

@: no status effects
A: reduced essence, spit acid, AC +12, unfitting armour, acidic bite,
cold-blooded, acid resistance, talons 2, poison resistance, strong 1, subdued
magic 2, MP-powered wands
0: Orb of Zot
}: 3/15 runes: decaying, serpentine, slimy
a: Breathe Acid, Renounce Religion, Recall Ancestor, Ancestor Identity,
Transference, Idealise


You escaped.
You worshipped Hepliaklqana.
Hepliaklqana was extremely pleased with you.
You visited 11 branches of the dungeon, and saw 52 of its levels.
You also visited: Bailey and Ice Cave.

You collected 7518 gold pieces.
You spent 5750 gold pieces at shops.

Inventory:

Hand Weapons
 a - a +9 demon blade of freezing (weapon)
 b - a +9 double sword of holy wrath
 g - a +2 scimitar of flaming
Missiles
 c - a throwing net
 d - 19 javelins
 A - 23 boomerangs
 D - 4 poisoned darts
 I - 5 silver boomerangs (quivered)
 N - 39 curare-tipped darts
 V - 2 atropa-tipped darts
Armour
 s - a +2 pair of boots of stealth (worn)
 J - a +1 tower shield of cold resistance (worn)
 O - a +2 cloak of poison resistance (worn)
 W - a +2 pair of gloves of stealth (worn)
 Z - a +2 hat (worn)
Jewellery
 l - the amulet "Yfruumpua" (around neck) {Spirit rElec rF+ Int+3 Slay+3}
   (You found it on level 5 of the Pits of Slime)

   [amulet of guardian spirit]

   It causes incoming damage to be divided between your reserves of health and
   magic.
   Int:       It affects your intelligence (+3).
   Slay:      It affects your accuracy & damage with ranged weapons and melee
   (+3).
   rF:        It protects you from fire.
   rElec:     It insulates you from electricity.
 r - the ring of Xom's Flight of Fancy {rF++ rC- AC+4 Str+8 Stlth-}
   (You found it on level 3 of the Realm of Zot)

   [ring of protection]

   AC:        It affects your AC (+4).
   Str:       It affects your strength (+8).
   rF:        It greatly protects you from fire.
   rC:        It makes you vulnerable to cold.
   Stlth:     It makes you less stealthy.
 t - a ring of willpower
 E - the ring of Letozuan {Fly rF+ Int+2 Dex+6}
   (You found it on level 3 of the Elven Halls)

   [ring of dexterity]

   Int:       It affects your intelligence (+2).
   Dex:       It affects your dexterity (+6).
   rF:        It protects you from fire.
   Fly:       It grants you flight.
 L - the ring of the Genius (right hand) {rElec rF+ Will+ Dex+3 Slay-2}
   (You found it on level 3 of the Elven Halls)

   [ring of willpower]

   Dex:       It affects your dexterity (+3).
   Slay:      It affects your accuracy & damage with ranged weapons and melee
   (-2).
   rF:        It protects you from fire.
   rElec:     It insulates you from electricity.
   Will:      It increases your willpower.
 Q - the ring of the Tortoise (left hand) {AC+8}
   (You bought it in a shop on level 1 of the Snake Pit)

   [ring of protection]

   AC:        It affects your AC (+8).
 Y - an amulet of the acrobat
Wands
 p - a wand of digging (10)
 B - a wand of iceblast (76)
 K - a wand of paralysis (67)
 U - a wand of acid (14)
Scrolls
 j - 5 scrolls of magic mapping
 n - 3 scrolls of brand weapon
 o - 7 scrolls of fear
 q - a scroll of poison
 x - a scroll of silence
 y - 4 scrolls of blinking
 G - a scroll of summoning
 H - 7 scrolls of teleportation
 T - a scroll of enchant armour
Potions
 e - 2 potions of resistance
 f - 6 potions of might
 h - 4 potions of berserk rage
 i - 5 potions of cancellation
 k - 8 potions of heal wounds
 m - 13 potions of curing
 u - a potion of haste
 v - 7 potions of flight
 M - 9 potions of mutation
 P - 2 potions of ambrosia
 S - 3 potions of invisibility
 X - 4 potions of magic
Miscellaneous
 w - a box of beasts
 C - a phial of floods
 F - a phantom mirror
 R - a condenser vane (inert)


   Skills:
 - Level 20.0 Fighting
 - Level 10.0(16.8) Short Blades
 - Level 21.2(22.0) Long Blades
 - Level 7.0 Throwing
 * Level 22.8 Dodging
 - Level 8.0 Stealth
 - Level 22.0 Shields
 - Level 8.0 Invocations
 - Level 17.0 Evocations


You had 24 spell levels left.
You didn't know any spells.
Your spell library contained the following spells:

 Spells                   Type           Power      Damage    Failure   Level
 Beastly Appendage        Tmut           0%         N/A       41%         1
 Shock                    Conj/Air       0%         1d3       41%         1
 Summon Small Mammal      Summ           0%         N/A       41%         1
 Blink                    Tloc           0%         N/A       54%         2
 Call Imp                 Summ           0%         N/A       54%         2
 Cigotuvi's Dreadful Rot  Necr/Pois/Air  0%         N/A       54%         2
 Ensorcelled Hibernation  Hex/Ice        0%         N/A       54%         2
 Lesser Beckoning         Tloc           0%         N/A       54%         2
 Momentum Strike          Conj/Tloc      0%         3d8       54%         2
 Passwall                 Tmut/Erth      0%         N/A       54%         2
 Static Discharge         Conj/Air       0%         2-2/arc   54%         2
 Wereblood                Tmut           0%         N/A       54%         2
 Ignite Poison            Fire/Tmut/Pois 0%         N/A       80%         3
 Inner Flame              Hex/Fire       0%         N/A       80%         3
 Portal Projectile        Hex/Tloc       0%         N/A       80%         3
 Spider Form              Tmut/Pois      0%         N/A       80%         3
 Summon Guardian Golem    Hex/Summ       0%         N/A       80%         3
 Swiftness                Air            0%         N/A       80%         3
 Tukima's Dance           Hex            0%         N/A       80%         3
 Airstrike                Air            0%         2d(0-16)  99%         4
 Anguish                  Hex/Necr       0%         N/A       99%         4
 Animate Dead             Necr           0%         N/A       99%         4
 Cause Fear               Hex            0%         N/A       99%         4
 Dispel Undead            Necr           0%         3d6       99%         4
 Leda's Liquefaction      Hex/Erth       0%         N/A       99%         4
 Petrify                  Tmut/Erth      0%         N/A       99%         4
 Sticky Flame             Conj/Fire      0%         2d3       99%         4
 Summon Lightning Spire   Summ/Air       0%         N/A       99%         4
 Blade Hands              Tmut           0%         N/A       100%        5
 Borgnjor's Vile Clutch   Necr/Erth      0%         N/A       100%        5
 Freezing Cloud           Conj/Ice/Air   0%         6-21      100%        5
 Irradiate                Conj/Tmut      0%         3d11      100%        5
 Lee's Rapid Deconstruct  Erth           0%         3d4*      100%        5
 Metabolic Englaciation   Hex/Ice        0%         N/A       100%        5
 Summon Forest            Summ/Tloc      0%         N/A       100%        5
 Summon Mana Viper        Hex/Summ       0%         N/A       100%        5
 Conjure Ball Lightning   Conj/Air       0%         3x3d6     100%        6
 Death Channel            Necr           0%         N/A       100%        6
 Plasma Beam              Fire/Air       0%         2x1d11    100%        6
 Statue Form              Tmut/Erth      0%         N/A       100%        6
 Summon Cactus Giant      Summ           0%         N/A       100%        6
 Dragon Form              Tmut           0%         N/A       100%        7
 Enfeeble                 Hex            0%         N/A       100%        7
 Monstrous Menagerie      Summ           0%         N/A       100%        7
 Orb of Destruction       Conj           0%         9d5       100%        7
 Spellforged Servitor     Conj/Summ      0%         N/A       100%        7
 Borgnjor's Revivificati  Necr           0%         N/A       100%        8
 Discord                  Hex            0%         N/A       100%        8
 Disjunction              Tloc           0%         N/A       100%        8
 Ignition                 Fire           0%         3d3       100%        8
 Necromutation            Tmut/Necr      0%         N/A       100%        8
 Death's Door             Necr           0%         N/A       100%        9
 Dragon's Call            Summ           0%         N/A       100%        9


Dungeon Overview and Level Annotations

Branches:
Dungeon (15/15)            Temple (1/1) D:4            Lair (5/5) D:11
  Swamp (4/4) Lair:3        Snake (4/4) Lair:3        Slime (5/5) Lair:5
    Orc (2/2) D:10            Elf (3/3) Orc:2        Vaults (4/5) D:14
  Crypt (0/3) Vaults:2     Depths (4/4) D:15            Zot (5/5) Depths:4
 Bailey (visited)           IceCv (visited)

Altars:
Ashenzari
Cheibriados
Dithmenos
Elyvilon
Fedhas
Gozag
Hepliaklqana
Kikubaaqudgha
Makhleb
Nemelex Xobeh
Okawaru
Qazlal
Ru
Sif Muna
Trog
Uskayaw
Vehumet
Wu Jian
Xom
Yredelemnul
Zin
The Shining One
Jiyva
Lugonu

Shops:
D:5 [   D:15 !   Orc:2 *!*:   Elf:1 ([**   Snake:1 *=!([   Snake:3 *=?
Snake:4 !   Vaults:3 !   Vaults:4 ?=*   Zot:3 *

Portals:
Hell: Depths:1 Depths:2 Depths:3 Depths:4
Abyss: Depths:1* Depths:3
Pandemonium: Depths:1 Depths:2 Depths:4
Ziggurat: Depths:1
Trove: Elf:1 (give horn of Geryon)

Annotations:
Zot:5 1 exclusion


Innate Abilities, Weirdness & Mutations

Your life essence is reduced to manifest your ancestor. (-10% HP)
You can spit globs of acid.
Your golden yellow scales are hard. (AC +12)
You cannot fit into any form of body armour.
You have acidic saliva.
You are cold-blooded and may be slowed by cold attacks.
You are resistant to acid. (rCorr)
You have razor-sharp toenails.
Your system is resistant to poisons. (rPois)
Your muscles are strong. (Str +4, Int/Dex -1)
Your spells are easier to cast, but less powerful.
You expend magic power (3 MP) to strengthen your wands.


Message History

(Z) Zot
Where to? (Enter - D:1 @ (x,y), ? - help)
A red devil comes into view. It is wielding a +0 trident.
You block the red devil's attack. You block the red devil's attack.
There is a stone staircase leading up here.
You block the red devil's attack.
You climb upwards.
There is a stone staircase leading down here.
Unknown command.
(D) Dungeon (T) Temple (L) Lair (S) Swamp (P) Snake Pit (M) Slime Pits (O) Orcish Mines (E) Elven Halls (V) Vaults (C) Crypt (U) Depths (H) Hell (Z) Zot
Where to? (Enter - D:1 @ (x,y), ? - help)
You see here a +0 whip.
An Orb Guardian comes into view.
There is an escape hatch in the ceiling here.
A mysterious force pulls you upwards. The hatch slams shut behind you.
Unknown command.
(D) Dungeon (T) Temple (L) Lair (S) Swamp (P) Snake Pit (M) Slime Pits (O) Orcish Mines (E) Elven Halls (V) Vaults (C) Crypt (U) Depths (H) Hell (Z) Zot
Where to? (Enter - D:1 @ (x,y), ? - help)
A blizzard demon comes into view.
There is a stone staircase leading up here.
You can't go down here!
The blizzard demon shouts!
You climb upwards.
There is a stone staircase leading down here.
(D) Dungeon (T) Temple (L) Lair (S) Swamp (P) Snake Pit (M) Slime Pits (O) Orcish Mines (E) Elven Halls (V) Vaults (C) Crypt (U) Depths (H) Hell (Z) Zot
Where to? (Enter - D:1 @ (x,y), ? - help)
You see here a +0 dagger.
There is a staircase leading out of the dungeon here. ๐Ÿฆ€๐Ÿฆ€๐Ÿฆ€ is recalled.
You have escaped!

#.#####.....### ##.######..####.
#.............# ##.## #.......#.
#..####.......###..# #.##.##.#.
................########.######..
#..####.#.......# ##.#..# ##.
#..##...........# ##.#..## #)
#..##.#.###.#...###....#########.
........# #.#..###.#.####........
........###.#..#@R....# #.######.
#...........##.##.##..###.######.
...##.#.########.....###.........
#####.#........########..........
#.###.........>.......##..#######
...##.##########..##..##..#
#.###.# #..##..##..# #)# #.#
#..##..##..# #.# #.# #..##......#


You could see the friendly ๐Ÿฆ€๐Ÿฆ€๐Ÿฆ€ the hexer.

Vanquished Creatures
  the Royal Jelly (Slime:5)
  A dread lich (Zot:5)
  5 orbs of fire
  Mara (Vaults:3)
  The ghost of Bucoetae the Slayer, a veteran OgBe of Trog (Zot:2)
  Boris (Depths:4)
  Bai Suzhen (Depths:1)
  Saint Roka (Vaults:2)
  2 Killer Klowns (Zot:5)
  2 curse toes
  6 golden dragons
  the Enchantress (Depths:1)
  A bone dragon (Zot:4)
  7 electric golems
  13 tentacled monstrosities
  Jorgrun (D:14)
  20 Orb Guardians (Zot:5)
  Asterion (Vaults:2)
  13 acid blobs
  2 titans
  A deep elf master archer (Elf:3)
  7 quicksilver dragons
  2 thorn hunters
  6 death cobs
  3 tengu reavers
  A sphinx (Vaults:3)
  Donald (Elf:3)
  Roxanne (Swamp:4)
  6 draconian monks
  5 shadow dragons
  7 storm dragons
  4 azure jellies
  4 nagarajas
  3 fire giants
  4 draconian knights
  7 deep elf sorcerers
  7 vault wardens
  Louise (Depths:1)
  5 rockslimes
  4 draconian scorchers
  6 frost giants
  A deep elf elementalist (Elf:3)
  A balrug (Depths:1)
  5 draconian shifters
  A ghost moth (Zot:5)
  5 draconian stormcallers
  6 quicksilver oozes
  A reaper (Depths:2)
  The ghost of Lysca the Cardsharp, a journeyman DsCj of Nemelex Xobeh (Elf:1)
  An orc warlord (Vaults:2)
  2 spriggan defenders (Depths:1)
  8 draconian annihilators
  17 very ugly things
  The ghost of Imiczer the Cleaver, a journeyman FoFi of Okawaru (D:14)
  A cacodemon (D:14)
  18 ironbound preservers
  A war gargoyle (Vaults:1)
  8 stone giants
  2 vampire knights
  12 green draconians
  5 ironbound thunderhulks
  15 purple draconians
  An eleionoma (Swamp:4)
  The ghost of Konis the Warrior, a journeyman MiBe of Trog (D:12)
  3 deep elf demonologists
  7 spark wasps (Depths:4)
  5 deep elf annihilators (Elf:3)
  7 red draconians
  A bunyip (Swamp:3)
  18 dire elephants
  15 black draconians
  Snorg (Lair:3)
  12 yellow draconians
  19 white draconians
  A crystal guardian (Vaults:2)
  9 ettins
  A blizzard demon (D:7)
  A merfolk impaler (Depths:3)
  18 yaktaur captains
  5 deep elf death magi
  5 deep elf high priests
  6 fire dragons
  7 great orbs of eyes
  A shambling mangrove (Swamp:4)
  16 hydras
  A rakshasa (Depths:2)
  8 vault guards
  3 peacekeepers
  10 ice dragons
  A spriggan air mage (Depths:1)
  3 ghost crabs
  2 hell beasts (Depths:2)
  4 salamander tyrants (Snake:4)
  5 ironbound frosthearts
  9 anacondas
  3 ogre magi
  11 death yaks
  8 naga warriors
  3 catoblepae
  13 centaur warriors
  9 alligators
  7 deep troll shamans
  21 dancing weapons
  3 boulder beetles
  3 two-headed ogres
  6 deep troll earth magi
  4 spriggan berserkers
  4 orc high priests
  3 tengu warriors
  4 shock serpents
  12 naga sharpshooters
  A vampire mage (Depths:2)
  A sun demon (Depths:1)
  6 iron trolls
  11 deep elf knights
  A skyshark (Lair:5)
  10 hell knights
  2 sea snakes (Snake:1)
  A goliath frog (Swamp:1)
  9 glowing orange brains
  4 spriggan druids
  A deep troll (shapeshifter) (Depths:4)
  A flayed ghost (Depths:4)
  6 swamp dragons
  8 bog bodies
  7 naga ritualists
  40 deep trolls
  A harpy (Vaults:2)
  3 phantasmal warriors
  A swamp dragon (shapeshifter) (Depths:1)
  13 ironbound convokers
  14 deep elf archers
  15 lindwurms
  5 wizards
  A stone giant zombie (Depths:1)
  4 orc knights
  21 deep elf zephyrmancers
  11 mana vipers
  8 manticores
  41 ugly things
  15 deep elf pyromancers
  3 necromancers
  2 cyclopes
  A manticore (shapeshifter) (D:14)
  3 will-o-the-wisps
  A wolf spider (shapeshifter) (Elf:3)
  5 salamanders
  A frost giant zombie (Depths:1)
  7 shining eyes
  An orc sorcerer (Orc:2)
  A fire giant zombie (Depths:1)
  20 moths of wrath
  8 elephants
  An eye of devastation (Slime:4)
  2 smoke demons
  17 vault sentinels
  42 black mambas
  2 ice statues (IceCv)
  2 gargoyles (D:14)
  5 guardian serpents
  6 naga magi
  2 torpor snails (Lair:5)
  A rust devil (Zot:5)
  8 cane toads
  An orange demon (Depths:1)
  A rime drake (Lair:5)
  8 komodo dragons
  4 kobold demonologists (D:11)
  2 tengu conjurers
  26 yaktaurs
  3 ice devils (D:12)
  4 trolls
  2 polar bears (Lair:2)
  A meliai (D:11)
  5 tyrant leeches
  A hellwing (Depths:1)
  9 hornets
  A dream sheep (Lair:5)
  Grinder (D:3)
  4 blink frogs
  4 centaur simulacra (D:12)
  59 slime creatures
  5 spriggans
  5 water elementals
  5 wyverns
  2 air elementals
  A dire elephant simulacrum (IceCv)
  A shadow (D:11)
  3 fire elementals
  32 yaks
  A golden eye (Slime:5)
  10 basilisks
  2 steam dragons
  A death yak simulacrum (IceCv)
  14 vampire mosquitoes
  Menkaure (D:4)
  12 swamp worms
  4 acid dragons
  5 wargs
  29 nagas
  5 water moccasins
  A water moccasin (shapeshifter) (D:13)
  A floating eye (Depths:2)
  3 hell hounds (D:14)
  A swamp drake (shapeshifter) (D:14)
  6 swamp drakes
  28 orc warriors
  An ice beast (D:8)
  4 boggarts (Vaults:1)
  10 wolves
  14 ogres
  12 centaurs
  2 phantoms (D:5)
  4 kobold brigands (D:11)
  Blork the orc (D:8)
  4 gnoll sergeants
  3 scorpions
  2 earth elementals
  9 bullfrogs
  2 cane toad simulacra (IceCv)
  2 wights
  8 killer bees
  An elephant simulacrum (IceCv)
  7 howler monkeys
  5 electric eels
  7 hexers
  31 orc priests
  4 hounds
  A sleepcap (D:6)
  Terence (D:3)
  7 iguanas
  23 orc wizards
  5 hell rats (Lair:2)
  2 wolf simulacra (IceCv)
  15 gnolls
  5 adders
  2 shadow imps
  2 white imps (D:6)
  2 ufetubi (D:4)
  6 worms
  A dart slug (D:3)
  82 orcs
  3 ball pythons
  4 bats
  5 endoplasms
  3 giant cockroaches
  13 goblins
  7 hobgoblins
  3 quokkas
  3 frilled lizards
  15 kobolds
  7 rats
  3 briar patches (Swamp:4)
  A lurking horror (Depths:1)
1669 creatures vanquished.

Vanquished Creatures (collateral kills)
  2 orbs of fire (Zot:5)
  2 ancient liches
  Vv (Zot:2)
  A Killer Klown (Zot:5)
  6 golden dragons
  An electric golem (Zot:2)
  2 Orb Guardians (Zot:5)
  2 tentacled monstrosities
  A lich (Depths:4)
  A deep elf master archer (Elf:3)
  2 quicksilver dragons
  A deep elf blademaster (Elf:3)
  4 acid blobs
  A thorn hunter (Swamp:4)
  2 death cobs
  Frances (D:14)
  2 storm dragons
  A tengu reaver (Vaults:2)
  Agnes (D:14)
  5 shadow dragons
  2 draconian monks
  A fire giant (Depths:2)
  2 nagarajas
  2 rockslimes
  3 frost giants
  2 draconian scorchers (Zot:1)
  3 ghost moths
  A deep elf sorcerer (Vaults:2)
  5 vault wardens (Vaults:2)
  A deep elf elementalist (Elf:3)
  2 quicksilver oozes
  A spriggan defender (Depths:1)
  A draconian shifter (Zot:1)
  A war gargoyle (Vaults:4)
  A draconian annihilator (Zot:4)
  4 ironbound preservers
  A stone giant (Depths:1)
  Azrael (D:14)
  An ironbound thunderhulk (Vaults:4)
  A very ugly thing (Depths:1)
  A black draconian (Zot:3)
  A green draconian (Zot:3)
  3 red draconians
  4 deep elf annihilators
  A vampire knight (Depths:4)
  2 eleionomae
  5 purple draconians
  A bunyip (Swamp:4)
  3 yellow draconians
  4 white draconians
  3 dire elephants (Vaults:1)
  A deep elf death mage (Elf:3)
  3 fire dragons
  An ettin (Depths:1)
  2 spark wasps (Depths:4)
  4 yaktaur captains
  A deep elf high priest (Elf:3)
  2 great orbs of eyes
  A vault guard (Vaults:2)
  3 hydras
  4 ice dragons
  2 spriggan air magi
  2 boulder beetles
  A catoblepas (Lair:5)
  5 death yaks
  3 naga warriors
  4 anacondas
  4 tengu warriors
  5 dancing weapons
  A deep troll earth mage (Depths:2)
  2 naga sharpshooters
  2 spriggan berserkers (Depths:3)
  An orc high priest (Orc:1)
  2 hell knights
  A shock serpent (Snake:4)
  6 deep elf knights
  An iron troll (Depths:2)
  A skeletal warrior (D:11)
  11 deep trolls
  A goliath frog (Swamp:4)
  5 deep elf archers
  5 naga ritualists (Snake:3)
  2 lindwurms
  2 deep elf zephyrmancers
  8 deep elf pyromancers
  4 swamp dragons
  2 ironbound convokers
  An orc knight (Vaults:2)
  A wizard (Vaults:3)
  3 mana vipers (Snake:3)
  10 ugly things
  2 shining eyes
  A salamander (shapeshifter) (Elf:1)
  2 salamanders
  A manticore (Lair:5)
  A frost giant zombie (Depths:1)
  An orc sorcerer (Orc:1)
  A tengu skeleton (Depths:1)
  2 will-o-the-wisps
  2 cyclopes (D:12)
  4 moths of wrath
  A vault sentinel (Vaults:2)
  An elephant (Lair:4)
  6 black mambas
  A black mamba (shapeshifter) (D:14)
  Maggie (Lair:2)
  A cane toad (Lair:4)
  An ice statue (IceCv)
  A torpor snail (Lair:5)
  2 komodo dragons
  5 yaktaurs
  3 rime drakes
  An unseen horror (D:11)
  An ice devil (D:12)
  A tengu conjurer (Depths:2)
  4 hornets
  A blink frog (Lair:2)
  4 trolls
  3 tyrant leeches
  A dream sheep (Lair:5)
  34 slime creatures
  A centaur simulacrum (D:12)
  6 spriggans
  A dire elephant simulacrum (IceCv)
  4 water elementals
  2 wyverns
  2 golden eyes (Slime:5)
  9 yaks
  A fire elemental (Elf:3)
  2 neqoxecs (D:14)
  4 vampire mosquitoes
  5 swamp worms
  11 nagas
  A hell hound (D:14)
  2 acid dragons
  5 water moccasins
  4 swamp drakes
  8 orc warriors
  7 wolves
  3 ogres
  4 centaurs
  A bullfrog (D:8)
  2 gnoll sergeants
  An earth elemental (Elf:3)
  2 wights (D:9)
  2 killer bees (D:10)
  An electric eel (Snake:1)
  A jelly (D:8)
  8 orc priests
  A gnoll bouda (D:6)
  An iguana (D:6)
  7 orc wizards
  A hell rat (Lair:2)
  A polar bear simulacrum (IceCv)
  A boggart simulacrum (D:12)
  2 gnolls (shapeshifter) (D:14)
  6 gnolls
  An adder (D:5)
  A white imp (D:5)
  16 orcs
  2 goblins
  A hobgoblin (D:5)
  6 kobolds
  A plant (Lair:5)
461 creatures vanquished.

Vanquished Creatures (others)
  A black draconian (Zot:2)
  A blizzard demon (Depths:2)
  2 deep elf knights
  A deep elf zephyrmancer (Elf:1)
  A deep elf archer (Elf:3)
  A hellwing (Depths:4)
  3 bloated husks
  A vampire mosquito (Swamp:1)
  A chaos spawn (Depths:1)
  47 hexers
  An ancestor (D:6)
  6 foxfires
  14 fungi
  26 plants
  A spectral weapon (D:14)
107 creatures vanquished.

Grand Total: 2237 creatures vanquished

Notes
Turn   | Place    | Note
-------+----------+-------------------------------------------
     0 | D:1      | Implojin the Draconian Gladiator began the quest for the
                  | Orb.
     0 | D:1      | Reached XP level 1. HP: 17/17 MP: 1/1
   237 | D:1      | Reached XP level 2. HP: 18/24 MP: 2/2
   898 | D:2      | Danger: Low HP Warning |T2| Reason: 54% HP (13/24)
   955 | D:2      | Reached XP level 3. HP: 24/29 MP: 3/3
  1104 | D:2      | Danger: Low HP Warning |T2| Reason: 37% HP (11/29)
  1409 | D:2      | Reached XP level 4. HP: 35/36 MP: 4/4
  1451 | D:2      | Reached skill level 5 in Short Blades
  2086 | D:3      | Danger: kobold |T2| Reason: Quivering poison darts and no
                  | rPois, careful!
  2091 | D:3      | Danger: kobold |T2| Reason: Quivering poison darts and no
                  | rPois, careful!
  2093 | D:3      | Noticed Terence
  2094 | D:3      | Danger: Terence |T2| Reason: Unique monster, careful!
  2107 | D:3      | Killed Terence
  2188 | D:3      | Noticed Grinder
  2188 | D:3      | Danger: Grinder |T3| Reason: Paralyse and low Will
  2188 | D:3      | Danger: Grinder |T2| Reason: Unique monster, careful!
  2188 | D:3      | Danger: Grinder |T2| Reason: carrying a wand of digging
                  | (3), careful!
  2189 | D:3      | Danger: Grinder |T3| Reason: Paralyse and low Will
  2191 | D:4      | Danger: orc priest |T2| Reason: OOD monster, careful!
  2194 | D:4      | Danger: orc wizard |T2| Reason: OOD monster, careful!
  2194 | D:4      | Danger: orc priest |T2| Reason: OOD monster, careful!
  2196 | D:4      | Danger: Low HP Warning |T2| Reason: 58% HP (21/36)
  2197 | D:4      | Danger: orc priest |T2| Reason: OOD monster, careful!
  2200 | D:3      | Danger: Grinder |T3| Reason: Paralyse and low Will
  2200 | D:3      | Danger: Grinder |T2| Reason: Unique monster, careful!
  2200 | D:3      | Danger: Grinder |T2| Reason: carrying a wand of digging
                  | (3), careful!
  2269 | D:4      | Danger: orc priest |T2| Reason: OOD monster, careful!
  2280 | D:4      | Danger: orc priest |T2| Reason: OOD monster, careful!
  2286 | D:4      | Reached XP level 5. HP: 31/41 MP: 5/5
  2287 | D:4      | Danger: orc priest |T2| Reason: OOD monster, careful!
  2291 | D:4      | Danger: orc priest |T2| Reason: OOD monster, careful!
  2298 | D:3      | Danger: Low HP Warning |T2| Reason: 51% HP (21/41)
  2299 | D:3      | Danger: Low HP Warning |T2| Reason: 51% HP (21/41)
  2377 | D:4      | Danger: orc wizard |T2| Reason: OOD monster, careful!
  2377 | D:4      | Danger: orc priest |T2| Reason: OOD monster, careful!
  2415 | D:3      | Danger: Grinder |T3| Reason: Paralyse and low Will
  2415 | D:3      | Danger: Grinder |T2| Reason: Unique monster, careful!
  2417 | D:3      | Danger: Grinder |T3| Reason: Paralyse and low Will
  2417 | D:3      | Danger: Grinder |T2| Reason: Unique monster, careful!
  2418 | D:3      | Danger: Grinder |T3| Reason: Paralyse and low Will
  2419 | D:3      | Danger: Grinder |T3| Reason: Paralyse and low Will
  2427 | D:3      | Danger: Grinder |T3| Reason: Paralyse and low Will
  2427 | D:3      | Danger: Grinder |T2| Reason: Unique monster, careful!
  2428 | D:3      | Danger: Grinder |T3| Reason: Paralyse and low Will
  2429 | D:3      | Danger: Grinder |T3| Reason: Paralyse and low Will
  2430 | D:3      | Danger: Grinder |T3| Reason: Paralyse and low Will
  2431 | D:3      | Danger: Grinder |T3| Reason: Paralyse and low Will
  2435 | D:3      | Danger: Grinder |T3| Reason: Paralyse and low Will
  2435 | D:3      | Danger: Grinder |T2| Reason: Unique monster, careful!
  2437 | D:3      | Danger: Grinder |T3| Reason: Paralyse and low Will
  2437 | D:3      | Danger: Grinder |T2| Reason: Unique monster, careful!
  2438 | D:3      | Danger: Grinder |T3| Reason: Paralyse and low Will
  2439 | D:3      | Danger: Grinder |T3| Reason: Paralyse and low Will
  2456 | D:3      | Danger: Grinder |T3| Reason: Paralyse and low Will
  2456 | D:3      | Danger: Grinder |T2| Reason: Unique monster, careful!
  2655 | D:4      | Identified the +2 dagger "Hismigy" {heavy, Will+}
  2779 | D:4      | Found a staircase to the Ecumenical Temple.
  2785 | D:4      | Danger: orc priest |T2| Reason: OOD monster, careful!
  2798 | D:4      | Noticed Edmund
  2799 | D:4      | Danger: Edmund |T2| Reason: Unique monster, careful!
  2803 | D:4      | Edmund changed into Edmund the wolf
  2803 | D:4      | Noticed Edmund
  2807 | D:4      | Danger: Low HP Warning |T2| Reason: 59% HP (25/42)
  2808 | D:4      | Danger: Low HP Warning |T2| Reason: 57% HP (24/42)
  2809 | D:4      | Danger: Low HP Warning |T2| Reason: 57% HP (24/42)
  2810 | D:4      | Danger: Low HP Warning |T2| Reason: 59% HP (25/42)
  2820 | D:4      | Danger: Low HP Warning |T2| Reason: 57% HP (24/42)
  2821 | D:4      | Danger: Low HP Warning |T3| Reason: 23% HP (10/42)
  2822 | D:4      | Danger: Low HP Warning |T2| Reason: 26% HP (11/42)
  2823 | D:4      | Danger: Low HP Warning |T2| Reason: 38% HP (16/42)
  2824 | D:4      | Danger: Low HP Warning |T2| Reason: 52% HP (22/42)
  2827 | D:4      | Killed Edmund the wolf
  2828 | D:4      | Reached XP level 6. HP: 38/52 MP: 6/6
  2848 | Temple   | Entered the Ecumenical Temple
  3076 | Temple   | Became a worshipper of Hepliaklqana the Forgotten
  3100 | D:4      | Danger: orc wizard |T2| Reason: OOD monster, careful!
  3113 | D:4      | Reached skill level 1 in Stealth
  3305 | D:4      | Noticed Menkaure
  3306 | D:4      | Danger: Menkaure |T2| Reason: Unique monster, careful!
  3306 | D:4      | Danger: Menkaure |T3| Reason: Torment and not torment
                  | immune!
  3307 | D:4      | Danger: Menkaure |T3| Reason: Torment and not torment
                  | immune!
  3308 | D:4      | Danger: Menkaure |T3| Reason: Torment and not torment
                  | immune!
  3309 | D:4      | Danger: Menkaure |T3| Reason: Torment and not torment
                  | immune!
  3310 | D:4      | Danger: Menkaure |T3| Reason: Torment and not torment
                  | immune!
  3311 | D:4      | Danger: Menkaure |T3| Reason: Torment and not torment
                  | immune!
  3312 | D:4      | Danger: Menkaure |T3| Reason: Torment and not torment
                  | immune!
  3313 | D:4      | Danger: Menkaure |T3| Reason: Torment and not torment
                  | immune!
  3313 | D:4      | Danger: Low HP Warning |T2| Reason: 51% HP (27/52)
  3313 | D:4      | Killed Menkaure
  3565 | D:5      | Entered Level 5 of the Dungeon
  3628 | D:5      | Danger: howler monkey |T2| Reason: OOD monster, careful!
  3630 | D:5      | Danger: howler monkey |T2| Reason: OOD monster, careful!
  3655 | D:5      | Noticed a water moccasin
  3664 | D:5      | Danger: orc |T2| Reason: Quivering boomerangs, careful!
  3671 | D:5      | Danger: orc |T2| Reason: Quivering boomerangs, careful!
  3680 | D:5      | Danger: orc |T2| Reason: Quivering boomerangs, careful!
  3689 | D:5      | Danger: howler monkey |T2| Reason: OOD monster, careful!
  3693 | D:5      | Danger: orc |T2| Reason: Quivering boomerangs, careful!
  3699 | D:4      | Danger: Low HP Warning |T2| Reason: 59% HP (31/52)
  3700 | D:4      | Danger: Low HP Warning |T2| Reason: 50% HP (26/52)
  3701 | D:4      | Danger: Low HP Warning |T2| Reason: 51% HP (27/52)
  3702 | D:4      | Danger: Low HP Warning |T2| Reason: 51% HP (27/52)
  3703 | D:4      | Danger: Low HP Warning |T2| Reason: 51% HP (27/52)
  3704 | D:4      | Danger: Low HP Warning |T2| Reason: 51% HP (27/52)
  3705 | D:4      | Danger: Low HP Warning |T2| Reason: 53% HP (28/52)
  3706 | D:4      | Danger: Low HP Warning |T2| Reason: 53% HP (28/52)
  3707 | D:4      | Danger: Low HP Warning |T2| Reason: 53% HP (28/52)
  3708 | D:4      | Danger: Low HP Warning |T2| Reason: 53% HP (28/52)
  3709 | D:4      | Danger: Low HP Warning |T2| Reason: 55% HP (29/52)
  3710 | D:4      | Danger: Low HP Warning |T2| Reason: 55% HP (29/52)
  3711 | D:4      | Danger: Low HP Warning |T2| Reason: 55% HP (29/52)
  3712 | D:4      | Danger: Low HP Warning |T2| Reason: 55% HP (29/52)
  3713 | D:4      | Danger: Low HP Warning |T2| Reason: 57% HP (30/52)
  3715 | D:4      | Your scales start taking on a golden yellow colour.
  3715 | D:4      | Reached XP level 7. HP: 34/59 MP: 7/7
  3715 | D:4      | Gained mutation: You are resistant to acid. (rCorr) [Yellow
                  | Draconian growth]
  3801 | D:5      | Danger: orc |T2| Reason: Quivering boomerangs, careful!
  3807 | D:4      | Danger: Low HP Warning |T2| Reason: 57% HP (34/59)
  3808 | D:4      | Danger: Low HP Warning |T2| Reason: 50% HP (30/59)
  3809 | D:4      | Danger: Low HP Warning |T2| Reason: 49% HP (29/59)
  3810 | D:4      | Danger: Low HP Warning |T2| Reason: 47% HP (28/59)
  3811 | D:4      | Danger: Low HP Warning |T2| Reason: 45% HP (27/59)
  3812 | D:4      | Danger: Low HP Warning |T2| Reason: 55% HP (33/59)
  3813 | D:4      | Danger: Low HP Warning |T2| Reason: 55% HP (33/59)
  3814 | D:4      | Danger: Low HP Warning |T2| Reason: 55% HP (33/59)
  3815 | D:4      | Danger: Low HP Warning |T2| Reason: 57% HP (34/59)
  3816 | D:4      | Danger: Low HP Warning |T2| Reason: 57% HP (34/59)
  3817 | D:4      | Danger: Low HP Warning |T2| Reason: 57% HP (34/59)
  3818 | D:4      | Danger: Low HP Warning |T2| Reason: 54% HP (32/59)
  3819 | D:4      | Danger: Low HP Warning |T2| Reason: 55% HP (33/59)
  3820 | D:4      | Danger: Low HP Warning |T2| Reason: 55% HP (33/59)
  3821 | D:4      | Danger: Low HP Warning |T2| Reason: 55% HP (33/59)
  3822 | D:4      | Danger: Low HP Warning |T2| Reason: 54% HP (32/59)
  3823 | D:4      | Danger: Low HP Warning |T2| Reason: 55% HP (33/59)
  3824 | D:4      | Danger: Low HP Warning |T2| Reason: 55% HP (33/59)
  3825 | D:4      | Danger: Low HP Warning |T2| Reason: 49% HP (29/59)
  3826 | D:4      | Danger: Low HP Warning |T2| Reason: 45% HP (27/59)
  3827 | D:4      | Danger: Low HP Warning |T2| Reason: 45% HP (27/59)
  3828 | D:4      | Danger: Low HP Warning |T2| Reason: 44% HP (26/59)
  3829 | D:4      | Danger: Low HP Warning |T2| Reason: 42% HP (25/59)
  3830 | D:4      | Danger: Low HP Warning |T2| Reason: 42% HP (25/59)
  3831 | D:4      | Danger: Low HP Warning |T2| Reason: 40% HP (24/59)
  3957 | D:5      | Danger: orc |T2| Reason: Quivering boomerangs, careful!
  3974 | D:4      | Danger: Low HP Warning |T2| Reason: 55% HP (33/59)
  3975 | D:4      | Danger: Low HP Warning |T2| Reason: 57% HP (34/59)
  3976 | D:4      | Danger: Low HP Warning |T2| Reason: 52% HP (31/59)
  3977 | D:4      | Danger: Low HP Warning |T2| Reason: 52% HP (31/59)
  3979 | D:4      | Danger: Low HP Warning |T2| Reason: 44% HP (26/59)
  3980 | D:4      | Danger: Low HP Warning |T2| Reason: 33% HP (20/59)
  3981 | D:4      | Danger: Low HP Warning |T2| Reason: 33% HP (20/59)
  3982 | D:4      | Danger: Low HP Warning |T2| Reason: 33% HP (20/59)
  3983 | D:4      | Danger: Low HP Warning |T2| Reason: 35% HP (21/59)
  3984 | D:4      | Danger: Low HP Warning |T2| Reason: 35% HP (21/59)
  3985 | D:4      | Danger: Low HP Warning |T2| Reason: 35% HP (21/59)
  3986 | D:4      | Danger: Low HP Warning |T2| Reason: 33% HP (20/59)
  3987 | D:4      | Danger: Low HP Warning |T2| Reason: 35% HP (21/59)
  3988 | D:4      | Danger: Low HP Warning |T2| Reason: 33% HP (20/59)
  3989 | D:4      | Danger: Low HP Warning |T2| Reason: 33% HP (20/59)
  3990 | D:4      | Danger: Low HP Warning |T2| Reason: 30% HP (18/59)
  4249 | D:5      | Found an iron altar of Okawaru.
  4274 | D:5      | Reached skill level 5 in Stealth
  4342 | D:5      | Reached * piety under Hepliaklqana
  4596 | D:5      | Danger: orc |T2| Reason: Quivering boomerangs, careful!
  4646 | D:5      | Reached skill level 1 in Evocations
  4647 | D:5      | Danger: kobold |T2| Reason: Quivering poison darts and no
                  | rPois, careful!
  4711 | D:5      | Found Jugoac's Armour Shoppe.
  4719 | D:5      | Bought a +0 pair of boots for 63 gold pieces
  4964 | D:6      | Danger: orc |T2| Reason: Quivering boomerangs, careful!
  5039 | D:6      | Danger: Low HP Warning |T2| Reason: 58% HP (31/53)
  5041 | D:6      | Danger: Low HP Warning |T2| Reason: 58% HP (31/53)
  5042 | D:6      | Danger: Low HP Warning |T2| Reason: 56% HP (30/53)
  5043 | D:6      | Danger: Low HP Warning |T2| Reason: 50% HP (27/53)
  5044 | D:6      | Danger: Low HP Warning |T2| Reason: 50% HP (27/53)
  5045 | D:6      | Danger: Low HP Warning |T2| Reason: 37% HP (20/53)
  5046 | D:6      | Danger: Low HP Warning |T2| Reason: 39% HP (21/53)
  5047 | D:6      | Danger: Low HP Warning |T2| Reason: 39% HP (21/53)
  5048 | D:6      | Danger: Low HP Warning |T2| Reason: 30% HP (16/53)
  5049 | D:6      | Danger: Low HP Warning |T2| Reason: 26% HP (14/53)
  5050 | D:6      | Danger: Low HP Warning |T3| Reason: 24% HP (13/53)
  5051 | D:6      | Danger: Low HP Warning |T3| Reason: 22% HP (12/53)
  5052 | D:6      | Danger: Low HP Warning |T3| Reason: 20% HP (11/53)
  5053 | D:6      | Danger: Low HP Warning |T3| Reason: 20% HP (11/53)
  5054 | D:6      | Danger: Low HP Warning |T3| Reason: 18% HP (10/53)
  5055 | D:6      | Danger: Low HP Warning |T3| Reason: 16% HP (9/53)
  5056 | D:6      | Danger: Low HP Warning |T2| Reason: 54% HP (29/53)
  5057 | D:6      | Reached XP level 8. HP: 33/59 MP: 8/8
  5283 | D:6      | Danger: Low HP Warning |T2| Reason: 59% HP (35/59)
  5284 | D:6      | Danger: Low HP Warning |T2| Reason: 57% HP (34/59)
  5285 | D:6      | Danger: Low HP Warning |T2| Reason: 55% HP (33/59)
  5286 | D:6      | Danger: Low HP Warning |T2| Reason: 49% HP (29/59)
  5512 | D:6      | Danger: gnoll |T3| Reason: Quivering throwing nets, watch
                  | out!
  5513 | D:6      | Danger: gnoll |T3| Reason: Quivering throwing nets, watch
                  | out!
  5514 | D:6      | Danger: gnoll |T3| Reason: Quivering throwing nets, watch
                  | out!
  5515 | D:6      | Danger: gnoll |T3| Reason: Quivering throwing nets, watch
                  | out!
  5516 | D:6      | Danger: gnoll |T3| Reason: Quivering throwing nets, watch
                  | out!
  5517 | D:6      | Danger: gnoll |T3| Reason: Quivering throwing nets, watch
                  | out!
  5519 | D:6      | Danger: gnoll |T3| Reason: Quivering throwing nets, watch
                  | out!
  5521 | D:6      | Danger: gnoll |T3| Reason: Quivering throwing nets, watch
                  | out!
  5523 | D:6      | Danger: gnoll |T3| Reason: Quivering throwing nets, watch
                  | out!
  5525 | D:6      | Danger: gnoll |T3| Reason: Quivering throwing nets, watch
                  | out!
  5528 | D:6      | Danger: gnoll |T3| Reason: Quivering throwing nets, watch
                  | out!
  5529 | D:6      | Danger: gnoll |T3| Reason: Quivering throwing nets, watch
                  | out!
  5530 | D:6      | Danger: gnoll |T3| Reason: Quivering throwing nets, watch
                  | out!
  5531 | D:6      | Danger: gnoll |T3| Reason: Quivering throwing nets, watch
                  | out!
  5531 | D:6      | Danger: Low HP Warning |T2| Reason: 45% HP (27/59)
  5532 | D:6      | Danger: gnoll |T3| Reason: Quivering throwing nets, watch
                  | out!
  5532 | D:6      | Danger: Low HP Warning |T2| Reason: 38% HP (23/59)
  5533 | D:6      | Danger: gnoll |T3| Reason: Quivering throwing nets, watch
                  | out!
  5533 | D:6      | Danger: Low HP Warning |T2| Reason: 40% HP (24/59)
  5534 | D:6      | Danger: gnoll |T3| Reason: Quivering throwing nets, watch
                  | out!
  5534 | D:6      | Danger: Low HP Warning |T2| Reason: 40% HP (24/59)
  5535 | D:6      | Danger: gnoll |T3| Reason: Quivering throwing nets, watch
                  | out!
  5535 | D:6      | Danger: Low HP Warning |T2| Reason: 40% HP (24/59)
  5536 | D:6      | Danger: gnoll |T3| Reason: Quivering throwing nets, watch
                  | out!
  5536 | D:6      | Danger: Low HP Warning |T2| Reason: 42% HP (25/59)
  5587 | D:6      | Danger: Low HP Warning |T2| Reason: 57% HP (34/59)
  5588 | D:6      | Danger: Low HP Warning |T2| Reason: 59% HP (35/59)
  5589 | D:6      | Danger: Low HP Warning |T2| Reason: 55% HP (33/59)
  5590 | D:6      | Danger: Low HP Warning |T2| Reason: 55% HP (33/59)
  5591 | D:6      | Danger: Low HP Warning |T2| Reason: 55% HP (33/59)
  5592 | D:6      | Danger: Low HP Warning |T2| Reason: 57% HP (34/59)
  5593 | D:6      | Danger: Low HP Warning |T2| Reason: 57% HP (34/59)
  5594 | D:6      | Danger: Low HP Warning |T2| Reason: 57% HP (34/59)
  5595 | D:6      | Danger: Low HP Warning |T2| Reason: 57% HP (34/59)
  5596 | D:6      | Danger: Low HP Warning |T2| Reason: 59% HP (35/59)
  5791 | D:6      | Danger: gnoll |T3| Reason: Quivering throwing nets, watch
                  | out!
  5792 | D:6      | Danger: gnoll |T3| Reason: Quivering throwing nets, watch
                  | out!
  5793 | D:6      | Danger: gnoll |T3| Reason: Quivering throwing nets, watch
                  | out!
  5794 | D:6      | Danger: gnoll |T3| Reason: Quivering throwing nets, watch
                  | out!
  5795 | D:6      | Danger: gnoll |T3| Reason: Quivering throwing nets, watch
                  | out!
  5796 | D:6      | Danger: gnoll |T3| Reason: Quivering throwing nets, watch
                  | out!
  5797 | D:6      | Danger: gnoll |T3| Reason: Quivering throwing nets, watch
                  | out!
  5798 | D:6      | Danger: gnoll |T3| Reason: Quivering throwing nets, watch
                  | out!
  5883 | D:6      | Reached ** piety under Hepliaklqana
  6187 | D:6      | Reached skill level 5 in Dodging
  6480 | D:6      | Remembered your ancestor ๐Ÿฆ€๐Ÿฆ€๐Ÿฆ€ as a hexer
  6890 | D:7      | Noticed a white ugly thing
  6891 | D:7      | Danger: white ugly thing |T2| Reason: OOD monster, careful!
  6903 | D:7      | Danger: Low HP Warning |T2| Reason: 52% HP (31/59)
  6903 | D:7      | Killed a white ugly thing
  6904 | D:7      | Reached XP level 9. HP: 33/63 MP: 9/9
  7350 | D:8      | Noticed Maurice
  7351 | D:8      | Danger: hornet |T3| Reason: AF_POISON_PARALYSE and no rPois
  7351 | D:8      | Danger: Maurice |T2| Reason: Unique monster, careful!
  7351 | D:8      | Danger: Maurice |T2| Reason: carrying a wand of acid (6),
                  | careful!
  7352 | D:8      | Danger: hornet |T3| Reason: AF_POISON_PARALYSE and no rPois
  7353 | D:8      | Danger: hornet |T3| Reason: AF_POISON_PARALYSE and no rPois
  7354 | D:8      | Danger: hornet |T3| Reason: AF_POISON_PARALYSE and no rPois
  7444 | D:8      | Noticed a troll
  7445 | D:8      | Killed a troll
  7485 | D:8      | Danger: hornet |T3| Reason: AF_POISON_PARALYSE and no rPois
  7624 | D:8      | Noticed Blork the orc
  7625 | D:8      | Danger: Blork the orc |T2| Reason: Unique monster, careful!
  7630 | D:8      | Danger: Blork the orc |T2| Reason: Unique monster, careful!
  7789 | D:8      | Danger: hornet |T3| Reason: AF_POISON_PARALYSE and no rPois
  7790 | D:8      | Danger: hornet |T3| Reason: AF_POISON_PARALYSE and no rPois
  7791 | D:8      | Danger: hornet |T3| Reason: AF_POISON_PARALYSE and no rPois
  7792 | D:8      | Danger: hornet |T3| Reason: AF_POISON_PARALYSE and no rPois
  7793 | D:8      | Danger: hornet |T3| Reason: AF_POISON_PARALYSE and no rPois
  7794 | D:8      | Danger: hornet |T3| Reason: AF_POISON_PARALYSE and no rPois
  7795 | D:8      | Danger: hornet |T3| Reason: AF_POISON_PARALYSE and no rPois
  7796 | D:8      | Danger: hornet |T3| Reason: AF_POISON_PARALYSE and no rPois
  7797 | D:8      | Danger: Low HP Warning |T2| Reason: 60% HP (38/63)
  7876 | D:8      | Reached skill level 10 in Short Blades
  7880 | D:8      | Danger: Blork the orc |T2| Reason: Unique monster, careful!
  7900 | D:8      | Danger: Blork the orc |T2| Reason: Unique monster, careful!
  7908 | D:8      | Killed Blork the orc
  7930 | D:8      | Reached skill level 5 in Fighting
  8084 | D:8      | Found a white marble altar of Elyvilon.
  8130 | D:8      | Danger: Maurice |T2| Reason: Unique monster, careful!
  8130 | D:8      | Danger: Maurice |T2| Reason: carrying a wand of acid (6),
                  | careful!
  8135 | D:8      | Maurice changed into Maurice the jelly
  8135 | D:8      | Noticed Maurice
  8139 | D:8      | Killed Maurice the jelly
  8350 | D:9      | Reached skill level 1 in Long Blades
  8350 | D:9      | Reached XP level 10. HP: 53/75 MP: 10/10
  8358 | D:9      | Danger: Low HP Warning |T2| Reason: 60% HP (45/75)
  8359 | D:9      | Danger: Low HP Warning |T2| Reason: 60% HP (45/75)
  8361 | D:9      | Danger: gnoll sergeant |T2| Reason: Quivering poison darts
                  | and no rPois, careful!
  8366 | D:9      | Danger: Low HP Warning |T2| Reason: 54% HP (41/75)
  8367 | D:9      | Danger: Low HP Warning |T2| Reason: 56% HP (42/75)
  8368 | D:9      | Danger: Low HP Warning |T2| Reason: 56% HP (42/75)
  8369 | D:9      | Danger: Low HP Warning |T2| Reason: 56% HP (42/75)
  8370 | D:9      | Danger: Low HP Warning |T2| Reason: 56% HP (42/75)
  8371 | D:9      | Danger: Low HP Warning |T2| Reason: 57% HP (43/75)
  8372 | D:9      | Danger: Low HP Warning |T2| Reason: 56% HP (42/75)
  8373 | D:9      | Danger: Low HP Warning |T2| Reason: 56% HP (42/75)
  8374 | D:9      | Danger: Low HP Warning |T2| Reason: 57% HP (43/75)
  8375 | D:9      | Danger: Low HP Warning |T2| Reason: 57% HP (43/75)
  8376 | D:9      | Danger: Low HP Warning |T2| Reason: 57% HP (43/75)
  8377 | D:9      | Danger: Low HP Warning |T2| Reason: 58% HP (44/75)
  8378 | D:9      | Danger: Low HP Warning |T2| Reason: 58% HP (44/75)
  8379 | D:9      | Danger: Low HP Warning |T2| Reason: 58% HP (44/75)
  8380 | D:9      | Danger: Low HP Warning |T2| Reason: 46% HP (35/75)
  8381 | D:9      | Danger: Low HP Warning |T2| Reason: 46% HP (35/75)
  8382 | D:9      | Danger: Low HP Warning |T2| Reason: 46% HP (35/75)
  8383 | D:9      | Danger: Low HP Warning |T2| Reason: 46% HP (35/75)
  8384 | D:9      | Danger: Low HP Warning |T2| Reason: 42% HP (32/75)
  8385 | D:9      | Danger: Low HP Warning |T2| Reason: 33% HP (25/75)
  8386 | D:9      | Danger: Low HP Warning |T2| Reason: 33% HP (25/75)
  8387 | D:9      | Danger: Low HP Warning |T2| Reason: 34% HP (26/75)
  8388 | D:9      | Danger: Low HP Warning |T2| Reason: 34% HP (26/75)
  8389 | D:9      | Danger: Low HP Warning |T3| Reason: 25% HP (19/75)
  8390 | D:9      | Danger: Low HP Warning |T2| Reason: 26% HP (20/75)
  8391 | D:9      | Danger: Low HP Warning |T2| Reason: 26% HP (20/75)
  8392 | D:9      | Danger: Low HP Warning |T2| Reason: 26% HP (20/75)
  8393 | D:9      | Danger: Low HP Warning |T2| Reason: 28% HP (21/75)
  8394 | D:9      | Danger: Low HP Warning |T2| Reason: 28% HP (21/75)
  8395 | D:9      | Danger: Low HP Warning |T2| Reason: 28% HP (21/75)
  8396 | D:9      | Danger: Low HP Warning |T2| Reason: 29% HP (22/75)
  8397 | D:9      | Danger: Low HP Warning |T2| Reason: 29% HP (22/75)
  8398 | D:9      | Danger: Low HP Warning |T2| Reason: 29% HP (22/75)
  8399 | D:9      | Danger: Low HP Warning |T2| Reason: 29% HP (22/75)
  8400 | D:9      | Danger: Low HP Warning |T2| Reason: 30% HP (23/75)
  8401 | D:9      | Danger: Low HP Warning |T2| Reason: 30% HP (23/75)
  8402 | D:9      | Danger: Low HP Warning |T2| Reason: 30% HP (23/75)
  8403 | D:9      | Danger: Low HP Warning |T2| Reason: 32% HP (24/75)
  8404 | D:9      | Danger: Low HP Warning |T2| Reason: 32% HP (24/75)
  8405 | D:9      | Danger: Low HP Warning |T2| Reason: 32% HP (24/75)
  8406 | D:9      | Danger: Low HP Warning |T2| Reason: 33% HP (25/75)
  8711 | D:9      | Reached skill level 5 in Long Blades
  8821 | D:9      | Reached *** piety under Hepliaklqana
  8986 | D:10     | Entered Level 10 of the Dungeon
  9046 | D:10     | Found a flagged portal.
  9069 | D:10     | Danger: Low HP Warning |T2| Reason: 46% HP (35/75)
  9070 | D:10     | Danger: Low HP Warning |T2| Reason: 46% HP (35/75)
  9071 | D:10     | Danger: Low HP Warning |T2| Reason: 46% HP (35/75)
  9072 | D:10     | Danger: Low HP Warning |T2| Reason: 48% HP (36/75)
  9073 | D:10     | Danger: Low HP Warning |T2| Reason: 48% HP (36/75)
  9074 | D:10     | Danger: Low HP Warning |T2| Reason: 48% HP (36/75)
  9077 | D:10     | Danger: Low HP Warning |T2| Reason: 49% HP (37/75)
  9177 | D:10     | Danger: orc |T2| Reason: Quivering boomerangs, careful!
  9182 | D:10     | Danger: orc |T2| Reason: Quivering boomerangs, careful!
  9184 | D:10     | Noticed Lodul
  9185 | D:10     | Danger: Lodul |T2| Reason: Unique monster, careful!
  9185 | D:10     | Danger: Lodul |T3| Reason: Call Down Lightning and no rElec
  9185 | D:10     | Danger: Lodul |T2| Reason: Call Down Lightning deals more
                  | than 50% MHP!
  9187 | D:10     | Danger: Lodul |T2| Reason: Unique monster, careful!
  9187 | D:10     | Danger: Lodul |T3| Reason: Call Down Lightning and no rElec
  9187 | D:10     | Danger: Lodul |T2| Reason: Call Down Lightning deals more
                  | than 50% MHP!
  9188 | D:10     | Noticed a cyan ugly thing
  9189 | D:10     | Danger: cyan ugly thing |T2| Reason: OOD monster, careful!
  9189 | D:10     | Danger: Low HP Warning |T2| Reason: 60% HP (45/75)
  9190 | D:10     | Danger: Lodul |T2| Reason: Unique monster, careful!
  9190 | D:10     | Danger: Lodul |T3| Reason: Call Down Lightning and no rElec
  9190 | D:10     | Danger: Lodul |T2| Reason: Call Down Lightning deals more
                  | than 50% MHP!
  9190 | D:10     | Danger: Low HP Warning |T2| Reason: 60% HP (45/75)
  9193 | D:10     | Danger: cyan ugly thing |T2| Reason: OOD monster, careful!
  9198 | D:10     | Danger: cyan ugly thing |T2| Reason: OOD monster, careful!
  9201 | D:10     | Danger: cyan ugly thing |T2| Reason: OOD monster, careful!
  9203 | D:10     | Danger: Low HP Warning |T2| Reason: 33% HP (25/75)
  9204 | D:10     | Danger: Low HP Warning |T2| Reason: 34% HP (26/75)
  9205 | D:10     | Danger: orc priest |T3| Reason: IMMINENT DEATH: Smiting
                  | deals 17 damage, you have 12 HP!!
  9205 | D:10     | Danger: Low HP Warning |T3| Reason: 16% HP (12/75)
  9206 | D:10     | Danger: Low HP Warning |T3| Reason: 16% HP (12/75)
  9206 | D:10     | Killed a cyan ugly thing
  9207 | D:10     | Danger: Low HP Warning |T3| Reason: 17% HP (13/75)
  9411 | D:10     | Danger: Low HP Warning |T2| Reason: 53% HP (41/77)
  9412 | D:10     | Danger: Low HP Warning |T2| Reason: 46% HP (36/77)
  9413 | D:10     | Danger: Low HP Warning |T2| Reason: 46% HP (36/77)
  9414 | D:10     | Danger: Low HP Warning |T2| Reason: 48% HP (37/77)
  9415 | D:10     | Danger: Low HP Warning |T2| Reason: 48% HP (37/77)
  9423 | D:10     | Danger: Low HP Warning |T2| Reason: 50% HP (39/77)
  9424 | D:10     | Danger: Low HP Warning |T2| Reason: 51% HP (40/77)
  9425 | D:10     | Danger: Low HP Warning |T2| Reason: 51% HP (40/77)
  9426 | D:10     | Danger: Low HP Warning |T2| Reason: 51% HP (40/77)
  9427 | D:10     | Danger: Low HP Warning |T2| Reason: 53% HP (41/77)
  9428 | D:10     | Danger: Low HP Warning |T2| Reason: 53% HP (41/77)
  9429 | D:10     | Danger: Low HP Warning |T2| Reason: 48% HP (37/77)
  9430 | D:10     | Danger: Low HP Warning |T2| Reason: 42% HP (33/77)
  9431 | D:10     | Danger: Low HP Warning |T3| Reason: 24% HP (19/77)
  9432 | D:10     | Danger: Low HP Warning |T3| Reason: 24% HP (19/77)
  9453 | Bailey   | Entered a bailey
  9580 | Bailey   | Danger: Low HP Warning |T2| Reason: 54% HP (43/79)
  9581 | Bailey   | Danger: Low HP Warning |T2| Reason: 54% HP (43/79)
  9582 | Bailey   | Danger: Low HP Warning |T2| Reason: 46% HP (37/79)
  9583 | Bailey   | Danger: Low HP Warning |T2| Reason: 43% HP (34/79)
  9584 | Bailey   | Danger: Low HP Warning |T2| Reason: 29% HP (23/79)
  9585 | Bailey   | Danger: Low HP Warning |T3| Reason: 18% HP (15/79)
  9586 | Bailey   | Danger: Low HP Warning |T3| Reason: 18% HP (15/79)
  9587 | Bailey   | Danger: Low HP Warning |T3| Reason: 20% HP (16/79)
  9588 | Bailey   | Danger: Low HP Warning |T3| Reason: 20% HP (16/79)
  9589 | Bailey   | Danger: Low HP Warning |T3| Reason: 20% HP (16/79)
  9590 | Bailey   | Danger: Low HP Warning |T3| Reason: 21% HP (17/79)
  9591 | Bailey   | Danger: Low HP Warning |T3| Reason: 21% HP (17/79)
  9592 | Bailey   | Danger: Low HP Warning |T3| Reason: 21% HP (17/79)
  9601 | Bailey   | Danger: Low HP Warning |T3| Reason: 25% HP (20/79)
  9602 | Bailey   | Danger: Low HP Warning |T3| Reason: 25% HP (20/79)
  9603 | Bailey   | Danger: Low HP Warning |T2| Reason: 26% HP (21/79)
  9604 | Bailey   | Danger: Low HP Warning |T2| Reason: 26% HP (21/79)
  9606 | Bailey   | Danger: Low HP Warning |T2| Reason: 27% HP (22/79)
  9607 | Bailey   | Danger: Low HP Warning |T2| Reason: 27% HP (22/79)
  9608 | Bailey   | Danger: Low HP Warning |T2| Reason: 27% HP (22/79)
  9609 | Bailey   | Danger: Low HP Warning |T2| Reason: 29% HP (23/79)
  9610 | Bailey   | Danger: Low HP Warning |T2| Reason: 29% HP (23/79)
  9611 | Bailey   | Danger: Low HP Warning |T2| Reason: 29% HP (23/79)
  9612 | Bailey   | Danger: Low HP Warning |T2| Reason: 30% HP (24/79)
  9613 | Bailey   | Danger: Low HP Warning |T2| Reason: 30% HP (24/79)
  9614 | Bailey   | Danger: Low HP Warning |T2| Reason: 30% HP (24/79)
  9615 | Bailey   | Danger: Low HP Warning |T2| Reason: 31% HP (25/79)
  9616 | Bailey   | Danger: Low HP Warning |T2| Reason: 31% HP (25/79)
  9617 | Bailey   | Danger: Low HP Warning |T2| Reason: 31% HP (25/79)
  9618 | Bailey   | Danger: Low HP Warning |T2| Reason: 32% HP (26/79)
  9619 | Bailey   | Danger: Low HP Warning |T2| Reason: 32% HP (26/79)
  9620 | Bailey   | Danger: Low HP Warning |T2| Reason: 26% HP (21/79)
  9621 | Bailey   | Danger: Low HP Warning |T2| Reason: 26% HP (21/79)
  9622 | Bailey   | Danger: Low HP Warning |T2| Reason: 27% HP (22/79)
  9659 | Bailey   | Danger: Low HP Warning |T2| Reason: 43% HP (34/79)
  9660 | Bailey   | Danger: Low HP Warning |T2| Reason: 43% HP (34/79)
  9661 | Bailey   | Danger: Low HP Warning |T2| Reason: 43% HP (34/79)
  9662 | Bailey   | Danger: Low HP Warning |T2| Reason: 44% HP (35/79)
  9663 | Bailey   | Danger: Low HP Warning |T2| Reason: 44% HP (35/79)
  9664 | Bailey   | Danger: Low HP Warning |T2| Reason: 44% HP (35/79)
  9665 | Bailey   | Danger: Low HP Warning |T2| Reason: 45% HP (36/79)
  9666 | Bailey   | Danger: Low HP Warning |T2| Reason: 45% HP (36/79)
  9667 | Bailey   | Danger: Low HP Warning |T2| Reason: 45% HP (36/79)
  9668 | Bailey   | Danger: Low HP Warning |T2| Reason: 46% HP (37/79)
  9669 | Bailey   | Danger: Low HP Warning |T2| Reason: 46% HP (37/79)
  9670 | Bailey   | Danger: Low HP Warning |T2| Reason: 46% HP (37/79)
  9671 | Bailey   | Danger: Low HP Warning |T2| Reason: 48% HP (38/79)
  9672 | Bailey   | Danger: Low HP Warning |T2| Reason: 48% HP (38/79)
  9673 | Bailey   | Danger: Low HP Warning |T2| Reason: 48% HP (38/79)
  9674 | Bailey   | Danger: Low HP Warning |T2| Reason: 48% HP (38/79)
  9675 | Bailey   | Danger: Low HP Warning |T2| Reason: 49% HP (39/79)
  9676 | Bailey   | Danger: Low HP Warning |T2| Reason: 49% HP (39/79)
  9677 | Bailey   | Danger: Low HP Warning |T2| Reason: 49% HP (39/79)
  9679 | Bailey   | Danger: Low HP Warning |T2| Reason: 50% HP (40/79)
  9680 | Bailey   | Danger: Low HP Warning |T2| Reason: 50% HP (40/79)
  9681 | Bailey   | Danger: Low HP Warning |T2| Reason: 51% HP (41/79)
  9682 | Bailey   | Danger: Low HP Warning |T2| Reason: 51% HP (41/79)
  9683 | Bailey   | Danger: Low HP Warning |T2| Reason: 51% HP (41/79)
  9807 | Bailey   | Noticed an orc knight
  9815 | Bailey   | Killed an orc knight
  9834 | Bailey   | Danger: Low HP Warning |T2| Reason: 49% HP (40/81)
  9835 | Bailey   | Danger: Low HP Warning |T2| Reason: 49% HP (40/81)
  9836 | Bailey   | Danger: Low HP Warning |T2| Reason: 49% HP (40/81)
  9837 | Bailey   | Danger: Low HP Warning |T2| Reason: 50% HP (41/81)
  9838 | Bailey   | Danger: Low HP Warning |T2| Reason: 50% HP (41/81)
  9839 | Bailey   | Danger: Low HP Warning |T2| Reason: 50% HP (41/81)
  9840 | Bailey   | Reached XP level 11. HP: 43/85 MP: 11/11
  9840 | Bailey   | Danger: Low HP Warning |T2| Reason: 50% HP (43/85)
  9841 | Bailey   | Danger: Low HP Warning |T2| Reason: 51% HP (44/85)
  9842 | Bailey   | Danger: Low HP Warning |T2| Reason: 42% HP (36/85)
  9843 | Bailey   | Danger: Low HP Warning |T2| Reason: 42% HP (36/85)
  9844 | Bailey   | Danger: Low HP Warning |T2| Reason: 43% HP (37/85)
  9845 | Bailey   | Danger: Low HP Warning |T2| Reason: 43% HP (37/85)
  9859 | Bailey   | Danger: Low HP Warning |T2| Reason: 49% HP (42/85)
  9860 | Bailey   | Danger: Low HP Warning |T2| Reason: 49% HP (42/85)
  9861 | Bailey   | Danger: Low HP Warning |T2| Reason: 49% HP (42/85)
  9862 | Bailey   | Danger: Low HP Warning |T2| Reason: 50% HP (43/85)
  9863 | Bailey   | Danger: Low HP Warning |T2| Reason: 42% HP (36/85)
  9864 | Bailey   | Danger: Low HP Warning |T2| Reason: 42% HP (36/85)
  9866 | Bailey   | Danger: Low HP Warning |T2| Reason: 43% HP (38/87)
  9867 | Bailey   | Danger: Low HP Warning |T2| Reason: 43% HP (38/87)
  9868 | Bailey   | Danger: Low HP Warning |T2| Reason: 43% HP (38/87)
  9869 | Bailey   | Danger: Low HP Warning |T2| Reason: 44% HP (39/87)
  9870 | Bailey   | Danger: Low HP Warning |T2| Reason: 44% HP (39/87)
  9871 | Bailey   | Danger: Low HP Warning |T2| Reason: 44% HP (39/87)
  9872 | Bailey   | Danger: Low HP Warning |T2| Reason: 45% HP (40/87)
  9873 | Bailey   | Danger: Low HP Warning |T2| Reason: 45% HP (40/87)
  9874 | Bailey   | Danger: Low HP Warning |T2| Reason: 45% HP (40/87)
  9875 | Bailey   | Danger: Low HP Warning |T2| Reason: 47% HP (41/87)
  9889 | Bailey   | Danger: Low HP Warning |T2| Reason: 51% HP (45/87)
  9890 | Bailey   | Danger: Low HP Warning |T2| Reason: 52% HP (46/87)
  9892 | Bailey   | Danger: Low HP Warning |T2| Reason: 54% HP (47/87)
  9893 | Bailey   | Danger: Low HP Warning |T2| Reason: 54% HP (47/87)
 10042 | Bailey   | Found a large runed translucent door.
 10042 | Bailey   | Found a large runed translucent door.
 10043 | Bailey   | Noticed a deep elf pyromancer
 10074 | Bailey   | Danger: deep elf pyromancer |T2| Reason: Bolt of Fire deals
                  | more than 50% MHP!
 10076 | Bailey   | Killed a deep elf pyromancer
 10305 | D:10     | Danger: Lodul |T2| Reason: Unique monster, careful!
 10305 | D:10     | Danger: Lodul |T3| Reason: Call Down Lightning and no rElec
 10305 | D:10     | Danger: Lodul |T2| Reason: Call Down Lightning deals more
                  | than 50% MHP!
 10305 | D:10     | Lodul changed into Lodul the spriggan
 10305 | D:10     | Noticed Lodul
 10319 | D:9      | Killed Lodul the spriggan
 10391 | D:10     | Reached skill level 10 in Fighting
 10502 | D:10     | Found a staircase to the Orcish Mines.
 10581 | D:10     | Danger: Low HP Warning |T2| Reason: 55% HP (49/89)
 10582 | D:10     | Danger: Low HP Warning |T2| Reason: 55% HP (49/89)
 10583 | D:10     | Danger: Low HP Warning |T2| Reason: 55% HP (49/89)
 10803 | D:10     | Found a stormy altar of Qazlal.
 10803 | D:10     | Found a shimmering altar of Xom.
 10803 | D:10     | Found an ancient bone altar of Kikubaaqudgha.
 10803 | D:10     | Found a snail-covered altar of Cheibriados.
 10806 | D:10     | Danger: orc |T2| Reason: Quivering boomerangs, careful!
 10816 | D:10     | Danger: orc |T2| Reason: Quivering boomerangs, careful!
 11248 | D:11     | Found a staircase to the Lair.
 11346 | D:11     | Reached **** piety under Hepliaklqana
 11347 | D:11     | Noticed a two-headed ogre
 11354 | D:11     | Killed a two-headed ogre
 11720 | D:11     | Reached skill level 5 in Invocations
 11868 | D:11     | Danger: hornet |T3| Reason: AF_POISON_PARALYSE and no rPois
 11868 | D:11     | You fall into a shaft and drop 2 floors!
 11868 | D:11     | Danger: Shafted! |T3| Reason: Shafted!
 11917 | D:12     | Danger: cyclops |T2| Reason: Quivering large rocks, watch
                  | out!!
 11977 | D:12     | Danger: cyclops |T2| Reason: Quivering large rocks, watch
                  | out!!
 11992 | D:12     | Danger: Low HP Warning |T2| Reason: 51% HP (46/89)
 12061 | D:12     | Found a frozen archway.
 12077 | IceCv    | Entered an ice cave
 12327 | IceCv    | Noticed a white ugly thing
 12328 | IceCv    | Danger: ice statue |T2| Reason: Bolt of Cold deals more
                  | than 50% MHP!
 12328 | IceCv    | Danger: ice statue |T2| Reason: Throw Icicle deals more
                  | than 50% MHP!
 12366 | IceCv    | Killed a white ugly thing
 12367 | IceCv    | Reached XP level 12. HP: 95/95 MP: 16/18
 12386 | IceCv    | Danger: ice statue |T2| Reason: Bolt of Cold deals more
                  | than 50% MHP!
 12386 | IceCv    | Danger: ice statue |T2| Reason: Throw Icicle deals more
                  | than 50% MHP!
 12386 | IceCv    | Danger: ice statue |T2| Reason: Bolt of Cold deals more
                  | than 50% MHP!
 12386 | IceCv    | Danger: ice statue |T2| Reason: Throw Icicle deals more
                  | than 50% MHP!
 12394 | IceCv    | Danger: ice statue |T2| Reason: Bolt of Cold deals more
                  | than 50% MHP!
 12394 | IceCv    | Danger: ice statue |T2| Reason: Throw Icicle deals more
                  | than 50% MHP!
 12394 | IceCv    | Danger: ice statue |T2| Reason: Bolt of Cold deals more
                  | than 50% MHP!
 12394 | IceCv    | Danger: ice statue |T2| Reason: Throw Icicle deals more
                  | than 50% MHP!
 12395 | IceCv    | Danger: ice statue |T2| Reason: Bolt of Cold deals more
                  | than 50% MHP!
 12395 | IceCv    | Danger: ice statue |T2| Reason: Throw Icicle deals more
                  | than 50% MHP!
 12409 | IceCv    | Danger: ice statue |T2| Reason: Bolt of Cold deals more
                  | than 50% MHP!
 12409 | IceCv    | Danger: ice statue |T2| Reason: Throw Icicle deals more
                  | than 50% MHP!
 12502 | IceCv    | Danger: ice statue |T2| Reason: Bolt of Cold deals more
                  | than 50% MHP!
 12502 | IceCv    | Danger: ice statue |T2| Reason: Throw Icicle deals more
                  | than 50% MHP!
 12503 | IceCv    | Danger: ice statue |T2| Reason: Bolt of Cold deals more
                  | than 50% MHP!
 12503 | IceCv    | Danger: ice statue |T2| Reason: Throw Icicle deals more
                  | than 50% MHP!
 12564 | IceCv    | Danger: ice statue |T2| Reason: Bolt of Cold deals more
                  | than 50% MHP!
 12564 | IceCv    | Danger: ice statue |T2| Reason: Throw Icicle deals more
                  | than 50% MHP!
 12579 | IceCv    | Danger: Low HP Warning |T2| Reason: 56% HP (54/95)
 12580 | IceCv    | Danger: Low HP Warning |T2| Reason: 56% HP (54/95)
 12581 | IceCv    | Danger: Low HP Warning |T2| Reason: 56% HP (54/95)
 12582 | IceCv    | Danger: Low HP Warning |T2| Reason: 57% HP (55/95)
 12583 | IceCv    | Danger: Low HP Warning |T2| Reason: 57% HP (55/95)
 12584 | IceCv    | Danger: Low HP Warning |T2| Reason: 57% HP (55/95)
 12585 | IceCv    | Danger: Low HP Warning |T2| Reason: 58% HP (56/95)
 12586 | IceCv    | Danger: Low HP Warning |T2| Reason: 58% HP (56/95)
 12587 | IceCv    | Danger: Low HP Warning |T2| Reason: 58% HP (56/95)
 12588 | IceCv    | Danger: Low HP Warning |T2| Reason: 60% HP (57/95)
 12589 | IceCv    | Danger: Low HP Warning |T2| Reason: 60% HP (57/95)
 12590 | IceCv    | Danger: Low HP Warning |T2| Reason: 60% HP (57/95)
 12698 | IceCv    | Danger: ice statue |T2| Reason: Bolt of Cold deals more
                  | than 50% MHP!
 12698 | IceCv    | Danger: ice statue |T2| Reason: Throw Icicle deals more
                  | than 50% MHP!
 12714 | IceCv    | Danger: Low HP Warning |T2| Reason: 60% HP (57/95)
 12715 | IceCv    | Danger: Low HP Warning |T2| Reason: 60% HP (57/95)
 12717 | IceCv    | Danger: Low HP Warning |T2| Reason: 41% HP (39/95)
 12718 | IceCv    | Danger: Low HP Warning |T2| Reason: 41% HP (39/95)
 12719 | IceCv    | Danger: Low HP Warning |T2| Reason: 42% HP (40/95)
 12720 | IceCv    | Danger: Low HP Warning |T2| Reason: 42% HP (40/95)
 12721 | IceCv    | Danger: Low HP Warning |T2| Reason: 42% HP (40/95)
 12722 | IceCv    | Danger: Low HP Warning |T2| Reason: 43% HP (41/95)
 12723 | IceCv    | Danger: Low HP Warning |T2| Reason: 43% HP (41/95)
 12724 | IceCv    | Danger: Low HP Warning |T2| Reason: 43% HP (41/95)
 12725 | IceCv    | Danger: Low HP Warning |T2| Reason: 44% HP (42/95)
 12726 | IceCv    | Danger: Low HP Warning |T2| Reason: 44% HP (42/95)
 12727 | IceCv    | Danger: Low HP Warning |T2| Reason: 44% HP (42/95)
 12728 | IceCv    | Danger: Low HP Warning |T2| Reason: 45% HP (43/95)
 12729 | IceCv    | Danger: Low HP Warning |T2| Reason: 45% HP (43/95)
 12730 | IceCv    | Danger: Low HP Warning |T2| Reason: 45% HP (43/95)
 12731 | IceCv    | Danger: Low HP Warning |T2| Reason: 46% HP (44/95)
 12732 | IceCv    | Danger: Low HP Warning |T2| Reason: 46% HP (44/95)
 12733 | IceCv    | Danger: Low HP Warning |T2| Reason: 47% HP (45/95)
 12734 | IceCv    | Danger: Low HP Warning |T2| Reason: 47% HP (45/95)
 12735 | IceCv    | Danger: Low HP Warning |T2| Reason: 47% HP (45/95)
 12736 | IceCv    | Danger: Low HP Warning |T2| Reason: 48% HP (46/95)
 12737 | IceCv    | Danger: Low HP Warning |T2| Reason: 48% HP (46/95)
 12738 | IceCv    | Danger: Low HP Warning |T2| Reason: 48% HP (46/95)
 12739 | IceCv    | Danger: Low HP Warning |T2| Reason: 36% HP (35/95)
 12740 | IceCv    | Danger: Low HP Warning |T2| Reason: 36% HP (35/95)
 12741 | IceCv    | Danger: Low HP Warning |T2| Reason: 36% HP (35/95)
 12742 | IceCv    | Danger: Low HP Warning |T2| Reason: 37% HP (36/95)
 12743 | IceCv    | Danger: Low HP Warning |T2| Reason: 37% HP (36/95)
 12744 | IceCv    | Danger: Low HP Warning |T2| Reason: 37% HP (36/95)
 12758 | IceCv    | Danger: Low HP Warning |T2| Reason: 43% HP (41/95)
 13122 | D:12     | Found a runed translucent gate.
 13122 | D:12     | Found a runed translucent gate.
 13122 | D:12     | Found a runed translucent gate.
 13143 | D:12     | Danger: cyclops |T2| Reason: Quivering large rocks, watch
                  | out!!
 13147 | D:12     | Danger: Low HP Warning |T2| Reason: 42% HP (40/95)
 13148 | D:12     | Danger: Low HP Warning |T3| Reason: 17% HP (17/95)
 13149 | D:12     | Danger: Low HP Warning |T3| Reason: 17% HP (17/95)
 13150 | D:12     | Danger: Low HP Warning |T3| Reason: 17% HP (17/95)
 13151 | D:12     | Danger: Low HP Warning |T3| Reason: 18% HP (18/95)
 13152 | D:12     | Danger: Low HP Warning |T3| Reason: 18% HP (18/95)
 13431 | D:12     | Found Xygran's Magic Scroll Boutique.
 13439 | D:12     | Bought a scroll of blinking for 97 gold pieces
 13439 | D:12     | Bought a scroll of identify for 26 gold pieces
 13439 | D:12     | Bought a scroll of summoning for 123 gold pieces
 13439 | D:12     | Bought a scroll of identify for 26 gold pieces
 13439 | D:12     | Bought a scroll of fog for 52 gold pieces
 13439 | D:12     | Bought a scroll of blinking for 97 gold pieces
 13439 | D:12     | Bought a scroll of teleportation for 39 gold pieces
 13439 | D:12     | Bought a scroll of identify for 26 gold pieces
 13439 | D:12     | Bought a scroll of fog for 52 gold pieces
 13439 | D:12     | Bought a scroll of teleportation for 39 gold pieces
 13481 | D:12     | Found an ornate altar of the Wu Jian Council.
 13696 | D:12     | Noticed Konis's ghost (journeyman MiBe)
 13736 | D:12     | Reached skill level 10 in Dodging
 13839 | D:12     | Danger: centaur warrior simulacrum |T2| Reason: OOD
                  | monster, careful!
 13839 | D:12     | Danger: centaur warrior simulacrum |T2| Reason: OOD
                  | monster, careful!
 13839 | D:12     | Danger: centaur warrior simulacrum |T2| Reason: OOD
                  | monster, careful!
 13845 | D:12     | Danger: boggart simulacrum |T2| Reason: OOD monster,
                  | careful!
 13857 | D:12     | Danger: centaur warrior simulacrum |T2| Reason: OOD
                  | monster, careful!
 13858 | D:12     | Danger: centaur warrior simulacrum |T2| Reason: OOD
                  | monster, careful!
 13945 | D:11     | Danger: hornet |T3| Reason: AF_POISON_PARALYSE and no rPois
 13946 | D:11     | Danger: hornet |T3| Reason: AF_POISON_PARALYSE and no rPois
 13947 | D:11     | Danger: hornet |T3| Reason: AF_POISON_PARALYSE and no rPois
 14054 | D:11     | Danger: hornet |T3| Reason: AF_POISON_PARALYSE and no rPois
 14055 | D:11     | Danger: hornet |T3| Reason: AF_POISON_PARALYSE and no rPois
 14056 | D:11     | Danger: hornet |T3| Reason: AF_POISON_PARALYSE and no rPois
 14057 | D:11     | Danger: hornet |T3| Reason: AF_POISON_PARALYSE and no rPois
 14058 | D:11     | Danger: hornet |T3| Reason: AF_POISON_PARALYSE and no rPois
 14059 | D:11     | Danger: hornet |T3| Reason: AF_POISON_PARALYSE and no rPois
 14060 | D:11     | Danger: hornet |T3| Reason: AF_POISON_PARALYSE and no rPois
 14061 | D:11     | Danger: hornet |T3| Reason: AF_POISON_PARALYSE and no rPois
 14062 | D:11     | Danger: hornet |T3| Reason: AF_POISON_PARALYSE and no rPois
 14063 | D:11     | Danger: hornet |T3| Reason: AF_POISON_PARALYSE and no rPois
 14064 | D:11     | Danger: hornet |T3| Reason: AF_POISON_PARALYSE and no rPois
 14065 | D:11     | Danger: hornet |T3| Reason: AF_POISON_PARALYSE and no rPois
 14242 | D:11     | Danger: kobold brigand |T2| Reason: Quivering poison darts
                  | and no rPois, careful!
 14249 | D:11     | Danger: kobold brigand |T3| Reason: Quivering curare and no
                  | rPois, watch out!!
 14250 | D:11     | Danger: kobold brigand |T3| Reason: Quivering curare and no
                  | rPois, watch out!!
 14251 | D:11     | Danger: kobold brigand |T3| Reason: Quivering curare and no
                  | rPois, watch out!!
 14252 | D:11     | Danger: kobold brigand |T3| Reason: Quivering curare and no
                  | rPois, watch out!!
 14253 | D:11     | Danger: kobold brigand |T3| Reason: Quivering curare and no
                  | rPois, watch out!!
 14254 | D:11     | Danger: kobold brigand |T3| Reason: Quivering curare and no
                  | rPois, watch out!!
 14255 | D:11     | Danger: kobold brigand |T3| Reason: Quivering curare and no
                  | rPois, watch out!!
 14256 | D:11     | Danger: kobold brigand |T3| Reason: Quivering curare and no
                  | rPois, watch out!!
 14257 | D:11     | Danger: kobold brigand |T3| Reason: Quivering curare and no
                  | rPois, watch out!!
 14258 | D:11     | Danger: kobold brigand |T3| Reason: Quivering curare and no
                  | rPois, watch out!!
 14259 | D:11     | Danger: kobold brigand |T3| Reason: Quivering curare and no
                  | rPois, watch out!!
 14260 | D:11     | Danger: kobold brigand |T3| Reason: Quivering curare and no
                  | rPois, watch out!!
 14261 | D:11     | Danger: kobold brigand |T3| Reason: Quivering curare and no
                  | rPois, watch out!!
 14261 | D:11     | Danger: kobold brigand |T3| Reason: Quivering curare and no
                  | rPois, watch out!!
 14262 | D:11     | Danger: kobold brigand |T3| Reason: Quivering curare and no
                  | rPois, watch out!!
 14262 | D:11     | Danger: kobold brigand |T3| Reason: Quivering curare and no
                  | rPois, watch out!!
 14263 | D:11     | Danger: kobold brigand |T3| Reason: Quivering curare and no
                  | rPois, watch out!!
 14263 | D:11     | Danger: kobold brigand |T3| Reason: Quivering curare and no
                  | rPois, watch out!!
 14264 | D:11     | Danger: kobold brigand |T3| Reason: Quivering curare and no
                  | rPois, watch out!!
 14264 | D:11     | Danger: kobold brigand |T3| Reason: Quivering curare and no
                  | rPois, watch out!!
 14265 | D:11     | Danger: kobold brigand |T3| Reason: Quivering curare and no
                  | rPois, watch out!!
 14266 | D:11     | Danger: kobold brigand |T3| Reason: Quivering curare and no
                  | rPois, watch out!!
 14267 | D:11     | Danger: kobold brigand |T3| Reason: Quivering curare and no
                  | rPois, watch out!!
 14268 | D:11     | Danger: kobold brigand |T3| Reason: Quivering curare and no
                  | rPois, watch out!!
 14268 | D:11     | Danger: Low HP Warning |T2| Reason: 60% HP (57/95)
 14269 | D:11     | Danger: Low HP Warning |T2| Reason: 60% HP (57/95)
 14270 | D:11     | Danger: Low HP Warning |T2| Reason: 60% HP (57/95)
 14335 | D:11     | Danger: kobold brigand |T2| Reason: Quivering poison darts
                  | and no rPois, careful!
 14383 | D:11     | Danger: kobold brigand |T3| Reason: Quivering curare and no
                  | rPois, watch out!!
 14384 | D:11     | Danger: kobold brigand |T3| Reason: Quivering curare and no
                  | rPois, watch out!!
 14385 | D:11     | Danger: kobold brigand |T3| Reason: Quivering curare and no
                  | rPois, watch out!!
 14386 | D:11     | Danger: kobold brigand |T3| Reason: Quivering curare and no
                  | rPois, watch out!!
 14387 | D:11     | Danger: kobold brigand |T3| Reason: Quivering curare and no
                  | rPois, watch out!!
 14388 | D:11     | Danger: kobold brigand |T3| Reason: Quivering curare and no
                  | rPois, watch out!!
 14389 | D:11     | Danger: kobold brigand |T3| Reason: Quivering curare and no
                  | rPois, watch out!!
 14390 | D:11     | Danger: kobold brigand |T3| Reason: Quivering curare and no
                  | rPois, watch out!!
 14391 | D:11     | Danger: kobold brigand |T3| Reason: Quivering curare and no
                  | rPois, watch out!!
 14534 | D:11     | Danger: meliai |T2| Reason: OOD monster, careful!
 14534 | D:11     | Noticed a two-headed ogre
 14535 | D:11     | Danger: skeletal warrior |T2| Reason: OOD monster, careful!
 14538 | D:11     | Danger: meliai |T2| Reason: OOD monster, careful!
 14540 | D:11     | Danger: Low HP Warning |T2| Reason: 53% HP (51/95)
 14541 | D:11     | Danger: Low HP Warning |T2| Reason: 46% HP (44/95)
 14542 | D:11     | Danger: Low HP Warning |T2| Reason: 46% HP (44/95)
 14543 | D:11     | Danger: Low HP Warning |T2| Reason: 47% HP (45/95)
 14544 | D:11     | Danger: Low HP Warning |T2| Reason: 43% HP (41/95)
 14545 | D:11     | Danger: Low HP Warning |T2| Reason: 43% HP (41/95)
 14546 | D:11     | Danger: Low HP Warning |T2| Reason: 43% HP (41/95)
 14547 | D:11     | Danger: skeletal warrior |T2| Reason: OOD monster, careful!
 14547 | D:11     | Danger: Low HP Warning |T2| Reason: 44% HP (42/95)
 14766 | D:11     | Danger: skeletal warrior |T2| Reason: OOD monster, careful!
 14775 | D:11     | Reached skill level 1 in Shields
 14781 | D:11     | Killed a two-headed ogre
 15084 | D:11     | Found a staircase to the Lair.
 15543 | D:12     | Got the ring of Piosm {Fire *Corrode Dex+5 SInv}
 15735 | D:5      | Bought a +2 hat for 224 gold pieces
 15868 | Lair:1   | Entered Level 1 of the Lair of Beasts
 15882 | Lair:1   | Danger: Low HP Warning |T2| Reason: 60% HP (57/95)
 15883 | Lair:1   | Reached XP level 13. HP: 60/101 MP: 12/19
 15883 | Lair:1   | Danger: Low HP Warning |T2| Reason: 59% HP (60/101)
 15884 | Lair:1   | Danger: Low HP Warning |T2| Reason: 60% HP (61/101)
 15885 | Lair:1   | Danger: Low HP Warning |T2| Reason: 60% HP (61/101)
 15886 | Lair:1   | Danger: Low HP Warning |T2| Reason: 59% HP (60/101)
 15887 | Lair:1   | Danger: Low HP Warning |T2| Reason: 60% HP (61/101)
 15888 | Lair:1   | Danger: Low HP Warning |T2| Reason: 60% HP (61/101)
 15889 | Lair:1   | Danger: Low HP Warning |T2| Reason: 60% HP (61/101)
 16248 | Lair:1   | Danger: basilisk |T3| Reason: Petrify and low Will
 16249 | Lair:1   | Danger: basilisk |T3| Reason: Petrify and low Will
 16250 | Lair:1   | Danger: basilisk |T3| Reason: Petrify and low Will
 16251 | Lair:1   | Danger: basilisk |T3| Reason: Petrify and low Will
 16252 | Lair:1   | Danger: basilisk |T3| Reason: Petrify and low Will
 16253 | Lair:1   | Danger: basilisk |T3| Reason: Petrify and low Will
 16254 | Lair:1   | Reached skill level 5 in Shields
 16269 | Lair:1   | Danger: basilisk |T3| Reason: Petrify and low Will
 16270 | Lair:1   | Danger: basilisk |T3| Reason: Petrify and low Will
 16271 | Lair:1   | Danger: basilisk |T3| Reason: Petrify and low Will
 16272 | Lair:1   | Danger: basilisk |T3| Reason: Petrify and low Will
 16273 | Lair:1   | Danger: basilisk |T3| Reason: Petrify and low Will
 16274 | Lair:1   | Danger: basilisk |T3| Reason: Petrify and low Will
 16345 | Lair:1   | Danger: catoblepas |T2| Reason: OOD monster, careful!
 16676 | Lair:1   | Danger: basilisk |T3| Reason: Petrify and low Will
 16677 | Lair:1   | Danger: basilisk |T3| Reason: Petrify and low Will
 16678 | Lair:1   | Danger: basilisk |T3| Reason: Petrify and low Will
 16679 | Lair:1   | Danger: basilisk |T3| Reason: Petrify and low Will
 16680 | Lair:1   | Danger: basilisk |T3| Reason: Petrify and low Will
 16681 | Lair:1   | Danger: basilisk |T3| Reason: Petrify and low Will
 16682 | Lair:1   | Danger: basilisk |T3| Reason: Petrify and low Will
 16683 | Lair:1   | Danger: basilisk |T3| Reason: Petrify and low Will
 16684 | Lair:1   | Danger: basilisk |T3| Reason: Petrify and low Will
 16685 | Lair:1   | Danger: basilisk |T3| Reason: Petrify and low Will
 16686 | Lair:1   | Danger: basilisk |T3| Reason: Petrify and low Will
 16687 | Lair:1   | Danger: basilisk |T3| Reason: Petrify and low Will
 17150 | Lair:2   | Noticed Maggie
 17151 | Lair:2   | Danger: Maggie |T2| Reason: Unique monster, careful!
 17151 | Lair:2   | Danger: Maggie |T2| Reason: Bolt of Fire and not rF+,
                  | careful
 17160 | Lair:2   | Killed Maggie
 17302 | Lair:2   | Found the +3 giant club "Skullcrusher" {speed, Str+7}
 17744 | Lair:3   | Reached ***** piety under Hepliaklqana
 17745 | Lair:3   | Noticed Snorg
 17746 | Lair:3   | Danger: Snorg |T2| Reason: Unique monster, careful!
 17755 | Lair:3   | Killed Snorg
 18044 | Lair:3   | Danger: electric eel |T2| Reason: Electrical Bolt and no
                  | rElec
 18146 | Lair:3   | Found a staircase to the Swamp.
 18216 | Lair:3   | Found a basalt altar of Yredelemnul.
 18448 | Lair:3   | Found a staircase to the Snake Pit.
 18718 | Lair:4   | Danger: boulder beetle |T2| Reason: OOD monster, careful!
 18839 | Lair:4   | Danger: Low HP Warning |T2| Reason: 48% HP (49/101)
 18841 | Lair:4   | Danger: Low HP Warning |T2| Reason: 43% HP (44/101)
 18842 | Lair:4   | Danger: Low HP Warning |T2| Reason: 42% HP (43/101)
 19252 | Lair:4   | Danger: basilisk |T3| Reason: Petrify and low Will
 19253 | Lair:4   | Danger: basilisk |T3| Reason: Petrify and low Will
 19254 | Lair:4   | Danger: basilisk |T3| Reason: Petrify and low Will
 19255 | Lair:4   | Danger: basilisk |T3| Reason: Petrify and low Will
 19257 | Lair:4   | Danger: basilisk |T3| Reason: Petrify and low Will
 19258 | Lair:4   | Danger: basilisk |T3| Reason: Petrify and low Will
 19260 | Lair:4   | Reached skill level 10 in Long Blades
 19305 | Lair:4   | Danger: Low HP Warning |T2| Reason: 53% HP (54/101)
 19306 | Lair:4   | Danger: Low HP Warning |T2| Reason: 54% HP (55/101)
 19307 | Lair:4   | Danger: Low HP Warning |T2| Reason: 54% HP (55/101)
 19308 | Lair:4   | Danger: Low HP Warning |T2| Reason: 54% HP (55/101)
 19309 | Lair:4   | Danger: Low HP Warning |T2| Reason: 55% HP (56/101)
 19310 | Lair:4   | Danger: Low HP Warning |T2| Reason: 53% HP (54/101)
 19311 | Lair:4   | Danger: Low HP Warning |T2| Reason: 53% HP (54/101)
 19312 | Lair:4   | Danger: Low HP Warning |T2| Reason: 53% HP (54/101)
 19313 | Lair:4   | Danger: Low HP Warning |T2| Reason: 36% HP (37/101)
 19314 | Lair:4   | Danger: Low HP Warning |T2| Reason: 36% HP (37/101)
 19315 | Lair:4   | Danger: Low HP Warning |T2| Reason: 36% HP (37/101)
 19316 | Lair:4   | Danger: Low HP Warning |T2| Reason: 36% HP (37/101)
 19317 | Lair:4   | Danger: Low HP Warning |T2| Reason: 37% HP (38/101)
 19318 | Lair:4   | Danger: Low HP Warning |T2| Reason: 37% HP (38/101)
 19319 | Lair:4   | Danger: Low HP Warning |T2| Reason: 37% HP (38/101)
 19320 | Lair:4   | Danger: Low HP Warning |T3| Reason: 24% HP (25/101)
 19321 | Lair:4   | Danger: Low HP Warning |T3| Reason: 25% HP (26/101)
 19322 | Lair:4   | Danger: Low HP Warning |T3| Reason: 25% HP (26/101)
 19323 | Lair:4   | Danger: Low HP Warning |T3| Reason: 25% HP (26/101)
 19748 | Lair:4   | Gained mutation: You have acidic saliva. [Yellow Draconian
                  | growth]
 19748 | Lair:4   | Reached XP level 14. HP: 87/108 MP: 20/20
 19810 | Lair:4   | Danger: basilisk |T3| Reason: Petrify and low Will
 19811 | Lair:4   | Danger: basilisk |T3| Reason: Petrify and low Will
 19812 | Lair:4   | Danger: basilisk |T3| Reason: Petrify and low Will
 19813 | Lair:4   | Danger: basilisk |T3| Reason: Petrify and low Will
 19816 | Lair:4   | Danger: basilisk |T3| Reason: Petrify and low Will
 19817 | Lair:4   | Danger: basilisk |T3| Reason: Petrify and low Will
 19818 | Lair:4   | Danger: basilisk |T3| Reason: Petrify and low Will
 19819 | Lair:4   | Danger: basilisk |T3| Reason: Petrify and low Will
 19820 | Lair:4   | Danger: basilisk |T3| Reason: Petrify and low Will
 19821 | Lair:4   | Danger: basilisk |T3| Reason: Petrify and low Will
 19822 | Lair:4   | Danger: basilisk |T3| Reason: Petrify and low Will
 19823 | Lair:4   | Danger: basilisk |T3| Reason: Petrify and low Will
 19824 | Lair:4   | Danger: basilisk |T3| Reason: Petrify and low Will
 19825 | Lair:4   | Danger: basilisk |T3| Reason: Petrify and low Will
 19826 | Lair:4   | Danger: basilisk |T3| Reason: Petrify and low Will
 19827 | Lair:4   | Danger: basilisk |T3| Reason: Petrify and low Will
 19828 | Lair:4   | Danger: basilisk |T3| Reason: Petrify and low Will
 19829 | Lair:4   | Danger: basilisk |T3| Reason: Petrify and low Will
 20240 | Lair:5   | Entered Level 5 of the Lair of Beasts
 20297 | Lair:5   | Danger: Low HP Warning |T2| Reason: 58% HP (63/108)
 20298 | Lair:5   | Danger: Low HP Warning |T2| Reason: 59% HP (64/108)
 20299 | Lair:5   | Danger: Low HP Warning |T2| Reason: 59% HP (64/108)
 20300 | Lair:5   | Danger: Low HP Warning |T2| Reason: 59% HP (64/108)
 20301 | Lair:5   | Danger: Low HP Warning |T2| Reason: 59% HP (64/108)
 20302 | Lair:5   | Danger: Low HP Warning |T2| Reason: 60% HP (65/108)
 20303 | Lair:5   | Danger: Low HP Warning |T2| Reason: 60% HP (65/108)
 20808 | Lair:5   | Danger: Low HP Warning |T2| Reason: 56% HP (62/109)
 20809 | Lair:5   | Danger: Low HP Warning |T2| Reason: 57% HP (63/109)
 20810 | Lair:5   | Danger: Low HP Warning |T2| Reason: 57% HP (63/109)
 20811 | Lair:5   | Danger: Low HP Warning |T2| Reason: 57% HP (63/109)
 20812 | Lair:5   | Danger: Low HP Warning |T2| Reason: 57% HP (63/109)
 20813 | Lair:5   | Danger: Low HP Warning |T2| Reason: 58% HP (64/109)
 20814 | Lair:5   | Danger: Low HP Warning |T2| Reason: 58% HP (64/109)
 20815 | Lair:5   | Danger: Low HP Warning |T2| Reason: 58% HP (64/109)
 20816 | Lair:5   | Danger: Low HP Warning |T2| Reason: 58% HP (64/109)
 20817 | Lair:5   | Danger: Low HP Warning |T2| Reason: 59% HP (65/109)
 20818 | Lair:5   | Danger: Low HP Warning |T2| Reason: 59% HP (66/111)
 20819 | Lair:5   | Danger: Low HP Warning |T2| Reason: 59% HP (66/111)
 20820 | Lair:5   | Danger: Low HP Warning |T2| Reason: 60% HP (67/111)
 20821 | Lair:5   | Danger: Low HP Warning |T2| Reason: 60% HP (67/111)
 20822 | Lair:5   | Danger: Low HP Warning |T2| Reason: 60% HP (67/111)
 20826 | Lair:5   | Danger: Low HP Warning |T2| Reason: 60% HP (67/111)
 20832 | Lair:5   | Danger: Low HP Warning |T2| Reason: 54% HP (61/111)
 21092 | Lair:5   | Danger: hornet |T3| Reason: AF_POISON_PARALYSE and no rPois
 21093 | Lair:5   | Danger: hornet |T3| Reason: AF_POISON_PARALYSE and no rPois
 21101 | Lair:5   | Danger: manticore |T2| Reason: OOD monster, careful!
 21151 | Lair:5   | Found a staircase to the Slime Pits.
 21254 | Lair:5   | Danger: basilisk |T3| Reason: Petrify and low Will
 21255 | Lair:5   | Danger: basilisk |T3| Reason: Petrify and low Will
 21255 | Lair:5   | Danger: basilisk |T3| Reason: Petrify and low Will
 21256 | Lair:5   | Danger: basilisk |T3| Reason: Petrify and low Will
 21256 | Lair:5   | Danger: basilisk |T3| Reason: Petrify and low Will
 21257 | Lair:5   | Danger: basilisk |T3| Reason: Petrify and low Will
 21257 | Lair:5   | Danger: basilisk |T3| Reason: Petrify and low Will
 21258 | Lair:5   | Danger: basilisk |T3| Reason: Petrify and low Will
 21258 | Lair:5   | Danger: basilisk |T3| Reason: Petrify and low Will
 21259 | Lair:5   | Danger: basilisk |T3| Reason: Petrify and low Will
 21259 | Lair:5   | Danger: basilisk |T3| Reason: Petrify and low Will
 21260 | Lair:5   | Danger: basilisk |T3| Reason: Petrify and low Will
 21260 | Lair:5   | Danger: basilisk |T3| Reason: Petrify and low Will
 21261 | Lair:5   | Danger: basilisk |T3| Reason: Petrify and low Will
 21262 | Lair:5   | Danger: basilisk |T3| Reason: Petrify and low Will
 21263 | Lair:5   | Danger: basilisk |T3| Reason: Petrify and low Will
 21264 | Lair:5   | Danger: basilisk |T3| Reason: Petrify and low Will
 21265 | Lair:5   | Danger: basilisk |T3| Reason: Petrify and low Will
 21312 | Lair:5   | Danger: fire dragon |T2| Reason: Fire Breath and not rF+,
                  | careful
 21312 | Lair:5   | Danger: fire dragon |T2| Reason: Fire Breath deals more
                  | than 50% MHP!
 21317 | Lair:5   | Danger: fire dragon |T2| Reason: Fire Breath and not rF+,
                  | careful
 21317 | Lair:5   | Danger: fire dragon |T2| Reason: Fire Breath deals more
                  | than 50% MHP!
 21555 | Lair:5   | Danger: manticore |T2| Reason: OOD monster, careful!
 21572 | Lair:5   | Danger: dream sheep |T2| Reason: Irresistible Dream Dust
                  | (4%), watch out!
 21594 | Lair:5   | Danger: dream sheep |T2| Reason: Irresistible Dream Dust
                  | (4%), watch out!
 21595 | Lair:5   | Danger: dream sheep |T2| Reason: Irresistible Dream Dust
                  | (52%), watch out!
 21595 | Lair:5   | Danger: dream sheep |T2| Reason: Irresistible Dream Dust
                  | (52%), watch out!
 21604 | Lair:5   | Danger: dream sheep |T2| Reason: Irresistible Dream Dust
                  | (4%), watch out!
 21679 | Lair:5   | Danger: lindwurm |T2| Reason: Fire Breath and not rF+,
                  | careful
 21680 | Lair:5   | Danger: manticore |T2| Reason: OOD monster, careful!
 21681 | Lair:5   | Danger: hornet |T3| Reason: AF_POISON_PARALYSE and no rPois
 21683 | Lair:5   | Danger: lindwurm |T2| Reason: Fire Breath and not rF+,
                  | careful
 21683 | Lair:5   | Danger: hornet |T3| Reason: AF_POISON_PARALYSE and no rPois
 21684 | Lair:5   | Danger: hornet |T3| Reason: AF_POISON_PARALYSE and no rPois
 21685 | Lair:5   | Danger: hornet |T3| Reason: AF_POISON_PARALYSE and no rPois
 21686 | Lair:5   | Danger: hornet |T3| Reason: AF_POISON_PARALYSE and no rPois
 21687 | Lair:5   | Danger: hornet |T3| Reason: AF_POISON_PARALYSE and no rPois
 21688 | Lair:5   | Danger: hornet |T3| Reason: AF_POISON_PARALYSE and no rPois
 21689 | Lair:5   | Danger: hornet |T3| Reason: AF_POISON_PARALYSE and no rPois
 21701 | Lair:5   | Danger: Low HP Warning |T2| Reason: 54% HP (63/116)
 21702 | Lair:5   | Danger: Low HP Warning |T2| Reason: 54% HP (63/116)
 21703 | Lair:5   | Danger: Low HP Warning |T2| Reason: 54% HP (63/116)
 21704 | Lair:5   | Danger: Low HP Warning |T2| Reason: 54% HP (63/116)
 21705 | Lair:5   | Danger: Low HP Warning |T2| Reason: 55% HP (64/116)
 21706 | Lair:5   | Danger: Low HP Warning |T2| Reason: 51% HP (60/116)
 21707 | Lair:5   | Danger: Low HP Warning |T2| Reason: 51% HP (60/116)
 21720 | Lair:5   | Identified the staff of earth "Dedej" {rPois}
 22190 | Lair:5   | Found a staircase to the Slime Pits.
 22964 | D:13     | Danger: cyclops |T2| Reason: Quivering large rocks, watch
                  | out!!
 23098 | D:13     | Danger: deep elf pyromancer |T2| Reason: Bolt of Fire and
                  | not rF+, careful
 23207 | D:13     | Danger: electric eel |T2| Reason: Electrical Bolt and no
                  | rElec
 23391 | D:13     | Danger: electric eel |T2| Reason: Electrical Bolt and no
                  | rElec
 23798 | D:14     | Found a runed translucent gate.
 23799 | D:14     | Found a runed translucent gate.
 23824 | D:14     | Found a runed translucent gate.
 23963 | D:14     | Danger: wizard |T3| Reason: Banishment and low Will
 23963 | D:14     | Danger: wizard |T2| Reason: Fireball and not rF+, careful
 23967 | D:14     | Danger: ogre mage |T2| Reason: OOD monster, careful!
 23967 | D:14     | Danger: ogre mage |T2| Reason: Bolt of Magma and not rF+,
                  | careful
 23988 | D:14     | Reached XP level 15. HP: 108/124 MP: 21/21
 24058 | D:14     | Danger: orc knight |T2| Reason: OOD monster, careful!
 24083 | D:14     | Found a gate to the Vaults.
 24154 | D:14     | Reached ****** piety under Hepliaklqana
 24603 | D:14     | Noticed Jorgrun
 24604 | D:14     | Danger: Jorgrun |T3| Reason: Petrify and low Will
 24604 | D:14     | Danger: Jorgrun |T2| Reason: Unique monster, careful!
 24604 | D:14     | Danger: Jorgrun |T2| Reason: Lee's Rapid Deconstruction
                  | deals more than 50% MHP!
 24604 | D:14     | Danger: Jorgrun |T2| Reason: Iron Shot deals more than 50%
                  | MHP!
 24604 | D:14     | Found a shadowy altar of Dithmenos.
 24606 | D:14     | Danger: Jorgrun |T3| Reason: Petrify and low Will
 24608 | D:14     | Danger: Jorgrun |T3| Reason: Petrify and low Will
 24608 | D:14     | Danger: Jorgrun |T2| Reason: Unique monster, careful!
 24608 | D:14     | Danger: Jorgrun |T2| Reason: Lee's Rapid Deconstruction
                  | deals more than 50% MHP!
 24608 | D:14     | Danger: Jorgrun |T2| Reason: Iron Shot deals more than 50%
                  | MHP!
 24609 | D:14     | Danger: Jorgrun |T3| Reason: Petrify and low Will
 24610 | D:14     | Danger: Jorgrun |T3| Reason: Petrify and low Will
 24611 | D:14     | Danger: Jorgrun |T3| Reason: Petrify and low Will
 24612 | D:14     | Danger: Jorgrun |T3| Reason: Petrify and low Will
 24613 | D:14     | Danger: Jorgrun |T3| Reason: Petrify and low Will
 24614 | D:14     | Danger: Jorgrun |T3| Reason: Petrify and low Will
 24615 | D:14     | Danger: Jorgrun |T3| Reason: Petrify and low Will
 24615 | D:14     | Killed Jorgrun
 24616 | D:14     | Noticed Frances
 24617 | D:14     | Danger: cyclops |T2| Reason: Quivering large rocks, watch
                  | out!!
 24617 | D:14     | Danger: Frances |T2| Reason: Unique monster, careful!
 24617 | D:14     | Danger: Frances |T2| Reason: Throw Icicle deals more than
                  | 50% MHP!
 24617 | D:14     | Danger: Frances |T2| Reason: Iron Shot deals more than 50%
                  | MHP!
 24626 | D:14     | Killed Frances
 24717 | D:14     | Noticed Agnes
 24718 | D:14     | Danger: Agnes |T2| Reason: Unique monster, careful!
 24721 | D:14     | Killed Agnes
 24739 | D:14     | Danger: glowing orange brain |T2| Reason: OOD monster,
                  | careful!
 24739 | D:14     | Danger: glowing orange brain |T2| Reason: OOD monster,
                  | careful!
 24764 | D:14     | Found a runed translucent gate.
 24764 | D:14     | Found a runed translucent gate.
 24779 | D:14     | Found a runed translucent gate.
 24779 | D:14     | Noticed Imiczer's ghost (journeyman FoFi)
 24779 | D:14     | Noticed a tentacled monstrosity
 24851 | D:14     | Danger: hell hound |T2| Reason: Fire Breath and not rF+,
                  | careful
 24851 | D:14     | Danger: hell hound |T2| Reason: Fire Breath and not rF+,
                  | careful
 24852 | D:14     | Danger: hell hound |T2| Reason: Fire Breath and not rF+,
                  | careful
 24852 | D:14     | Noticed Azrael
 24853 | D:14     | Danger: hell hound |T2| Reason: Fire Breath and not rF+,
                  | careful
 24853 | D:14     | Danger: Azrael |T2| Reason: Unique monster, careful!
 24853 | D:14     | Danger: Azrael |T2| Reason: Fireball and not rF+, careful
 24853 | D:14     | Danger: Azrael |T2| Reason: Bolt of Fire and not rF+,
                  | careful
 24853 | D:14     | Danger: Azrael |T3| Reason: Damnation in LOF, watch out!
 24853 | D:14     | Danger: Azrael |T3| Reason: Damnation (smite) in LOS, watch
                  | out!
 24854 | D:14     | Danger: Azrael |T2| Reason: Damnation in LOS, careful!
 24854 | D:14     | Danger: Azrael |T3| Reason: Damnation (smite) in LOS, watch
                  | out!
 24855 | D:14     | Danger: Azrael |T3| Reason: Damnation (smite) in LOS, watch
                  | out!
 24856 | D:14     | Danger: Azrael |T3| Reason: Damnation in LOF, watch out!
 24856 | D:14     | Danger: Azrael |T3| Reason: Damnation (smite) in LOS, watch
                  | out!
 24857 | D:14     | Danger: Azrael |T3| Reason: Damnation in LOF, watch out!
 24857 | D:14     | Danger: Azrael |T3| Reason: Damnation (smite) in LOS, watch
                  | out!
 24858 | D:14     | Danger: Azrael |T3| Reason: Damnation in LOF, watch out!
 24858 | D:14     | Danger: Azrael |T3| Reason: Damnation (smite) in LOS, watch
                  | out!
 24859 | D:14     | Danger: Azrael |T3| Reason: Damnation in LOF, watch out!
 24859 | D:14     | Danger: Azrael |T3| Reason: Damnation (smite) in LOS, watch
                  | out!
 24860 | D:14     | Danger: Azrael |T3| Reason: Damnation in LOF, watch out!
 24860 | D:14     | Danger: Azrael |T3| Reason: Damnation (smite) in LOS, watch
                  | out!
 24860 | D:14     | Killed Azrael
 25054 | D:14     | Danger: basilisk |T3| Reason: Petrify and low Will
 25054 | D:14     | Danger: green very ugly thing |T2| Reason: OOD monster,
                  | careful!
 25055 | D:14     | Danger: basilisk |T3| Reason: Petrify and low Will
 25056 | D:14     | Danger: basilisk |T3| Reason: Petrify and low Will
 25059 | D:14     | Danger: basilisk |T3| Reason: Petrify and low Will
 25060 | D:14     | Danger: basilisk |T3| Reason: Petrify and low Will
 25061 | D:14     | Danger: basilisk |T3| Reason: Petrify and low Will
 25062 | D:14     | Danger: basilisk |T3| Reason: Petrify and low Will
 25063 | D:14     | Danger: basilisk |T3| Reason: Petrify and low Will
 25138 | D:15     | Entered Level 15 of the Dungeon
 25513 | D:15     | Found a basalt altar of Yredelemnul.
 25575 | D:15     | Danger: tengu conjurer |T2| Reason: Lightning Bolt and no
                  | rElec
 25666 | D:15     | Danger: basilisk |T3| Reason: Petrify and low Will
 25667 | D:15     | Danger: basilisk |T3| Reason: Petrify and low Will
 25668 | D:15     | Danger: basilisk |T3| Reason: Petrify and low Will
 25669 | D:15     | Danger: basilisk |T3| Reason: Petrify and low Will
 25670 | D:15     | Danger: basilisk |T3| Reason: Petrify and low Will
 25671 | D:15     | Danger: basilisk |T3| Reason: Petrify and low Will
 25673 | D:15     | Danger: basilisk |T3| Reason: Petrify and low Will
 25738 | D:15     | Found Sujosch's Distillery.
 25884 | D:15     | Danger: basilisk |T3| Reason: Petrify and low Will
 25885 | D:15     | Danger: basilisk |T3| Reason: Petrify and low Will
 25886 | D:15     | Danger: basilisk |T3| Reason: Petrify and low Will
 25888 | D:15     | Danger: basilisk |T3| Reason: Petrify and low Will
 25891 | D:15     | Danger: basilisk |T3| Reason: Petrify and low Will
 25926 | D:15     | Found a staircase to the Depths.
 26194 | D:15     | Bought 2 potions of flight for 78 gold pieces
 26194 | D:15     | Bought a potion of haste for 130 gold pieces
 26194 | D:15     | Bought a potion of heal wounds for 65 gold pieces
 26194 | D:15     | Bought a potion of haste for 130 gold pieces
 26194 | D:15     | Bought a potion of curing for 39 gold pieces
 26386 | Orc:1    | Entered Level 1 of the Orcish Mines
 26435 | Orc:1    | Danger: orc sorcerer |T3| Reason: Paralyse and low Will
 26435 | Orc:1    | Danger: orc sorcerer |T2| Reason: Bolt of Fire and not rF+,
                  | careful
 26437 | Orc:1    | Danger: orc sorcerer |T3| Reason: Paralyse and low Will
 26439 | Orc:1    | Danger: orc sorcerer |T3| Reason: Paralyse and low Will
 26441 | Orc:1    | Danger: orc sorcerer |T3| Reason: Paralyse and low Will
 26442 | Orc:1    | Danger: orc sorcerer |T3| Reason: Paralyse and low Will
 26547 | Orc:1    | Danger: orc |T2| Reason: Quivering boomerangs, careful!
 26935 | Orc:2    | Entered Level 2 of the Orcish Mines
 26968 | Orc:2    | Danger: Low HP Warning |T2| Reason: 57% HP (71/124)
 26969 | Orc:2    | Danger: Low HP Warning |T2| Reason: 58% HP (72/124)
 26970 | Orc:2    | Danger: Low HP Warning |T2| Reason: 58% HP (72/124)
 26971 | Orc:2    | Danger: Low HP Warning |T2| Reason: 58% HP (72/124)
 26972 | Orc:2    | Danger: Low HP Warning |T2| Reason: 58% HP (72/124)
 26973 | Orc:2    | Danger: orc sorcerer |T3| Reason: Paralyse and low Will
 26973 | Orc:2    | Danger: orc sorcerer |T2| Reason: Bolt of Fire and not rF+,
                  | careful
 26973 | Orc:2    | Danger: Low HP Warning |T2| Reason: 54% HP (68/124)
 26974 | Orc:2    | Danger: orc sorcerer |T3| Reason: Paralyse and low Will
 26974 | Orc:2    | Danger: Low HP Warning |T2| Reason: 54% HP (68/124)
 26975 | Orc:2    | Danger: orc sorcerer |T3| Reason: Paralyse and low Will
 26975 | Orc:2    | Danger: Low HP Warning |T2| Reason: 54% HP (68/124)
 26976 | Orc:2    | Danger: Low HP Warning |T2| Reason: 41% HP (51/124)
 26977 | Orc:2    | Danger: Low HP Warning |T2| Reason: 41% HP (52/124)
 26978 | Orc:2    | Danger: Low HP Warning |T2| Reason: 41% HP (52/124)
 26979 | Orc:2    | Reached skill level 15 in Dodging
 26979 | Orc:2    | Danger: orc sorcerer |T3| Reason: Paralyse and low Will
 26979 | Orc:2    | Danger: orc sorcerer |T2| Reason: Bolt of Fire and not rF+,
                  | careful
 26979 | Orc:2    | Danger: Low HP Warning |T2| Reason: 41% HP (52/124)
 26980 | Orc:2    | Danger: orc sorcerer |T3| Reason: Paralyse and low Will
 26980 | Orc:2    | Danger: Low HP Warning |T2| Reason: 42% HP (53/124)
 26981 | Orc:2    | Danger: Low HP Warning |T2| Reason: 42% HP (53/124)
 26983 | Orc:2    | Danger: Low HP Warning |T2| Reason: 43% HP (54/124)
 26984 | Orc:2    | Danger: orc sorcerer |T3| Reason: Paralyse and low Will
 26984 | Orc:2    | Danger: orc sorcerer |T2| Reason: Bolt of Fire and not rF+,
                  | careful
 26984 | Orc:2    | Danger: Low HP Warning |T2| Reason: 43% HP (54/124)
 26986 | Orc:2    | Danger: Low HP Warning |T2| Reason: 44% HP (55/124)
 26987 | Orc:2    | Danger: Low HP Warning |T2| Reason: 44% HP (55/124)
 26988 | Orc:2    | Danger: Low HP Warning |T2| Reason: 45% HP (56/124)
 26989 | Orc:2    | Danger: orc sorcerer |T3| Reason: Paralyse and low Will
 26989 | Orc:2    | Danger: orc sorcerer |T2| Reason: Bolt of Fire and not rF+,
                  | careful
 26989 | Orc:2    | Danger: Low HP Warning |T2| Reason: 45% HP (56/124)
 27292 | Orc:2    | Danger: orc sorcerer |T3| Reason: Paralyse and low Will
 27292 | Orc:2    | Danger: orc sorcerer |T2| Reason: Bolt of Fire and not rF+,
                  | careful
 27293 | Orc:2    | Danger: orc sorcerer |T3| Reason: Paralyse and low Will
 27294 | Orc:2    | Danger: orc sorcerer |T3| Reason: Paralyse and low Will
 27295 | Orc:2    | Danger: orc sorcerer |T3| Reason: Paralyse and low Will
 27296 | Orc:2    | Danger: orc sorcerer |T3| Reason: Paralyse and low Will
 27297 | Orc:2    | Danger: orc sorcerer |T3| Reason: Paralyse and low Will
 27298 | Orc:2    | Danger: orc sorcerer |T3| Reason: Paralyse and low Will
 27299 | Orc:2    | Danger: orc sorcerer |T3| Reason: Paralyse and low Will
 27300 | Orc:2    | Danger: orc sorcerer |T3| Reason: Paralyse and low Will
 27658 | Orc:2    | Found Ogiwn's Distillery.
 27658 | Orc:2    | Found Wirareq's Book Emporium.
 27658 | Orc:2    | Found Ceuha's Assorted Antiques.
 27715 | Orc:2    | Danger: orc |T2| Reason: Quivering boomerangs, careful!
 28333 | Orc:2    | Found a staircase to the Elven Halls.
 28423 | Orc:2    | Found Kimn's General Store.
 28434 | Orc:2    | Bought a potion of heal wounds for 50 gold pieces
 28434 | Orc:2    | Bought a condenser vane for 400 gold pieces
 28631 | Orc:2    | Bought a potion of heal wounds for 140 gold pieces
 28635 | Orc:2    | Bought a potion of heal wounds for 75 gold pieces
 28635 | Orc:2    | Bought a potion of might for 60 gold pieces
 28635 | Orc:2    | Bought a potion of haste for 150 gold pieces
 28635 | Orc:2    | Bought a potion of might for 60 gold pieces
 28635 | Orc:2    | Bought a potion of might for 60 gold pieces
 28753 | Snake:1  | Entered Level 1 of the Snake Pit
 28765 | Snake:1  | Reached XP level 16. HP: 123/131 MP: 22/22
 28793 | Snake:1  | Danger: electric eel |T2| Reason: Electrical Bolt and no
                  | rElec
 28799 | Snake:1  | Danger: electric eel |T2| Reason: Electrical Bolt and no
                  | rElec
 28802 | Snake:1  | Danger: electric eel |T2| Reason: Electrical Bolt and no
                  | rElec
 28806 | Snake:1  | Danger: shock serpent |T2| Reason: Electrical Bolt and no
                  | rElec
 28811 | Snake:1  | Danger: shock serpent |T2| Reason: Electrical Bolt and no
                  | rElec
 28861 | Snake:1  | Danger: Low HP Warning |T2| Reason: 60% HP (79/131)
 28862 | Snake:1  | Danger: Low HP Warning |T2| Reason: 59% HP (78/131)
 28863 | Snake:1  | Danger: Low HP Warning |T2| Reason: 58% HP (77/131)
 28864 | Snake:1  | Danger: Low HP Warning |T2| Reason: 58% HP (77/131)
 28865 | Snake:1  | Danger: Low HP Warning |T2| Reason: 58% HP (77/131)
 28866 | Snake:1  | Danger: Low HP Warning |T2| Reason: 58% HP (76/131)
 28867 | Snake:1  | Danger: Low HP Warning |T2| Reason: 48% HP (64/131)
 28930 | Snake:1  | Reached skill level 10 in Shields
 29047 | Snake:1  | Found Fic Est's Jewellery Emporium.
 29049 | Snake:1  | Found Sagoutt's Antique Weapon Shoppe.
 29049 | Snake:1  | Found Udaej's Distillery.
 29052 | Snake:1  | Found Jobov's Antique Armour Shoppe.
 29080 | Snake:1  | Danger: guardian serpent |T2| Reason: Slow and low Will,
                  | careful
 29171 | Snake:1  | Found Urchanlu's Overcharged Wands.
 29348 | Snake:1  | Got the Folio of Bewitchment
 29424 | Snake:1  | Danger: Low HP Warning |T2| Reason: 60% HP (79/131)
 29426 | Snake:1  | Danger: Low HP Warning |T2| Reason: 54% HP (71/131)
 29427 | Snake:1  | Danger: Low HP Warning |T2| Reason: 50% HP (66/131)
 29428 | Snake:1  | Danger: Low HP Warning |T2| Reason: 47% HP (62/131)
 29429 | Snake:1  | Danger: Low HP Warning |T2| Reason: 45% HP (59/131)
 29430 | Snake:1  | Danger: Low HP Warning |T2| Reason: 43% HP (57/131)
 30334 | Snake:2  | Danger: nagaraja |T2| Reason: Poison Arrow deals more than
                  | 50% MHP!
 30586 | Snake:2  | You fall into a shaft and drop 1 floor!
 30586 | Snake:2  | Danger: Shafted! |T3| Reason: Shafted!
 30599 | Snake:3  | Found Wayliacw's Assorted Antiques.
 30599 | Snake:3  | Found Amikosos's Jewellery Shop.
 30603 | Snake:3  | Found Uhioh's Magic Scroll Boutique.
 30793 | Snake:2  | Danger: Low HP Warning |T2| Reason: 51% HP (67/131)
 30795 | Snake:2  | Danger: Low HP Warning |T2| Reason: 45% HP (59/131)
 30797 | Snake:2  | Danger: Low HP Warning |T2| Reason: 43% HP (57/131)
 30798 | Snake:2  | Danger: Low HP Warning |T2| Reason: 42% HP (56/131)
 30799 | Snake:2  | Danger: Low HP Warning |T2| Reason: 41% HP (55/131)
 30800 | Snake:2  | Danger: Low HP Warning |T2| Reason: 41% HP (54/131)
 30801 | Snake:2  | Danger: Low HP Warning |T2| Reason: 40% HP (53/131)
 30802 | Snake:2  | Danger: Low HP Warning |T2| Reason: 40% HP (53/131)
 31500 | Snake:3  | Danger: guardian serpent |T2| Reason: Slow and low Will,
                  | careful
 31514 | Snake:3  | Danger: Low HP Warning |T2| Reason: 56% HP (74/131)
 31515 | Snake:3  | Danger: Low HP Warning |T2| Reason: 38% HP (50/131)
 31516 | Snake:3  | Danger: guardian serpent |T3| Reason: IMMINENT DEATH: Venom
                  | Bolt deals 39 damage, you have 38 HP!!
 31516 | Snake:3  | Danger: Low HP Warning |T2| Reason: 29% HP (38/131)
 31517 | Snake:3  | Danger: Low HP Warning |T2| Reason: 35% HP (47/131)
 31518 | Snake:3  | Danger: Low HP Warning |T2| Reason: 31% HP (41/131)
 31914 | Snake:3  | Danger: guardian serpent |T2| Reason: Slow and low Will,
                  | careful
 32084 | Snake:3  | Danger: shock serpent |T2| Reason: Electrical Bolt and no
                  | rElec
 32144 | Snake:3  | Danger: guardian serpent |T2| Reason: Slow and low Will,
                  | careful
 32418 | Snake:3  | Danger: shock serpent |T2| Reason: Electrical Bolt and no
                  | rElec
 32436 | Snake:3  | Danger: Low HP Warning |T2| Reason: 55% HP (73/131)
 32437 | Snake:3  | Danger: Low HP Warning |T2| Reason: 52% HP (69/131)
 32438 | Snake:3  | Danger: Low HP Warning |T2| Reason: 51% HP (67/131)
 32439 | Snake:3  | Danger: Low HP Warning |T2| Reason: 50% HP (66/131)
 32440 | Snake:3  | Danger: Low HP Warning |T2| Reason: 47% HP (62/131)
 32483 | Snake:3  | Danger: guardian serpent |T2| Reason: Slow and low Will,
                  | careful
 32483 | Snake:3  | Danger: Low HP Warning |T2| Reason: 52% HP (69/131)
 32484 | Snake:3  | Danger: Low HP Warning |T2| Reason: 53% HP (70/131)
 32485 | Snake:3  | Danger: Low HP Warning |T2| Reason: 53% HP (70/131)
 32486 | Snake:3  | Danger: Low HP Warning |T2| Reason: 54% HP (71/131)
 32487 | Snake:3  | Danger: Low HP Warning |T2| Reason: 54% HP (71/131)
 32488 | Snake:3  | Danger: Low HP Warning |T2| Reason: 52% HP (69/131)
 32489 | Snake:3  | Danger: Low HP Warning |T2| Reason: 51% HP (68/131)
 32490 | Snake:3  | Danger: Low HP Warning |T2| Reason: 52% HP (69/131)
 32491 | Snake:3  | Danger: Low HP Warning |T2| Reason: 48% HP (64/131)
 32492 | Snake:3  | Danger: Low HP Warning |T2| Reason: 48% HP (64/131)
 32493 | Snake:3  | Danger: Low HP Warning |T2| Reason: 45% HP (59/131)
 32494 | Snake:3  | Danger: Low HP Warning |T2| Reason: 45% HP (60/131)
 32495 | Snake:3  | Danger: Low HP Warning |T2| Reason: 45% HP (60/131)
 32496 | Snake:3  | Danger: Low HP Warning |T2| Reason: 45% HP (60/131)
 32760 | Snake:3  | Danger: nagaraja |T2| Reason: Poison Arrow deals more than
                  | 50% MHP!
 32999 | Snake:3  | Danger: Low HP Warning |T2| Reason: 60% HP (79/131)
 33000 | Snake:3  | Danger: Low HP Warning |T2| Reason: 56% HP (74/131)
 33001 | Snake:3  | Danger: Low HP Warning |T2| Reason: 49% HP (65/131)
 33002 | Snake:3  | Danger: Low HP Warning |T2| Reason: 45% HP (60/131)
 33003 | Snake:3  | Danger: Low HP Warning |T2| Reason: 45% HP (59/131)
 33004 | Snake:3  | Danger: Low HP Warning |T2| Reason: 39% HP (52/131)
 33005 | Snake:3  | Danger: Low HP Warning |T2| Reason: 35% HP (46/131)
 33006 | Snake:3  | Danger: Low HP Warning |T2| Reason: 29% HP (39/131)
 33007 | Snake:3  | Danger: Low HP Warning |T3| Reason: 25% HP (34/131)
 33008 | Snake:3  | Danger: Low HP Warning |T3| Reason: 24% HP (32/131)
 33009 | Snake:3  | Danger: Low HP Warning |T3| Reason: 20% HP (27/131)
 33010 | Snake:3  | Danger: Low HP Warning |T3| Reason: 17% HP (23/131)
 33011 | Snake:3  | Danger: Low HP Warning |T3| Reason: 16% HP (21/131)
 33424 | Snake:3  | Danger: Low HP Warning |T2| Reason: 60% HP (79/131)
 33425 | Snake:3  | Danger: Low HP Warning |T2| Reason: 54% HP (71/131)
 33426 | Snake:3  | Danger: Low HP Warning |T2| Reason: 52% HP (69/131)
 33427 | Snake:3  | Danger: Low HP Warning |T2| Reason: 45% HP (60/131)
 33428 | Snake:3  | Danger: Low HP Warning |T2| Reason: 38% HP (50/131)
 33429 | Snake:3  | Danger: Low HP Warning |T2| Reason: 35% HP (46/131)
 33430 | Snake:3  | Danger: Low HP Warning |T2| Reason: 28% HP (37/131)
 33431 | Snake:3  | Danger: Low HP Warning |T3| Reason: 22% HP (29/131)
 33432 | Snake:3  | Danger: Low HP Warning |T2| Reason: 26% HP (35/131)
 33433 | Snake:3  | Danger: Low HP Warning |T3| Reason: 25% HP (34/131)
 33434 | Snake:3  | Danger: Low HP Warning |T3| Reason: 25% HP (33/131)
 33435 | Snake:3  | Danger: Low HP Warning |T3| Reason: 23% HP (31/131)
 33438 | Snake:3  | Danger: Low HP Warning |T3| Reason: 19% HP (26/131)
 33439 | Snake:3  | Danger: Low HP Warning |T3| Reason: 19% HP (25/131)
 33440 | Snake:3  | Danger: Low HP Warning |T3| Reason: 19% HP (25/131)
 33834 | Snake:3  | Reached XP level 17. HP: 125/136 MP: 23/23
 33841 | Snake:3  | Reached skill level 15 in Shields
 33845 | Snake:3  | Danger: Low HP Warning |T2| Reason: 58% HP (79/136)
 33846 | Snake:3  | Danger: Low HP Warning |T2| Reason: 54% HP (74/136)
 33847 | Snake:3  | Danger: Low HP Warning |T2| Reason: 53% HP (73/136)
 33848 | Snake:3  | Danger: Low HP Warning |T2| Reason: 52% HP (71/136)
 33849 | Snake:3  | Danger: Low HP Warning |T2| Reason: 51% HP (70/136)
 33850 | Snake:3  | Danger: Low HP Warning |T2| Reason: 50% HP (68/136)
 33851 | Snake:3  | Danger: Low HP Warning |T2| Reason: 44% HP (61/136)
 33852 | Snake:3  | Danger: Low HP Warning |T2| Reason: 39% HP (54/136)
 33853 | Snake:3  | Danger: Low HP Warning |T2| Reason: 38% HP (53/136)
 33854 | Snake:3  | Danger: Low HP Warning |T2| Reason: 37% HP (51/136)
 33855 | Snake:3  | Danger: Low HP Warning |T2| Reason: 36% HP (50/136)
 33856 | Snake:3  | Danger: Low HP Warning |T2| Reason: 35% HP (48/136)
 34301 | Snake:4  | Entered Level 4 of the Snake Pit
 34621 | Snake:3  | Danger: Low HP Warning |T2| Reason: 60% HP (84/138)
 34622 | Snake:3  | Danger: Low HP Warning |T2| Reason: 60% HP (83/138)
 34623 | Snake:3  | Danger: Low HP Warning |T2| Reason: 58% HP (81/138)
 34624 | Snake:3  | Danger: Low HP Warning |T2| Reason: 58% HP (81/138)
 34625 | Snake:3  | Danger: Low HP Warning |T2| Reason: 57% HP (79/138)
 34626 | Snake:3  | Danger: Low HP Warning |T2| Reason: 57% HP (79/138)
 34627 | Snake:3  | Danger: Low HP Warning |T2| Reason: 56% HP (78/138)
 34628 | Snake:3  | Danger: Low HP Warning |T2| Reason: 56% HP (78/138)
 34629 | Snake:3  | Danger: Low HP Warning |T2| Reason: 55% HP (77/138)
 34631 | Snake:3  | Danger: Low HP Warning |T2| Reason: 55% HP (77/138)
 34632 | Snake:3  | Danger: Low HP Warning |T2| Reason: 55% HP (77/138)
 34775 | Snake:4  | Danger: shock serpent |T2| Reason: Electrical Bolt and no
                  | rElec
 34783 | Snake:3  | Reached skill level 15 in Fighting
 34920 | Snake:4  | Danger: shock serpent |T2| Reason: Electrical Bolt and no
                  | rElec
 34920 | Snake:4  | Danger: salamander tyrant |T2| Reason: Eruption deals more
                  | than 50% MHP!
 34920 | Snake:4  | Danger: salamander tyrant |T2| Reason: Pyroclastic Surge
                  | deals more than 50% MHP!
 34920 | Snake:4  | Danger: salamander tyrant |T2| Reason: Eruption deals more
                  | than 50% MHP!
 34920 | Snake:4  | Danger: salamander tyrant |T2| Reason: Pyroclastic Surge
                  | deals more than 50% MHP!
 35044 | Snake:4  | Danger: shock serpent |T2| Reason: Electrical Bolt and no
                  | rElec
 35044 | Snake:4  | Danger: salamander tyrant |T2| Reason: Eruption deals more
                  | than 50% MHP!
 35044 | Snake:4  | Danger: salamander tyrant |T2| Reason: Pyroclastic Surge
                  | deals more than 50% MHP!
 35045 | Snake:4  | Danger: salamander tyrant |T3| Reason: IMMINENT DEATH:
                  | Eruption deals 72 damage, you have 43 HP!!
 35045 | Snake:4  | Danger: salamander tyrant |T3| Reason: IMMINENT DEATH:
                  | Pyroclastic Surge deals 72 damage, you have 43 HP!!
 35045 | Snake:4  | Danger: nagaraja |T3| Reason: IMMINENT DEATH: Venom Bolt
                  | deals 57 damage, you have 43 HP!!
 35045 | Snake:4  | Danger: nagaraja |T3| Reason: IMMINENT DEATH: Poison Arrow
                  | deals 66 damage, you have 43 HP!!
 35045 | Snake:4  | Danger: salamander tyrant |T2| Reason: Eruption deals more
                  | than 50% MHP!
 35045 | Snake:4  | Danger: salamander tyrant |T3| Reason: IMMINENT DEATH:
                  | Eruption deals 72 damage, you have 43 HP!!
 35045 | Snake:4  | Danger: salamander tyrant |T2| Reason: Pyroclastic Surge
                  | deals more than 50% MHP!
 35045 | Snake:4  | Danger: salamander tyrant |T3| Reason: IMMINENT DEATH:
                  | Pyroclastic Surge deals 72 damage, you have 43 HP!!
 35045 | Snake:4  | Danger: salamander tyrant |T2| Reason: Eruption deals more
                  | than 50% MHP!
 35045 | Snake:4  | Danger: salamander tyrant |T3| Reason: IMMINENT DEATH:
                  | Eruption deals 72 damage, you have 43 HP!!
 35045 | Snake:4  | Danger: salamander tyrant |T2| Reason: Pyroclastic Surge
                  | deals more than 50% MHP!
 35045 | Snake:4  | Danger: salamander tyrant |T3| Reason: IMMINENT DEATH:
                  | Pyroclastic Surge deals 72 damage, you have 43 HP!!
 35045 | Snake:4  | Danger: Low HP Warning |T2| Reason: 30% HP (43/140)
 35046 | Snake:4  | Danger: Low HP Warning |T2| Reason: 31% HP (44/140)
 35162 | Snake:4  | Noticed a quicksilver dragon
 35168 | Snake:4  | Killed a quicksilver dragon
 35172 | Snake:4  | Danger: salamander tyrant |T2| Reason: Eruption deals more
                  | than 50% MHP!
 35172 | Snake:4  | Danger: salamander tyrant |T2| Reason: Pyroclastic Surge
                  | deals more than 50% MHP!
 35204 | Snake:4  | Danger: Low HP Warning |T2| Reason: 59% HP (83/140)
 35205 | Snake:4  | Danger: Low HP Warning |T2| Reason: 59% HP (83/140)
 35206 | Snake:4  | Danger: Low HP Warning |T2| Reason: 58% HP (82/140)
 35409 | Snake:4  | Danger: shock serpent |T2| Reason: Electrical Bolt and no
                  | rElec
 35470 | Snake:4  | Danger: Low HP Warning |T2| Reason: 60% HP (85/140)
 35480 | Snake:4  | Danger: Low HP Warning |T2| Reason: 60% HP (84/140)
 35481 | Snake:4  | Danger: Low HP Warning |T2| Reason: 60% HP (85/140)
 35482 | Snake:4  | Danger: Low HP Warning |T2| Reason: 60% HP (85/140)
 35617 | Snake:4  | Noticed a quicksilver dragon
 35631 | Snake:4  | Killed a quicksilver dragon
 35703 | Snake:4  | Danger: Low HP Warning |T2| Reason: 59% HP (83/140)
 35704 | Snake:4  | Danger: Low HP Warning |T2| Reason: 59% HP (83/140)
 35705 | Snake:4  | Danger: Low HP Warning |T2| Reason: 59% HP (83/140)
 35722 | Snake:4  | Danger: salamander tyrant |T2| Reason: Eruption deals more
                  | than 50% MHP!
 35722 | Snake:4  | Danger: salamander tyrant |T2| Reason: Pyroclastic Surge
                  | deals more than 50% MHP!
 35729 | Snake:4  | Danger: salamander tyrant |T2| Reason: Eruption deals more
                  | than 50% MHP!
 35729 | Snake:4  | Danger: salamander tyrant |T2| Reason: Pyroclastic Surge
                  | deals more than 50% MHP!
 35732 | Snake:4  | Danger: salamander tyrant |T2| Reason: Eruption deals more
                  | than 50% MHP!
 35732 | Snake:4  | Danger: salamander tyrant |T2| Reason: Pyroclastic Surge
                  | deals more than 50% MHP!
 35752 | Snake:4  | Danger: salamander tyrant |T2| Reason: Eruption deals more
                  | than 50% MHP!
 35755 | Snake:4  | Danger: Low HP Warning |T2| Reason: 57% HP (80/140)
 36026 | Snake:4  | Found Qinkuwn's Distillery.
 36178 | Snake:4  | Got a serpentine rune of Zot
 36188 | Snake:4  | Danger: shock serpent |T2| Reason: Electrical Bolt and no
                  | rElec
 36191 | Snake:4  | Danger: salamander tyrant |T2| Reason: Eruption deals more
                  | than 50% MHP!
 36191 | Snake:4  | Danger: salamander tyrant |T2| Reason: Pyroclastic Surge
                  | deals more than 50% MHP!
 36194 | Snake:4  | Danger: shock serpent |T2| Reason: Electrical Bolt and no
                  | rElec
 36198 | Snake:4  | Danger: salamander tyrant |T2| Reason: Eruption deals more
                  | than 50% MHP!
 36198 | Snake:4  | Danger: salamander tyrant |T2| Reason: Pyroclastic Surge
                  | deals more than 50% MHP!
 36573 | Snake:4  | Danger: guardian serpent |T2| Reason: Slow and low Will,
                  | careful
 36753 | Swamp:1  | Entered Level 1 of the Swamp
 36766 | Swamp:1  | Danger: bog body |T2| Reason: Slow and low Will, careful
 36766 | Swamp:1  | Danger: bog body |T2| Reason: Bolt of Cold and no rC
 36770 | Swamp:1  | Danger: will-o-the-wisp |T2| Reason: Marshlight deals more
                  | than 50% MHP!
 36772 | Lair:3   | Danger: alligator |T2| Reason: OOD monster, careful!
 36902 | Swamp:1  | Danger: bog body |T2| Reason: Slow and low Will, careful
 36902 | Swamp:1  | Danger: bog body |T2| Reason: Bolt of Cold and no rC
 36903 | Swamp:1  | Danger: will-o-the-wisp |T2| Reason: Marshlight deals more
                  | than 50% MHP!
 36957 | Swamp:1  | Danger: will-o-the-wisp |T2| Reason: Marshlight deals more
                  | than 50% MHP!
 36963 | Lair:3   | Danger: Low HP Warning |T2| Reason: 58% HP (82/140)
 36964 | Lair:3   | Danger: Low HP Warning |T2| Reason: 55% HP (78/140)
 36965 | Lair:3   | Danger: Low HP Warning |T2| Reason: 53% HP (75/140)
 36966 | Lair:3   | Danger: Low HP Warning |T2| Reason: 51% HP (72/140)
 36967 | Lair:3   | Danger: Low HP Warning |T2| Reason: 50% HP (71/140)
 36968 | Lair:3   | Danger: Low HP Warning |T2| Reason: 49% HP (69/140)
 37174 | Swamp:1  | Danger: eleionoma |T2| Reason: Splinterspray deals more
                  | than 50% MHP!
 37208 | Swamp:1  | Danger: will-o-the-wisp |T2| Reason: Marshlight deals more
                  | than 50% MHP!
 37363 | Swamp:1  | Reached skill level 15 in Long Blades
 37364 | Swamp:1  | Danger: bog body |T2| Reason: Slow and low Will, careful
 37364 | Swamp:1  | Danger: bog body |T2| Reason: Bolt of Cold and no rC
 37632 | Swamp:2  | Danger: will-o-the-wisp |T2| Reason: Marshlight deals more
                  | than 50% MHP!
 37636 | Swamp:2  | Danger: bog body |T2| Reason: Slow and low Will, careful
 37636 | Swamp:2  | Danger: bog body |T2| Reason: Bolt of Cold and no rC
 37839 | Swamp:2  | You fall into a shaft and drop 1 floor!
 37839 | Swamp:2  | Danger: Shafted! |T3| Reason: Shafted!
 38317 | Swamp:3  | Danger: bog body |T2| Reason: Slow and low Will, careful
 38317 | Swamp:3  | Danger: bog body |T2| Reason: Bolt of Cold and no rC
 38325 | Swamp:3  | Danger: bog body |T2| Reason: Slow and low Will, careful
 38325 | Swamp:3  | Danger: bog body |T2| Reason: Bolt of Cold and no rC
 38355 | Swamp:3  | Danger: Low HP Warning |T2| Reason: 52% HP (74/140)
 38356 | Swamp:3  | Danger: Low HP Warning |T2| Reason: 45% HP (64/140)
 38357 | Swamp:3  | Danger: Low HP Warning |T2| Reason: 39% HP (55/140)
 38734 | Swamp:3  | Danger: spriggan rider |T3| Reason: Quivering curare and no
                  | rPois, watch out!!
 38735 | Swamp:3  | Danger: spriggan rider |T3| Reason: Quivering curare and no
                  | rPois, watch out!!
 38737 | Swamp:3  | Danger: spriggan rider |T3| Reason: Quivering curare and no
                  | rPois, watch out!!
 38738 | Swamp:3  | Danger: hornet |T3| Reason: AF_POISON_PARALYSE and no rPois
 38781 | Swamp:3  | Danger: spriggan rider |T3| Reason: Quivering curare and no
                  | rPois, watch out!!
 38782 | Swamp:3  | Danger: spriggan rider |T3| Reason: Quivering curare and no
                  | rPois, watch out!!
 38783 | Swamp:3  | Danger: spriggan rider |T3| Reason: Quivering curare and no
                  | rPois, watch out!!
 38784 | Swamp:3  | Danger: spriggan rider |T3| Reason: Quivering curare and no
                  | rPois, watch out!!
 38785 | Swamp:3  | Danger: spriggan rider |T3| Reason: Quivering curare and no
                  | rPois, watch out!!
 38786 | Swamp:3  | Danger: spriggan rider |T3| Reason: Quivering curare and no
                  | rPois, watch out!!
 38787 | Swamp:3  | Danger: spriggan rider |T3| Reason: Quivering curare and no
                  | rPois, watch out!!
 38788 | Swamp:3  | Danger: spriggan rider |T3| Reason: Quivering curare and no
                  | rPois, watch out!!
 38789 | Swamp:3  | Danger: spriggan rider |T3| Reason: Quivering curare and no
                  | rPois, watch out!!
 38790 | Swamp:3  | Danger: spriggan rider |T3| Reason: Quivering curare and no
                  | rPois, watch out!!
 38791 | Swamp:3  | Danger: spriggan rider |T3| Reason: Quivering curare and no
                  | rPois, watch out!!
 38792 | Swamp:3  | Danger: spriggan rider |T3| Reason: Quivering curare and no
                  | rPois, watch out!!
 38793 | Swamp:3  | Danger: spriggan rider |T3| Reason: Quivering curare and no
                  | rPois, watch out!!
 38794 | Swamp:3  | Danger: spriggan rider |T3| Reason: Quivering curare and no
                  | rPois, watch out!!
 38795 | Swamp:3  | Danger: spriggan rider |T3| Reason: Quivering curare and no
                  | rPois, watch out!!
 38796 | Swamp:3  | Danger: spriggan rider |T3| Reason: Quivering curare and no
                  | rPois, watch out!!
 38797 | Swamp:3  | Danger: spriggan rider |T3| Reason: Quivering curare and no
                  | rPois, watch out!!
 38798 | Swamp:3  | Danger: spriggan rider |T3| Reason: Quivering curare and no
                  | rPois, watch out!!
 38799 | Swamp:3  | Danger: spriggan rider |T3| Reason: Quivering curare and no
                  | rPois, watch out!!
 38800 | Swamp:3  | Danger: spriggan rider |T3| Reason: Quivering curare and no
                  | rPois, watch out!!
 38801 | Swamp:3  | Danger: spriggan rider |T3| Reason: Quivering curare and no
                  | rPois, watch out!!
 38802 | Swamp:3  | Danger: hornet |T3| Reason: AF_POISON_PARALYSE and no rPois
 38885 | Swamp:3  | Danger: will-o-the-wisp |T2| Reason: Marshlight deals more
                  | than 50% MHP!
 39120 | Swamp:4  | Entered Level 4 of the Swamp
 39120 | Swamp:4  | Noticed Roxanne
 39121 | Swamp:4  | Danger: Roxanne |T2| Reason: Unique monster, careful!
 39121 | Swamp:4  | Danger: Roxanne |T3| Reason: Bolt of Magma (irresistible
                  | ~3d30+ equivalent) and not rF+++, watch out!
 39121 | Swamp:4  | Danger: Roxanne |T2| Reason: Iron Shot deals more than 50%
                  | MHP!
 39121 | Swamp:4  | Danger: Roxanne |T2| Reason: Lehudib's Crystal Spear deals
                  | more than 50% MHP!
 39122 | Swamp:4  | Danger: Roxanne |T3| Reason: Bolt of Magma (irresistible
                  | ~3d30+ equivalent) and not rF+++, watch out!
 39123 | Swamp:4  | Danger: Roxanne |T3| Reason: Bolt of Magma (irresistible
                  | ~3d30+ equivalent) and not rF+++, watch out!
 39124 | Swamp:4  | Danger: Roxanne |T3| Reason: Bolt of Magma (irresistible
                  | ~3d30+ equivalent) and not rF+++, watch out!
 39125 | Swamp:4  | Danger: Roxanne |T3| Reason: Bolt of Magma (irresistible
                  | ~3d30+ equivalent) and not rF+++, watch out!
 39126 | Swamp:4  | Danger: Roxanne |T3| Reason: Bolt of Magma (irresistible
                  | ~3d30+ equivalent) and not rF+++, watch out!
 39127 | Swamp:4  | Danger: Roxanne |T3| Reason: Bolt of Magma (irresistible
                  | ~3d30+ equivalent) and not rF+++, watch out!
 39146 | Swamp:4  | Danger: Roxanne |T2| Reason: Unique monster, careful!
 39146 | Swamp:4  | Danger: Roxanne |T3| Reason: Bolt of Magma (irresistible
                  | ~3d30+ equivalent) and not rF+++, watch out!
 39146 | Swamp:4  | Danger: Roxanne |T2| Reason: Iron Shot deals more than 50%
                  | MHP!
 39146 | Swamp:4  | Danger: Roxanne |T2| Reason: Lehudib's Crystal Spear deals
                  | more than 50% MHP!
 39147 | Swamp:4  | Danger: Roxanne |T3| Reason: Bolt of Magma (irresistible
                  | ~3d30+ equivalent) and not rF+++, watch out!
 39148 | Swamp:4  | Danger: Roxanne |T3| Reason: Bolt of Magma (irresistible
                  | ~3d30+ equivalent) and not rF+++, watch out!
 39149 | Swamp:4  | Danger: Roxanne |T3| Reason: Bolt of Magma (irresistible
                  | ~3d30+ equivalent) and not rF+++, watch out!
 39150 | Swamp:4  | Danger: Roxanne |T3| Reason: Bolt of Magma (irresistible
                  | ~3d30+ equivalent) and not rF+++, watch out!
 39151 | Swamp:4  | Danger: Roxanne |T3| Reason: Bolt of Magma (irresistible
                  | ~3d30+ equivalent) and not rF+++, watch out!
 39152 | Swamp:4  | Danger: Roxanne |T3| Reason: Bolt of Magma (irresistible
                  | ~3d30+ equivalent) and not rF+++, watch out!
 39153 | Swamp:4  | Danger: Roxanne |T3| Reason: Bolt of Magma (irresistible
                  | ~3d30+ equivalent) and not rF+++, watch out!
 39154 | Swamp:4  | Danger: Roxanne |T3| Reason: Bolt of Magma (irresistible
                  | ~3d30+ equivalent) and not rF+++, watch out!
 39155 | Swamp:4  | Danger: Roxanne |T3| Reason: Bolt of Magma (irresistible
                  | ~3d30+ equivalent) and not rF+++, watch out!
 39156 | Swamp:4  | Danger: Roxanne |T3| Reason: Bolt of Magma (irresistible
                  | ~3d30+ equivalent) and not rF+++, watch out!
 39157 | Swamp:4  | Danger: Roxanne |T3| Reason: Bolt of Magma (irresistible
                  | ~3d30+ equivalent) and not rF+++, watch out!
 39158 | Swamp:4  | Danger: Roxanne |T3| Reason: Bolt of Magma (irresistible
                  | ~3d30+ equivalent) and not rF+++, watch out!
 39159 | Swamp:4  | Danger: Roxanne |T3| Reason: Bolt of Magma (irresistible
                  | ~3d30+ equivalent) and not rF+++, watch out!
 39160 | Swamp:4  | Danger: Roxanne |T3| Reason: Bolt of Magma (irresistible
                  | ~3d30+ equivalent) and not rF+++, watch out!
 39161 | Swamp:4  | Danger: Roxanne |T3| Reason: Bolt of Magma (irresistible
                  | ~3d30+ equivalent) and not rF+++, watch out!
 39162 | Swamp:4  | Danger: Roxanne |T3| Reason: Bolt of Magma (irresistible
                  | ~3d30+ equivalent) and not rF+++, watch out!
 39163 | Swamp:4  | Danger: Roxanne |T3| Reason: Bolt of Magma (irresistible
                  | ~3d30+ equivalent) and not rF+++, watch out!
 39164 | Swamp:4  | Danger: Roxanne |T3| Reason: Bolt of Magma (irresistible
                  | ~3d30+ equivalent) and not rF+++, watch out!
 39165 | Swamp:4  | Danger: Roxanne |T3| Reason: Bolt of Magma (irresistible
                  | ~3d30+ equivalent) and not rF+++, watch out!
 39166 | Swamp:4  | Danger: Roxanne |T3| Reason: Bolt of Magma (irresistible
                  | ~3d30+ equivalent) and not rF+++, watch out!
 39167 | Swamp:4  | Danger: Roxanne |T3| Reason: Bolt of Magma (irresistible
                  | ~3d30+ equivalent) and not rF+++, watch out!
 39168 | Swamp:4  | Danger: Roxanne |T3| Reason: Bolt of Magma (irresistible
                  | ~3d30+ equivalent) and not rF+++, watch out!
 39168 | Swamp:4  | Killed Roxanne
 39370 | Swamp:4  | Danger: will-o-the-wisp |T2| Reason: Marshlight deals more
                  | than 50% MHP!
 39374 | Swamp:4  | Danger: will-o-the-wisp |T2| Reason: Marshlight deals more
                  | than 50% MHP!
 39395 | Swamp:4  | Reached XP level 18. HP: 98/146 MP: 24/24
 39405 | Swamp:4  | Danger: Low HP Warning |T2| Reason: 60% HP (89/146)
 39406 | Swamp:4  | Danger: Low HP Warning |T2| Reason: 60% HP (88/146)
 39407 | Swamp:4  | Danger: Low HP Warning |T2| Reason: 60% HP (89/146)
 39408 | Swamp:4  | Danger: Low HP Warning |T2| Reason: 60% HP (89/146)
 39409 | Swamp:4  | Danger: Low HP Warning |T2| Reason: 60% HP (89/146)
 39410 | Swamp:4  | Danger: Low HP Warning |T2| Reason: 58% HP (86/146)
 39411 | Swamp:4  | Danger: Low HP Warning |T2| Reason: 59% HP (87/146)
 39412 | Swamp:4  | Danger: Low HP Warning |T2| Reason: 59% HP (87/146)
 39413 | Swamp:4  | Danger: Low HP Warning |T2| Reason: 59% HP (87/146)
 39414 | Swamp:4  | Danger: Low HP Warning |T2| Reason: 56% HP (83/146)
 39415 | Swamp:4  | Danger: Low HP Warning |T2| Reason: 54% HP (80/146)
 39416 | Swamp:4  | Danger: Low HP Warning |T2| Reason: 60% HP (88/146)
 39417 | Swamp:4  | Danger: Low HP Warning |T2| Reason: 54% HP (80/146)
 39418 | Swamp:4  | Danger: Low HP Warning |T2| Reason: 49% HP (72/146)
 39419 | Swamp:4  | Danger: Low HP Warning |T2| Reason: 40% HP (59/146)
 39420 | Swamp:4  | Danger: Low HP Warning |T2| Reason: 34% HP (51/146)
 39421 | Swamp:4  | Danger: Low HP Warning |T2| Reason: 40% HP (59/146)
 39422 | Swamp:4  | Danger: Low HP Warning |T2| Reason: 40% HP (59/146)
 39423 | Swamp:4  | Danger: Low HP Warning |T2| Reason: 40% HP (59/146)
 39424 | Swamp:4  | Danger: Low HP Warning |T2| Reason: 41% HP (60/146)
 39425 | Swamp:4  | Danger: Low HP Warning |T2| Reason: 41% HP (60/146)
 39426 | Swamp:4  | Danger: Low HP Warning |T2| Reason: 41% HP (60/146)
 39427 | Swamp:4  | Danger: Low HP Warning |T2| Reason: 41% HP (61/146)
 39428 | Swamp:4  | Danger: Low HP Warning |T2| Reason: 41% HP (61/146)
 39454 | Swamp:4  | Danger: Low HP Warning |T2| Reason: 49% HP (72/146)
 39455 | Swamp:4  | Danger: Low HP Warning |T2| Reason: 50% HP (73/146)
 39457 | Swamp:4  | Danger: Low HP Warning |T2| Reason: 50% HP (74/146)
 39458 | Swamp:4  | Danger: Low HP Warning |T2| Reason: 50% HP (74/146)
 39459 | Swamp:4  | Danger: Low HP Warning |T2| Reason: 51% HP (75/146)
 39460 | Swamp:4  | Danger: Low HP Warning |T2| Reason: 51% HP (75/146)
 39461 | Swamp:4  | Danger: Low HP Warning |T2| Reason: 52% HP (76/146)
 39462 | Swamp:4  | Danger: Low HP Warning |T2| Reason: 52% HP (76/146)
 39463 | Swamp:4  | Danger: Low HP Warning |T2| Reason: 52% HP (77/146)
 39464 | Swamp:4  | Danger: Low HP Warning |T2| Reason: 52% HP (77/146)
 39465 | Swamp:4  | Danger: Low HP Warning |T2| Reason: 53% HP (78/146)
 39486 | Swamp:4  | Danger: Low HP Warning |T2| Reason: 59% HP (87/146)
 39489 | Swamp:4  | Danger: Low HP Warning |T2| Reason: 60% HP (88/146)
 39490 | Swamp:4  | Danger: Low HP Warning |T2| Reason: 59% HP (87/146)
 39491 | Swamp:4  | Danger: Low HP Warning |T2| Reason: 59% HP (87/146)
 39492 | Swamp:4  | Danger: Low HP Warning |T2| Reason: 60% HP (88/146)
 39493 | Swamp:4  | Danger: Low HP Warning |T2| Reason: 60% HP (88/146)
 39494 | Swamp:4  | Danger: Low HP Warning |T2| Reason: 60% HP (88/146)
 39634 | Swamp:4  | Danger: bog body |T2| Reason: Slow and low Will, careful
 39634 | Swamp:4  | Danger: bog body |T2| Reason: Bolt of Cold and no rC
 39647 | Swamp:4  | Danger: bog body |T2| Reason: Slow and low Will, careful
 39647 | Swamp:4  | Danger: bog body |T2| Reason: Bolt of Cold and no rC
 39650 | Swamp:4  | Danger: bog body |T2| Reason: Slow and low Will, careful
 39650 | Swamp:4  | Danger: bog body |T2| Reason: Bolt of Cold and no rC
 39654 | Swamp:4  | Danger: bog body |T2| Reason: Slow and low Will, careful
 39654 | Swamp:4  | Danger: bog body |T2| Reason: Bolt of Cold and no rC
 39668 | Swamp:4  | Danger: Low HP Warning |T2| Reason: 56% HP (83/146)
 39669 | Swamp:4  | Danger: Low HP Warning |T2| Reason: 57% HP (84/146)
 39670 | Swamp:4  | Danger: Low HP Warning |T2| Reason: 57% HP (84/146)
 39671 | Swamp:4  | Danger: Low HP Warning |T2| Reason: 57% HP (84/146)
 39672 | Swamp:4  | Danger: Low HP Warning |T2| Reason: 58% HP (85/146)
 39673 | Swamp:4  | Danger: Low HP Warning |T2| Reason: 58% HP (85/146)
 39674 | Swamp:4  | Danger: Low HP Warning |T2| Reason: 58% HP (86/146)
 39675 | Swamp:4  | Danger: Low HP Warning |T2| Reason: 58% HP (86/146)
 39676 | Swamp:4  | Danger: Low HP Warning |T2| Reason: 59% HP (87/146)
 39677 | Swamp:4  | Danger: Low HP Warning |T2| Reason: 41% HP (60/146)
 39678 | Swamp:4  | Danger: Low HP Warning |T2| Reason: 41% HP (60/146)
 39679 | Swamp:4  | Danger: Low HP Warning |T2| Reason: 34% HP (51/146)
 39680 | Swamp:4  | Danger: Low HP Warning |T2| Reason: 34% HP (51/146)
 39681 | Swamp:4  | Danger: Low HP Warning |T2| Reason: 34% HP (51/146)
 39682 | Swamp:4  | Danger: Low HP Warning |T2| Reason: 34% HP (51/146)
 39910 | Swamp:4  | Danger: Low HP Warning |T2| Reason: 58% HP (86/146)
 39911 | Swamp:4  | Danger: Low HP Warning |T2| Reason: 59% HP (87/146)
 39912 | Swamp:4  | Danger: hornet |T3| Reason: AF_POISON_PARALYSE and no rPois
 39912 | Swamp:4  | Danger: hornet |T3| Reason: AF_POISON_PARALYSE and no rPois
 39912 | Swamp:4  | Danger: Low HP Warning |T2| Reason: 59% HP (87/146)
 39913 | Swamp:4  | Danger: hornet |T3| Reason: AF_POISON_PARALYSE and no rPois
 39913 | Swamp:4  | Danger: hornet |T3| Reason: AF_POISON_PARALYSE and no rPois
 39913 | Swamp:4  | Danger: Low HP Warning |T2| Reason: 59% HP (87/146)
 39914 | Swamp:4  | Danger: hornet |T3| Reason: AF_POISON_PARALYSE and no rPois
 39914 | Swamp:4  | Danger: hornet |T3| Reason: AF_POISON_PARALYSE and no rPois
 39914 | Swamp:4  | Danger: Low HP Warning |T2| Reason: 60% HP (88/146)
 39915 | Swamp:4  | Danger: hornet |T3| Reason: AF_POISON_PARALYSE and no rPois
 39915 | Swamp:4  | Danger: hornet |T3| Reason: AF_POISON_PARALYSE and no rPois
 39915 | Swamp:4  | Danger: Low HP Warning |T2| Reason: 60% HP (88/146)
 39916 | Swamp:4  | Danger: hornet |T3| Reason: AF_POISON_PARALYSE and no rPois
 39916 | Swamp:4  | Danger: Low HP Warning |T2| Reason: 60% HP (88/146)
 40203 | Swamp:4  | Got a decaying rune of Zot
 40334 | Swamp:4  | Danger: Low HP Warning |T2| Reason: 59% HP (87/146)
 40335 | Swamp:4  | Danger: Low HP Warning |T2| Reason: 50% HP (73/146)
 40336 | Swamp:4  | Danger: Low HP Warning |T2| Reason: 56% HP (83/146)
 40337 | Swamp:4  | Danger: Low HP Warning |T2| Reason: 56% HP (83/146)
 40338 | Swamp:4  | Danger: Low HP Warning |T2| Reason: 56% HP (83/146)
 40339 | Swamp:4  | Danger: Low HP Warning |T2| Reason: 57% HP (84/146)
 40340 | Swamp:4  | Danger: Low HP Warning |T2| Reason: 57% HP (84/146)
 40341 | Swamp:4  | Danger: Low HP Warning |T2| Reason: 58% HP (85/146)
 40342 | Swamp:4  | Danger: Low HP Warning |T2| Reason: 58% HP (85/146)
 40343 | Swamp:4  | Danger: Low HP Warning |T2| Reason: 58% HP (86/146)
 40344 | Swamp:4  | Danger: Low HP Warning |T2| Reason: 58% HP (86/146)
 40345 | Swamp:4  | Danger: Low HP Warning |T2| Reason: 58% HP (86/146)
 40346 | Swamp:4  | Danger: Low HP Warning |T2| Reason: 59% HP (87/146)
 40347 | Swamp:4  | Danger: Low HP Warning |T2| Reason: 60% HP (88/146)
 40348 | Swamp:4  | Danger: Low HP Warning |T2| Reason: 52% HP (77/146)
 40349 | Swamp:4  | Danger: Low HP Warning |T2| Reason: 49% HP (72/146)
 40350 | Swamp:4  | Danger: Low HP Warning |T2| Reason: 48% HP (71/146)
 40351 | Swamp:4  | Danger: Low HP Warning |T2| Reason: 47% HP (69/146)
 40352 | Swamp:4  | Danger: Low HP Warning |T2| Reason: 47% HP (69/146)
 41818 | D:3      | Danger: Grinder |T3| Reason: Paralyse and low Will
 41818 | D:3      | Danger: Grinder |T2| Reason: Unique monster, careful!
 41819 | D:3      | Danger: Grinder |T3| Reason: Paralyse and low Will
 41820 | D:3      | Danger: Grinder |T3| Reason: Paralyse and low Will
 41821 | D:3      | Danger: Grinder |T3| Reason: Paralyse and low Will
 41822 | D:3      | Danger: Grinder |T3| Reason: Paralyse and low Will
 41822 | D:3      | Killed Grinder
 42564 | D:12     | Killed Konis's ghost
 42624 | D:12     | Found an ornate altar of the Wu Jian Council.
 42810 | D:14     | Danger: neqoxec |T2| Reason: Malmutator in LOS
 42810 | D:14     | Danger: neqoxec |T2| Reason: Malmutator in LOS
 42814 | D:14     | Killed Imiczer's ghost
 42815 | D:14     | Danger: neqoxec |T2| Reason: Malmutator in LOF!
 42822 | D:14     | Killed a tentacled monstrosity
 42828 | D:14     | Danger: cacodemon |T2| Reason: Slow and low Will, careful
 42828 | D:14     | Danger: cacodemon |T2| Reason: Malmutator in LOS
 42828 | D:14     | Danger: cacodemon |T2| Reason: Malmutator in LOF!
 42849 | D:14     | Gained mutation: You occasionally lose the ability to read
                  | scrolls when taking damage. [mutagenic glow]
 42858 | D:14     | Gained mutation: You sometimes lose your temper in combat.
                  | [mutagenic glow]
 42892 | D:14     | Lost mutation: You sometimes lose your temper in combat.
                  | [potion of mutation]
 42892 | D:14     | Lost mutation: You occasionally lose the ability to read
                  | scrolls when taking damage. [potion of mutation]
 42892 | D:14     | Gained mutation: You occasionally shout uncontrollably at
                  | your foes. [potion of mutation]
 42892 | D:14     | Gained mutation: Your tail ends in a venomous barb. [potion
                  | of mutation]
 42892 | D:14     | Gained mutation: Your spells are a little easier to cast,
                  | but a little less powerful. [potion of mutation]
 42934 | Vaults:1 | Entered Level 1 of the Vaults
 43109 | Vaults:1 | Danger: lindwurm |T2| Reason: Fire Breath and not rF+,
                  | careful
 43109 | Vaults:1 | Danger: lindwurm |T2| Reason: Fire Breath and not rF+,
                  | careful
 43110 | Vaults:1 | Danger: lindwurm |T2| Reason: Fire Breath and not rF+,
                  | careful
 43152 | Vaults:1 | Danger: Low HP Warning |T2| Reason: 56% HP (83/146)
 43153 | Vaults:1 | Danger: Low HP Warning |T2| Reason: 56% HP (83/146)
 43154 | Vaults:1 | Danger: Low HP Warning |T2| Reason: 57% HP (84/146)
 43155 | Vaults:1 | Danger: Low HP Warning |T2| Reason: 56% HP (83/146)
 43157 | Vaults:1 | Danger: Low HP Warning |T2| Reason: 57% HP (84/146)
 43158 | Vaults:1 | Danger: Low HP Warning |T2| Reason: 57% HP (84/146)
 43159 | Vaults:1 | Danger: Low HP Warning |T2| Reason: 57% HP (84/146)
 43160 | Vaults:1 | Danger: Low HP Warning |T2| Reason: 45% HP (66/146)
 43161 | Vaults:1 | Danger: Low HP Warning |T2| Reason: 45% HP (67/146)
 43162 | Vaults:1 | Danger: Low HP Warning |T2| Reason: 45% HP (67/146)
 43163 | Vaults:1 | Danger: Low HP Warning |T2| Reason: 45% HP (67/146)
 43164 | Vaults:1 | Danger: Low HP Warning |T2| Reason: 46% HP (68/146)
 43165 | Vaults:1 | Danger: Low HP Warning |T2| Reason: 46% HP (68/146)
 43167 | Vaults:1 | Danger: Low HP Warning |T2| Reason: 47% HP (69/146)
 43168 | Vaults:1 | Danger: Low HP Warning |T2| Reason: 47% HP (69/146)
 43358 | Vaults:1 | Danger: lindwurm |T2| Reason: Fire Breath and not rF+,
                  | careful
 43361 | Vaults:1 | Danger: lindwurm |T2| Reason: Fire Breath and not rF+,
                  | careful
 43365 | Vaults:1 | Danger: lindwurm |T2| Reason: Fire Breath and not rF+,
                  | careful
 43370 | Vaults:1 | Identified the +1 helmet "Tusugha" {Fly}
 43531 | Vaults:1 | Danger: wizard |T3| Reason: Banishment and low Will
 43531 | Vaults:1 | Danger: wizard |T2| Reason: Fireball and not rF+, careful
 43532 | Vaults:1 | Danger: wizard |T3| Reason: Banishment and low Will
 43533 | Vaults:1 | Danger: wizard |T3| Reason: Banishment and low Will
 43534 | Vaults:1 | Danger: wizard |T3| Reason: Banishment and low Will
 43640 | Vaults:1 | Danger: ironbound frostheart |T2| Reason: Creeping Frost
                  | and no rC
 43803 | Vaults:1 | Danger: Low HP Warning |T2| Reason: 56% HP (83/146)
 43804 | Vaults:1 | Danger: Low HP Warning |T2| Reason: 54% HP (80/146)
 43805 | Vaults:1 | Danger: Low HP Warning |T2| Reason: 52% HP (77/146)
 43806 | Vaults:1 | Danger: Low HP Warning |T2| Reason: 45% HP (67/146)
 43807 | Vaults:1 | Danger: Low HP Warning |T2| Reason: 45% HP (66/146)
 43808 | Vaults:1 | Danger: Low HP Warning |T2| Reason: 44% HP (65/146)
 43809 | Vaults:1 | Danger: Low HP Warning |T2| Reason: 35% HP (52/146)
 43810 | Vaults:1 | Reached skill level 5 in Evocations
 43810 | Vaults:1 | Danger: Low HP Warning |T2| Reason: 35% HP (52/146)
 43811 | Vaults:1 | Danger: Low HP Warning |T2| Reason: 35% HP (52/146)
 43812 | Vaults:1 | Danger: Low HP Warning |T2| Reason: 34% HP (51/146)
 43813 | Vaults:1 | Danger: Low HP Warning |T2| Reason: 34% HP (50/146)
 43814 | Vaults:1 | Danger: Low HP Warning |T2| Reason: 34% HP (51/146)
 43815 | Vaults:1 | Danger: Low HP Warning |T2| Reason: 34% HP (50/146)
 43816 | Vaults:1 | Danger: Low HP Warning |T2| Reason: 34% HP (50/146)
 43817 | Vaults:1 | Danger: Low HP Warning |T2| Reason: 34% HP (50/146)
 43818 | Vaults:1 | Danger: Low HP Warning |T2| Reason: 31% HP (46/146)
 43819 | Vaults:1 | Danger: Low HP Warning |T2| Reason: 31% HP (46/146)
 43820 | Vaults:1 | Danger: Low HP Warning |T2| Reason: 50% HP (73/146)
 43821 | Vaults:1 | Danger: Low HP Warning |T2| Reason: 50% HP (73/146)
 43822 | Vaults:1 | Danger: Low HP Warning |T2| Reason: 50% HP (73/146)
 43823 | Vaults:1 | Danger: Low HP Warning |T2| Reason: 50% HP (74/146)
 43824 | Vaults:1 | Danger: Low HP Warning |T2| Reason: 50% HP (74/146)
 43825 | Vaults:1 | Danger: Low HP Warning |T2| Reason: 50% HP (74/146)
 43826 | Vaults:1 | Danger: Low HP Warning |T2| Reason: 51% HP (75/146)
 44525 | Vaults:1 | Danger: lindwurm |T2| Reason: Fire Breath and not rF+,
                  | careful
 44526 | Vaults:1 | Danger: lindwurm |T2| Reason: Fire Breath and not rF+,
                  | careful
 44526 | Vaults:1 | Danger: lindwurm |T2| Reason: Fire Breath and not rF+,
                  | careful
 44839 | Vaults:1 | Danger: wizard |T3| Reason: Banishment and low Will
 44839 | Vaults:1 | Danger: wizard |T2| Reason: Fireball and not rF+, careful
 44840 | Vaults:1 | Danger: wizard |T3| Reason: Banishment and low Will
 44842 | Vaults:1 | Danger: war gargoyle |T2| Reason: OOD monster, careful!
 44842 | Vaults:1 | Danger: war gargoyle |T2| Reason: Metal Splinters deals
                  | more than 50% MHP!
 44846 | Vaults:1 | Danger: war gargoyle |T2| Reason: OOD monster, careful!
 44846 | Vaults:1 | Danger: war gargoyle |T2| Reason: Metal Splinters deals
                  | more than 50% MHP!
 44846 | Vaults:1 | Danger: ironbound thunderhulk |T3| Reason: Call Down
                  | Lightning and no rElec
 44846 | Vaults:1 | Danger: ironbound thunderhulk |T2| Reason: Call Down
                  | Lightning deals more than 50% MHP!
 44847 | Vaults:1 | Danger: ironbound thunderhulk |T3| Reason: Call Down
                  | Lightning and no rElec
 44856 | Vaults:1 | Danger: war gargoyle |T3| Reason: IMMINENT DEATH: Metal
                  | Splinters deals 81 damage, you have 75 HP!!
 44856 | Vaults:1 | Danger: Low HP Warning |T2| Reason: 51% HP (75/146)
 44857 | Vaults:1 | Danger: Low HP Warning |T2| Reason: 51% HP (75/146)
 44858 | Vaults:1 | Danger: Low HP Warning |T2| Reason: 51% HP (75/146)
 44859 | Vaults:1 | Danger: Low HP Warning |T2| Reason: 51% HP (75/146)
 44860 | Vaults:1 | Danger: Low HP Warning |T2| Reason: 52% HP (76/146)
 44861 | Vaults:1 | Danger: Low HP Warning |T2| Reason: 52% HP (76/146)
 44862 | Vaults:1 | Danger: Low HP Warning |T2| Reason: 52% HP (76/146)
 44863 | Vaults:1 | Danger: Low HP Warning |T2| Reason: 52% HP (77/146)
 44864 | Vaults:1 | Danger: Low HP Warning |T2| Reason: 52% HP (77/146)
 44865 | Vaults:1 | Danger: Low HP Warning |T2| Reason: 52% HP (77/146)
 44866 | Vaults:1 | Danger: Low HP Warning |T2| Reason: 52% HP (77/146)
 44867 | Vaults:1 | Danger: Low HP Warning |T2| Reason: 53% HP (78/146)
 44868 | Vaults:1 | Danger: Low HP Warning |T2| Reason: 52% HP (77/146)
 44869 | Vaults:1 | Danger: Low HP Warning |T2| Reason: 52% HP (77/146)
 44870 | Vaults:1 | Danger: Low HP Warning |T2| Reason: 53% HP (78/146)
 44871 | Vaults:1 | Danger: Low HP Warning |T2| Reason: 53% HP (78/146)
 44872 | Vaults:1 | Danger: Low HP Warning |T2| Reason: 53% HP (78/146)
 44874 | Vaults:1 | Danger: Low HP Warning |T2| Reason: 54% HP (79/146)
 44875 | Vaults:1 | Danger: Low HP Warning |T2| Reason: 54% HP (80/146)
 44876 | Vaults:1 | Danger: Low HP Warning |T2| Reason: 54% HP (80/146)
 44877 | Vaults:1 | Danger: Low HP Warning |T2| Reason: 54% HP (80/146)
 44878 | Vaults:1 | Danger: Low HP Warning |T2| Reason: 55% HP (81/146)
 44879 | Vaults:1 | Danger: Low HP Warning |T2| Reason: 55% HP (81/146)
 44880 | Vaults:1 | Danger: Low HP Warning |T2| Reason: 55% HP (81/146)
 44882 | Vaults:1 | Danger: Low HP Warning |T2| Reason: 56% HP (82/146)
 44883 | Vaults:1 | Danger: Low HP Warning |T2| Reason: 56% HP (82/146)
 44884 | Vaults:1 | Danger: Low HP Warning |T2| Reason: 50% HP (74/146)
 44885 | Vaults:1 | Danger: Low HP Warning |T2| Reason: 50% HP (74/146)
 44886 | Vaults:1 | Danger: Low HP Warning |T2| Reason: 50% HP (74/146)
 44887 | Vaults:1 | Danger: Low HP Warning |T2| Reason: 50% HP (74/146)
 44888 | Vaults:1 | Danger: Low HP Warning |T2| Reason: 51% HP (75/146)
 44889 | Vaults:1 | Danger: Low HP Warning |T2| Reason: 51% HP (75/146)
 44890 | Vaults:1 | Danger: Low HP Warning |T2| Reason: 50% HP (73/146)
 44891 | Vaults:1 | Danger: Low HP Warning |T2| Reason: 50% HP (74/146)
 44892 | Vaults:1 | Danger: Low HP Warning |T2| Reason: 45% HP (66/146)
 44893 | Vaults:1 | Danger: Low HP Warning |T2| Reason: 45% HP (66/146)
 44894 | Vaults:1 | Danger: Low HP Warning |T2| Reason: 45% HP (67/146)
 44895 | Vaults:1 | Danger: Low HP Warning |T2| Reason: 45% HP (67/146)
 44896 | Vaults:1 | Danger: Low HP Warning |T2| Reason: 45% HP (67/146)
 44897 | Vaults:1 | Danger: Low HP Warning |T2| Reason: 46% HP (68/146)
 44898 | Vaults:1 | Danger: Low HP Warning |T2| Reason: 46% HP (68/146)
 44899 | Vaults:1 | Danger: Low HP Warning |T2| Reason: 47% HP (69/146)
 44900 | Vaults:1 | Danger: Low HP Warning |T2| Reason: 47% HP (69/146)
 44901 | Vaults:1 | Danger: Low HP Warning |T2| Reason: 47% HP (69/146)
 44903 | Vaults:1 | Danger: Low HP Warning |T2| Reason: 47% HP (70/146)
 44904 | Vaults:1 | Danger: Low HP Warning |T2| Reason: 48% HP (71/146)
 45128 | Vaults:1 | Reached XP level 19. HP: 139/153 MP: 25/25
 45195 | Vaults:1 | Danger: ironbound thunderhulk |T3| Reason: Call Down
                  | Lightning and no rElec
 45195 | Vaults:1 | Danger: ironbound thunderhulk |T2| Reason: Call Down
                  | Lightning deals more than 50% MHP!
 45196 | Vaults:1 | Danger: ironbound thunderhulk |T3| Reason: Call Down
                  | Lightning and no rElec
 45197 | Vaults:1 | Danger: ironbound thunderhulk |T3| Reason: Call Down
                  | Lightning and no rElec
 45198 | Vaults:1 | Danger: ironbound thunderhulk |T3| Reason: Call Down
                  | Lightning and no rElec
 45199 | Vaults:1 | Danger: ironbound thunderhulk |T3| Reason: Call Down
                  | Lightning and no rElec
 45200 | Vaults:1 | Danger: ironbound thunderhulk |T3| Reason: Call Down
                  | Lightning and no rElec
 45201 | Vaults:1 | Danger: ironbound thunderhulk |T3| Reason: Call Down
                  | Lightning and no rElec
 45202 | Vaults:1 | Danger: ironbound thunderhulk |T3| Reason: Call Down
                  | Lightning and no rElec
 45203 | Vaults:1 | Danger: ironbound thunderhulk |T3| Reason: Call Down
                  | Lightning and no rElec
 45577 | Vaults:2 | Danger: deep elf high priest |T2| Reason: OOD monster,
                  | careful!
 45577 | Vaults:2 | Danger: deep elf high priest |T3| Reason: Damnation (smite)
                  | in LOS, watch out!
 45578 | Vaults:2 | Danger: deep elf high priest |T3| Reason: Damnation (smite)
                  | in LOS, watch out!
 45579 | Vaults:2 | Danger: deep elf high priest |T3| Reason: Damnation (smite)
                  | in LOS, watch out!
 45580 | Vaults:2 | Danger: deep elf high priest |T3| Reason: Damnation (smite)
                  | in LOS, watch out!
 45581 | Vaults:2 | Danger: deep elf high priest |T3| Reason: Damnation (smite)
                  | in LOS, watch out!
 45582 | Vaults:2 | Danger: deep elf high priest |T3| Reason: Damnation (smite)
                  | in LOS, watch out!
 45583 | Vaults:2 | Danger: deep elf high priest |T3| Reason: Damnation (smite)
                  | in LOS, watch out!
 45584 | Vaults:2 | Danger: deep elf high priest |T3| Reason: Damnation (smite)
                  | in LOS, watch out!
 45585 | Vaults:2 | Danger: deep elf high priest |T3| Reason: Damnation (smite)
                  | in LOS, watch out!
 45586 | Vaults:2 | Danger: deep elf high priest |T3| Reason: Damnation (smite)
                  | in LOS, watch out!
 45587 | Vaults:2 | Danger: deep elf high priest |T3| Reason: Damnation (smite)
                  | in LOS, watch out!
 45588 | Vaults:2 | Danger: deep elf high priest |T3| Reason: Damnation (smite)
                  | in LOS, watch out!
 45589 | Vaults:2 | Danger: deep elf high priest |T3| Reason: Damnation (smite)
                  | in LOS, watch out!
 45590 | Vaults:2 | Danger: deep elf high priest |T3| Reason: Damnation (smite)
                  | in LOS, watch out!
 45594 | Vaults:2 | Danger: wizard |T3| Reason: Banishment and low Will
 45594 | Vaults:2 | Danger: wizard |T2| Reason: Fireball and not rF+, careful
 45595 | Vaults:2 | Noticed Asterion
 45596 | Vaults:2 | Danger: Asterion |T2| Reason: Unique monster, careful!
 45596 | Vaults:2 | Danger: wizard |T3| Reason: Banishment and low Will
 45597 | Vaults:2 | Danger: wizard |T3| Reason: Banishment and low Will
 45598 | Vaults:2 | Danger: wizard |T3| Reason: Banishment and low Will
 45605 | Vaults:2 | Danger: deep elf sorcerer |T3| Reason: Banishment and low
                  | Will
 45605 | Vaults:2 | Danger: deep elf sorcerer |T2| Reason: OOD monster,
                  | careful!
 45605 | Vaults:2 | Danger: deep elf sorcerer |T3| Reason: Damnation in LOF,
                  | watch out!
 45605 | Vaults:2 | Danger: ettin |T2| Reason: OOD monster, careful!
 45605 | Vaults:2 | Danger: deep elf archer |T2| Reason: Slow and low Will,
                  | careful
 45607 | Vaults:2 | Danger: deep elf sorcerer |T3| Reason: Banishment and low
                  | Will
 45607 | Vaults:2 | Danger: deep elf sorcerer |T2| Reason: OOD monster,
                  | careful!
 45607 | Vaults:2 | Danger: deep elf sorcerer |T3| Reason: Damnation in LOF,
                  | watch out!
 45608 | Vaults:2 | Danger: deep elf sorcerer |T3| Reason: Banishment and low
                  | Will
 45608 | Vaults:2 | Danger: deep elf sorcerer |T3| Reason: Damnation in LOF,
                  | watch out!
 45609 | Vaults:2 | Danger: deep elf archer |T2| Reason: Slow and low Will,
                  | careful
 45609 | Vaults:2 | Danger: deep elf sorcerer |T3| Reason: Banishment and low
                  | Will
 45609 | Vaults:2 | Danger: deep elf sorcerer |T3| Reason: Damnation in LOF,
                  | watch out!
 45611 | Vaults:2 | Danger: deep elf sorcerer |T3| Reason: Banishment and low
                  | Will
 45611 | Vaults:2 | Danger: deep elf sorcerer |T3| Reason: Damnation in LOF,
                  | watch out!
 45612 | Vaults:2 | Danger: deep elf death mage |T2| Reason: OOD monster,
                  | careful!
 45613 | Vaults:2 | Danger: ettin |T2| Reason: OOD monster, careful!
 45613 | Vaults:2 | Danger: deep elf archer |T2| Reason: Slow and low Will,
                  | careful
 45616 | Vaults:2 | Danger: deep elf zephyrmancer |T2| Reason: Lightning Bolt
                  | and no rElec
 45617 | Vaults:2 | Danger: deep elf death mage |T2| Reason: OOD monster,
                  | careful!
 45619 | Vaults:2 | Danger: deep elf archer |T2| Reason: Slow and low Will,
                  | careful
 45619 | Vaults:2 | Danger: deep elf sorcerer |T3| Reason: Banishment and low
                  | Will
 45619 | Vaults:2 | Danger: deep elf sorcerer |T2| Reason: OOD monster,
                  | careful!
 45619 | Vaults:2 | Danger: deep elf sorcerer |T2| Reason: Damnation in LOS,
                  | careful!
 45620 | Vaults:2 | Danger: balrug |T2| Reason: Fireball and not rF+, careful
 45620 | Vaults:2 | Danger: balrug |T2| Reason: Bolt of Fire and not rF+,
                  | careful
 45620 | Vaults:2 | Danger: deep elf sorcerer |T3| Reason: Banishment and low
                  | Will
 45621 | Vaults:2 | Danger: deep elf sorcerer |T3| Reason: Banishment and low
                  | Will
 45622 | Vaults:2 | Danger: deep elf zephyrmancer |T2| Reason: Lightning Bolt
                  | and no rElec
 45622 | Vaults:2 | Danger: deep elf sorcerer |T3| Reason: Banishment and low
                  | Will
 45622 | Vaults:2 | Killed Asterion
 45623 | Vaults:2 | Danger: deep elf sorcerer |T3| Reason: Banishment and low
                  | Will
 45624 | Vaults:2 | Danger: deep elf death mage |T2| Reason: OOD monster,
                  | careful!
 45627 | Vaults:2 | Danger: deep elf zephyrmancer |T2| Reason: Lightning Bolt
                  | and no rElec
 45627 | Vaults:2 | Danger: Low HP Warning |T2| Reason: 56% HP (87/153)
 45628 | Vaults:2 | Reached skill level 10 in Evocations
 45628 | Vaults:2 | Danger: deep elf archer |T2| Reason: Slow and low Will,
                  | careful
 45628 | Vaults:2 | Danger: Low HP Warning |T2| Reason: 56% HP (87/153)
 45629 | Vaults:2 | Danger: Low HP Warning |T2| Reason: 56% HP (87/153)
 45630 | Vaults:2 | Danger: deep elf archer |T2| Reason: Slow and low Will,
                  | careful
 45630 | Vaults:2 | Danger: Low HP Warning |T2| Reason: 57% HP (88/153)
 45631 | Vaults:2 | Danger: Low HP Warning |T2| Reason: 57% HP (88/153)
 45636 | Vaults:2 | Danger: ironbound frostheart |T2| Reason: Creeping Frost
                  | and no rC
 45636 | Vaults:2 | Danger: Low HP Warning |T2| Reason: 59% HP (91/153)
 45637 | Vaults:2 | Danger: Low HP Warning |T2| Reason: 59% HP (91/153)
 45638 | Vaults:2 | Danger: Low HP Warning |T2| Reason: 55% HP (85/153)
 45639 | Vaults:2 | Danger: deep elf death mage |T2| Reason: OOD monster,
                  | careful!
 45639 | Vaults:2 | Danger: deep elf sorcerer |T3| Reason: Banishment and low
                  | Will
 45639 | Vaults:2 | Danger: deep elf sorcerer |T2| Reason: OOD monster,
                  | careful!
 45639 | Vaults:2 | Danger: deep elf sorcerer |T2| Reason: Damnation in LOS,
                  | careful!
 45639 | Vaults:2 | Danger: Low HP Warning |T2| Reason: 56% HP (86/153)
 45959 | Vaults:2 | Danger: Low HP Warning |T2| Reason: 60% HP (93/153)
 45977 | Vaults:2 | Danger: ironbound frostheart |T2| Reason: Creeping Frost
                  | and no rC
 46275 | Vaults:2 | Danger: ironbound thunderhulk |T3| Reason: Call Down
                  | Lightning and no rElec
 46275 | Vaults:2 | Danger: ironbound thunderhulk |T2| Reason: Call Down
                  | Lightning deals more than 50% MHP!
 46277 | Vaults:2 | Danger: ironbound thunderhulk |T3| Reason: Call Down
                  | Lightning and no rElec
 46278 | Vaults:2 | Danger: ironbound thunderhulk |T3| Reason: Call Down
                  | Lightning and no rElec
 46279 | Vaults:2 | Danger: ironbound thunderhulk |T3| Reason: Call Down
                  | Lightning and no rElec
 46280 | Vaults:2 | Danger: ironbound thunderhulk |T3| Reason: Call Down
                  | Lightning and no rElec
 46281 | Vaults:2 | Danger: ironbound thunderhulk |T3| Reason: Call Down
                  | Lightning and no rElec
 46282 | Vaults:2 | Danger: ironbound thunderhulk |T3| Reason: Call Down
                  | Lightning and no rElec
 46283 | Vaults:2 | Danger: ironbound thunderhulk |T3| Reason: Call Down
                  | Lightning and no rElec
 46290 | Vaults:2 | Danger: deep elf death mage |T2| Reason: OOD monster,
                  | careful!
 46529 | Vaults:2 | Danger: wizard |T3| Reason: Banishment and low Will
 46529 | Vaults:2 | Danger: wizard |T2| Reason: Fireball and not rF+, careful
 46668 | Vaults:2 | Danger: ironbound frostheart |T2| Reason: Creeping Frost
                  | and no rC
 46669 | Vaults:2 | Danger: great orb of eyes |T3| Reason: Paralyse and low
                  | Will
 46669 | Vaults:2 | Danger: deep elf archer |T2| Reason: Slow and low Will,
                  | careful
 46671 | Vaults:2 | Danger: great orb of eyes |T3| Reason: Paralyse and low
                  | Will
 46672 | Vaults:2 | Danger: great orb of eyes |T3| Reason: Paralyse and low
                  | Will
 46673 | Vaults:2 | Danger: deep elf archer |T2| Reason: Slow and low Will,
                  | careful
 46673 | Vaults:2 | Danger: great orb of eyes |T3| Reason: Paralyse and low
                  | Will
 46675 | Vaults:2 | Danger: great orb of eyes |T3| Reason: Paralyse and low
                  | Will
 46676 | Vaults:2 | Danger: deep elf archer |T2| Reason: Slow and low Will,
                  | careful
 46676 | Vaults:2 | Danger: great orb of eyes |T3| Reason: Paralyse and low
                  | Will
 46678 | Vaults:2 | Danger: great orb of eyes |T3| Reason: Paralyse and low
                  | Will
 46679 | Vaults:2 | Danger: deep elf archer |T2| Reason: Slow and low Will,
                  | careful
 46679 | Vaults:2 | Danger: great orb of eyes |T3| Reason: Paralyse and low
                  | Will
 46680 | Vaults:2 | Danger: great orb of eyes |T3| Reason: Paralyse and low
                  | Will
 46681 | Vaults:2 | Danger: great orb of eyes |T3| Reason: Paralyse and low
                  | Will
 46683 | Vaults:2 | Danger: great orb of eyes |T3| Reason: Paralyse and low
                  | Will
 46684 | Vaults:2 | Danger: great orb of eyes |T3| Reason: Paralyse and low
                  | Will
 46689 | Vaults:2 | Danger: deep elf archer |T2| Reason: Slow and low Will,
                  | careful
 46838 | Vaults:2 | Danger: ettin |T2| Reason: OOD monster, careful!
 46838 | Vaults:2 | Danger: ogre mage |T3| Reason: Paralyse and low Will
 46838 | Vaults:2 | Danger: ogre mage |T2| Reason: OOD monster, careful!
 46838 | Vaults:2 | Danger: ogre mage |T2| Reason: Bolt of Magma and not rF+,
                  | careful
 46838 | Vaults:2 | Danger: vault guard |T2| Reason: OOD monster, careful!
 46838 | Vaults:2 | Danger: deep elf demonologist |T3| Reason: Banishment and
                  | low Will
 46838 | Vaults:2 | Danger: deep elf demonologist |T2| Reason: OOD monster,
                  | careful!
 46838 | Vaults:2 | Danger: phantasmal warrior |T2| Reason: OOD monster,
                  | careful!
 46838 | Vaults:2 | Danger: frost giant |T2| Reason: OOD monster, careful!
 46838 | Vaults:2 | Danger: frost giant |T2| Reason: Bolt of Cold and no rC
 46839 | Vaults:2 | Danger: tengu reaver |T2| Reason: OOD monster, careful!
 46839 | Vaults:2 | Danger: tengu reaver |T2| Reason: Lightning Bolt and no
                  | rElec
 46839 | Vaults:2 | Danger: tengu reaver |T2| Reason: Bolt of Cold and no rC
 46839 | Vaults:2 | Danger: tengu reaver |T2| Reason: Bolt of Fire and not rF+,
                  | careful
 46839 | Vaults:2 | Danger: tengu reaver |T2| Reason: Bolt of Fire deals more
                  | than 50% MHP!
 46839 | Vaults:2 | Danger: tengu reaver |T2| Reason: Bolt of Cold deals more
                  | than 50% MHP!
 46839 | Vaults:2 | Danger: ettin |T2| Reason: OOD monster, careful!
 46839 | Vaults:2 | Danger: ogre mage |T3| Reason: Paralyse and low Will
 46839 | Vaults:2 | Danger: deep elf demonologist |T3| Reason: Banishment and
                  | low Will
 46840 | Vaults:2 | Danger: ogre mage |T3| Reason: Paralyse and low Will
 46840 | Vaults:2 | Danger: deep elf demonologist |T3| Reason: Banishment and
                  | low Will
 46841 | Vaults:2 | Danger: vault guard |T2| Reason: OOD monster, careful!
 46841 | Vaults:2 | Danger: vault guard |T2| Reason: OOD monster, careful!
 46841 | Vaults:2 | Danger: ogre mage |T3| Reason: Paralyse and low Will
 46841 | Vaults:2 | Danger: deep elf demonologist |T3| Reason: Banishment and
                  | low Will
 46842 | Vaults:2 | Danger: ogre mage |T3| Reason: Paralyse and low Will
 46842 | Vaults:2 | Danger: deep elf demonologist |T3| Reason: Banishment and
                  | low Will
 46843 | Vaults:2 | Danger: deep elf demonologist |T3| Reason: Banishment and
                  | low Will
 46844 | Vaults:2 | Danger: deep elf demonologist |T3| Reason: Banishment and
                  | low Will
 46845 | Vaults:2 | Danger: deep elf demonologist |T3| Reason: Banishment and
                  | low Will
 46846 | Vaults:2 | Danger: deep elf demonologist |T3| Reason: Banishment and
                  | low Will
 46847 | Vaults:2 | Danger: deep elf demonologist |T3| Reason: Banishment and
                  | low Will
 46849 | Vaults:2 | Danger: deep elf annihilator |T2| Reason: OOD monster,
                  | careful!
 46849 | Vaults:2 | Danger: deep elf annihilator |T2| Reason: Lightning Bolt
                  | and no rElec
 46849 | Vaults:2 | Danger: deep elf annihilator |T2| Reason: Iron Shot deals
                  | more than 50% MHP!
 46849 | Vaults:2 | Danger: deep elf annihilator |T2| Reason: Lehudib's Crystal
                  | Spear deals more than 50% MHP!
 46851 | Vaults:2 | Danger: deep elf annihilator |T2| Reason: OOD monster,
                  | careful!
 46851 | Vaults:2 | Danger: deep elf annihilator |T2| Reason: Lightning Bolt
                  | and no rElec
 46851 | Vaults:2 | Danger: deep elf annihilator |T2| Reason: Iron Shot deals
                  | more than 50% MHP!
 46851 | Vaults:2 | Danger: deep elf annihilator |T2| Reason: Lehudib's Crystal
                  | Spear deals more than 50% MHP!
 46855 | Vaults:2 | Danger: deep elf annihilator |T3| Reason: IMMINENT DEATH:
                  | Iron Shot deals 84 damage, you have 80 HP!!
 46855 | Vaults:2 | Danger: deep elf annihilator |T3| Reason: IMMINENT DEATH:
                  | Lehudib's Crystal Spear deals 102 damage, you have 80 HP!!
 46855 | Vaults:2 | Danger: Low HP Warning |T2| Reason: 51% HP (80/154)
 46856 | Vaults:2 | Danger: deep elf annihilator |T3| Reason: IMMINENT DEATH:
                  | Iron Shot deals 84 damage, you have 76 HP!!
 46856 | Vaults:2 | Danger: deep elf annihilator |T3| Reason: IMMINENT DEATH:
                  | Lehudib's Crystal Spear deals 102 damage, you have 76 HP!!
 46856 | Vaults:2 | Danger: Low HP Warning |T2| Reason: 49% HP (76/154)
 46860 | Vaults:2 | Danger: Low HP Warning |T2| Reason: 54% HP (84/154)
 47036 | Vaults:2 | Found a staircase to the Crypt.
 47036 | Vaults:2 | Found an ancient bone altar of Kikubaaqudgha.
 47037 | Vaults:2 | Found a basalt altar of Yredelemnul.
 47268 | Vaults:2 | Danger: vault guard |T2| Reason: OOD monster, careful!
 47471 | Vaults:2 | Danger: lindwurm |T2| Reason: Fire Breath and not rF+,
                  | careful
 47482 | Vaults:2 | Danger: lindwurm |T2| Reason: Fire Breath and not rF+,
                  | careful
 47685 | Vaults:2 | Noticed Saint Roka
 47686 | Vaults:2 | Danger: Saint Roka |T2| Reason: Unique monster, careful!
 47687 | Vaults:2 | Danger: orc warrior |T2| Reason: Quivering boomerangs,
                  | careful!
 47690 | Vaults:2 | Danger: orc warrior |T2| Reason: Quivering boomerangs,
                  | careful!
 47690 | Vaults:2 | Danger: Saint Roka |T2| Reason: Unique monster, careful!
 47698 | Vaults:2 | Danger: Saint Roka |T2| Reason: Unique monster, careful!
 47710 | Vaults:2 | Killed Saint Roka
 47719 | Vaults:2 | Danger: vault guard |T2| Reason: OOD monster, careful!
 47723 | Vaults:2 | Danger: Low HP Warning |T2| Reason: 48% HP (77/159)
 47724 | Vaults:2 | Danger: Low HP Warning |T2| Reason: 48% HP (77/159)
 47725 | Vaults:2 | Danger: Low HP Warning |T2| Reason: 49% HP (78/159)
 47726 | Vaults:2 | Danger: Low HP Warning |T2| Reason: 49% HP (78/159)
 47727 | Vaults:2 | Danger: Low HP Warning |T2| Reason: 49% HP (79/159)
 47730 | Vaults:2 | Danger: Low HP Warning |T2| Reason: 53% HP (85/159)
 47731 | Vaults:2 | Danger: Low HP Warning |T2| Reason: 56% HP (90/159)
 47732 | Vaults:2 | Danger: Low HP Warning |T2| Reason: 57% HP (91/159)
 47733 | Vaults:2 | Danger: Low HP Warning |T2| Reason: 57% HP (91/159)
 47734 | Vaults:2 | Danger: Low HP Warning |T2| Reason: 57% HP (92/159)
 47735 | Vaults:2 | Danger: Low HP Warning |T2| Reason: 57% HP (92/159)
 47736 | Vaults:2 | Danger: Low HP Warning |T2| Reason: 57% HP (92/159)
 47737 | Vaults:2 | Danger: Low HP Warning |T2| Reason: 57% HP (92/159)
 47738 | Vaults:2 | Danger: Low HP Warning |T2| Reason: 58% HP (93/159)
 47739 | Vaults:2 | Danger: Low HP Warning |T2| Reason: 58% HP (93/159)
 47740 | Vaults:2 | Danger: Low HP Warning |T2| Reason: 33% HP (53/159)
 47741 | Vaults:2 | Danger: Low HP Warning |T2| Reason: 33% HP (54/159)
 47742 | Vaults:2 | Danger: Low HP Warning |T2| Reason: 33% HP (54/159)
 47743 | Vaults:2 | Danger: Low HP Warning |T2| Reason: 33% HP (54/159)
 47744 | Vaults:2 | Danger: Low HP Warning |T2| Reason: 34% HP (55/159)
 47745 | Vaults:2 | Danger: Low HP Warning |T2| Reason: 34% HP (55/159)
 47746 | Vaults:2 | Danger: Low HP Warning |T2| Reason: 28% HP (45/159)
 47747 | Vaults:2 | Danger: Low HP Warning |T2| Reason: 28% HP (46/159)
 47748 | Vaults:2 | Danger: Low HP Warning |T3| Reason: 12% HP (20/159)
 47749 | Vaults:2 | Danger: Low HP Warning |T3| Reason: 12% HP (20/159)
 47750 | Vaults:2 | Danger: Low HP Warning |T3| Reason: 13% HP (21/159)
 47751 | Vaults:2 | Danger: Low HP Warning |T3| Reason: 13% HP (21/159)
 47752 | Vaults:2 | Danger: Low HP Warning |T3| Reason: 13% HP (22/159)
 47753 | Vaults:2 | Danger: Low HP Warning |T3| Reason: 13% HP (22/159)
 47754 | Vaults:2 | Danger: Low HP Warning |T2| Reason: 30% HP (49/159)
 48062 | Vaults:2 | Danger: vault guard |T2| Reason: OOD monster, careful!
 48320 | Vaults:2 | Danger: ironbound frostheart |T2| Reason: Creeping Frost
                  | and no rC
 48541 | Vaults:3 | Danger: ironbound thunderhulk |T3| Reason: Call Down
                  | Lightning and no rElec
 48542 | Vaults:3 | Danger: ironbound thunderhulk |T3| Reason: Call Down
                  | Lightning and no rElec
 48543 | Vaults:3 | Danger: ironbound thunderhulk |T3| Reason: Call Down
                  | Lightning and no rElec
 48544 | Vaults:3 | Danger: ironbound thunderhulk |T3| Reason: Call Down
                  | Lightning and no rElec
 48551 | Vaults:3 | Danger: great orb of eyes |T3| Reason: Paralyse and low
                  | Will
 48552 | Vaults:3 | Danger: great orb of eyes |T3| Reason: Paralyse and low
                  | Will
 48553 | Vaults:3 | Danger: great orb of eyes |T3| Reason: Paralyse and low
                  | Will
 48614 | Vaults:3 | Danger: ironbound thunderhulk |T3| Reason: Call Down
                  | Lightning and no rElec
 48615 | Vaults:3 | Danger: ironbound thunderhulk |T3| Reason: Call Down
                  | Lightning and no rElec
 48616 | Vaults:3 | Danger: ironbound thunderhulk |T3| Reason: Call Down
                  | Lightning and no rElec
 48618 | Vaults:3 | Danger: ironbound thunderhulk |T3| Reason: Call Down
                  | Lightning and no rElec
 48619 | Vaults:3 | Danger: ironbound thunderhulk |T3| Reason: Call Down
                  | Lightning and no rElec
 48620 | Vaults:3 | Danger: ironbound thunderhulk |T3| Reason: Call Down
                  | Lightning and no rElec
 48621 | Vaults:3 | Danger: ironbound thunderhulk |T3| Reason: Call Down
                  | Lightning and no rElec
 48622 | Vaults:3 | Reached XP level 20. HP: 113/168 MP: 26/26
 48797 | Vaults:3 | Danger: ironbound frostheart |T2| Reason: Creeping Frost
                  | and no rC
 48801 | Vaults:3 | Danger: lindwurm |T2| Reason: Fire Breath and not rF+,
                  | careful
 48804 | Vaults:3 | Danger: lindwurm |T2| Reason: Fire Breath and not rF+,
                  | careful
 48809 | Vaults:3 | Danger: Low HP Warning |T2| Reason: 58% HP (98/168)
 48810 | Vaults:3 | Danger: Low HP Warning |T2| Reason: 58% HP (99/168)
 48811 | Vaults:3 | Danger: Low HP Warning |T2| Reason: 58% HP (99/168)
 48812 | Vaults:3 | Danger: Low HP Warning |T2| Reason: 58% HP (99/168)
 48813 | Vaults:3 | Danger: Low HP Warning |T2| Reason: 59% HP (100/169)
 48814 | Vaults:3 | Danger: lindwurm |T2| Reason: Fire Breath and not rF+,
                  | careful
 48814 | Vaults:3 | Danger: Low HP Warning |T2| Reason: 59% HP (100/169)
 48815 | Vaults:3 | Danger: Low HP Warning |T2| Reason: 59% HP (101/169)
 48816 | Vaults:3 | Danger: Low HP Warning |T2| Reason: 59% HP (101/169)
 48817 | Vaults:3 | Danger: lindwurm |T2| Reason: Fire Breath and not rF+,
                  | careful
 48817 | Vaults:3 | Danger: Low HP Warning |T2| Reason: 59% HP (100/169)
 48818 | Vaults:3 | Danger: Low HP Warning |T2| Reason: 59% HP (100/169)
 48819 | Vaults:3 | Danger: Low HP Warning |T2| Reason: 59% HP (100/169)
 48820 | Vaults:3 | Danger: Low HP Warning |T2| Reason: 59% HP (101/169)
 48821 | Vaults:3 | Danger: Low HP Warning |T2| Reason: 59% HP (101/169)
 48822 | Vaults:3 | Danger: lindwurm |T2| Reason: Fire Breath and not rF+,
                  | careful
 48822 | Vaults:3 | Danger: ettin |T2| Reason: OOD monster, careful!
 48822 | Vaults:3 | Danger: Low HP Warning |T2| Reason: 49% HP (83/169)
 48823 | Vaults:3 | Danger: stone giant |T2| Reason: Quivering large rocks,
                  | watch out!!
 48823 | Vaults:3 | Danger: stone giant |T2| Reason: OOD monster, careful!
 48823 | Vaults:3 | Danger: Low HP Warning |T2| Reason: 49% HP (83/169)
 48824 | Vaults:3 | Danger: Low HP Warning |T2| Reason: 49% HP (83/169)
 48825 | Vaults:3 | Danger: Low HP Warning |T2| Reason: 49% HP (84/169)
 48826 | Vaults:3 | Danger: ettin |T2| Reason: OOD monster, careful!
 48826 | Vaults:3 | Danger: Low HP Warning |T2| Reason: 49% HP (84/169)
 48827 | Vaults:3 | Danger: stone giant |T2| Reason: Quivering large rocks,
                  | watch out!!
 48827 | Vaults:3 | Danger: stone giant |T2| Reason: OOD monster, careful!
 48827 | Vaults:3 | Danger: Low HP Warning |T2| Reason: 50% HP (85/169)
 48828 | Vaults:3 | Danger: lindwurm |T2| Reason: Fire Breath and not rF+,
                  | careful
 48828 | Vaults:3 | Danger: Low HP Warning |T2| Reason: 43% HP (74/169)
 48829 | Vaults:3 | Danger: Low HP Warning |T2| Reason: 34% HP (59/169)
 49075 | Vaults:3 | Danger: great orb of eyes |T3| Reason: Paralyse and low
                  | Will
 49076 | Vaults:3 | Danger: great orb of eyes |T3| Reason: Paralyse and low
                  | Will
 49135 | Vaults:3 | Danger: great orb of eyes |T3| Reason: Paralyse and low
                  | Will
 49136 | Vaults:3 | Danger: great orb of eyes |T3| Reason: Paralyse and low
                  | Will
 49138 | Vaults:3 | Danger: great orb of eyes |T3| Reason: Paralyse and low
                  | Will
 49144 | Vaults:3 | Danger: great orb of eyes |T3| Reason: Paralyse and low
                  | Will
 49145 | Vaults:3 | Danger: great orb of eyes |T3| Reason: Paralyse and low
                  | Will
 49146 | Vaults:3 | Danger: great orb of eyes |T3| Reason: Paralyse and low
                  | Will
 49147 | Vaults:3 | Danger: great orb of eyes |T3| Reason: Paralyse and low
                  | Will
 49148 | Vaults:3 | Danger: great orb of eyes |T3| Reason: Paralyse and low
                  | Will
 49149 | Vaults:3 | Danger: great orb of eyes |T3| Reason: Paralyse and low
                  | Will
 49150 | Vaults:3 | Danger: great orb of eyes |T3| Reason: Paralyse and low
                  | Will
 49151 | Vaults:3 | Danger: great orb of eyes |T3| Reason: Paralyse and low
                  | Will
 49165 | Vaults:3 | Danger: ettin |T2| Reason: OOD monster, careful!
 49175 | Vaults:3 | Danger: ettin |T2| Reason: OOD monster, careful!
 49252 | Vaults:3 | Danger: ironbound thunderhulk |T3| Reason: Call Down
                  | Lightning and no rElec
 49253 | Vaults:3 | Danger: ironbound thunderhulk |T3| Reason: Call Down
                  | Lightning and no rElec
 49254 | Vaults:3 | Danger: ironbound thunderhulk |T3| Reason: Call Down
                  | Lightning and no rElec
 49255 | Vaults:3 | Danger: ironbound thunderhulk |T3| Reason: Call Down
                  | Lightning and no rElec
 49256 | Vaults:3 | Danger: ironbound thunderhulk |T3| Reason: Call Down
                  | Lightning and no rElec
 49257 | Vaults:3 | Danger: ironbound thunderhulk |T3| Reason: Call Down
                  | Lightning and no rElec
 49258 | Vaults:3 | Danger: ironbound thunderhulk |T3| Reason: Call Down
                  | Lightning and no rElec
 49260 | Vaults:3 | Danger: ironbound thunderhulk |T3| Reason: Call Down
                  | Lightning and no rElec
 49261 | Vaults:3 | Danger: ironbound thunderhulk |T3| Reason: Call Down
                  | Lightning and no rElec
 49262 | Vaults:3 | Danger: ironbound thunderhulk |T3| Reason: Call Down
                  | Lightning and no rElec
 49263 | Vaults:3 | Danger: ironbound thunderhulk |T3| Reason: Call Down
                  | Lightning and no rElec
 49471 | Vaults:3 | Danger: lindwurm |T2| Reason: Fire Breath and not rF+,
                  | careful
 49478 | Vaults:3 | Danger: sphinx |T3| Reason: Paralyse and low Will
 49478 | Vaults:3 | Danger: sphinx |T2| Reason: Slow and low Will, careful
 49478 | Vaults:3 | Danger: great orb of eyes |T3| Reason: Paralyse and low
                  | Will
 49480 | Vaults:3 | Danger: great orb of eyes |T3| Reason: Paralyse and low
                  | Will
 49480 | Vaults:3 | Danger: sphinx |T3| Reason: Paralyse and low Will
 49481 | Vaults:3 | Danger: lindwurm |T2| Reason: Fire Breath and not rF+,
                  | careful
 49481 | Vaults:3 | Danger: great orb of eyes |T3| Reason: Paralyse and low
                  | Will
 49481 | Vaults:3 | Danger: sphinx |T3| Reason: Paralyse and low Will
 49486 | Vaults:3 | Danger: great orb of eyes |T3| Reason: Paralyse and low
                  | Will
 49486 | Vaults:3 | Danger: sphinx |T3| Reason: Paralyse and low Will
 49487 | Vaults:3 | Danger: sphinx |T3| Reason: Paralyse and low Will
 49487 | Vaults:3 | Danger: great orb of eyes |T3| Reason: Paralyse and low
                  | Will
 49489 | Vaults:3 | Danger: sphinx |T3| Reason: Paralyse and low Will
 49489 | Vaults:3 | Danger: great orb of eyes |T3| Reason: Paralyse and low
                  | Will
 49490 | Vaults:3 | Danger: sphinx |T3| Reason: Paralyse and low Will
 49490 | Vaults:3 | Danger: great orb of eyes |T3| Reason: Paralyse and low
                  | Will
 49492 | Vaults:3 | Danger: sphinx |T3| Reason: Paralyse and low Will
 49492 | Vaults:3 | Danger: great orb of eyes |T3| Reason: Paralyse and low
                  | Will
 49494 | Vaults:3 | Danger: great orb of eyes |T3| Reason: Paralyse and low
                  | Will
 49495 | Vaults:3 | Danger: great orb of eyes |T3| Reason: Paralyse and low
                  | Will
 49496 | Vaults:3 | Danger: great orb of eyes |T3| Reason: Paralyse and low
                  | Will
 49497 | Vaults:3 | Danger: ogre mage |T3| Reason: Paralyse and low Will
 49497 | Vaults:3 | Danger: ogre mage |T2| Reason: OOD monster, careful!
 49497 | Vaults:3 | Danger: ogre mage |T2| Reason: Bolt of Magma and not rF+,
                  | careful
 49497 | Vaults:3 | Danger: great orb of eyes |T3| Reason: Paralyse and low
                  | Will
 49499 | Vaults:3 | Danger: titan |T2| Reason: OOD monster, careful!
 49499 | Vaults:3 | Danger: titan |T2| Reason: Lightning Bolt and no rElec
 49499 | Vaults:3 | Danger: great orb of eyes |T3| Reason: Paralyse and low
                  | Will
 49500 | Vaults:3 | Danger: ogre mage |T3| Reason: Paralyse and low Will
 49500 | Vaults:3 | Danger: ogre mage |T2| Reason: OOD monster, careful!
 49500 | Vaults:3 | Danger: ogre mage |T2| Reason: Bolt of Magma and not rF+,
                  | careful
 49500 | Vaults:3 | Danger: great orb of eyes |T3| Reason: Paralyse and low
                  | Will
 49501 | Vaults:3 | Danger: ogre mage |T3| Reason: Paralyse and low Will
 49501 | Vaults:3 | Danger: great orb of eyes |T3| Reason: Paralyse and low
                  | Will
 49502 | Vaults:3 | Danger: ogre mage |T3| Reason: Paralyse and low Will
 49502 | Vaults:3 | Danger: great orb of eyes |T3| Reason: Paralyse and low
                  | Will
 49503 | Vaults:3 | Danger: ogre mage |T3| Reason: Paralyse and low Will
 49504 | Vaults:3 | Danger: ogre mage |T3| Reason: Paralyse and low Will
 49505 | Vaults:3 | Danger: ogre mage |T3| Reason: Paralyse and low Will
 49987 | Vaults:3 | Found Ikop's Distillery.
 50136 | Vaults:3 | Danger: wizard |T3| Reason: Banishment and low Will
 50136 | Vaults:3 | Danger: wizard |T2| Reason: Fireball and not rF+, careful
 50137 | Vaults:3 | Danger: wizard |T3| Reason: Banishment and low Will
 50447 | Vaults:3 | Noticed Mara
 50448 | Vaults:3 | Danger: Mara |T2| Reason: Unique monster, careful!
 50448 | Vaults:3 | Danger: Mara |T3| Reason: Bolt of Fire (3d27) and not rF++,
                  | careful
 50448 | Vaults:3 | Danger: Mara |T2| Reason: Unique monster, careful!
 50448 | Vaults:3 | Danger: Mara |T3| Reason: Bolt of Fire (3d27) and not rF++,
                  | careful
 50448 | Vaults:3 | Danger: Mara |T2| Reason: Unique monster, careful!
 50448 | Vaults:3 | Danger: Mara |T3| Reason: Bolt of Fire (3d27) and not rF++,
                  | careful
 50449 | Vaults:3 | Danger: Mara |T3| Reason: Bolt of Fire (3d27) and not rF++,
                  | careful
 50449 | Vaults:3 | Danger: Mara |T3| Reason: Bolt of Fire (3d27) and not rF++,
                  | careful
 50452 | Vaults:3 | Danger: Mara |T2| Reason: Unique monster, careful!
 50452 | Vaults:3 | Danger: Mara |T3| Reason: Bolt of Fire (3d27) and not rF++,
                  | careful
 50453 | Vaults:3 | Danger: Mara |T3| Reason: Bolt of Fire (3d27) and not rF++,
                  | careful
 50454 | Vaults:3 | Danger: Mara |T3| Reason: Bolt of Fire (3d27) and not rF++,
                  | careful
 50455 | Vaults:3 | Danger: Mara |T2| Reason: Unique monster, careful!
 50455 | Vaults:3 | Danger: Mara |T3| Reason: Bolt of Fire (3d27) and not rF++,
                  | careful
 50455 | Vaults:3 | Danger: Mara |T3| Reason: Bolt of Fire (3d27) and not rF++,
                  | careful
 50456 | Vaults:3 | Danger: Mara |T3| Reason: Bolt of Fire (3d27) and not rF++,
                  | careful
 50456 | Vaults:3 | Danger: Mara |T3| Reason: Bolt of Fire (3d27) and not rF++,
                  | careful
 50457 | Vaults:3 | Danger: Mara |T3| Reason: Bolt of Fire (3d27) and not rF++,
                  | careful
 50457 | Vaults:3 | Danger: Mara |T3| Reason: Bolt of Fire (3d27) and not rF++,
                  | careful
 50458 | Vaults:3 | Danger: Mara |T3| Reason: Bolt of Fire (3d27) and not rF++,
                  | careful
 50458 | Vaults:3 | Danger: Mara |T3| Reason: Bolt of Fire (3d27) and not rF++,
                  | careful
 50459 | Vaults:3 | Danger: Mara |T3| Reason: Bolt of Fire (3d27) and not rF++,
                  | careful
 50459 | Vaults:3 | Danger: Mara |T3| Reason: Bolt of Fire (3d27) and not rF++,
                  | careful
 50460 | Vaults:3 | Danger: Mara |T3| Reason: Bolt of Fire (3d27) and not rF++,
                  | careful
 50460 | Vaults:3 | Danger: Mara |T3| Reason: Bolt of Fire (3d27) and not rF++,
                  | careful
 50461 | Vaults:3 | Danger: Mara |T3| Reason: Bolt of Fire (3d27) and not rF++,
                  | careful
 50461 | Vaults:3 | Danger: Mara |T3| Reason: Bolt of Fire (3d27) and not rF++,
                  | careful
 50462 | Vaults:3 | Danger: Mara |T3| Reason: Bolt of Fire (3d27) and not rF++,
                  | careful
 50462 | Vaults:3 | Danger: Mara |T3| Reason: Bolt of Fire (3d27) and not rF++,
                  | careful
 50463 | Vaults:3 | Danger: Mara |T3| Reason: Bolt of Fire (3d27) and not rF++,
                  | careful
 50463 | Vaults:3 | Danger: Mara |T3| Reason: Bolt of Fire (3d27) and not rF++,
                  | careful
 50464 | Vaults:3 | Danger: Mara |T3| Reason: Bolt of Fire (3d27) and not rF++,
                  | careful
 50464 | Vaults:3 | Danger: Mara |T3| Reason: Bolt of Fire (3d27) and not rF++,
                  | careful
 50465 | Vaults:3 | Danger: Mara |T3| Reason: Bolt of Fire (3d27) and not rF++,
                  | careful
 50465 | Vaults:3 | Danger: Mara |T3| Reason: Bolt of Fire (3d27) and not rF++,
                  | careful
 50466 | Vaults:3 | Danger: Mara |T3| Reason: Bolt of Fire (3d27) and not rF++,
                  | careful
 50466 | Vaults:3 | Danger: Mara |T3| Reason: Bolt of Fire (3d27) and not rF++,
                  | careful
 50467 | Vaults:3 | Danger: Mara |T3| Reason: Bolt of Fire (3d27) and not rF++,
                  | careful
 50467 | Vaults:3 | Danger: Mara |T3| Reason: Bolt of Fire (3d27) and not rF++,
                  | careful
 50468 | Vaults:3 | Danger: Mara |T3| Reason: Bolt of Fire (3d27) and not rF++,
                  | careful
 50468 | Vaults:3 | Noticed Implojin's illusion
 50470 | Vaults:3 | Danger: Mara |T2| Reason: Unique monster, careful!
 50470 | Vaults:3 | Danger: Mara |T3| Reason: Bolt of Fire (3d27) and not rF++,
                  | careful
 50471 | Vaults:3 | Danger: Low HP Warning |T2| Reason: 54% HP (95/173)
 50472 | Vaults:3 | Danger: Low HP Warning |T2| Reason: 55% HP (96/173)
 50473 | Vaults:3 | Danger: Low HP Warning |T2| Reason: 55% HP (96/173)
 50474 | Vaults:3 | Danger: Mara |T2| Reason: Unique monster, careful!
 50474 | Vaults:3 | Danger: Mara |T3| Reason: Bolt of Fire (3d27) and not rF++,
                  | careful
 50474 | Vaults:3 | Danger: Low HP Warning |T2| Reason: 55% HP (96/173)
 50475 | Vaults:3 | Danger: Mara |T3| Reason: Bolt of Fire (3d27) and not rF++,
                  | careful
 50475 | Vaults:3 | Danger: Low HP Warning |T2| Reason: 56% HP (97/173)
 50476 | Vaults:3 | Danger: Mara |T3| Reason: Bolt of Fire (3d27) and not rF++,
                  | careful
 50476 | Vaults:3 | Danger: Low HP Warning |T2| Reason: 56% HP (97/173)
 50477 | Vaults:3 | Danger: Mara |T3| Reason: Bolt of Fire (3d27) and not rF++,
                  | careful
 50477 | Vaults:3 | Danger: Low HP Warning |T2| Reason: 56% HP (97/173)
 50478 | Vaults:3 | Danger: Mara |T3| Reason: Bolt of Fire (3d27) and not rF++,
                  | careful
 50478 | Vaults:3 | Danger: Low HP Warning |T2| Reason: 56% HP (98/173)
 50479 | Vaults:3 | Danger: Mara |T3| Reason: Bolt of Fire (3d27) and not rF++,
                  | careful
 50479 | Vaults:3 | Danger: Low HP Warning |T2| Reason: 56% HP (98/173)
 50480 | Vaults:3 | Danger: Mara |T3| Reason: Bolt of Fire (3d27) and not rF++,
                  | careful
 50480 | Vaults:3 | Danger: Low HP Warning |T2| Reason: 56% HP (98/173)
 50481 | Vaults:3 | Danger: Mara |T3| Reason: Bolt of Fire (3d27) and not rF++,
                  | careful
 50481 | Vaults:3 | Danger: Low HP Warning |T2| Reason: 56% HP (98/173)
 50482 | Vaults:3 | Danger: Mara |T3| Reason: Bolt of Fire (3d27) and not rF++,
                  | careful
 50482 | Vaults:3 | Danger: Low HP Warning |T2| Reason: 57% HP (99/173)
 50483 | Vaults:3 | Danger: Mara |T3| Reason: Bolt of Fire (3d27) and not rF++,
                  | careful
 50483 | Vaults:3 | Danger: Low HP Warning |T2| Reason: 57% HP (99/173)
 50484 | Vaults:3 | Danger: Mara |T3| Reason: Bolt of Fire (3d27) and not rF++,
                  | careful
 50484 | Vaults:3 | Danger: Low HP Warning |T2| Reason: 57% HP (99/173)
 50485 | Vaults:3 | Danger: Mara |T3| Reason: Bolt of Fire (3d27) and not rF++,
                  | careful
 50485 | Vaults:3 | Danger: Low HP Warning |T2| Reason: 51% HP (89/173)
 50486 | Vaults:3 | Danger: Mara |T3| Reason: Bolt of Fire (3d27) and not rF++,
                  | careful
 50486 | Vaults:3 | Danger: Low HP Warning |T2| Reason: 51% HP (89/173)
 50487 | Vaults:3 | Danger: Mara |T3| Reason: Bolt of Fire (3d27) and not rF++,
                  | careful
 50487 | Vaults:3 | Danger: Low HP Warning |T2| Reason: 51% HP (89/173)
 50488 | Vaults:3 | Danger: Mara |T3| Reason: Bolt of Fire (3d27) and not rF++,
                  | careful
 50488 | Vaults:3 | Danger: Low HP Warning |T2| Reason: 52% HP (90/173)
 50489 | Vaults:3 | Danger: Mara |T2| Reason: Unique monster, careful!
 50489 | Vaults:3 | Danger: Mara |T3| Reason: Bolt of Fire (3d27) and not rF++,
                  | careful
 50489 | Vaults:3 | Danger: Mara |T2| Reason: Unique monster, careful!
 50489 | Vaults:3 | Danger: Mara |T3| Reason: Bolt of Fire (3d27) and not rF++,
                  | careful
 50489 | Vaults:3 | Danger: Mara |T3| Reason: Bolt of Fire (3d27) and not rF++,
                  | careful
 50489 | Vaults:3 | Danger: Low HP Warning |T2| Reason: 52% HP (90/173)
 50490 | Vaults:3 | Danger: Mara |T3| Reason: Bolt of Fire (3d27) and not rF++,
                  | careful
 50490 | Vaults:3 | Danger: Mara |T3| Reason: Bolt of Fire (3d27) and not rF++,
                  | careful
 50490 | Vaults:3 | Danger: Mara |T3| Reason: Bolt of Fire (3d27) and not rF++,
                  | careful
 50490 | Vaults:3 | Danger: Low HP Warning |T2| Reason: 52% HP (91/173)
 50491 | Vaults:3 | Danger: Mara |T3| Reason: Bolt of Fire (3d27) and not rF++,
                  | careful
 50491 | Vaults:3 | Danger: Mara |T3| Reason: Bolt of Fire (3d27) and not rF++,
                  | careful
 50491 | Vaults:3 | Danger: Mara |T3| Reason: Bolt of Fire (3d27) and not rF++,
                  | careful
 50491 | Vaults:3 | Danger: Low HP Warning |T2| Reason: 52% HP (91/173)
 50493 | Vaults:3 | Danger: Mara |T3| Reason: Bolt of Fire (3d27) and not rF++,
                  | careful
 50493 | Vaults:3 | Danger: Mara |T3| Reason: Bolt of Fire (3d27) and not rF++,
                  | careful
 50493 | Vaults:3 | Danger: Mara |T3| Reason: Bolt of Fire (3d27) and not rF++,
                  | careful
 50493 | Vaults:3 | Danger: Low HP Warning |T2| Reason: 52% HP (91/173)
 50494 | Vaults:3 | Danger: Mara |T3| Reason: Bolt of Fire (3d27) and not rF++,
                  | careful
 50494 | Vaults:3 | Danger: Mara |T3| Reason: Bolt of Fire (3d27) and not rF++,
                  | careful
 50494 | Vaults:3 | Danger: Mara |T3| Reason: Bolt of Fire (3d27) and not rF++,
                  | careful
 50494 | Vaults:3 | Danger: Low HP Warning |T2| Reason: 53% HP (92/173)
 50495 | Vaults:3 | Danger: Mara |T3| Reason: Bolt of Fire (3d27) and not rF++,
                  | careful
 50495 | Vaults:3 | Danger: Mara |T3| Reason: Bolt of Fire (3d27) and not rF++,
                  | careful
 50495 | Vaults:3 | Danger: Low HP Warning |T2| Reason: 53% HP (92/173)
 50496 | Vaults:3 | Danger: Mara |T3| Reason: Bolt of Fire (3d27) and not rF++,
                  | careful
 50496 | Vaults:3 | Danger: Mara |T3| Reason: Bolt of Fire (3d27) and not rF++,
                  | careful
 50496 | Vaults:3 | Danger: Low HP Warning |T2| Reason: 53% HP (92/173)
 50497 | Vaults:3 | Danger: Mara |T3| Reason: Bolt of Fire (3d27) and not rF++,
                  | careful
 50497 | Vaults:3 | Danger: Low HP Warning |T2| Reason: 53% HP (93/173)
 50499 | Vaults:3 | Danger: Mara |T2| Reason: Unique monster, careful!
 50499 | Vaults:3 | Danger: Mara |T3| Reason: Bolt of Fire (3d27) and not rF++,
                  | careful
 50499 | Vaults:3 | Danger: Low HP Warning |T2| Reason: 54% HP (94/173)
 50500 | Vaults:3 | Danger: Mara |T2| Reason: Unique monster, careful!
 50500 | Vaults:3 | Danger: Mara |T3| Reason: Bolt of Fire (3d27) and not rF++,
                  | careful
 50500 | Vaults:3 | Danger: Mara |T3| Reason: Bolt of Fire (3d27) and not rF++,
                  | careful
 50500 | Vaults:3 | Danger: Low HP Warning |T2| Reason: 54% HP (94/173)
 50501 | Vaults:3 | Danger: Mara |T2| Reason: Unique monster, careful!
 50501 | Vaults:3 | Danger: Mara |T3| Reason: Bolt of Fire (3d27) and not rF++,
                  | careful
 50501 | Vaults:3 | Danger: Mara |T3| Reason: Bolt of Fire (3d27) and not rF++,
                  | careful
 50501 | Vaults:3 | Danger: Mara |T3| Reason: Bolt of Fire (3d27) and not rF++,
                  | careful
 50501 | Vaults:3 | Danger: Low HP Warning |T2| Reason: 54% HP (95/173)
 50502 | Vaults:3 | Danger: Mara |T3| Reason: Bolt of Fire (3d27) and not rF++,
                  | careful
 50502 | Vaults:3 | Danger: Mara |T3| Reason: Bolt of Fire (3d27) and not rF++,
                  | careful
 50502 | Vaults:3 | Danger: Mara |T3| Reason: Bolt of Fire (3d27) and not rF++,
                  | careful
 50502 | Vaults:3 | Danger: Low HP Warning |T2| Reason: 54% HP (95/173)
 50503 | Vaults:3 | Danger: Mara |T3| Reason: Bolt of Fire (3d27) and not rF++,
                  | careful
 50503 | Vaults:3 | Danger: Mara |T3| Reason: Bolt of Fire (3d27) and not rF++,
                  | careful
 50503 | Vaults:3 | Danger: Mara |T3| Reason: Bolt of Fire (3d27) and not rF++,
                  | careful
 50503 | Vaults:3 | Danger: Low HP Warning |T2| Reason: 54% HP (95/173)
 50504 | Vaults:3 | Danger: Mara |T3| Reason: Bolt of Fire (3d27) and not rF++,
                  | careful
 50504 | Vaults:3 | Danger: Mara |T3| Reason: Bolt of Fire (3d27) and not rF++,
                  | careful
 50504 | Vaults:3 | Danger: Mara |T3| Reason: Bolt of Fire (3d27) and not rF++,
                  | careful
 50504 | Vaults:3 | Danger: Low HP Warning |T2| Reason: 54% HP (95/173)
 50505 | Vaults:3 | Danger: Mara |T3| Reason: Bolt of Fire (3d27) and not rF++,
                  | careful
 50505 | Vaults:3 | Danger: Mara |T3| Reason: Bolt of Fire (3d27) and not rF++,
                  | careful
 50505 | Vaults:3 | Danger: Low HP Warning |T2| Reason: 55% HP (96/173)
 50506 | Vaults:3 | Danger: Mara |T3| Reason: Bolt of Fire (3d27) and not rF++,
                  | careful
 50506 | Vaults:3 | Danger: Mara |T3| Reason: Bolt of Fire (3d27) and not rF++,
                  | careful
 50506 | Vaults:3 | Danger: Low HP Warning |T2| Reason: 55% HP (96/173)
 50506 | Vaults:3 | Killed Mara
 50775 | Vaults:4 | Identified the +2 helmet of Ves Ish {Harm rElec rF+++
                  | Dex-2}
 50817 | Vaults:4 | Danger: great orb of eyes |T3| Reason: Paralyse and low
                  | Will
 50818 | Vaults:4 | Danger: great orb of eyes |T3| Reason: Paralyse and low
                  | Will
 50819 | Vaults:4 | Danger: great orb of eyes |T3| Reason: Paralyse and low
                  | Will
 50820 | Vaults:4 | Danger: great orb of eyes |T3| Reason: Paralyse and low
                  | Will
 50821 | Vaults:4 | Danger: great orb of eyes |T3| Reason: Paralyse and low
                  | Will
 50823 | Vaults:4 | Danger: great orb of eyes |T3| Reason: Paralyse and low
                  | Will
 50824 | Vaults:4 | Danger: great orb of eyes |T3| Reason: Paralyse and low
                  | Will
 50825 | Vaults:4 | Danger: great orb of eyes |T3| Reason: Paralyse and low
                  | Will
 50830 | Vaults:4 | Danger: war gargoyle |T2| Reason: OOD monster, careful!
 51188 | Vaults:4 | Danger: lindwurm |T2| Reason: Fire Breath and not rF+,
                  | careful
 51188 | Vaults:4 | Danger: lindwurm |T2| Reason: Fire Breath and not rF+,
                  | careful
 51188 | Vaults:4 | Danger: lindwurm |T2| Reason: Fire Breath and not rF+,
                  | careful
 51262 | Vaults:4 | Found Kaorupt's Jewellery Shop.
 51262 | Vaults:4 | Found Noiman's General Store.
 51263 | Vaults:4 | Danger: frost giant |T2| Reason: OOD monster, careful!
 51263 | Vaults:4 | Danger: frost giant |T2| Reason: Bolt of Cold and no rC
 51264 | Vaults:4 | Danger: deep elf sorcerer |T3| Reason: Banishment and low
                  | Will
 51264 | Vaults:4 | Danger: deep elf sorcerer |T2| Reason: OOD monster,
                  | careful!
 51264 | Vaults:4 | Danger: deep elf sorcerer |T3| Reason: Damnation in LOF,
                  | watch out!
 51264 | Vaults:4 | Danger: fire giant |T2| Reason: OOD monster, careful!
 51264 | Vaults:4 | Danger: fire giant |T2| Reason: Fireball and not rF+,
                  | careful
 51264 | Vaults:4 | Danger: fire giant |T2| Reason: Bolt of Fire and not rF+,
                  | careful
 51264 | Vaults:4 | Danger: stone giant |T2| Reason: Quivering large rocks,
                  | watch out!!
 51264 | Vaults:4 | Danger: stone giant |T2| Reason: OOD monster, careful!
 51265 | Vaults:4 | Danger: deep elf sorcerer |T3| Reason: Banishment and low
                  | Will
 51265 | Vaults:4 | Danger: deep elf sorcerer |T3| Reason: Damnation in LOF,
                  | watch out!
 51266 | Vaults:4 | Danger: deep elf sorcerer |T3| Reason: Banishment and low
                  | Will
 51266 | Vaults:4 | Danger: deep elf sorcerer |T3| Reason: Damnation in LOF,
                  | watch out!
 51267 | Vaults:4 | Danger: deep elf sorcerer |T2| Reason: Damnation in LOS,
                  | careful!
 51267 | Vaults:4 | Danger: deep elf sorcerer |T3| Reason: Banishment and low
                  | Will
 51268 | Vaults:4 | Danger: deep elf sorcerer |T3| Reason: Banishment and low
                  | Will
 51269 | Vaults:4 | Danger: deep elf sorcerer |T3| Reason: Banishment and low
                  | Will
 51270 | Vaults:4 | Danger: deep elf sorcerer |T3| Reason: Banishment and low
                  | Will
 51271 | Vaults:4 | Danger: deep elf sorcerer |T3| Reason: Banishment and low
                  | Will
 51272 | Vaults:4 | Danger: deep elf sorcerer |T3| Reason: Banishment and low
                  | Will
 51273 | Vaults:4 | Danger: deep elf sorcerer |T3| Reason: Banishment and low
                  | Will
 51274 | Vaults:4 | Danger: deep elf sorcerer |T3| Reason: Banishment and low
                  | Will
 51275 | Vaults:4 | Danger: deep elf sorcerer |T3| Reason: Damnation in LOF,
                  | watch out!
 51275 | Vaults:4 | Danger: deep elf sorcerer |T3| Reason: Banishment and low
                  | Will
 51276 | Vaults:4 | Danger: deep elf sorcerer |T2| Reason: Damnation in LOS,
                  | careful!
 51276 | Vaults:4 | Danger: deep elf sorcerer |T3| Reason: Banishment and low
                  | Will
 51277 | Vaults:4 | Danger: deep elf sorcerer |T3| Reason: Banishment and low
                  | Will
 51278 | Vaults:4 | Danger: deep elf sorcerer |T3| Reason: Banishment and low
                  | Will
 51279 | Vaults:4 | Danger: deep elf sorcerer |T3| Reason: Damnation in LOF,
                  | watch out!
 51279 | Vaults:4 | Danger: deep elf sorcerer |T3| Reason: Banishment and low
                  | Will
 51280 | Vaults:4 | Danger: fire giant |T2| Reason: OOD monster, careful!
 51280 | Vaults:4 | Danger: fire giant |T2| Reason: Fireball and not rF+,
                  | careful
 51280 | Vaults:4 | Danger: fire giant |T2| Reason: Bolt of Fire and not rF+,
                  | careful
 51288 | Vaults:4 | Danger: lindwurm |T2| Reason: Fire Breath and not rF+,
                  | careful
 51290 | Vaults:4 | Danger: lindwurm |T2| Reason: Fire Breath and not rF+,
                  | careful
 51293 | Vaults:4 | Found Gairchuha's Magic Scroll Shop.
 51696 | Vaults:4 | Danger: great orb of eyes |T3| Reason: Paralyse and low
                  | Will
 51696 | Vaults:4 | Danger: vault guard |T2| Reason: OOD monster, careful!
 51697 | Vaults:4 | Danger: great orb of eyes |T3| Reason: Paralyse and low
                  | Will
 51698 | Vaults:4 | Danger: great orb of eyes |T3| Reason: Paralyse and low
                  | Will
 51699 | Vaults:4 | Danger: great orb of eyes |T3| Reason: Paralyse and low
                  | Will
 51700 | Vaults:4 | Danger: great orb of eyes |T3| Reason: Paralyse and low
                  | Will
 51701 | Vaults:4 | Danger: great orb of eyes |T3| Reason: Paralyse and low
                  | Will
 51702 | Vaults:4 | Danger: great orb of eyes |T3| Reason: Paralyse and low
                  | Will
 51703 | Vaults:4 | Danger: great orb of eyes |T3| Reason: Paralyse and low
                  | Will
 51753 | Vaults:4 | Danger: great orb of eyes |T3| Reason: Paralyse and low
                  | Will
 51753 | Vaults:4 | Danger: ironbound thunderhulk |T3| Reason: Call Down
                  | Lightning and no rElec
 51755 | Vaults:4 | Danger: ironbound thunderhulk |T3| Reason: Call Down
                  | Lightning and no rElec
 51756 | Vaults:4 | Danger: ironbound thunderhulk |T3| Reason: Call Down
                  | Lightning and no rElec
 51757 | Vaults:4 | Danger: ironbound thunderhulk |T3| Reason: Call Down
                  | Lightning and no rElec
 51758 | Vaults:4 | Danger: ironbound thunderhulk |T3| Reason: Call Down
                  | Lightning and no rElec
 51759 | Vaults:4 | Danger: ironbound thunderhulk |T3| Reason: Call Down
                  | Lightning and no rElec
 51760 | Vaults:4 | Danger: great orb of eyes |T3| Reason: Paralyse and low
                  | Will
 51760 | Vaults:4 | Danger: ironbound thunderhulk |T3| Reason: Call Down
                  | Lightning and no rElec
 51761 | Vaults:4 | Danger: ironbound thunderhulk |T3| Reason: Call Down
                  | Lightning and no rElec
 51763 | Vaults:4 | Danger: great orb of eyes |T3| Reason: Paralyse and low
                  | Will
 51772 | Vaults:4 | Danger: great orb of eyes |T3| Reason: Paralyse and low
                  | Will
 51773 | Vaults:4 | Danger: great orb of eyes |T3| Reason: Paralyse and low
                  | Will
 51774 | Vaults:4 | Danger: great orb of eyes |T3| Reason: Paralyse and low
                  | Will
 51775 | Vaults:4 | Danger: great orb of eyes |T3| Reason: Paralyse and low
                  | Will
 51776 | Vaults:4 | Danger: great orb of eyes |T3| Reason: Paralyse and low
                  | Will
 51777 | Vaults:4 | Danger: great orb of eyes |T3| Reason: Paralyse and low
                  | Will
 52391 | Depths:1 | Entered Level 1 of the Depths
 52395 | Depths:1 | Danger: frost giant |T2| Reason: Bolt of Cold and no rC
 52424 | Depths:1 | Danger: frost giant simulacrum |T2| Reason: simulacrum and
                  | no rC, careful
 52586 | Depths:1 | Danger: stone giant |T2| Reason: Quivering large rocks,
                  | watch out!!
 52590 | Depths:1 | Danger: tengu reaver |T2| Reason: OOD monster, careful!
 52590 | Depths:1 | Danger: tengu reaver |T2| Reason: Lightning Bolt and no
                  | rElec
 52590 | Depths:1 | Danger: tengu reaver |T2| Reason: Bolt of Cold and no rC
 52590 | Depths:1 | Danger: tengu reaver |T2| Reason: Bolt of Fire and not rF+,
                  | careful
 52598 | Depths:1 | Danger: tengu reaver |T2| Reason: OOD monster, careful!
 52598 | Depths:1 | Danger: tengu reaver |T2| Reason: Lightning Bolt and no
                  | rElec
 52598 | Depths:1 | Danger: tengu reaver |T2| Reason: Bolt of Cold and no rC
 52598 | Depths:1 | Danger: tengu reaver |T2| Reason: Bolt of Fire and not rF+,
                  | careful
 52779 | Depths:1 | Danger: ice dragon |T2| Reason: Cold Breath and no rC
 52781 | Depths:1 | Danger: ice dragon |T2| Reason: Cold Breath and no rC
 52786 | Depths:1 | Danger: ice dragon |T2| Reason: Cold Breath and no rC
 52786 | Depths:1 | Danger: Low HP Warning |T2| Reason: 59% HP (103/173)
 52787 | Depths:1 | Danger: Low HP Warning |T2| Reason: 60% HP (104/173)
 52789 | Depths:1 | Danger: Low HP Warning |T2| Reason: 60% HP (104/173)
 52790 | Depths:1 | Danger: Low HP Warning |T2| Reason: 60% HP (105/173)
 52791 | Depths:1 | Danger: Low HP Warning |T2| Reason: 54% HP (94/173)
 52792 | Depths:1 | Danger: Low HP Warning |T2| Reason: 54% HP (95/173)
 52793 | Depths:1 | Danger: Low HP Warning |T2| Reason: 54% HP (95/173)
 52794 | Depths:1 | Danger: Low HP Warning |T2| Reason: 54% HP (95/173)
 52795 | Depths:1 | Danger: Low HP Warning |T2| Reason: 54% HP (95/173)
 52796 | Depths:1 | Danger: Low HP Warning |T2| Reason: 55% HP (96/173)
 52797 | Depths:1 | Danger: Low HP Warning |T2| Reason: 55% HP (96/173)
 52798 | Depths:1 | Danger: Low HP Warning |T2| Reason: 56% HP (97/173)
 52799 | Depths:1 | Danger: Low HP Warning |T2| Reason: 56% HP (97/173)
 52800 | Depths:1 | Danger: Low HP Warning |T2| Reason: 56% HP (97/173)
 52801 | Depths:1 | Danger: Low HP Warning |T2| Reason: 56% HP (98/173)
 52814 | Depths:1 | Danger: frost giant |T2| Reason: Bolt of Cold and no rC
 52814 | Depths:1 | Danger: Low HP Warning |T2| Reason: 60% HP (104/173)
 52815 | Depths:1 | Danger: Low HP Warning |T2| Reason: 60% HP (105/173)
 52816 | Depths:1 | Danger: Low HP Warning |T2| Reason: 60% HP (105/173)
 52816 | Depths:1 | Found a gateway to Hell.
 52817 | Depths:1 | Danger: stone giant |T2| Reason: Quivering large rocks,
                  | watch out!!
 52819 | Depths:1 | Danger: Low HP Warning |T2| Reason: 52% HP (91/173)
 52820 | Depths:1 | Danger: Low HP Warning |T2| Reason: 52% HP (91/173)
 52821 | Depths:1 | Danger: Low HP Warning |T2| Reason: 52% HP (91/173)
 52822 | Depths:1 | Danger: Low HP Warning |T2| Reason: 53% HP (92/173)
 52823 | Depths:1 | Danger: Low HP Warning |T2| Reason: 53% HP (92/173)
 52824 | Depths:1 | Danger: Low HP Warning |T2| Reason: 53% HP (92/173)
 52825 | Depths:1 | Danger: Low HP Warning |T2| Reason: 53% HP (93/173)
 52999 | Depths:1 | Found a one-way gate to the infinite horrors of the Abyss.
 53000 | Depths:1 | Noticed Louise
 53001 | Depths:1 | Danger: Louise |T3| Reason: Banishment and low Will
 53001 | Depths:1 | Danger: Louise |T2| Reason: Unique monster, careful!
 53001 | Depths:1 | Danger: Louise |T2| Reason: Lightning Bolt and no rElec
 53002 | Depths:1 | Danger: Louise |T3| Reason: Banishment and low Will
 53003 | Depths:1 | Danger: Louise |T3| Reason: Banishment and low Will
 53004 | Depths:1 | Danger: Louise |T3| Reason: Banishment and low Will
 53005 | Depths:1 | Danger: Louise |T3| Reason: Banishment and low Will
 53006 | Depths:1 | Danger: Louise |T3| Reason: Banishment and low Will
 53007 | Depths:1 | Danger: Louise |T3| Reason: Banishment and low Will
 53008 | Depths:1 | Danger: Louise |T3| Reason: Banishment and low Will
 53009 | Depths:1 | Danger: spriggan defender |T2| Reason: OOD monster,
                  | careful!
 53009 | Depths:1 | Danger: Louise |T3| Reason: Banishment and low Will
 53010 | Depths:1 | Danger: Louise |T3| Reason: Banishment and low Will
 53010 | Depths:1 | Killed Louise
 53012 | Depths:1 | Noticed the Enchantress
 53013 | Depths:1 | Danger: spriggan air mage |T2| Reason: Lightning Bolt and
                  | no rElec
 53013 | Depths:1 | Danger: spriggan defender |T2| Reason: OOD monster,
                  | careful!
 53013 | Depths:1 | Danger: the Enchantress |T2| Reason: Slow and low Will,
                  | careful
 53013 | Depths:1 | Danger: the Enchantress |T2| Reason: Unique monster,
                  | careful!
 53013 | Depths:1 | Danger: spriggan air mage |T2| Reason: Lightning Bolt and
                  | no rElec
 53013 | Depths:1 | Danger: spriggan defender |T2| Reason: OOD monster,
                  | careful!
 53013 | Depths:1 | Danger: ice dragon |T2| Reason: Cold Breath and no rC
 53015 | Depths:1 | Danger: the Enchantress |T2| Reason: Slow and low Will,
                  | careful
 53015 | Depths:1 | Danger: the Enchantress |T2| Reason: Unique monster,
                  | careful!
 53015 | Depths:1 | Danger: spriggan air mage |T2| Reason: Lightning Bolt and
                  | no rElec
 53015 | Depths:1 | Danger: spriggan air mage |T2| Reason: Lightning Bolt and
                  | no rElec
 53017 | Depths:1 | Danger: spriggan defender |T2| Reason: OOD monster,
                  | careful!
 53020 | Depths:1 | Danger: spriggan air mage |T2| Reason: Lightning Bolt and
                  | no rElec
 53020 | Depths:1 | Danger: ice dragon |T2| Reason: Cold Breath and no rC
 53024 | Depths:1 | Danger: spriggan air mage |T2| Reason: Lightning Bolt and
                  | no rElec
 53029 | Depths:1 | Danger: spriggan defender |T2| Reason: OOD monster,
                  | careful!
 53030 | Depths:1 | Danger: spriggan air mage |T2| Reason: Lightning Bolt and
                  | no rElec
 53031 | Depths:1 | Danger: spriggan defender |T2| Reason: OOD monster,
                  | careful!
 53034 | Depths:1 | Danger: the Enchantress |T2| Reason: Slow and low Will,
                  | careful
 53034 | Depths:1 | Danger: the Enchantress |T2| Reason: Unique monster,
                  | careful!
 53034 | Depths:1 | Danger: spriggan defender |T2| Reason: OOD monster,
                  | careful!
 53035 | Depths:1 | Danger: Low HP Warning |T2| Reason: 49% HP (76/154)
 53036 | Depths:1 | Danger: spriggan air mage |T2| Reason: Lightning Bolt and
                  | no rElec
 53036 | Depths:1 | Danger: Low HP Warning |T2| Reason: 49% HP (76/155)
 53037 | Depths:1 | Reached XP level 21. HP: 80/163 MP: 21/27
 53037 | Depths:1 | Danger: Low HP Warning |T2| Reason: 49% HP (80/163)
 53038 | Depths:1 | Danger: spriggan air mage |T2| Reason: Lightning Bolt and
                  | no rElec
 53038 | Depths:1 | Danger: Low HP Warning |T2| Reason: 49% HP (80/163)
 53039 | Depths:1 | Danger: Low HP Warning |T2| Reason: 49% HP (81/163)
 53040 | Depths:1 | Danger: spriggan defender |T2| Reason: OOD monster,
                  | careful!
 53040 | Depths:1 | Danger: Low HP Warning |T2| Reason: 49% HP (81/163)
 53041 | Depths:1 | Danger: Low HP Warning |T2| Reason: 50% HP (82/163)
 53042 | Depths:1 | Danger: Low HP Warning |T2| Reason: 50% HP (82/163)
 53043 | Depths:1 | Danger: Low HP Warning |T2| Reason: 50% HP (83/163)
 53044 | Depths:1 | Danger: Low HP Warning |T2| Reason: 50% HP (83/163)
 53045 | Depths:1 | Danger: Low HP Warning |T2| Reason: 51% HP (84/163)
 53046 | Depths:1 | Danger: Low HP Warning |T2| Reason: 51% HP (84/163)
 53047 | Depths:1 | Danger: Low HP Warning |T2| Reason: 52% HP (85/163)
 53048 | Depths:1 | Danger: Low HP Warning |T2| Reason: 52% HP (85/163)
 53049 | Depths:1 | Danger: Low HP Warning |T2| Reason: 52% HP (86/163)
 53050 | Depths:1 | Danger: Low HP Warning |T2| Reason: 52% HP (86/163)
 53052 | Depths:1 | Danger: Low HP Warning |T2| Reason: 53% HP (87/163)
 53053 | Depths:1 | Danger: Low HP Warning |T2| Reason: 53% HP (87/163)
 53054 | Depths:1 | Danger: Low HP Warning |T2| Reason: 53% HP (88/163)
 53056 | Depths:1 | Danger: Low HP Warning |T2| Reason: 53% HP (88/163)
 53059 | Depths:1 | Danger: Low HP Warning |T2| Reason: 54% HP (89/163)
 53060 | Depths:1 | Danger: Low HP Warning |T2| Reason: 54% HP (89/163)
 53061 | Depths:1 | Danger: Low HP Warning |T2| Reason: 54% HP (90/164)
 53062 | Depths:1 | Danger: Low HP Warning |T2| Reason: 54% HP (90/164)
 53063 | Depths:1 | Danger: Low HP Warning |T2| Reason: 54% HP (90/164)
 53064 | Depths:1 | Danger: Low HP Warning |T2| Reason: 54% HP (90/164)
 53065 | Depths:1 | Danger: Low HP Warning |T2| Reason: 55% HP (91/164)
 53066 | Depths:1 | Danger: Low HP Warning |T2| Reason: 55% HP (91/164)
 53067 | Depths:1 | Danger: Low HP Warning |T2| Reason: 55% HP (91/164)
 53068 | Depths:1 | Danger: Low HP Warning |T2| Reason: 56% HP (92/164)
 53069 | Depths:1 | Danger: Low HP Warning |T2| Reason: 28% HP (47/164)
 53070 | Depths:1 | Danger: Low HP Warning |T2| Reason: 28% HP (47/164)
 53071 | Depths:1 | Danger: Low HP Warning |T2| Reason: 29% HP (48/165)
 53072 | Depths:1 | Danger: Low HP Warning |T2| Reason: 29% HP (48/165)
 53073 | Depths:1 | Danger: Low HP Warning |T2| Reason: 29% HP (48/165)
 53074 | Depths:1 | Danger: Low HP Warning |T2| Reason: 29% HP (49/165)
 53075 | Depths:1 | Danger: Low HP Warning |T2| Reason: 29% HP (49/165)
 53076 | Depths:1 | Danger: Low HP Warning |T2| Reason: 29% HP (49/165)
 53077 | Depths:1 | Danger: Low HP Warning |T2| Reason: 30% HP (50/166)
 53146 | Depths:1 | Danger: Low HP Warning |T2| Reason: 34% HP (58/166)
 53147 | Depths:1 | Danger: Low HP Warning |T2| Reason: 34% HP (58/166)
 53148 | Depths:1 | Danger: Low HP Warning |T2| Reason: 35% HP (59/166)
 53149 | Depths:1 | Danger: Low HP Warning |T2| Reason: 35% HP (59/166)
 53150 | Depths:1 | Danger: Low HP Warning |T2| Reason: 36% HP (60/166)
 53151 | Depths:1 | Danger: Low HP Warning |T2| Reason: 36% HP (60/166)
 53152 | Depths:1 | Danger: Low HP Warning |T2| Reason: 36% HP (61/166)
 53153 | Depths:1 | Danger: Low HP Warning |T2| Reason: 36% HP (61/166)
 53154 | Depths:1 | Danger: Low HP Warning |T2| Reason: 36% HP (61/166)
 53155 | Depths:1 | Danger: Low HP Warning |T2| Reason: 36% HP (61/166)
 53156 | Depths:1 | Danger: Low HP Warning |T2| Reason: 37% HP (62/166)
 53157 | Depths:1 | Danger: Low HP Warning |T2| Reason: 37% HP (62/166)
 53158 | Depths:1 | Danger: Low HP Warning |T2| Reason: 37% HP (62/166)
 53159 | Depths:1 | Danger: Low HP Warning |T2| Reason: 37% HP (63/166)
 53160 | Depths:1 | Danger: Low HP Warning |T2| Reason: 37% HP (63/166)
 53399 | Depths:1 | Found a corrupted altar of Lugonu.
 53465 | Depths:1 | Danger: the Enchantress |T2| Reason: Slow and low Will,
                  | careful
 53465 | Depths:1 | Danger: the Enchantress |T2| Reason: Unique monster,
                  | careful!
 53466 | Depths:1 | Danger: spriggan air mage |T2| Reason: Lightning Bolt and
                  | no rElec
 53466 | Depths:1 | Danger: spriggan air mage |T2| Reason: Lightning Bolt and
                  | no rElec
 53466 | Depths:1 | Danger: spriggan defender |T2| Reason: OOD monster,
                  | careful!
 53611 | Depths:1 | Danger: spriggan defender |T2| Reason: OOD monster,
                  | careful!
 53612 | Depths:1 | Danger: the Enchantress |T2| Reason: Slow and low Will,
                  | careful
 53612 | Depths:1 | Danger: the Enchantress |T2| Reason: Unique monster,
                  | careful!
 53612 | Depths:1 | Danger: spriggan air mage |T2| Reason: Lightning Bolt and
                  | no rElec
 53613 | Depths:1 | Danger: spriggan air mage |T2| Reason: Lightning Bolt and
                  | no rElec
 53625 | Depths:1 | Danger: Low HP Warning |T2| Reason: 57% HP (96/168)
 53626 | Depths:1 | Danger: Low HP Warning |T2| Reason: 56% HP (96/169)
 53627 | Depths:1 | Danger: Low HP Warning |T2| Reason: 57% HP (97/169)
 53628 | Depths:1 | Danger: Low HP Warning |T2| Reason: 57% HP (97/169)
 53629 | Depths:1 | Danger: Low HP Warning |T2| Reason: 57% HP (97/169)
 53630 | Depths:1 | Danger: Low HP Warning |T2| Reason: 57% HP (97/169)
 53631 | Depths:1 | Danger: Low HP Warning |T2| Reason: 57% HP (97/169)
 53632 | Depths:1 | Danger: Low HP Warning |T2| Reason: 57% HP (98/169)
 53633 | Depths:1 | Danger: Low HP Warning |T2| Reason: 57% HP (98/169)
 53634 | Depths:1 | Danger: Low HP Warning |T2| Reason: 57% HP (98/169)
 53635 | Depths:1 | Danger: Low HP Warning |T2| Reason: 57% HP (98/169)
 53636 | Depths:1 | Danger: Low HP Warning |T2| Reason: 57% HP (98/169)
 53637 | Depths:1 | Danger: Low HP Warning |T2| Reason: 58% HP (99/169)
 53638 | Depths:1 | Danger: Low HP Warning |T2| Reason: 58% HP (99/169)
 53638 | Depths:1 | Killed the Enchantress
 53639 | Depths:1 | Danger: Low HP Warning |T2| Reason: 57% HP (99/171)
 53640 | Depths:1 | Danger: Low HP Warning |T2| Reason: 57% HP (99/172)
 53641 | Depths:1 | Danger: Low HP Warning |T2| Reason: 57% HP (99/172)
 53642 | Depths:1 | Danger: Low HP Warning |T2| Reason: 58% HP (100/172)
 53809 | Depths:1 | Noticed Bai Suzhen
 53810 | Depths:1 | Danger: Bai Suzhen |T2| Reason: Unique monster, careful!
 53813 | Depths:1 | Danger: Bai Suzhen |T2| Reason: Unique monster, careful!
 53814 | Depths:1 | Danger: stone giant |T2| Reason: Quivering large rocks,
                  | watch out!!
 53828 | Depths:1 | Killed Bai Suzhen
 53829 | Depths:1 | Danger: Low HP Warning |T2| Reason: 60% HP (105/175)
 53830 | Depths:1 | Danger: Low HP Warning |T2| Reason: 60% HP (106/175)
 53831 | Depths:1 | Danger: Low HP Warning |T2| Reason: 60% HP (106/175)
 53987 | Depths:1 | Danger: frost giant |T2| Reason: Bolt of Cold and no rC
 54023 | Depths:1 | Found a one-way gateway to a ziggurat.
 54151 | Depths:1 | Danger: fire dragon |T2| Reason: Fire Breath and not rF+,
                  | careful
 54404 | Depths:1 | Found a one-way gate leading to the halls of Pandemonium.
 54405 | Depths:1 | Danger: balrug |T2| Reason: Fireball and not rF+, careful
 54405 | Depths:1 | Danger: balrug |T2| Reason: Bolt of Fire and not rF+,
                  | careful
 54415 | Depths:1 | Danger: Low HP Warning |T2| Reason: 59% HP (107/179)
 54416 | Depths:1 | Danger: Low HP Warning |T2| Reason: 45% HP (81/179)
 54417 | Depths:1 | Danger: Low HP Warning |T2| Reason: 45% HP (82/179)
 54418 | Depths:1 | Danger: Low HP Warning |T2| Reason: 45% HP (82/180)
 54419 | Depths:1 | Danger: Low HP Warning |T2| Reason: 45% HP (82/180)
 54420 | Depths:1 | Danger: Low HP Warning |T2| Reason: 46% HP (83/180)
 54421 | Depths:1 | Danger: Low HP Warning |T2| Reason: 46% HP (83/180)
 54676 | Depths:2 | Danger: vampire knight |T3| Reason: Paralyse and low Will
 54677 | Depths:2 | Danger: vampire knight |T3| Reason: Paralyse and low Will
 54678 | Depths:2 | Danger: vampire knight |T3| Reason: Paralyse and low Will
 54679 | Depths:2 | Danger: vampire knight |T3| Reason: Paralyse and low Will
 54680 | Depths:2 | Danger: vampire knight |T3| Reason: Paralyse and low Will
 54681 | Depths:2 | Danger: vampire knight |T3| Reason: Paralyse and low Will
 54683 | Depths:2 | Danger: Low HP Warning |T2| Reason: 40% HP (72/180)
 54684 | Depths:2 | Danger: Low HP Warning |T2| Reason: 40% HP (73/180)
 54686 | Depths:1 | Danger: Low HP Warning |T2| Reason: 41% HP (74/180)
 54687 | Depths:1 | Danger: Low HP Warning |T2| Reason: 41% HP (74/180)
 54688 | Depths:1 | Danger: Low HP Warning |T2| Reason: 41% HP (75/180)
 54689 | Depths:1 | Danger: Low HP Warning |T2| Reason: 41% HP (75/180)
 54690 | Depths:1 | Danger: Low HP Warning |T2| Reason: 41% HP (75/180)
 54691 | Depths:1 | Danger: Low HP Warning |T2| Reason: 42% HP (76/180)
 54692 | Depths:1 | Danger: Low HP Warning |T2| Reason: 42% HP (76/180)
 54693 | Depths:1 | Danger: Low HP Warning |T2| Reason: 42% HP (76/180)
 54903 | Depths:2 | Danger: vampire knight |T3| Reason: Paralyse and low Will
 54903 | Depths:2 | Danger: stone giant |T2| Reason: Quivering large rocks,
                  | watch out!!
 54904 | Depths:2 | Danger: vampire knight |T3| Reason: Paralyse and low Will
 54919 | Depths:2 | Danger: stone giant |T2| Reason: Quivering large rocks,
                  | watch out!!
 55076 | Depths:2 | Danger: vampire knight |T3| Reason: Paralyse and low Will
 55076 | Depths:2 | Danger: stone giant |T2| Reason: Quivering large rocks,
                  | watch out!!
 55077 | Depths:2 | Danger: vampire knight |T3| Reason: Paralyse and low Will
 55078 | Depths:2 | Danger: vampire knight |T3| Reason: Paralyse and low Will
 55079 | Depths:2 | Danger: vampire knight |T3| Reason: Paralyse and low Will
 55080 | Depths:2 | Danger: vampire knight |T3| Reason: Paralyse and low Will
 55081 | Depths:2 | Danger: vampire knight |T3| Reason: Paralyse and low Will
 55082 | Depths:2 | Danger: vampire knight |T3| Reason: Paralyse and low Will
 55083 | Depths:2 | Danger: vampire knight |T3| Reason: Paralyse and low Will
 55084 | Depths:2 | Danger: vampire knight |T3| Reason: Paralyse and low Will
 55085 | Depths:2 | Danger: vampire knight |T3| Reason: Paralyse and low Will
 55086 | Depths:2 | Danger: vampire knight |T3| Reason: Paralyse and low Will
 55087 | Depths:2 | Danger: vampire knight |T3| Reason: Paralyse and low Will
 55088 | Depths:2 | Danger: vampire knight |T3| Reason: Paralyse and low Will
 55089 | Depths:2 | Danger: vampire knight |T3| Reason: Paralyse and low Will
 55090 | Depths:2 | Danger: vampire knight |T3| Reason: Paralyse and low Will
 55228 | Depths:2 | Danger: wizard |T3| Reason: Banishment and low Will
 55228 | Depths:2 | Danger: wizard |T2| Reason: Fireball and not rF+, careful
 55229 | Depths:2 | Danger: wizard |T3| Reason: Banishment and low Will
 55242 | Depths:2 | Danger: ice dragon |T2| Reason: Cold Breath and no rC
 55250 | Depths:2 | Danger: tengu conjurer |T2| Reason: Lightning Bolt and no
                  | rElec
 55254 | Depths:2 | Danger: frost giant |T2| Reason: Bolt of Cold and no rC
 55255 | Depths:2 | Danger: tengu conjurer |T2| Reason: Lightning Bolt and no
                  | rElec
 55260 | Depths:2 | Danger: ice dragon |T2| Reason: Cold Breath and no rC
 55284 | Depths:2 | Danger: hell knight |T2| Reason: Bolt of Fire and not rF+,
                  | careful
 55289 | Depths:2 | Danger: hell knight |T2| Reason: Bolt of Fire and not rF+,
                  | careful
 55291 | Depths:2 | Danger: hell knight |T2| Reason: Bolt of Fire and not rF+,
                  | careful
 55291 | Depths:2 | Danger: hell knight |T2| Reason: Bolt of Fire and not rF+,
                  | careful
 55297 | Depths:2 | Danger: hell knight |T2| Reason: Bolt of Fire and not rF+,
                  | careful
 55297 | Depths:2 | Danger: hell knight simulacrum |T2| Reason: simulacrum and
                  | no rC, careful
 55300 | Depths:2 | Danger: hell knight |T2| Reason: Bolt of Fire and not rF+,
                  | careful
 55305 | Depths:2 | Danger: hell knight simulacrum |T2| Reason: simulacrum and
                  | no rC, careful
 55318 | Depths:2 | Danger: hell knight simulacrum |T2| Reason: simulacrum and
                  | no rC, careful
 55321 | Depths:2 | Danger: hell knight simulacrum |T2| Reason: simulacrum and
                  | no rC, careful
 55451 | Depths:2 | Danger: ice dragon |T2| Reason: Cold Breath and no rC
 55454 | Depths:2 | Danger: fire giant |T2| Reason: Fireball and not rF+,
                  | careful
 55454 | Depths:2 | Danger: fire giant |T2| Reason: Bolt of Fire and not rF+,
                  | careful
 55456 | Depths:2 | Danger: ice dragon |T2| Reason: Cold Breath and no rC
 55457 | Depths:2 | Danger: floating eye |T3| Reason: Irresistible Paralysis
                  | Gaze (pierces LOF) is charging!
 55457 | Depths:2 | Danger: tengu conjurer |T2| Reason: Lightning Bolt and no
                  | rElec
 55458 | Depths:2 | Danger: floating eye |T3| Reason: Irresistible Paralysis
                  | Gaze (pierces LOF) is charging!
 55459 | Depths:2 | Danger: floating eye |T3| Reason: Irresistible Paralysis
                  | Gaze (pierces LOF) is charging!
 55460 | Depths:2 | Danger: floating eye |T3| Reason: Irresistible Paralysis
                  | Gaze (pierces LOF) is charging!
 55461 | Depths:2 | Danger: floating eye |T3| Reason: Irresistible Paralysis
                  | Gaze (pierces LOF) is charging!
 55462 | Depths:2 | Danger: floating eye |T3| Reason: Irresistible Paralysis
                  | Gaze (pierces LOF) is charging!
 55463 | Depths:2 | Danger: floating eye |T3| Reason: Irresistible Paralysis
                  | Gaze (pierces LOF) is charging!
 55464 | Depths:2 | Danger: floating eye |T3| Reason: Irresistible Paralysis
                  | Gaze (pierces LOF) is charging!
 55482 | Depths:2 | Danger: fire dragon |T2| Reason: Fire Breath and not rF+,
                  | careful
 55519 | Depths:2 | Identified the +0 flail of Wounding {holy, Will+ Str+5
                  | SInv}
 55716 | Depths:2 | Danger: ice dragon |T2| Reason: Cold Breath and no rC
 55721 | Depths:2 | Danger: fire giant |T2| Reason: Fireball and not rF+,
                  | careful
 55721 | Depths:2 | Danger: fire giant |T2| Reason: Bolt of Fire and not rF+,
                  | careful
 55724 | Depths:2 | Danger: ice dragon |T2| Reason: Cold Breath and no rC
 56128 | Depths:2 | Danger: blizzard demon |T2| Reason: Lightning Bolt and no
                  | rElec
 56128 | Depths:2 | Danger: blizzard demon |T2| Reason: Bolt of Cold and no rC
 56841 | Depths:3 | Danger: tengu reaver |T2| Reason: Lightning Bolt and no
                  | rElec
 56841 | Depths:3 | Danger: tengu reaver |T2| Reason: Bolt of Cold and no rC
 56841 | Depths:3 | Danger: tengu reaver |T2| Reason: Bolt of Fire and not rF+,
                  | careful
 57106 | Depths:3 | Danger: ice dragon |T2| Reason: Cold Breath and no rC
 57146 | Depths:3 | Danger: fire dragon |T2| Reason: Fire Breath and not rF+,
                  | careful
 57151 | Depths:3 | Danger: frost giant |T2| Reason: Bolt of Cold and no rC
 57151 | Depths:3 | Noticed a golden dragon
 57153 | Depths:3 | Danger: golden dragon |T2| Reason: OOD monster, careful!
 57153 | Depths:3 | Danger: golden dragon |T2| Reason: Bolt of Cold and no rC
 57153 | Depths:3 | Danger: golden dragon |T2| Reason: Bolt of Fire and not
                  | rF+, careful
 57156 | Depths:3 | Danger: frost giant |T2| Reason: Bolt of Cold and no rC
 57159 | Depths:3 | Danger: frost giant |T2| Reason: Bolt of Cold and no rC
 57162 | Depths:3 | Danger: fire dragon |T2| Reason: Fire Breath and not rF+,
                  | careful
 57162 | Depths:3 | Danger: frost giant |T2| Reason: Bolt of Cold and no rC
 57162 | Depths:3 | Killed a golden dragon
 57163 | Depths:3 | Reached skill level 15 in Evocations
 57164 | Depths:3 | Danger: frost giant |T2| Reason: Bolt of Cold and no rC
 57164 | Depths:3 | Danger: frost giant |T2| Reason: Bolt of Cold and no rC
 57167 | Depths:3 | Danger: titan |T2| Reason: OOD monster, careful!
 57167 | Depths:3 | Danger: titan |T2| Reason: Lightning Bolt and no rElec
 57168 | Depths:3 | Danger: fire giant |T2| Reason: Fireball and not rF+,
                  | careful
 57168 | Depths:3 | Danger: fire giant |T2| Reason: Bolt of Fire and not rF+,
                  | careful
 57168 | Depths:3 | Danger: Low HP Warning |T2| Reason: 60% HP (109/180)
 57169 | Depths:3 | Danger: Low HP Warning |T2| Reason: 60% HP (109/180)
 57170 | Depths:3 | Danger: Low HP Warning |T2| Reason: 58% HP (106/180)
 57171 | Depths:3 | Danger: Low HP Warning |T2| Reason: 59% HP (107/180)
 57172 | Depths:3 | Danger: fire giant |T2| Reason: Fireball and not rF+,
                  | careful
 57172 | Depths:3 | Danger: fire giant |T2| Reason: Bolt of Fire and not rF+,
                  | careful
 57172 | Depths:3 | Danger: Low HP Warning |T2| Reason: 53% HP (97/180)
 57173 | Depths:3 | Danger: Low HP Warning |T2| Reason: 54% HP (98/180)
 57174 | Depths:3 | Danger: Low HP Warning |T2| Reason: 54% HP (98/180)
 57175 | Depths:3 | Danger: stone giant |T2| Reason: Quivering large rocks,
                  | watch out!!
 57175 | Depths:3 | Danger: stone giant |T2| Reason: Quivering large rocks,
                  | watch out!!
 57175 | Depths:3 | Danger: Low HP Warning |T2| Reason: 55% HP (99/180)
 57176 | Depths:3 | Danger: Low HP Warning |T2| Reason: 55% HP (99/180)
 57177 | Depths:3 | Danger: fire giant |T3| Reason: IMMINENT DEATH: Bolt of
                  | Fire deals 75 damage, you have 70 HP!!
 57177 | Depths:3 | Danger: fire giant |T3| Reason: IMMINENT DEATH: Fireball
                  | deals 78 damage, you have 70 HP!!
 57177 | Depths:3 | Danger: Low HP Warning |T2| Reason: 38% HP (70/180)
 57178 | Depths:3 | Danger: titan |T3| Reason: IMMINENT DEATH: Lightning Bolt
                  | deals 66 damage, you have 35 HP!!
 57178 | Depths:3 | Danger: deep troll earth mage |T3| Reason: IMMINENT DEATH:
                  | Lee's Rapid Deconstruction deals 54 damage, you have 35
                  | HP!!
 57178 | Depths:3 | Danger: fire giant |T3| Reason: IMMINENT DEATH: Bolt of
                  | Fire deals 75 damage, you have 35 HP!!
 57178 | Depths:3 | Danger: fire giant |T3| Reason: IMMINENT DEATH: Fireball
                  | deals 78 damage, you have 35 HP!!
 57178 | Depths:3 | Danger: Low HP Warning |T3| Reason: 19% HP (35/180)
 57180 | Depths:3 | Danger: stone giant |T2| Reason: Quivering large rocks,
                  | watch out!!
 57180 | Depths:3 | Danger: Low HP Warning |T2| Reason: 34% HP (62/180)
 57181 | Depths:3 | Danger: Low HP Warning |T2| Reason: 34% HP (62/180)
 57632 | Depths:3 | Danger: shadow dragon |T2| Reason: OOD monster, careful!
 57636 | Depths:3 | Danger: shadow dragon |T2| Reason: OOD monster, careful!
 57785 | Depths:3 | Danger: stone giant |T2| Reason: Quivering large rocks,
                  | watch out!!
 57879 | Depths:3 | Danger: fire giant |T2| Reason: Fireball and not rF+,
                  | careful
 57879 | Depths:3 | Danger: fire giant |T2| Reason: Bolt of Fire and not rF+,
                  | careful
 57948 | Depths:3 | Danger: shadow dragon |T2| Reason: OOD monster, careful!
 58078 | Depths:3 | Danger: vampire knight |T3| Reason: Paralyse and low Will
 58079 | Depths:3 | Danger: vampire knight |T3| Reason: Paralyse and low Will
 58080 | Depths:3 | Danger: vampire knight |T3| Reason: Paralyse and low Will
 58081 | Depths:3 | Danger: vampire knight |T3| Reason: Paralyse and low Will
 58082 | Depths:3 | Danger: vampire knight |T3| Reason: Paralyse and low Will
 58084 | Depths:3 | Danger: vampire knight |T3| Reason: Paralyse and low Will
 58130 | Depths:4 | Entered Level 4 of the Depths
 58131 | Depths:4 | Danger: hell knight |T2| Reason: Bolt of Fire and not rF+,
                  | careful
 58131 | Depths:4 | Danger: hell knight |T2| Reason: Bolt of Fire and not rF+,
                  | careful
 58131 | Depths:4 | Danger: hell knight |T2| Reason: Bolt of Fire and not rF+,
                  | careful
 58131 | Depths:4 | Danger: hell knight |T2| Reason: Bolt of Fire and not rF+,
                  | careful
 58131 | Depths:4 | Danger: hell knight |T2| Reason: Bolt of Fire and not rF+,
                  | careful
 58131 | Depths:4 | Danger: hell knight |T2| Reason: Bolt of Fire and not rF+,
                  | careful
 58132 | Depths:4 | Danger: hell knight |T2| Reason: Bolt of Fire and not rF+,
                  | careful
 58132 | Depths:4 | Danger: hell knight |T2| Reason: Bolt of Fire and not rF+,
                  | careful
 58137 | Depths:4 | Danger: fire dragon |T2| Reason: Fire Breath and not rF+,
                  | careful
 58149 | Depths:4 | Danger: stone giant |T2| Reason: Quivering large rocks,
                  | watch out!!
 58150 | Depths:4 | Danger: Low HP Warning |T2| Reason: 46% HP (83/180)
 58151 | Depths:4 | Danger: Low HP Warning |T2| Reason: 46% HP (83/180)
 58152 | Depths:4 | Danger: Low HP Warning |T2| Reason: 46% HP (83/180)
 58153 | Depths:4 | Danger: Low HP Warning |T2| Reason: 46% HP (84/180)
 58154 | Depths:4 | Danger: Low HP Warning |T2| Reason: 46% HP (84/180)
 58155 | Depths:4 | Danger: Low HP Warning |T2| Reason: 46% HP (84/180)
 58156 | Depths:4 | Danger: Low HP Warning |T2| Reason: 47% HP (85/180)
 58157 | Depths:4 | Danger: Low HP Warning |T2| Reason: 47% HP (85/180)
 58158 | Depths:4 | Danger: Low HP Warning |T2| Reason: 47% HP (86/180)
 58159 | Depths:4 | Danger: Low HP Warning |T2| Reason: 47% HP (86/180)
 58160 | Depths:4 | Danger: Low HP Warning |T2| Reason: 41% HP (74/180)
 58161 | Depths:4 | Danger: Low HP Warning |T2| Reason: 41% HP (74/180)
 58162 | Depths:4 | Danger: Low HP Warning |T2| Reason: 41% HP (75/180)
 58163 | Depths:4 | Danger: Low HP Warning |T2| Reason: 41% HP (75/180)
 58164 | Depths:4 | Danger: Low HP Warning |T2| Reason: 41% HP (75/180)
 58165 | Depths:4 | Danger: Low HP Warning |T2| Reason: 42% HP (76/180)
 58166 | Depths:4 | Danger: Low HP Warning |T2| Reason: 42% HP (76/180)
 58167 | Depths:4 | Danger: Low HP Warning |T2| Reason: 42% HP (77/180)
 58168 | Depths:4 | Danger: Low HP Warning |T2| Reason: 42% HP (77/180)
 58458 | Snake:1  | Bought the ring of the Tortoise {AC+8} for 1536 gold pieces
 58458 | Snake:1  | Found the ring of the Tortoise {AC+8}
 58469 | Snake:1  | Bought a runed double sword for 360 gold pieces
 58927 | Depths:4 | Danger: lich |T2| Reason: Slow and low Will, careful
 58927 | Depths:4 | Danger: lich |T2| Reason: Bolt of Cold and no rC
 58927 | Depths:4 | Danger: lich |T2| Reason: Orb of Destruction deals more
                  | than 50% MHP!
 59062 | Depths:4 | Reached XP level 22. HP: 128/188 MP: 28/28
 59067 | Depths:4 | Danger: fire dragon |T2| Reason: Fire Breath and not rF+,
                  | careful
 59073 | Depths:4 | Danger: fire dragon |T2| Reason: Fire Breath and not rF+,
                  | careful
 59237 | Depths:4 | Danger: vampire knight |T3| Reason: Paralyse and low Will
 59238 | Depths:4 | Danger: vampire knight |T3| Reason: Paralyse and low Will
 59239 | Depths:4 | Danger: vampire knight |T3| Reason: Paralyse and low Will
 59241 | Depths:4 | Danger: vampire knight |T3| Reason: Paralyse and low Will
 59243 | Depths:4 | Danger: vampire knight |T3| Reason: Paralyse and low Will
 59245 | Depths:4 | Danger: vampire knight |T3| Reason: Paralyse and low Will
 59393 | Depths:4 | Noticed Boris
 59394 | Depths:4 | Danger: Boris |T2| Reason: Unique monster, careful!
 59394 | Depths:4 | Danger: Boris |T2| Reason: Bolt of Cold and no rC
 59394 | Depths:4 | Danger: Boris |T2| Reason: Bolt of Cold deals more than 50%
                  | MHP!
 59394 | Depths:4 | Danger: Boris |T2| Reason: Iron Shot deals more than 50%
                  | MHP!
 59394 | Depths:4 | Danger: Boris |T2| Reason: Orb of Destruction deals more
                  | than 50% MHP!
 59399 | Depths:4 | Danger: Boris |T2| Reason: Unique monster, careful!
 59399 | Depths:4 | Danger: Boris |T2| Reason: Bolt of Cold and no rC
 59399 | Depths:4 | Danger: Boris |T2| Reason: Bolt of Cold deals more than 50%
                  | MHP!
 59399 | Depths:4 | Danger: Boris |T2| Reason: Iron Shot deals more than 50%
                  | MHP!
 59399 | Depths:4 | Danger: Boris |T2| Reason: Orb of Destruction deals more
                  | than 50% MHP!
 59402 | Depths:4 | Danger: Boris |T3| Reason: IMMINENT DEATH: Orb of
                  | Destruction deals 171 damage, you have 138 HP!!
 59403 | Depths:4 | Danger: Boris |T3| Reason: IMMINENT DEATH: Bolt of Cold
                  | deals 96 damage, you have 92 HP!!
 59403 | Depths:4 | Danger: Boris |T3| Reason: IMMINENT DEATH: Iron Shot deals
                  | 111 damage, you have 92 HP!!
 59403 | Depths:4 | Danger: Boris |T3| Reason: IMMINENT DEATH: Orb of
                  | Destruction deals 171 damage, you have 92 HP!!
 59403 | Depths:4 | Danger: Low HP Warning |T2| Reason: 48% HP (92/188)
 59404 | Depths:4 | Danger: Boris |T3| Reason: IMMINENT DEATH: Bolt of Cold
                  | deals 96 damage, you have 87 HP!!
 59404 | Depths:4 | Danger: Boris |T3| Reason: IMMINENT DEATH: Iron Shot deals
                  | 111 damage, you have 87 HP!!
 59404 | Depths:4 | Danger: Boris |T3| Reason: IMMINENT DEATH: Orb of
                  | Destruction deals 171 damage, you have 87 HP!!
 59404 | Depths:4 | Danger: Low HP Warning |T2| Reason: 46% HP (87/188)
 59405 | Depths:4 | Danger: Boris |T3| Reason: IMMINENT DEATH: Bolt of Cold
                  | deals 96 damage, you have 87 HP!!
 59405 | Depths:4 | Danger: Boris |T3| Reason: IMMINENT DEATH: Iron Shot deals
                  | 111 damage, you have 87 HP!!
 59405 | Depths:4 | Danger: Boris |T3| Reason: IMMINENT DEATH: Orb of
                  | Destruction deals 171 damage, you have 87 HP!!
 59405 | Depths:4 | Danger: Low HP Warning |T2| Reason: 46% HP (87/188)
 59406 | Depths:4 | Danger: Boris |T3| Reason: IMMINENT DEATH: Bolt of Cold
                  | deals 96 damage, you have 87 HP!!
 59406 | Depths:4 | Danger: Boris |T3| Reason: IMMINENT DEATH: Iron Shot deals
                  | 111 damage, you have 87 HP!!
 59406 | Depths:4 | Danger: Boris |T3| Reason: IMMINENT DEATH: Orb of
                  | Destruction deals 171 damage, you have 87 HP!!
 59406 | Depths:4 | Danger: Low HP Warning |T2| Reason: 46% HP (87/188)
 59407 | Depths:4 | Danger: Boris |T3| Reason: IMMINENT DEATH: Iron Shot deals
                  | 111 damage, you have 105 HP!!
 59407 | Depths:4 | Danger: Boris |T3| Reason: IMMINENT DEATH: Orb of
                  | Destruction deals 171 damage, you have 105 HP!!
 59407 | Depths:4 | Danger: Low HP Warning |T2| Reason: 55% HP (105/188)
 59408 | Depths:4 | Danger: Boris |T3| Reason: IMMINENT DEATH: Iron Shot deals
                  | 111 damage, you have 106 HP!!
 59408 | Depths:4 | Danger: Boris |T3| Reason: IMMINENT DEATH: Orb of
                  | Destruction deals 171 damage, you have 106 HP!!
 59408 | Depths:4 | Danger: Low HP Warning |T2| Reason: 56% HP (106/188)
 59409 | Depths:4 | Danger: Boris |T3| Reason: IMMINENT DEATH: Orb of
                  | Destruction deals 171 damage, you have 128 HP!!
 59410 | Depths:4 | Danger: Boris |T3| Reason: IMMINENT DEATH: Orb of
                  | Destruction deals 171 damage, you have 128 HP!!
 59411 | Depths:4 | Danger: Boris |T3| Reason: IMMINENT DEATH: Orb of
                  | Destruction deals 171 damage, you have 128 HP!!
 59412 | Depths:4 | Danger: Boris |T3| Reason: IMMINENT DEATH: Orb of
                  | Destruction deals 171 damage, you have 128 HP!!
 59413 | Depths:4 | Danger: Boris |T3| Reason: IMMINENT DEATH: Orb of
                  | Destruction deals 171 damage, you have 129 HP!!
 59414 | Depths:4 | Danger: Boris |T3| Reason: IMMINENT DEATH: Orb of
                  | Destruction deals 171 damage, you have 129 HP!!
 59415 | Depths:4 | Danger: Boris |T3| Reason: IMMINENT DEATH: Orb of
                  | Destruction deals 171 damage, you have 129 HP!!
 59416 | Depths:4 | Danger: Boris |T3| Reason: IMMINENT DEATH: Orb of
                  | Destruction deals 171 damage, you have 129 HP!!
 59417 | Depths:4 | Danger: Boris |T3| Reason: IMMINENT DEATH: Orb of
                  | Destruction deals 171 damage, you have 130 HP!!
 59418 | Depths:4 | Danger: Boris |T3| Reason: IMMINENT DEATH: Orb of
                  | Destruction deals 171 damage, you have 130 HP!!
 59419 | Depths:4 | Danger: Boris |T3| Reason: IMMINENT DEATH: Orb of
                  | Destruction deals 171 damage, you have 130 HP!!
 59420 | Depths:4 | Danger: Boris |T3| Reason: IMMINENT DEATH: Orb of
                  | Destruction deals 171 damage, you have 130 HP!!
 59420 | Depths:4 | Killed Boris
 59643 | Depths:4 | Danger: spriggan air mage |T2| Reason: Lightning Bolt and
                  | no rElec
 59695 | Depths:4 | Noticed a golden dragon
 59696 | Depths:4 | Danger: deep elf high priest |T3| Reason: Damnation (smite)
                  | in LOS, watch out!
 59696 | Depths:4 | Danger: golden dragon |T2| Reason: OOD monster, careful!
 59696 | Depths:4 | Danger: golden dragon |T2| Reason: Bolt of Cold and no rC
 59696 | Depths:4 | Danger: golden dragon |T2| Reason: Bolt of Fire and not
                  | rF+, careful
 59697 | Depths:4 | Danger: deep elf high priest |T3| Reason: Damnation (smite)
                  | in LOS, watch out!
 59698 | Depths:4 | Danger: deep elf high priest |T3| Reason: Damnation (smite)
                  | in LOS, watch out!
 59699 | Depths:4 | Danger: deep elf high priest |T3| Reason: Damnation (smite)
                  | in LOS, watch out!
 59700 | Depths:4 | Danger: deep elf high priest |T3| Reason: Damnation (smite)
                  | in LOS, watch out!
 59701 | Depths:4 | Danger: deep elf high priest |T3| Reason: Damnation (smite)
                  | in LOS, watch out!
 59709 | Depths:4 | Found a gate to the Realm of Zot.
 59713 | Depths:4 | Killed a golden dragon
 59802 | Depths:4 | Danger: fire dragon |T2| Reason: Fire Breath and not rF+,
                  | careful
 59965 | Depths:4 | Danger: ice dragon |T2| Reason: Cold Breath and no rC
 60018 | Depths:4 | Danger: stone giant |T2| Reason: Quivering large rocks,
                  | watch out!!
 60023 | Depths:4 | Danger: ice dragon |T2| Reason: Cold Breath and no rC
 60238 | Depths:4 | Noticed a golden dragon
 60239 | Depths:4 | Danger: red draconian scorcher |T2| Reason: Fireball and
                  | not rF+, careful
 60239 | Depths:4 | Danger: red draconian scorcher |T2| Reason: Bolt of Fire
                  | and not rF+, careful
 60239 | Depths:4 | Danger: red draconian scorcher |T3| Reason: Bolt of Magma
                  | (irresistible ~3d30+ equivalent) and not rF+++, watch out!
 60239 | Depths:4 | Danger: red draconian scorcher |T2| Reason: Damnation in
                  | LOS, careful!
 60239 | Depths:4 | Danger: red draconian scorcher |T3| Reason: Damnation
                  | (smite) in LOS, watch out!
 60239 | Depths:4 | Danger: golden dragon |T2| Reason: OOD monster, careful!
 60239 | Depths:4 | Danger: golden dragon |T2| Reason: Bolt of Cold and no rC
 60239 | Depths:4 | Danger: golden dragon |T2| Reason: Bolt of Fire and not
                  | rF+, careful
 60239 | Depths:4 | Danger: stone giant |T2| Reason: Quivering large rocks,
                  | watch out!!
 60242 | Depths:4 | Danger: golden dragon |T2| Reason: OOD monster, careful!
 60242 | Depths:4 | Danger: golden dragon |T2| Reason: Bolt of Cold and no rC
 60242 | Depths:4 | Danger: golden dragon |T2| Reason: Bolt of Fire and not
                  | rF+, careful
 60243 | Depths:4 | Danger: stone giant |T2| Reason: Quivering large rocks,
                  | watch out!!
 60245 | Depths:4 | Danger: red draconian scorcher |T2| Reason: Fireball and
                  | not rF+, careful
 60245 | Depths:4 | Danger: red draconian scorcher |T2| Reason: Bolt of Fire
                  | and not rF+, careful
 60245 | Depths:4 | Danger: red draconian scorcher |T3| Reason: Bolt of Magma
                  | (irresistible ~3d30+ equivalent) and not rF+++, watch out!
 60245 | Depths:4 | Danger: red draconian scorcher |T2| Reason: Damnation in
                  | LOS, careful!
 60245 | Depths:4 | Danger: red draconian scorcher |T3| Reason: Damnation
                  | (smite) in LOS, watch out!
 60248 | Depths:4 | Danger: red draconian scorcher |T2| Reason: Fireball and
                  | not rF+, careful
 60248 | Depths:4 | Danger: red draconian scorcher |T2| Reason: Bolt of Fire
                  | and not rF+, careful
 60248 | Depths:4 | Danger: red draconian scorcher |T3| Reason: Bolt of Magma
                  | (irresistible ~3d30+ equivalent) and not rF+++, watch out!
 60248 | Depths:4 | Danger: red draconian scorcher |T2| Reason: Damnation in
                  | LOS, careful!
 60248 | Depths:4 | Danger: red draconian scorcher |T3| Reason: Damnation
                  | (smite) in LOS, watch out!
 60250 | Depths:4 | Danger: red draconian scorcher |T3| Reason: Bolt of Magma
                  | (irresistible ~3d30+ equivalent) and not rF+++, watch out!
 60250 | Depths:4 | Danger: red draconian scorcher |T3| Reason: Damnation
                  | (smite) in LOS, watch out!
 60251 | Depths:4 | Danger: golden dragon |T2| Reason: OOD monster, careful!
 60251 | Depths:4 | Danger: golden dragon |T2| Reason: Bolt of Cold and no rC
 60251 | Depths:4 | Danger: golden dragon |T2| Reason: Bolt of Fire and not
                  | rF+, careful
 60251 | Depths:4 | Danger: red draconian scorcher |T3| Reason: Damnation in
                  | LOF, watch out!
 60251 | Depths:4 | Danger: red draconian scorcher |T3| Reason: Bolt of Magma
                  | (irresistible ~3d30+ equivalent) and not rF+++, watch out!
 60251 | Depths:4 | Danger: red draconian scorcher |T3| Reason: Damnation
                  | (smite) in LOS, watch out!
 60254 | Depths:4 | Danger: red draconian scorcher |T3| Reason: Bolt of Magma
                  | (irresistible ~3d30+ equivalent) and not rF+++, watch out!
 60254 | Depths:4 | Danger: red draconian scorcher |T3| Reason: Damnation in
                  | LOF, watch out!
 60254 | Depths:4 | Danger: red draconian scorcher |T3| Reason: Damnation
                  | (smite) in LOS, watch out!
 60256 | Depths:4 | Danger: golden dragon |T2| Reason: OOD monster, careful!
 60256 | Depths:4 | Danger: golden dragon |T2| Reason: Bolt of Cold and no rC
 60256 | Depths:4 | Danger: golden dragon |T2| Reason: Bolt of Fire and not
                  | rF+, careful
 60259 | Depths:4 | Killed a golden dragon
 60431 | Depths:4 | Danger: frost giant |T2| Reason: Bolt of Cold and no rC
 60435 | Depths:4 | Danger: fire dragon |T2| Reason: Fire Breath and not rF+,
                  | careful
 60513 | Depths:4 | Noticed a golden dragon
 60514 | Depths:4 | Danger: yellow draconian annihilator |T2| Reason: Lightning
                  | Bolt and no rElec
 60514 | Depths:4 | Danger: yellow draconian annihilator |T2| Reason: Lehudib's
                  | Crystal Spear deals more than 50% MHP!
 60514 | Depths:4 | Danger: golden dragon |T2| Reason: OOD monster, careful!
 60514 | Depths:4 | Danger: golden dragon |T2| Reason: Bolt of Cold and no rC
 60514 | Depths:4 | Danger: golden dragon |T2| Reason: Bolt of Fire and not
                  | rF+, careful
 60536 | Depths:4 | Killed a golden dragon
 61028 | Slime:1  | Entered Level 1 of the Pits of Slime
 61155 | Slime:3  | Danger: shining eye |T2| Reason: Malmutator in LOS
 61155 | Slime:3  | Danger: shining eye |T2| Reason: Malmutator in LOF!
 61162 | Slime:3  | Danger: shining eye |T2| Reason: Malmutator in LOS
 61162 | Slime:3  | Danger: shining eye |T2| Reason: Malmutator in LOF!
 61170 | Slime:3  | Danger: shining eye |T2| Reason: Malmutator in LOS
 61170 | Slime:3  | Danger: shining eye |T2| Reason: Malmutator in LOF!
 61173 | Slime:3  | Danger: shining eye |T2| Reason: Malmutator in LOS
 61173 | Slime:3  | Danger: shining eye |T2| Reason: Malmutator in LOF!
 61532 | Slime:1  | Danger: shining eye |T2| Reason: Malmutator in LOS
 61537 | Slime:1  | Danger: shining eye |T2| Reason: Malmutator in LOF!
 61540 | Slime:1  | Danger: shining eye |T2| Reason: Malmutator in LOF!
 61542 | Slime:1  | Danger: shining eye |T2| Reason: Malmutator in LOS
 61836 | Slime:2  | Danger: shining eye |T2| Reason: Malmutator in LOS
 61836 | Slime:2  | Danger: shining eye |T2| Reason: Malmutator in LOF!
 61907 | Slime:2  | Danger: shining eye |T2| Reason: Malmutator in LOS
 61907 | Slime:2  | Danger: shining eye |T2| Reason: Malmutator in LOF!
 61914 | Slime:2  | Danger: Low HP Warning |T2| Reason: 43% HP (81/188)
 61916 | Slime:1  | Danger: Low HP Warning |T2| Reason: 43% HP (82/188)
 61917 | Slime:1  | Danger: Low HP Warning |T2| Reason: 43% HP (82/188)
 61918 | Slime:1  | Danger: Low HP Warning |T2| Reason: 44% HP (83/188)
 61919 | Slime:1  | Danger: Low HP Warning |T2| Reason: 44% HP (83/188)
 61920 | Slime:1  | Danger: Low HP Warning |T2| Reason: 44% HP (84/188)
 61921 | Slime:1  | Danger: Low HP Warning |T2| Reason: 43% HP (82/188)
 61922 | Slime:1  | Danger: Low HP Warning |T2| Reason: 43% HP (81/188)
 62164 | Slime:2  | Danger: shining eye |T2| Reason: Malmutator in LOS
 62164 | Slime:2  | Danger: shining eye |T2| Reason: Malmutator in LOF!
 62262 | Slime:5  | Entered Level 5 of the Pits of Slime
 62267 | Slime:5  | Danger: golden eye |T2| Reason: Confusion Gaze and low Will
 62286 | Slime:5  | Danger: shining eye |T2| Reason: Malmutator in LOS
 62286 | Slime:5  | Danger: shining eye |T2| Reason: Malmutator in LOF!
 62295 | Slime:5  | Reached skill level 5 in Throwing
 62365 | Slime:5  | Danger: golden eye |T2| Reason: Confusion Gaze and low Will
 62365 | Slime:5  | Danger: golden eye |T2| Reason: Confusion Gaze and low Will
 62374 | Slime:5  | Danger: golden eye |T2| Reason: Confusion Gaze and low Will
 62399 | Slime:5  | Danger: great orb of eyes |T3| Reason: Paralyse and low
                  | Will
 62400 | Slime:5  | Danger: great orb of eyes |T3| Reason: Paralyse and low
                  | Will
 62401 | Slime:5  | Danger: great orb of eyes |T3| Reason: Paralyse and low
                  | Will
 62402 | Slime:5  | Danger: great orb of eyes |T3| Reason: Paralyse and low
                  | Will
 62403 | Slime:5  | Danger: great orb of eyes |T3| Reason: Paralyse and low
                  | Will
 62404 | Slime:5  | Danger: great orb of eyes |T3| Reason: Paralyse and low
                  | Will
 62405 | Slime:5  | Danger: great orb of eyes |T3| Reason: Paralyse and low
                  | Will
 62406 | Slime:5  | Danger: great orb of eyes |T3| Reason: Paralyse and low
                  | Will
 62422 | Slime:5  | Found a viscous altar of Jiyva.
 62423 | Slime:5  | Noticed the Royal Jelly
 62423 | Slime:5  | Found the +10 Black Knight's barding {ponderous, rPois rN+}
 62429 | Slime:5  | Danger: Royal Jelly |T2| Reason: Unique monster, careful!
 62431 | Slime:5  | Danger: Royal Jelly |T2| Reason: Unique monster, careful!
 62440 | Slime:5  | Danger: Royal Jelly |T2| Reason: Unique monster, careful!
 62444 | Slime:5  | Danger: Royal Jelly |T2| Reason: Unique monster, careful!
 62455 | Slime:5  | Danger: great orb of eyes |T3| Reason: Paralyse and low
                  | Will
 62456 | Slime:5  | Danger: great orb of eyes |T3| Reason: Paralyse and low
                  | Will
 62458 | Slime:5  | Danger: Royal Jelly |T2| Reason: Unique monster, careful!
 62463 | Slime:5  | Danger: Royal Jelly |T2| Reason: Unique monster, careful!
 62468 | Slime:5  | Killed the Royal Jelly
 62470 | Slime:5  | Danger: shining eye |T2| Reason: Malmutator in LOS
 62479 | Slime:5  | Danger: great orb of eyes |T3| Reason: Paralyse and low
                  | Will
 62480 | Slime:5  | Danger: great orb of eyes |T3| Reason: Paralyse and low
                  | Will
 62481 | Slime:5  | Danger: great orb of eyes |T3| Reason: Paralyse and low
                  | Will
 62482 | Slime:5  | Danger: great orb of eyes |T3| Reason: Paralyse and low
                  | Will
 62483 | Slime:5  | Danger: great orb of eyes |T3| Reason: Paralyse and low
                  | Will
 62484 | Slime:5  | Danger: great orb of eyes |T3| Reason: Paralyse and low
                  | Will
 62485 | Slime:5  | Danger: shining eye |T2| Reason: Malmutator in LOS
 62485 | Slime:5  | Danger: great orb of eyes |T3| Reason: Paralyse and low
                  | Will
 62486 | Slime:5  | Danger: great orb of eyes |T3| Reason: Paralyse and low
                  | Will
 62487 | Slime:5  | Danger: great orb of eyes |T3| Reason: Paralyse and low
                  | Will
 62488 | Slime:5  | Danger: great orb of eyes |T3| Reason: Paralyse and low
                  | Will
 62491 | Slime:5  | Danger: shining eye |T2| Reason: Malmutator in LOS
 62492 | Slime:5  | Danger: shining eye |T2| Reason: Malmutator in LOS
 62495 | Slime:5  | Danger: Low HP Warning |T2| Reason: 51% HP (96/188)
 62496 | Slime:5  | Danger: Low HP Warning |T2| Reason: 50% HP (95/188)
 62497 | Slime:5  | Danger: shining eye |T2| Reason: Malmutator in LOS
 62497 | Slime:5  | Danger: Low HP Warning |T2| Reason: 51% HP (96/188)
 62498 | Slime:5  | Danger: Low HP Warning |T2| Reason: 51% HP (96/188)
 62499 | Slime:5  | Danger: Low HP Warning |T2| Reason: 51% HP (97/188)
 62500 | Slime:5  | Danger: Low HP Warning |T2| Reason: 51% HP (97/188)
 62501 | Slime:5  | Danger: Low HP Warning |T2| Reason: 51% HP (96/188)
 62502 | Slime:5  | Danger: Low HP Warning |T2| Reason: 47% HP (90/188)
 62503 | Slime:5  | Danger: Low HP Warning |T2| Reason: 48% HP (91/188)
 62504 | Slime:5  | Danger: shining eye |T2| Reason: Malmutator in LOS
 62504 | Slime:5  | Danger: shining eye |T2| Reason: Malmutator in LOF!
 62504 | Slime:5  | Danger: Low HP Warning |T2| Reason: 48% HP (91/188)
 62536 | Slime:5  | Found the +10 zealot's sword {holy, Zealotry, *Rage rN+
                  | EV+3}
 62542 | Slime:5  | Identified the amulet "Yfruumpua" {Spirit rElec rF+ Int+3
                  | Slay+3}
 62559 | Slime:5  | Got the Folio of the Gaseous Boggart
 62562 | Slime:5  | Identified the +5 triple sword of Judgement {flame, rF++
                  | Str+3}
 62591 | Slime:5  | Identified the +1 mace "Dustrul" {speed, rF- rN+ rCorr
                  | SInv}
 62593 | Slime:5  | Got the Secrets of Anathema
 62612 | Slime:5  | Identified the amulet "Tyorror" {RegenMP Will+ Int+2}
 62625 | Slime:5  | Got a slimy rune of Zot
 62650 | Slime:5  | Got the Folio of the Comburant Gathering
 62661 | Slime:5  | Identified the +6 rapier "Arbiter" {freeze, rF+ Dex+2}
 63110 | Zot:1    | Entered Level 1 of the Realm of Zot
 63186 | Zot:1    | Danger: yellow draconian annihilator |T2| Reason: Lehudib's
                  | Crystal Spear deals more than 50% MHP!
 63188 | Zot:1    | Danger: yellow draconian annihilator |T2| Reason: Lehudib's
                  | Crystal Spear deals more than 50% MHP!
 63188 | Zot:1    | Danger: yellow draconian annihilator |T2| Reason: Lehudib's
                  | Crystal Spear deals more than 50% MHP!
 63189 | Zot:1    | Danger: red draconian scorcher |T3| Reason: Bolt of Magma
                  | (irresistible ~3d30+ equivalent) and not rF+++, watch out!
 63189 | Zot:1    | Danger: red draconian scorcher |T2| Reason: Damnation in
                  | LOS, careful!
 63189 | Zot:1    | Danger: red draconian scorcher |T3| Reason: Damnation
                  | (smite) in LOS, watch out!
 63190 | Zot:1    | Danger: red draconian scorcher |T3| Reason: Damnation in
                  | LOF, watch out!
 63190 | Zot:1    | Danger: red draconian scorcher |T3| Reason: Bolt of Magma
                  | (irresistible ~3d30+ equivalent) and not rF+++, watch out!
 63190 | Zot:1    | Danger: red draconian scorcher |T3| Reason: Damnation
                  | (smite) in LOS, watch out!
 63191 | Zot:1    | Danger: red draconian scorcher |T3| Reason: Bolt of Magma
                  | (irresistible ~3d30+ equivalent) and not rF+++, watch out!
 63191 | Zot:1    | Danger: red draconian scorcher |T3| Reason: Damnation in
                  | LOF, watch out!
 63191 | Zot:1    | Danger: red draconian scorcher |T3| Reason: Damnation
                  | (smite) in LOS, watch out!
 63192 | Zot:1    | Danger: red draconian scorcher |T3| Reason: Bolt of Magma
                  | (irresistible ~3d30+ equivalent) and not rF+++, watch out!
 63192 | Zot:1    | Danger: red draconian scorcher |T3| Reason: Damnation in
                  | LOF, watch out!
 63192 | Zot:1    | Danger: red draconian scorcher |T3| Reason: Damnation
                  | (smite) in LOS, watch out!
 63193 | Zot:1    | Danger: red draconian scorcher |T3| Reason: Bolt of Magma
                  | (irresistible ~3d30+ equivalent) and not rF+++, watch out!
 63193 | Zot:1    | Danger: red draconian scorcher |T3| Reason: Damnation in
                  | LOF, watch out!
 63193 | Zot:1    | Danger: red draconian scorcher |T3| Reason: Damnation
                  | (smite) in LOS, watch out!
 63194 | Zot:1    | Danger: red draconian scorcher |T3| Reason: Bolt of Magma
                  | (irresistible ~3d30+ equivalent) and not rF+++, watch out!
 63194 | Zot:1    | Danger: red draconian scorcher |T3| Reason: Damnation in
                  | LOF, watch out!
 63194 | Zot:1    | Danger: red draconian scorcher |T3| Reason: Damnation
                  | (smite) in LOS, watch out!
 63195 | Zot:1    | Danger: red draconian scorcher |T3| Reason: Bolt of Magma
                  | (irresistible ~3d30+ equivalent) and not rF+++, watch out!
 63195 | Zot:1    | Danger: red draconian scorcher |T3| Reason: Damnation in
                  | LOF, watch out!
 63195 | Zot:1    | Danger: red draconian scorcher |T3| Reason: Damnation
                  | (smite) in LOS, watch out!
 63200 | Zot:1    | Danger: Low HP Warning |T2| Reason: 56% HP (106/188)
 63201 | Zot:1    | Danger: Low HP Warning |T2| Reason: 56% HP (107/188)
 63202 | Zot:1    | Danger: Low HP Warning |T2| Reason: 56% HP (107/188)
 63203 | Zot:1    | Danger: Low HP Warning |T2| Reason: 57% HP (108/188)
 63204 | Zot:1    | Danger: Low HP Warning |T2| Reason: 57% HP (108/188)
 63205 | Zot:1    | Danger: Low HP Warning |T2| Reason: 57% HP (108/188)
 63206 | Zot:1    | Danger: Low HP Warning |T2| Reason: 57% HP (109/188)
 63207 | Zot:1    | Danger: Low HP Warning |T2| Reason: 57% HP (109/188)
 63208 | Zot:1    | Danger: Low HP Warning |T2| Reason: 58% HP (110/188)
 63209 | Zot:1    | Danger: Low HP Warning |T2| Reason: 58% HP (110/188)
 63210 | Zot:1    | Danger: Low HP Warning |T2| Reason: 58% HP (110/188)
 63211 | Zot:1    | Danger: Low HP Warning |T2| Reason: 58% HP (110/188)
 63212 | Zot:1    | Danger: Low HP Warning |T2| Reason: 58% HP (110/188)
 63213 | Zot:1    | Danger: Low HP Warning |T2| Reason: 59% HP (111/188)
 63214 | Zot:1    | Danger: Low HP Warning |T2| Reason: 59% HP (111/188)
 63215 | Zot:1    | Danger: Low HP Warning |T2| Reason: 59% HP (112/188)
 63216 | Zot:1    | Danger: Low HP Warning |T2| Reason: 59% HP (112/188)
 63217 | Zot:1    | Danger: Low HP Warning |T2| Reason: 58% HP (110/188)
 63218 | Zot:1    | Danger: Low HP Warning |T2| Reason: 58% HP (110/188)
 63219 | Zot:1    | Danger: Low HP Warning |T2| Reason: 52% HP (98/188)
 63220 | Zot:1    | Danger: Low HP Warning |T2| Reason: 52% HP (99/188)
 63221 | Zot:1    | Danger: Low HP Warning |T2| Reason: 45% HP (86/188)
 63222 | Zot:1    | Danger: Low HP Warning |T2| Reason: 46% HP (87/188)
 63223 | Zot:1    | Danger: Low HP Warning |T2| Reason: 46% HP (87/188)
 63224 | Zot:1    | Danger: Low HP Warning |T2| Reason: 46% HP (87/188)
 63225 | Zot:1    | Danger: Low HP Warning |T2| Reason: 46% HP (88/188)
 63226 | Zot:1    | Danger: Low HP Warning |T2| Reason: 46% HP (88/188)
 63227 | Zot:1    | Danger: Low HP Warning |T2| Reason: 35% HP (67/188)
 63228 | Zot:1    | Danger: Low HP Warning |T2| Reason: 32% HP (62/188)
 63229 | Zot:1    | Danger: Low HP Warning |T2| Reason: 32% HP (62/188)
 63230 | Zot:1    | Danger: Low HP Warning |T2| Reason: 33% HP (63/188)
 63231 | Zot:1    | Danger: Low HP Warning |T2| Reason: 33% HP (63/188)
 63232 | Zot:1    | Danger: Low HP Warning |T2| Reason: 34% HP (64/188)
 63233 | Zot:1    | Danger: Low HP Warning |T2| Reason: 34% HP (64/188)
 63698 | Zot:1    | Danger: Low HP Warning |T2| Reason: 53% HP (101/188)
 63699 | Zot:1    | Danger: Low HP Warning |T2| Reason: 53% HP (101/188)
 63700 | Zot:1    | Danger: Low HP Warning |T2| Reason: 54% HP (102/188)
 63701 | Zot:1    | Danger: shadow dragon |T3| Reason: IMMINENT DEATH: Bolt of
                  | Draining deals 72 damage, you have 58 HP!!
 63701 | Zot:1    | Danger: Low HP Warning |T2| Reason: 31% HP (58/183)
 63702 | Zot:1    | Danger: shadow dragon |T3| Reason: IMMINENT DEATH: Bolt of
                  | Draining deals 72 damage, you have 59 HP!!
 63702 | Zot:1    | Danger: Low HP Warning |T2| Reason: 32% HP (59/183)
 63703 | Zot:1    | Danger: shadow dragon |T3| Reason: IMMINENT DEATH: Bolt of
                  | Draining deals 72 damage, you have 59 HP!!
 63703 | Zot:1    | Danger: Low HP Warning |T2| Reason: 32% HP (59/183)
 63704 | Zot:1    | Danger: shadow dragon |T3| Reason: IMMINENT DEATH: Bolt of
                  | Draining deals 72 damage, you have 59 HP!!
 63704 | Zot:1    | Danger: Low HP Warning |T2| Reason: 32% HP (59/183)
 63705 | Zot:1    | Danger: shadow dragon |T3| Reason: IMMINENT DEATH: Bolt of
                  | Draining deals 72 damage, you have 60 HP!!
 63705 | Zot:1    | Danger: Low HP Warning |T2| Reason: 32% HP (60/184)
 63706 | Zot:1    | Danger: shadow dragon |T3| Reason: IMMINENT DEATH: Bolt of
                  | Draining deals 72 damage, you have 60 HP!!
 63706 | Zot:1    | Danger: Low HP Warning |T2| Reason: 32% HP (60/184)
 63707 | Zot:1    | Danger: shadow dragon |T3| Reason: IMMINENT DEATH: Bolt of
                  | Draining deals 72 damage, you have 61 HP!!
 63707 | Zot:1    | Danger: Low HP Warning |T2| Reason: 33% HP (61/184)
 63708 | Zot:1    | Danger: shadow dragon |T3| Reason: IMMINENT DEATH: Bolt of
                  | Draining deals 72 damage, you have 61 HP!!
 63708 | Zot:1    | Danger: Low HP Warning |T2| Reason: 33% HP (61/184)
 63709 | Zot:1    | Danger: shadow dragon |T3| Reason: IMMINENT DEATH: Bolt of
                  | Draining deals 72 damage, you have 61 HP!!
 63709 | Zot:1    | Danger: Low HP Warning |T2| Reason: 33% HP (61/184)
 63710 | Zot:1    | Danger: shadow dragon |T3| Reason: IMMINENT DEATH: Bolt of
                  | Draining deals 72 damage, you have 62 HP!!
 63710 | Zot:1    | Danger: Low HP Warning |T2| Reason: 33% HP (62/184)
 63711 | Zot:1    | Danger: shadow dragon |T3| Reason: IMMINENT DEATH: Bolt of
                  | Draining deals 72 damage, you have 62 HP!!
 63711 | Zot:1    | Danger: Low HP Warning |T2| Reason: 33% HP (62/184)
 63712 | Zot:1    | Danger: shadow dragon |T3| Reason: IMMINENT DEATH: Bolt of
                  | Draining deals 72 damage, you have 63 HP!!
 63712 | Zot:1    | Danger: Low HP Warning |T2| Reason: 34% HP (63/184)
 63713 | Zot:1    | Danger: shadow dragon |T3| Reason: IMMINENT DEATH: Bolt of
                  | Draining deals 72 damage, you have 63 HP!!
 63713 | Zot:1    | Danger: Low HP Warning |T2| Reason: 34% HP (63/184)
 63714 | Zot:1    | Danger: shadow dragon |T3| Reason: IMMINENT DEATH: Bolt of
                  | Draining deals 72 damage, you have 64 HP!!
 63714 | Zot:1    | Danger: Low HP Warning |T2| Reason: 34% HP (64/184)
 64003 | Zot:1    | Danger: red draconian scorcher |T3| Reason: Bolt of Magma
                  | (irresistible ~3d30+ equivalent) and not rF+++, watch out!
 64003 | Zot:1    | Danger: red draconian scorcher |T2| Reason: Damnation in
                  | LOS, careful!
 64003 | Zot:1    | Danger: red draconian scorcher |T3| Reason: Damnation
                  | (smite) in LOS, watch out!
 64004 | Zot:1    | Danger: red draconian scorcher |T3| Reason: Bolt of Magma
                  | (irresistible ~3d30+ equivalent) and not rF+++, watch out!
 64004 | Zot:1    | Danger: red draconian scorcher |T3| Reason: Damnation
                  | (smite) in LOS, watch out!
 64017 | Zot:1    | Danger: red draconian scorcher |T3| Reason: Bolt of Magma
                  | (irresistible ~3d30+ equivalent) and not rF+++, watch out!
 64017 | Zot:1    | Danger: red draconian scorcher |T3| Reason: Damnation in
                  | LOF, watch out!
 64017 | Zot:1    | Danger: red draconian scorcher |T3| Reason: Damnation
                  | (smite) in LOS, watch out!
 64018 | Zot:1    | Danger: red draconian scorcher |T3| Reason: Bolt of Magma
                  | (irresistible ~3d30+ equivalent) and not rF+++, watch out!
 64018 | Zot:1    | Danger: red draconian scorcher |T3| Reason: Damnation in
                  | LOF, watch out!
 64018 | Zot:1    | Danger: red draconian scorcher |T3| Reason: Damnation
                  | (smite) in LOS, watch out!
 64019 | Zot:1    | Danger: red draconian scorcher |T3| Reason: Bolt of Magma
                  | (irresistible ~3d30+ equivalent) and not rF+++, watch out!
 64019 | Zot:1    | Danger: red draconian scorcher |T3| Reason: Damnation in
                  | LOF, watch out!
 64019 | Zot:1    | Danger: red draconian scorcher |T3| Reason: Damnation
                  | (smite) in LOS, watch out!
 64020 | Zot:1    | Danger: red draconian scorcher |T3| Reason: Bolt of Magma
                  | (irresistible ~3d30+ equivalent) and not rF+++, watch out!
 64020 | Zot:1    | Danger: red draconian scorcher |T3| Reason: Damnation in
                  | LOF, watch out!
 64020 | Zot:1    | Danger: red draconian scorcher |T3| Reason: Damnation
                  | (smite) in LOS, watch out!
 64021 | Zot:1    | Danger: red draconian scorcher |T3| Reason: Bolt of Magma
                  | (irresistible ~3d30+ equivalent) and not rF+++, watch out!
 64021 | Zot:1    | Danger: red draconian scorcher |T3| Reason: Damnation in
                  | LOF, watch out!
 64021 | Zot:1    | Danger: red draconian scorcher |T3| Reason: Damnation
                  | (smite) in LOS, watch out!
 64022 | Zot:1    | Danger: red draconian scorcher |T3| Reason: Bolt of Magma
                  | (irresistible ~3d30+ equivalent) and not rF+++, watch out!
 64022 | Zot:1    | Danger: red draconian scorcher |T3| Reason: Damnation in
                  | LOF, watch out!
 64022 | Zot:1    | Danger: red draconian scorcher |T3| Reason: Damnation
                  | (smite) in LOS, watch out!
 64023 | Zot:1    | Danger: red draconian scorcher |T3| Reason: Bolt of Magma
                  | (irresistible ~3d30+ equivalent) and not rF+++, watch out!
 64023 | Zot:1    | Danger: red draconian scorcher |T3| Reason: Damnation in
                  | LOF, watch out!
 64023 | Zot:1    | Danger: red draconian scorcher |T3| Reason: Damnation
                  | (smite) in LOS, watch out!
 64024 | Zot:1    | Danger: red draconian scorcher |T3| Reason: Bolt of Magma
                  | (irresistible ~3d30+ equivalent) and not rF+++, watch out!
 64024 | Zot:1    | Danger: red draconian scorcher |T3| Reason: Damnation in
                  | LOF, watch out!
 64024 | Zot:1    | Danger: red draconian scorcher |T3| Reason: Damnation
                  | (smite) in LOS, watch out!
 64025 | Zot:1    | Danger: red draconian scorcher |T3| Reason: Bolt of Magma
                  | (irresistible ~3d30+ equivalent) and not rF+++, watch out!
 64025 | Zot:1    | Danger: red draconian scorcher |T3| Reason: Damnation in
                  | LOF, watch out!
 64025 | Zot:1    | Danger: red draconian scorcher |T3| Reason: Damnation
                  | (smite) in LOS, watch out!
 64029 | Zot:1    | Reached XP level 23. HP: 165/193 MP: 29/29
 64428 | Zot:1    | Danger: red draconian scorcher |T3| Reason: Bolt of Magma
                  | (irresistible ~3d30+ equivalent) and not rF+++, watch out!
 64428 | Zot:1    | Danger: red draconian scorcher |T2| Reason: Damnation in
                  | LOS, careful!
 64428 | Zot:1    | Danger: red draconian scorcher |T3| Reason: Damnation
                  | (smite) in LOS, watch out!
 64429 | Zot:1    | Danger: red draconian scorcher |T3| Reason: Bolt of Magma
                  | (irresistible ~3d30+ equivalent) and not rF+++, watch out!
 64429 | Zot:1    | Danger: red draconian scorcher |T3| Reason: Damnation
                  | (smite) in LOS, watch out!
 64430 | Zot:1    | Danger: red draconian scorcher |T3| Reason: Bolt of Magma
                  | (irresistible ~3d30+ equivalent) and not rF+++, watch out!
 64430 | Zot:1    | Danger: red draconian scorcher |T3| Reason: Damnation
                  | (smite) in LOS, watch out!
 64431 | Zot:1    | Danger: red draconian scorcher |T3| Reason: Damnation in
                  | LOF, watch out!
 64431 | Zot:1    | Danger: red draconian scorcher |T3| Reason: Bolt of Magma
                  | (irresistible ~3d30+ equivalent) and not rF+++, watch out!
 64431 | Zot:1    | Danger: red draconian scorcher |T3| Reason: Damnation
                  | (smite) in LOS, watch out!
 64432 | Zot:1    | Danger: red draconian scorcher |T3| Reason: Bolt of Magma
                  | (irresistible ~3d30+ equivalent) and not rF+++, watch out!
 64432 | Zot:1    | Danger: red draconian scorcher |T3| Reason: Damnation in
                  | LOF, watch out!
 64432 | Zot:1    | Danger: red draconian scorcher |T3| Reason: Damnation
                  | (smite) in LOS, watch out!
 64433 | Zot:1    | Danger: red draconian scorcher |T3| Reason: Bolt of Magma
                  | (irresistible ~3d30+ equivalent) and not rF+++, watch out!
 64433 | Zot:1    | Danger: red draconian scorcher |T3| Reason: Damnation in
                  | LOF, watch out!
 64433 | Zot:1    | Danger: red draconian scorcher |T3| Reason: Damnation
                  | (smite) in LOS, watch out!
 64434 | Zot:1    | Danger: red draconian scorcher |T3| Reason: Bolt of Magma
                  | (irresistible ~3d30+ equivalent) and not rF+++, watch out!
 64434 | Zot:1    | Danger: red draconian scorcher |T3| Reason: Damnation in
                  | LOF, watch out!
 64434 | Zot:1    | Danger: red draconian scorcher |T3| Reason: Damnation
                  | (smite) in LOS, watch out!
 64435 | Zot:1    | Danger: red draconian scorcher |T3| Reason: Bolt of Magma
                  | (irresistible ~3d30+ equivalent) and not rF+++, watch out!
 64435 | Zot:1    | Danger: red draconian scorcher |T3| Reason: Damnation in
                  | LOF, watch out!
 64435 | Zot:1    | Danger: red draconian scorcher |T3| Reason: Damnation
                  | (smite) in LOS, watch out!
 64436 | Zot:1    | Danger: red draconian scorcher |T3| Reason: Bolt of Magma
                  | (irresistible ~3d30+ equivalent) and not rF+++, watch out!
 64436 | Zot:1    | Danger: red draconian scorcher |T3| Reason: Damnation in
                  | LOF, watch out!
 64436 | Zot:1    | Danger: red draconian scorcher |T3| Reason: Damnation
                  | (smite) in LOS, watch out!
 64437 | Zot:1    | Danger: red draconian scorcher |T3| Reason: Bolt of Magma
                  | (irresistible ~3d30+ equivalent) and not rF+++, watch out!
 64437 | Zot:1    | Danger: red draconian scorcher |T3| Reason: Damnation in
                  | LOF, watch out!
 64437 | Zot:1    | Danger: red draconian scorcher |T3| Reason: Damnation
                  | (smite) in LOS, watch out!
 64438 | Zot:1    | Danger: red draconian scorcher |T3| Reason: Bolt of Magma
                  | (irresistible ~3d30+ equivalent) and not rF+++, watch out!
 64438 | Zot:1    | Danger: red draconian scorcher |T3| Reason: Damnation in
                  | LOF, watch out!
 64438 | Zot:1    | Danger: red draconian scorcher |T3| Reason: Damnation
                  | (smite) in LOS, watch out!
 64439 | Zot:1    | Danger: red draconian scorcher |T3| Reason: Bolt of Magma
                  | (irresistible ~3d30+ equivalent) and not rF+++, watch out!
 64439 | Zot:1    | Danger: red draconian scorcher |T3| Reason: Damnation in
                  | LOF, watch out!
 64439 | Zot:1    | Danger: red draconian scorcher |T3| Reason: Damnation
                  | (smite) in LOS, watch out!
 64862 | Zot:2    | Danger: yellow draconian annihilator |T2| Reason: Lehudib's
                  | Crystal Spear deals more than 50% MHP!
 64862 | Zot:2    | Danger: yellow draconian annihilator |T2| Reason: Lehudib's
                  | Crystal Spear deals more than 50% MHP!
 64947 | Zot:2    | Danger: Low HP Warning |T2| Reason: 58% HP (113/193)
 64948 | Zot:2    | Danger: Low HP Warning |T2| Reason: 58% HP (113/193)
 64949 | Zot:2    | Danger: Low HP Warning |T2| Reason: 45% HP (88/193)
 64950 | Zot:2    | Danger: Low HP Warning |T2| Reason: 45% HP (88/193)
 64951 | Zot:2    | Danger: Low HP Warning |T2| Reason: 45% HP (88/193)
 64952 | Zot:2    | Danger: Low HP Warning |T2| Reason: 46% HP (89/193)
 64953 | Zot:2    | Danger: Low HP Warning |T2| Reason: 46% HP (89/193)
 64954 | Zot:2    | Danger: Low HP Warning |T2| Reason: 46% HP (90/193)
 64955 | Zot:2    | Danger: Low HP Warning |T2| Reason: 46% HP (90/193)
 64956 | Zot:2    | Danger: Low HP Warning |T2| Reason: 47% HP (91/193)
 64957 | Zot:2    | Danger: Low HP Warning |T2| Reason: 47% HP (91/193)
 64958 | Zot:2    | Danger: Low HP Warning |T2| Reason: 36% HP (71/193)
 64959 | Zot:2    | Danger: Low HP Warning |T2| Reason: 37% HP (72/193)
 64960 | Zot:2    | Danger: Low HP Warning |T2| Reason: 37% HP (72/193)
 64961 | Zot:2    | Danger: Low HP Warning |T2| Reason: 37% HP (72/193)
 64962 | Zot:2    | Danger: Low HP Warning |T2| Reason: 37% HP (72/193)
 64963 | Zot:2    | Danger: Low HP Warning |T2| Reason: 37% HP (73/193)
 64964 | Zot:2    | Danger: Low HP Warning |T2| Reason: 37% HP (73/193)
 64965 | Zot:2    | Danger: Low HP Warning |T2| Reason: 35% HP (68/193)
 64966 | Zot:2    | Danger: Low HP Warning |T3| Reason: 25% HP (50/193)
 64967 | Zot:2    | Danger: Low HP Warning |T3| Reason: 25% HP (50/193)
 64968 | Zot:2    | Danger: Low HP Warning |T2| Reason: 26% HP (51/193)
 65251 | Zot:2    | Danger: yellow draconian annihilator |T2| Reason: Lehudib's
                  | Crystal Spear deals more than 50% MHP!
 65251 | Zot:2    | Danger: yellow draconian annihilator |T2| Reason: Lehudib's
                  | Crystal Spear deals more than 50% MHP!
 65441 | Zot:2    | Noticed an orb of fire
 65442 | Zot:2    | Danger: orb of fire |T2| Reason: Malmutator in LOS
 65442 | Zot:2    | Danger: orb of fire |T3| Reason: Orb of Fire and low rF
 65442 | Zot:2    | Danger: orb of fire |T2| Reason: Bolt of Fire deals more
                  | than 50% MHP!
 65442 | Zot:2    | Danger: orb of fire |T2| Reason: Fireball deals more than
                  | 50% MHP!
 65443 | Zot:2    | Danger: orb of fire |T3| Reason: Orb of Fire and low rF
 65444 | Zot:2    | Danger: orb of fire |T3| Reason: Orb of Fire and low rF
 65445 | Zot:2    | Danger: orb of fire |T3| Reason: Orb of Fire and low rF
 65446 | Zot:2    | Danger: orb of fire |T3| Reason: Orb of Fire and low rF
 65447 | Zot:2    | Danger: orb of fire |T3| Reason: IMMINENT DEATH: Fireball
                  | deals 129 damage, you have 124 HP!!
 65447 | Zot:2    | Danger: orb of fire |T3| Reason: Orb of Fire and low rF
 65448 | Zot:2    | Danger: orb of fire |T2| Reason: Malmutator in LOF!
 65448 | Zot:2    | Danger: orb of fire |T3| Reason: Orb of Fire and low rF
 65448 | Zot:2    | Danger: orb of fire |T3| Reason: IMMINENT DEATH: Fireball
                  | deals 129 damage, you have 124 HP!!
 65449 | Zot:2    | Danger: orb of fire |T3| Reason: IMMINENT DEATH: Fireball
                  | deals 129 damage, you have 125 HP!!
 65449 | Zot:2    | Danger: orb of fire |T3| Reason: Orb of Fire and low rF
 65450 | Zot:2    | Danger: orb of fire |T3| Reason: Orb of Fire and low rF
 65450 | Zot:2    | Danger: orb of fire |T3| Reason: IMMINENT DEATH: Fireball
                  | deals 129 damage, you have 125 HP!!
 65451 | Zot:2    | Danger: orb of fire |T3| Reason: Orb of Fire and low rF
 65451 | Zot:2    | Danger: orb of fire |T3| Reason: IMMINENT DEATH: Fireball
                  | deals 129 damage, you have 125 HP!!
 65515 | Zot:2    | Danger: orb of fire |T2| Reason: Malmutator in LOS
 65515 | Zot:2    | Danger: orb of fire |T3| Reason: Orb of Fire and low rF
 65515 | Zot:2    | Danger: orb of fire |T2| Reason: Bolt of Fire deals more
                  | than 50% MHP!
 65515 | Zot:2    | Danger: orb of fire |T2| Reason: Fireball deals more than
                  | 50% MHP!
 65517 | Zot:2    | Danger: orb of fire |T2| Reason: Malmutator in LOS
 65517 | Zot:2    | Danger: orb of fire |T3| Reason: Orb of Fire and low rF
 65517 | Zot:2    | Danger: orb of fire |T2| Reason: Bolt of Fire deals more
                  | than 50% MHP!
 65517 | Zot:2    | Danger: orb of fire |T2| Reason: Fireball deals more than
                  | 50% MHP!
 65518 | Zot:2    | Danger: orb of fire |T2| Reason: Malmutator in LOF!
 65518 | Zot:2    | Danger: orb of fire |T3| Reason: Orb of Fire and low rF
 65531 | Zot:2    | Danger: orb of fire |T2| Reason: Malmutator in LOS
 65531 | Zot:2    | Danger: orb of fire |T2| Reason: Malmutator in LOF!
 65531 | Zot:2    | Danger: orb of fire |T3| Reason: Orb of Fire and low rF
 65531 | Zot:2    | Danger: orb of fire |T2| Reason: Bolt of Fire deals more
                  | than 50% MHP!
 65531 | Zot:2    | Danger: orb of fire |T2| Reason: Fireball deals more than
                  | 50% MHP!
 65532 | Zot:2    | Danger: orb of fire |T3| Reason: Orb of Fire and low rF
 65533 | Zot:2    | Danger: orb of fire |T3| Reason: IMMINENT DEATH: Fireball
                  | deals 129 damage, you have 128 HP!!
 65533 | Zot:2    | Danger: orb of fire |T3| Reason: Orb of Fire and low rF
 65534 | Zot:2    | Danger: orb of fire |T3| Reason: Orb of Fire and low rF
 65535 | Zot:2    | Danger: orb of fire |T3| Reason: Orb of Fire and low rF
 65536 | Zot:2    | Danger: orb of fire |T3| Reason: Orb of Fire and low rF
 65537 | Zot:2    | Danger: orb of fire |T3| Reason: Orb of Fire and low rF
 65538 | Zot:2    | Danger: orb of fire |T3| Reason: IMMINENT DEATH: Bolt of
                  | Fire deals 120 damage, you have 101 HP!!
 65538 | Zot:2    | Danger: orb of fire |T3| Reason: IMMINENT DEATH: Fireball
                  | deals 129 damage, you have 101 HP!!
 65538 | Zot:2    | Danger: orb of fire |T3| Reason: Orb of Fire and low rF
 65538 | Zot:2    | Danger: Low HP Warning |T2| Reason: 52% HP (101/193)
 65539 | Zot:2    | Danger: orb of fire |T3| Reason: Orb of Fire and low rF
 65539 | Zot:2    | Danger: orb of fire |T3| Reason: IMMINENT DEATH: Bolt of
                  | Fire deals 120 damage, you have 101 HP!!
 65539 | Zot:2    | Danger: orb of fire |T3| Reason: IMMINENT DEATH: Fireball
                  | deals 129 damage, you have 101 HP!!
 65539 | Zot:2    | Danger: Low HP Warning |T2| Reason: 52% HP (101/193)
 65540 | Zot:2    | Danger: orb of fire |T3| Reason: Orb of Fire and low rF
 65540 | Zot:2    | Danger: orb of fire |T3| Reason: IMMINENT DEATH: Bolt of
                  | Fire deals 120 damage, you have 101 HP!!
 65540 | Zot:2    | Danger: orb of fire |T3| Reason: IMMINENT DEATH: Fireball
                  | deals 129 damage, you have 101 HP!!
 65540 | Zot:2    | Danger: Low HP Warning |T2| Reason: 52% HP (101/193)
 65540 | Zot:2    | Killed an orb of fire
 65541 | Zot:2    | Danger: Low HP Warning |T2| Reason: 52% HP (102/193)
 65543 | Zot:2    | Danger: Low HP Warning |T2| Reason: 52% HP (102/193)
 65544 | Zot:2    | Danger: Low HP Warning |T2| Reason: 53% HP (103/193)
 65545 | Zot:2    | Danger: Low HP Warning |T2| Reason: 53% HP (103/193)
 65546 | Zot:2    | Danger: Low HP Warning |T2| Reason: 53% HP (103/193)
 65795 | Zot:2    | Found a runed translucent door.
 65827 | Zot:2    | Noticed Vv
 65828 | Zot:2    | Danger: Vv |T2| Reason: Unique monster, careful!
 65828 | Zot:2    | Danger: Vv |T2| Reason: Pyroclastic Surge deals more than
                  | 50% MHP!
 65836 | Zot:2    | Danger: Vv |T2| Reason: Unique monster, careful!
 65836 | Zot:2    | Danger: Vv |T2| Reason: Pyroclastic Surge deals more than
                  | 50% MHP!
 65870 | Zot:2    | Danger: yellow draconian annihilator |T2| Reason: Lehudib's
                  | Crystal Spear deals more than 50% MHP!
 65912 | Zot:2    | Danger: yellow draconian annihilator |T2| Reason: Lehudib's
                  | Crystal Spear deals more than 50% MHP!
 65918 | Zot:2    | Danger: yellow draconian annihilator |T2| Reason: Lehudib's
                  | Crystal Spear deals more than 50% MHP!
 65929 | Zot:2    | Danger: yellow draconian annihilator |T2| Reason: Lehudib's
                  | Crystal Spear deals more than 50% MHP!
 65932 | Zot:2    | Danger: yellow draconian annihilator |T3| Reason: IMMINENT
                  | DEATH: Lehudib's Crystal Spear deals 105 damage, you have
                  | 103 HP!!
 65932 | Zot:2    | Danger: Low HP Warning |T2| Reason: 53% HP (103/193)
 65933 | Zot:2    | Danger: Low HP Warning |T2| Reason: 53% HP (103/193)
 65934 | Zot:2    | Danger: Low HP Warning |T2| Reason: 53% HP (103/193)
 65935 | Zot:2    | Danger: Low HP Warning |T2| Reason: 50% HP (97/193)
 65936 | Zot:2    | Danger: Low HP Warning |T2| Reason: 50% HP (97/193)
 65937 | Zot:2    | Danger: Low HP Warning |T2| Reason: 50% HP (98/193)
 65938 | Zot:2    | Danger: Low HP Warning |T2| Reason: 50% HP (98/193)
 65939 | Zot:2    | Danger: Low HP Warning |T2| Reason: 50% HP (98/193)
 65940 | Zot:2    | Danger: Low HP Warning |T2| Reason: 51% HP (99/193)
 65941 | Zot:2    | Danger: Low HP Warning |T2| Reason: 49% HP (96/193)
 65942 | Zot:2    | Danger: Low HP Warning |T2| Reason: 50% HP (97/193)
 65943 | Zot:2    | Danger: Low HP Warning |T2| Reason: 50% HP (97/193)
 65944 | Zot:2    | Danger: Low HP Warning |T2| Reason: 50% HP (98/193)
 65945 | Zot:2    | Danger: Low HP Warning |T2| Reason: 50% HP (98/193)
 65946 | Zot:2    | Danger: Low HP Warning |T2| Reason: 50% HP (98/193)
 66600 | Zot:2    | Noticed Bucoetae's ghost (veteran OgBe)
 66605 | Zot:2    | Danger: Vv |T2| Reason: Unique monster, careful!
 66605 | Zot:2    | Danger: Vv |T2| Reason: Pyroclastic Surge deals more than
                  | 50% MHP!
 66617 | Zot:2    | Killed Vv
 66630 | Zot:2    | Danger: Low HP Warning |T2| Reason: 58% HP (111/190)
 66631 | Zot:2    | Danger: Low HP Warning |T2| Reason: 56% HP (107/190)
 66632 | Zot:2    | Danger: Low HP Warning |T2| Reason: 56% HP (108/190)
 66633 | Zot:2    | Danger: Low HP Warning |T2| Reason: 44% HP (81/183)
 66634 | Zot:2    | Danger: Low HP Warning |T2| Reason: 44% HP (81/183)
 66635 | Zot:2    | Danger: Low HP Warning |T2| Reason: 44% HP (81/183)
 66636 | Zot:2    | Danger: Low HP Warning |T2| Reason: 44% HP (82/183)
 66637 | Zot:2    | Danger: Low HP Warning |T2| Reason: 44% HP (82/183)
 66638 | Zot:2    | Danger: Low HP Warning |T2| Reason: 45% HP (83/183)
 66639 | Zot:2    | Danger: Low HP Warning |T2| Reason: 45% HP (83/183)
 66640 | Zot:2    | Danger: Low HP Warning |T2| Reason: 45% HP (84/183)
 66641 | Zot:2    | Danger: Low HP Warning |T2| Reason: 45% HP (84/183)
 66643 | Zot:2    | Danger: Low HP Warning |T2| Reason: 46% HP (85/183)
 66644 | Zot:2    | Danger: Low HP Warning |T2| Reason: 46% HP (86/183)
 67011 | Zot:2    | Killed Bucoetae's ghost
 67604 | Vaults:3 | Bought a potion of might for 76 gold pieces
 67604 | Vaults:3 | Bought 2 potions of resistance for 380 gold pieces
 67604 | Vaults:3 | Bought a potion of heal wounds for 95 gold pieces
 67604 | Vaults:3 | Bought a potion of heal wounds for 95 gold pieces
 67604 | Vaults:3 | Bought a potion of heal wounds for 95 gold pieces
 67884 | Elf:1    | Entered Level 1 of the Elven Halls
 67884 | Elf:1    | Found Zulloxt's General Store.
 67903 | Elf:1    | Danger: deep elf archer |T2| Reason: Slow and low Will,
                  | careful
 67909 | Elf:1    | Danger: deep elf archer |T2| Reason: Slow and low Will,
                  | careful
 67909 | Elf:1    | Found Hopn's Assorted Antiques.
 67964 | Elf:1    | Found a runed translucent door.
 67966 | Elf:1    | Noticed Lysca's ghost (journeyman DsCj)
 67984 | Elf:1    | Danger: Lysca's ghost |T2| Reason: Arcjolt deals more than
                  | 50% MHP!
 67986 | Elf:1    | Identified the ring of Yshrosust {rElec rN++ Int-5 Dex+6
                  | Stlth+}
 67991 | Elf:1    | Killed Lysca's ghost
 68120 | Elf:1    | Danger: deep elf archer |T2| Reason: Slow and low Will,
                  | careful
 68124 | Elf:1    | Danger: deep elf archer |T2| Reason: Slow and low Will,
                  | careful
 68126 | Elf:1    | Danger: deep elf archer |T2| Reason: Slow and low Will,
                  | careful
 68140 | Elf:1    | Danger: deep elf archer |T2| Reason: Slow and low Will,
                  | careful
 68142 | Elf:1    | Danger: deep elf archer |T2| Reason: Slow and low Will,
                  | careful
 68146 | Elf:1    | Danger: deep elf archer |T2| Reason: Slow and low Will,
                  | careful
 68153 | Elf:1    | Danger: deep elf archer |T2| Reason: Slow and low Will,
                  | careful
 68155 | Elf:1    | Danger: deep elf archer |T2| Reason: Slow and low Will,
                  | careful
 68156 | Elf:1    | Danger: deep elf archer |T2| Reason: Slow and low Will,
                  | careful
 68156 | Elf:1    | Danger: deep elf archer |T2| Reason: Slow and low Will,
                  | careful
 68168 | Elf:1    | Danger: deep elf archer |T2| Reason: Slow and low Will,
                  | careful
 68292 | Elf:1    | Found Jacemy's Armour Shoppe.
 68295 | Elf:1    | Found a portal to a secret trove of treasure.
 68332 | Elf:1    | Found Uzojidorr's Weapon Boutique.
 68557 | Elf:1    | Danger: +1 flail of distortion |T3| Reason: Distortion
                  | weapon!
 68558 | Elf:1    | Danger: +1 flail of distortion |T3| Reason: Distortion
                  | weapon!
 68559 | Elf:1    | Danger: +1 flail of distortion |T3| Reason: Distortion
                  | weapon!
 68560 | Elf:1    | Danger: +1 flail of distortion |T3| Reason: Distortion
                  | weapon!
 68561 | Elf:1    | Danger: +1 flail of distortion |T3| Reason: Distortion
                  | weapon!
 68562 | Elf:1    | Danger: +1 flail of distortion |T3| Reason: Distortion
                  | weapon!
 68563 | Elf:1    | Danger: +1 flail of distortion |T3| Reason: Distortion
                  | weapon!
 68564 | Elf:1    | Danger: +1 flail of distortion |T3| Reason: Distortion
                  | weapon!
 68565 | Elf:1    | Danger: +1 flail of distortion |T3| Reason: Distortion
                  | weapon!
 68566 | Elf:1    | Danger: +1 flail of distortion |T3| Reason: Distortion
                  | weapon!
 68567 | Elf:1    | Danger: +1 flail of distortion |T3| Reason: Distortion
                  | weapon!
 68568 | Elf:1    | Danger: +1 flail of distortion |T3| Reason: Distortion
                  | weapon!
 68569 | Elf:1    | Danger: +1 flail of distortion |T3| Reason: Distortion
                  | weapon!
 68570 | Elf:1    | Danger: +1 flail of distortion |T3| Reason: Distortion
                  | weapon!
 68571 | Elf:1    | Danger: +1 flail of distortion |T3| Reason: Distortion
                  | weapon!
 68572 | Elf:1    | Danger: +1 flail of distortion |T3| Reason: Distortion
                  | weapon!
 68589 | Elf:1    | Danger: deep elf archer |T2| Reason: Slow and low Will,
                  | careful
 68589 | Elf:1    | Danger: deep elf archer |T2| Reason: Slow and low Will,
                  | careful
 68589 | Elf:1    | Danger: deep elf archer |T2| Reason: Quivering boomerangs,
                  | careful!
 68591 | Elf:1    | Danger: deep elf archer |T2| Reason: Slow and low Will,
                  | careful
 68591 | Elf:1    | Danger: deep elf archer |T2| Reason: Slow and low Will,
                  | careful
 68603 | Elf:1    | Danger: deep elf archer |T2| Reason: Slow and low Will,
                  | careful
 68914 | Elf:2    | Danger: deep elf archer |T2| Reason: Slow and low Will,
                  | careful
 68916 | Elf:2    | Danger: deep elf demonologist |T3| Reason: Banishment and
                  | low Will
 68917 | Elf:2    | Danger: deep elf demonologist |T3| Reason: Banishment and
                  | low Will
 68920 | Elf:2    | Danger: Ice Fiend |T3| Reason: Torment and not torment
                  | immune!
 68920 | Elf:2    | Danger: deep elf demonologist |T3| Reason: Banishment and
                  | low Will
 68928 | Elf:1    | Found a radiant altar of Vehumet.
 69043 | Elf:2    | Danger: deep elf demonologist |T3| Reason: Banishment and
                  | low Will
 69044 | Elf:2    | Danger: deep elf demonologist |T3| Reason: Banishment and
                  | low Will
 69045 | Elf:2    | Danger: deep elf archer |T2| Reason: Slow and low Will,
                  | careful
 69045 | Elf:2    | Danger: deep elf demonologist |T3| Reason: Banishment and
                  | low Will
 69046 | Elf:2    | Danger: deep elf demonologist |T3| Reason: Banishment and
                  | low Will
 69047 | Elf:2    | Danger: deep elf demonologist |T3| Reason: Banishment and
                  | low Will
 69048 | Elf:2    | Danger: deep elf demonologist |T3| Reason: Banishment and
                  | low Will
 69049 | Elf:2    | Danger: deep elf demonologist |T3| Reason: Banishment and
                  | low Will
 69051 | Elf:2    | Danger: deep elf demonologist |T3| Reason: Banishment and
                  | low Will
 69052 | Elf:2    | Danger: deep elf demonologist |T3| Reason: Banishment and
                  | low Will
 69063 | Elf:2    | Danger: deep elf archer |T2| Reason: Slow and low Will,
                  | careful
 69075 | Elf:2    | Danger: deep elf archer |T2| Reason: Slow and low Will,
                  | careful
 69576 | Elf:2    | Found a runed translucent gate.
 69576 | Elf:2    | Found a runed translucent gate.
 69580 | Elf:2    | Found a runed translucent gate.
 69736 | Elf:2    | Danger: Low HP Warning |T2| Reason: 55% HP (107/193)
 69737 | Elf:2    | Danger: Low HP Warning |T2| Reason: 54% HP (105/193)
 69738 | Elf:2    | Danger: Low HP Warning |T2| Reason: 54% HP (106/193)
 69739 | Elf:2    | Danger: Low HP Warning |T2| Reason: 54% HP (106/193)
 69788 | Elf:2    | Reached XP level 24. HP: 137/201 MP: 25/29
 69789 | Elf:2    | Danger: Low HP Warning |T2| Reason: 60% HP (122/201)
 69795 | Elf:2    | Danger: Low HP Warning |T2| Reason: 59% HP (119/201)
 69796 | Elf:2    | Danger: Low HP Warning |T2| Reason: 59% HP (119/201)
 70146 | Elf:3    | Entered Level 3 of the Elven Halls
 70150 | Elf:3    | Danger: deep elf archer |T2| Reason: Slow and low Will,
                  | careful
 70153 | Elf:3    | Danger: deep elf archer |T2| Reason: Slow and low Will,
                  | careful
 70275 | Elf:3    | Paralysed by an air elemental for 1 turns
 70641 | Elf:3    | Danger: deep elf sorcerer |T3| Reason: Banishment and low
                  | Will
 70641 | Elf:3    | Danger: deep elf sorcerer |T2| Reason: Damnation in LOS,
                  | careful!
 70642 | Elf:3    | Danger: deep elf sorcerer |T3| Reason: Banishment and low
                  | Will
 70643 | Elf:3    | Danger: deep elf sorcerer |T3| Reason: Banishment and low
                  | Will
 70644 | Elf:3    | Danger: deep elf sorcerer |T3| Reason: Banishment and low
                  | Will
 70646 | Elf:3    | Danger: deep elf sorcerer |T3| Reason: Banishment and low
                  | Will
 70647 | Elf:3    | Danger: deep elf archer |T2| Reason: Slow and low Will,
                  | careful
 70647 | Elf:3    | Danger: deep elf sorcerer |T3| Reason: Banishment and low
                  | Will
 70649 | Elf:3    | Danger: deep elf sorcerer |T3| Reason: Damnation in LOF,
                  | watch out!
 70649 | Elf:3    | Danger: deep elf sorcerer |T3| Reason: Banishment and low
                  | Will
 70650 | Elf:3    | Danger: deep elf sorcerer |T3| Reason: Banishment and low
                  | Will
 70650 | Elf:3    | Danger: deep elf sorcerer |T3| Reason: Damnation in LOF,
                  | watch out!
 70651 | Elf:3    | Danger: deep elf annihilator |T2| Reason: Lehudib's Crystal
                  | Spear deals more than 50% MHP!
 70651 | Elf:3    | Danger: deep elf sorcerer |T3| Reason: Banishment and low
                  | Will
 70651 | Elf:3    | Danger: deep elf sorcerer |T3| Reason: Damnation in LOF,
                  | watch out!
 70673 | Elf:3    | Danger: deep elf annihilator |T2| Reason: Lehudib's Crystal
                  | Spear deals more than 50% MHP!
 70676 | Elf:3    | Danger: deep elf high priest |T3| Reason: Damnation (smite)
                  | in LOS, watch out!
 70677 | Elf:3    | Danger: deep elf high priest |T3| Reason: Damnation (smite)
                  | in LOS, watch out!
 70678 | Elf:3    | Danger: deep elf annihilator |T2| Reason: Lehudib's Crystal
                  | Spear deals more than 50% MHP!
 70679 | Elf:3    | Danger: deep elf high priest |T3| Reason: Damnation (smite)
                  | in LOS, watch out!
 70680 | Elf:3    | Danger: deep elf annihilator |T2| Reason: Lehudib's Crystal
                  | Spear deals more than 50% MHP!
 70681 | Elf:3    | Danger: deep elf high priest |T3| Reason: Damnation (smite)
                  | in LOS, watch out!
 70684 | Elf:3    | Danger: deep elf sorcerer |T3| Reason: Banishment and low
                  | Will
 70684 | Elf:3    | Danger: deep elf sorcerer |T3| Reason: Damnation in LOF,
                  | watch out!
 70684 | Elf:3    | Danger: deep elf sorcerer |T3| Reason: Banishment and low
                  | Will
 70684 | Elf:3    | Danger: deep elf sorcerer |T3| Reason: Damnation in LOF,
                  | watch out!
 70684 | Elf:3    | Danger: deep elf high priest |T3| Reason: Damnation (smite)
                  | in LOS, watch out!
 70685 | Elf:3    | Danger: deep elf sorcerer |T2| Reason: Damnation in LOS,
                  | careful!
 70685 | Elf:3    | Danger: deep elf sorcerer |T2| Reason: Damnation in LOS,
                  | careful!
 70685 | Elf:3    | Danger: deep elf sorcerer |T3| Reason: Banishment and low
                  | Will
 70685 | Elf:3    | Danger: deep elf sorcerer |T3| Reason: Banishment and low
                  | Will
 70685 | Elf:3    | Danger: deep elf high priest |T3| Reason: Damnation (smite)
                  | in LOS, watch out!
 70687 | Elf:3    | Danger: deep elf annihilator |T2| Reason: Lehudib's Crystal
                  | Spear deals more than 50% MHP!
 70687 | Elf:3    | Danger: deep elf sorcerer |T3| Reason: Banishment and low
                  | Will
 70687 | Elf:3    | Danger: deep elf sorcerer |T3| Reason: Banishment and low
                  | Will
 70688 | Elf:3    | Danger: deep elf sorcerer |T3| Reason: Banishment and low
                  | Will
 70688 | Elf:3    | Danger: deep elf sorcerer |T3| Reason: Banishment and low
                  | Will
 70689 | Elf:3    | Danger: deep elf sorcerer |T3| Reason: Damnation in LOF,
                  | watch out!
 70689 | Elf:3    | Danger: deep elf sorcerer |T3| Reason: Banishment and low
                  | Will
 70689 | Elf:3    | Danger: deep elf sorcerer |T3| Reason: Banishment and low
                  | Will
 70690 | Elf:3    | Danger: deep elf sorcerer |T3| Reason: Banishment and low
                  | Will
 70690 | Elf:3    | Danger: deep elf sorcerer |T3| Reason: Banishment and low
                  | Will
 70690 | Elf:3    | Danger: deep elf sorcerer |T3| Reason: Damnation in LOF,
                  | watch out!
 70691 | Elf:3    | Danger: deep elf high priest |T3| Reason: Damnation (smite)
                  | in LOS, watch out!
 70691 | Elf:3    | Danger: deep elf sorcerer |T3| Reason: Banishment and low
                  | Will
 70691 | Elf:3    | Danger: deep elf sorcerer |T3| Reason: Banishment and low
                  | Will
 70691 | Elf:3    | Danger: deep elf sorcerer |T3| Reason: Damnation in LOF,
                  | watch out!
 70692 | Elf:3    | Danger: deep elf sorcerer |T3| Reason: Banishment and low
                  | Will
 70692 | Elf:3    | Danger: deep elf sorcerer |T3| Reason: Banishment and low
                  | Will
 70692 | Elf:3    | Danger: deep elf sorcerer |T3| Reason: Damnation in LOF,
                  | watch out!
 70692 | Elf:3    | Danger: deep elf high priest |T3| Reason: Damnation (smite)
                  | in LOS, watch out!
 70693 | Elf:3    | Danger: deep elf sorcerer |T3| Reason: Banishment and low
                  | Will
 70693 | Elf:3    | Danger: deep elf sorcerer |T3| Reason: Banishment and low
                  | Will
 70693 | Elf:3    | Danger: deep elf sorcerer |T3| Reason: Damnation in LOF,
                  | watch out!
 70693 | Elf:3    | Danger: deep elf high priest |T3| Reason: Damnation (smite)
                  | in LOS, watch out!
 70694 | Elf:3    | Danger: deep elf sorcerer |T3| Reason: Banishment and low
                  | Will
 70694 | Elf:3    | Danger: deep elf sorcerer |T3| Reason: Banishment and low
                  | Will
 70694 | Elf:3    | Danger: deep elf sorcerer |T3| Reason: Damnation in LOF,
                  | watch out!
 70694 | Elf:3    | Danger: deep elf high priest |T3| Reason: Damnation (smite)
                  | in LOS, watch out!
 70695 | Elf:3    | Danger: deep elf sorcerer |T3| Reason: Damnation in LOF,
                  | watch out!
 70695 | Elf:3    | Danger: deep elf annihilator |T2| Reason: Iron Shot deals
                  | more than 50% MHP!
 70695 | Elf:3    | Danger: deep elf annihilator |T2| Reason: Iron Shot deals
                  | more than 50% MHP!
 70695 | Elf:3    | Danger: deep elf annihilator |T2| Reason: Iron Shot deals
                  | more than 50% MHP!
 70695 | Elf:3    | Danger: deep elf annihilator |T2| Reason: Lehudib's Crystal
                  | Spear deals more than 50% MHP!
 70695 | Elf:3    | Danger: deep elf sorcerer |T3| Reason: Banishment and low
                  | Will
 70695 | Elf:3    | Danger: deep elf sorcerer |T3| Reason: Damnation in LOF,
                  | watch out!
 70695 | Elf:3    | Danger: deep elf sorcerer |T3| Reason: Banishment and low
                  | Will
 70695 | Elf:3    | Danger: deep elf high priest |T3| Reason: Damnation (smite)
                  | in LOS, watch out!
 70696 | Elf:3    | Danger: deep elf sorcerer |T2| Reason: Damnation in LOS,
                  | careful!
 70696 | Elf:3    | Danger: deep elf high priest |T3| Reason: Damnation (smite)
                  | in LOS, watch out!
 70696 | Elf:3    | Danger: deep elf high priest |T3| Reason: Damnation (smite)
                  | in LOS, watch out!
 70696 | Elf:3    | Danger: deep elf sorcerer |T3| Reason: Banishment and low
                  | Will
 70723 | Elf:3    | Danger: deep elf annihilator |T2| Reason: Lehudib's Crystal
                  | Spear deals more than 50% MHP!
 70732 | Elf:3    | Danger: deep elf annihilator |T2| Reason: Lehudib's Crystal
                  | Spear deals more than 50% MHP!
 70851 | Elf:3    | Danger: deep elf annihilator |T2| Reason: Lehudib's Crystal
                  | Spear deals more than 50% MHP!
 70852 | Elf:3    | Danger: deep elf high priest |T3| Reason: Damnation (smite)
                  | in LOS, watch out!
 70888 | Elf:3    | Danger: deep elf high priest |T3| Reason: Damnation (smite)
                  | in LOS, watch out!
 70889 | Elf:3    | Danger: deep elf high priest |T3| Reason: Damnation (smite)
                  | in LOS, watch out!
 70890 | Elf:3    | Danger: deep elf high priest |T3| Reason: Damnation (smite)
                  | in LOS, watch out!
 70891 | Elf:3    | Danger: deep elf high priest |T3| Reason: Damnation (smite)
                  | in LOS, watch out!
 70892 | Elf:3    | Danger: deep elf high priest |T3| Reason: Damnation (smite)
                  | in LOS, watch out!
 70893 | Elf:3    | Danger: deep elf high priest |T3| Reason: Damnation (smite)
                  | in LOS, watch out!
 70895 | Elf:3    | Danger: deep elf high priest |T3| Reason: Damnation (smite)
                  | in LOS, watch out!
 70897 | Elf:3    | Danger: deep elf high priest |T3| Reason: Damnation (smite)
                  | in LOS, watch out!
 70898 | Elf:3    | Danger: deep elf high priest |T3| Reason: Damnation (smite)
                  | in LOS, watch out!
 70904 | Elf:3    | Danger: deep elf high priest |T3| Reason: Damnation (smite)
                  | in LOS, watch out!
 70905 | Elf:3    | Danger: deep elf high priest |T3| Reason: Damnation (smite)
                  | in LOS, watch out!
 70906 | Elf:3    | Danger: deep elf high priest |T3| Reason: Damnation (smite)
                  | in LOS, watch out!
 70907 | Elf:3    | Danger: deep elf high priest |T3| Reason: Damnation (smite)
                  | in LOS, watch out!
 70908 | Elf:3    | Danger: deep elf high priest |T3| Reason: Damnation (smite)
                  | in LOS, watch out!
 70909 | Elf:3    | Danger: deep elf high priest |T3| Reason: Damnation (smite)
                  | in LOS, watch out!
 70929 | Elf:3    | Danger: deep elf archer |T2| Reason: Slow and low Will,
                  | careful
 70934 | Elf:3    | Identified the +8 great sword "Xeph" {elec, Str+4 Int+3}
 70935 | Elf:3    | Danger: deep elf annihilator |T2| Reason: Lehudib's Crystal
                  | Spear deals more than 50% MHP!
 70936 | Elf:3    | Danger: deep elf demonologist |T3| Reason: Banishment and
                  | low Will
 70937 | Elf:3    | Danger: Hell Sentinel |T3| Reason: Damnation in LOF, watch
                  | out!
 70937 | Elf:3    | Danger: deep elf high priest |T3| Reason: Damnation (smite)
                  | in LOS, watch out!
 70937 | Elf:3    | Danger: deep elf demonologist |T3| Reason: Banishment and
                  | low Will
 70938 | Elf:3    | Danger: Hell Sentinel |T3| Reason: Damnation in LOF, watch
                  | out!
 70938 | Elf:3    | Danger: deep elf high priest |T3| Reason: Damnation (smite)
                  | in LOS, watch out!
 70938 | Elf:3    | Danger: deep elf demonologist |T3| Reason: Banishment and
                  | low Will
 70939 | Elf:3    | Danger: deep elf high priest |T3| Reason: Damnation (smite)
                  | in LOS, watch out!
 70939 | Elf:3    | Danger: Hell Sentinel |T3| Reason: Damnation in LOF, watch
                  | out!
 70939 | Elf:3    | Danger: deep elf demonologist |T3| Reason: Banishment and
                  | low Will
 70940 | Elf:3    | Danger: Hell Sentinel |T2| Reason: Damnation in LOS,
                  | careful!
 70940 | Elf:3    | Danger: deep elf high priest |T3| Reason: Damnation (smite)
                  | in LOS, watch out!
 70940 | Elf:3    | Danger: deep elf demonologist |T3| Reason: Banishment and
                  | low Will
 70941 | Elf:3    | Danger: Hell Sentinel |T3| Reason: Damnation in LOF, watch
                  | out!
 70941 | Elf:3    | Danger: deep elf sorcerer |T3| Reason: Banishment and low
                  | Will
 70941 | Elf:3    | Danger: deep elf sorcerer |T3| Reason: Damnation in LOF,
                  | watch out!
 70941 | Elf:3    | Danger: deep elf high priest |T3| Reason: Damnation (smite)
                  | in LOS, watch out!
 70941 | Elf:3    | Danger: deep elf demonologist |T3| Reason: Banishment and
                  | low Will
 70942 | Elf:3    | Danger: Hell Sentinel |T2| Reason: Damnation in LOS,
                  | careful!
 70942 | Elf:3    | Danger: deep elf sorcerer |T2| Reason: Damnation in LOS,
                  | careful!
 70942 | Elf:3    | Danger: deep elf high priest |T3| Reason: Damnation (smite)
                  | in LOS, watch out!
 70942 | Elf:3    | Danger: deep elf demonologist |T3| Reason: Banishment and
                  | low Will
 70942 | Elf:3    | Danger: deep elf sorcerer |T3| Reason: Banishment and low
                  | Will
 70943 | Elf:3    | Danger: deep elf annihilator |T2| Reason: Lehudib's Crystal
                  | Spear deals more than 50% MHP!
 70943 | Elf:3    | Danger: deep elf sorcerer |T3| Reason: Banishment and low
                  | Will
 70944 | Elf:3    | Danger: deep elf sorcerer |T3| Reason: Banishment and low
                  | Will
 70945 | Elf:3    | Danger: deep elf sorcerer |T3| Reason: Banishment and low
                  | Will
 70946 | Elf:3    | Danger: deep elf sorcerer |T3| Reason: Banishment and low
                  | Will
 70947 | Elf:3    | Danger: deep elf sorcerer |T3| Reason: Banishment and low
                  | Will
 70948 | Elf:3    | Danger: deep elf sorcerer |T3| Reason: Damnation in LOF,
                  | watch out!
 70948 | Elf:3    | Danger: deep elf sorcerer |T3| Reason: Banishment and low
                  | Will
 70949 | Elf:3    | Danger: deep elf sorcerer |T3| Reason: Banishment and low
                  | Will
 70949 | Elf:3    | Danger: deep elf sorcerer |T3| Reason: Damnation in LOF,
                  | watch out!
 70950 | Elf:3    | Danger: deep elf sorcerer |T3| Reason: Banishment and low
                  | Will
 70950 | Elf:3    | Danger: deep elf sorcerer |T3| Reason: Damnation in LOF,
                  | watch out!
 70951 | Elf:3    | Danger: deep elf sorcerer |T3| Reason: Banishment and low
                  | Will
 70951 | Elf:3    | Danger: deep elf sorcerer |T3| Reason: Damnation in LOF,
                  | watch out!
 70952 | Elf:3    | Danger: deep elf sorcerer |T3| Reason: Banishment and low
                  | Will
 70952 | Elf:3    | Danger: deep elf sorcerer |T3| Reason: Damnation in LOF,
                  | watch out!
 70953 | Elf:3    | Danger: deep elf sorcerer |T3| Reason: Banishment and low
                  | Will
 70953 | Elf:3    | Danger: deep elf sorcerer |T3| Reason: Damnation in LOF,
                  | watch out!
 70954 | Elf:3    | Danger: deep elf sorcerer |T2| Reason: Damnation in LOS,
                  | careful!
 70954 | Elf:3    | Danger: deep elf sorcerer |T3| Reason: Banishment and low
                  | Will
 70955 | Elf:3    | Danger: deep elf sorcerer |T3| Reason: Damnation in LOF,
                  | watch out!
 70955 | Elf:3    | Danger: deep elf sorcerer |T3| Reason: Banishment and low
                  | Will
 70956 | Elf:3    | Danger: deep elf sorcerer |T2| Reason: Damnation in LOS,
                  | careful!
 70956 | Elf:3    | Danger: deep elf sorcerer |T3| Reason: Banishment and low
                  | Will
 70967 | Elf:3    | Danger: deep elf sorcerer |T3| Reason: Banishment and low
                  | Will
 70967 | Elf:3    | Danger: deep elf sorcerer |T2| Reason: Damnation in LOS,
                  | careful!
 70968 | Elf:3    | Danger: deep elf sorcerer |T3| Reason: Banishment and low
                  | Will
 70969 | Elf:3    | Danger: deep elf sorcerer |T3| Reason: Damnation in LOF,
                  | watch out!
 70969 | Elf:3    | Danger: deep elf sorcerer |T3| Reason: Banishment and low
                  | Will
 70970 | Elf:3    | Danger: deep elf sorcerer |T3| Reason: Banishment and low
                  | Will
 70970 | Elf:3    | Danger: deep elf sorcerer |T3| Reason: Damnation in LOF,
                  | watch out!
 70971 | Elf:3    | Danger: deep elf sorcerer |T3| Reason: Banishment and low
                  | Will
 70971 | Elf:3    | Danger: deep elf sorcerer |T3| Reason: Damnation in LOF,
                  | watch out!
 70972 | Elf:3    | Danger: deep elf sorcerer |T3| Reason: Banishment and low
                  | Will
 70972 | Elf:3    | Danger: deep elf sorcerer |T3| Reason: Damnation in LOF,
                  | watch out!
 70973 | Elf:3    | Danger: deep elf sorcerer |T3| Reason: Banishment and low
                  | Will
 70973 | Elf:3    | Danger: deep elf sorcerer |T3| Reason: Damnation in LOF,
                  | watch out!
 70975 | Elf:3    | Danger: deep elf sorcerer |T3| Reason: Banishment and low
                  | Will
 70975 | Elf:3    | Danger: deep elf sorcerer |T2| Reason: Damnation in LOS,
                  | careful!
 70975 | Elf:3    | Danger: deep elf high priest |T3| Reason: Damnation (smite)
                  | in LOS, watch out!
 70977 | Elf:3    | Danger: deep elf high priest |T3| Reason: Damnation (smite)
                  | in LOS, watch out!
 70978 | Elf:3    | Danger: deep elf sorcerer |T3| Reason: Banishment and low
                  | Will
 70978 | Elf:3    | Danger: deep elf sorcerer |T2| Reason: Damnation in LOS,
                  | careful!
 70978 | Elf:3    | Danger: deep elf high priest |T3| Reason: Damnation (smite)
                  | in LOS, watch out!
 70979 | Elf:3    | Danger: deep elf sorcerer |T3| Reason: Damnation in LOF,
                  | watch out!
 70979 | Elf:3    | Danger: deep elf sorcerer |T3| Reason: Banishment and low
                  | Will
 70980 | Elf:3    | Danger: deep elf sorcerer |T3| Reason: Banishment and low
                  | Will
 70980 | Elf:3    | Danger: deep elf sorcerer |T3| Reason: Damnation in LOF,
                  | watch out!
 70981 | Elf:3    | Danger: deep elf sorcerer |T3| Reason: Banishment and low
                  | Will
 70981 | Elf:3    | Danger: deep elf sorcerer |T3| Reason: Damnation in LOF,
                  | watch out!
 71080 | Elf:3    | Danger: deep elf high priest |T3| Reason: Damnation (smite)
                  | in LOS, watch out!
 71081 | Elf:3    | Danger: deep elf high priest |T3| Reason: Damnation (smite)
                  | in LOS, watch out!
 71082 | Elf:3    | Danger: deep elf high priest |T3| Reason: Damnation (smite)
                  | in LOS, watch out!
 71083 | Elf:3    | Danger: deep elf high priest |T3| Reason: Damnation (smite)
                  | in LOS, watch out!
 71084 | Elf:3    | Danger: deep elf high priest |T3| Reason: Damnation (smite)
                  | in LOS, watch out!
 71085 | Elf:3    | Danger: deep elf high priest |T3| Reason: Damnation (smite)
                  | in LOS, watch out!
 71086 | Elf:3    | Danger: deep elf high priest |T3| Reason: Damnation (smite)
                  | in LOS, watch out!
 71088 | Elf:3    | Danger: deep elf high priest |T3| Reason: Damnation (smite)
                  | in LOS, watch out!
 71089 | Elf:3    | Danger: deep elf high priest |T3| Reason: Damnation (smite)
                  | in LOS, watch out!
 71090 | Elf:3    | Danger: deep elf high priest |T3| Reason: Damnation (smite)
                  | in LOS, watch out!
 71091 | Elf:3    | Danger: deep elf high priest |T3| Reason: Damnation (smite)
                  | in LOS, watch out!
 71096 | Elf:3    | Danger: deep elf high priest |T3| Reason: Damnation (smite)
                  | in LOS, watch out!
 71097 | Elf:3    | Danger: deep elf high priest |T3| Reason: Damnation (smite)
                  | in LOS, watch out!
 71098 | Elf:3    | Danger: deep elf high priest |T3| Reason: Damnation (smite)
                  | in LOS, watch out!
 71147 | Elf:3    | Danger: deep elf annihilator |T2| Reason: Lehudib's Crystal
                  | Spear deals more than 50% MHP!
 71154 | Elf:3    | Identified the +7 hand axe "Leulav" {heavy, rPois rC+
                  | Int-5}
 71154 | Elf:3    | Identified the ring "Mugah" {rCorr Str+3 Stlth+}
 71155 | Elf:3    | Danger: deep elf high priest |T3| Reason: Damnation (smite)
                  | in LOS, watch out!
 71155 | Elf:3    | Danger: deep elf annihilator |T2| Reason: Lehudib's Crystal
                  | Spear deals more than 50% MHP!
 71156 | Elf:3    | Danger: deep elf high priest |T3| Reason: Damnation (smite)
                  | in LOS, watch out!
 71157 | Elf:3    | Danger: deep elf high priest |T3| Reason: Damnation (smite)
                  | in LOS, watch out!
 71158 | Elf:3    | Danger: deep elf high priest |T3| Reason: Damnation (smite)
                  | in LOS, watch out!
 71159 | Elf:3    | Danger: deep elf archer |T2| Reason: Slow and low Will,
                  | careful
 71159 | Elf:3    | Danger: deep elf annihilator |T2| Reason: Iron Shot deals
                  | more than 50% MHP!
 71159 | Elf:3    | Danger: deep elf high priest |T3| Reason: Damnation (smite)
                  | in LOS, watch out!
 71160 | Elf:3    | Danger: deep elf demonologist |T3| Reason: Banishment and
                  | low Will
 71160 | Elf:3    | Danger: deep elf high priest |T3| Reason: Damnation (smite)
                  | in LOS, watch out!
 71161 | Elf:3    | Danger: deep elf high priest |T3| Reason: Damnation (smite)
                  | in LOS, watch out!
 71161 | Elf:3    | Danger: deep elf demonologist |T3| Reason: Banishment and
                  | low Will
 71162 | Elf:3    | Danger: deep elf high priest |T3| Reason: Damnation (smite)
                  | in LOS, watch out!
 71162 | Elf:3    | Danger: deep elf demonologist |T3| Reason: Banishment and
                  | low Will
 71163 | Elf:3    | Danger: deep elf high priest |T3| Reason: Damnation (smite)
                  | in LOS, watch out!
 71163 | Elf:3    | Danger: deep elf demonologist |T3| Reason: Banishment and
                  | low Will
 71164 | Elf:3    | Danger: deep elf demonologist |T3| Reason: Banishment and
                  | low Will
 71169 | Elf:3    | Danger: deep elf annihilator |T2| Reason: Iron Shot deals
                  | more than 50% MHP!
 71169 | Elf:3    | Danger: deep elf annihilator |T2| Reason: Lehudib's Crystal
                  | Spear deals more than 50% MHP!
 71184 | Elf:3    | Danger: deep elf annihilator |T2| Reason: Lehudib's Crystal
                  | Spear deals more than 50% MHP!
 71220 | Elf:3    | Danger: deep elf archer |T2| Reason: Slow and low Will,
                  | careful
 71229 | Elf:3    | Danger: deep elf archer |T2| Reason: Slow and low Will,
                  | careful
 71234 | Elf:3    | Danger: deep elf archer |T2| Reason: Slow and low Will,
                  | careful
 71236 | Elf:3    | Danger: deep elf sorcerer |T3| Reason: Banishment and low
                  | Will
 71236 | Elf:3    | Danger: deep elf sorcerer |T3| Reason: Damnation in LOF,
                  | watch out!
 71237 | Elf:3    | Danger: deep elf sorcerer |T3| Reason: Banishment and low
                  | Will
 71237 | Elf:3    | Danger: deep elf sorcerer |T3| Reason: Damnation in LOF,
                  | watch out!
 71238 | Elf:3    | Danger: deep elf sorcerer |T3| Reason: Banishment and low
                  | Will
 71238 | Elf:3    | Danger: deep elf sorcerer |T3| Reason: Damnation in LOF,
                  | watch out!
 71239 | Elf:3    | Danger: deep elf archer |T2| Reason: Slow and low Will,
                  | careful
 71239 | Elf:3    | Danger: deep elf sorcerer |T3| Reason: Banishment and low
                  | Will
 71239 | Elf:3    | Danger: deep elf sorcerer |T3| Reason: Damnation in LOF,
                  | watch out!
 71241 | Elf:3    | Danger: deep elf sorcerer |T3| Reason: Banishment and low
                  | Will
 71241 | Elf:3    | Danger: deep elf sorcerer |T3| Reason: Damnation in LOF,
                  | watch out!
 71242 | Elf:3    | Danger: deep elf sorcerer |T3| Reason: Banishment and low
                  | Will
 71242 | Elf:3    | Danger: deep elf sorcerer |T3| Reason: Damnation in LOF,
                  | watch out!
 71243 | Elf:3    | Danger: deep elf sorcerer |T3| Reason: Banishment and low
                  | Will
 71243 | Elf:3    | Danger: deep elf sorcerer |T3| Reason: Damnation in LOF,
                  | watch out!
 71244 | Elf:3    | Danger: deep elf sorcerer |T3| Reason: Banishment and low
                  | Will
 71244 | Elf:3    | Danger: deep elf sorcerer |T3| Reason: Damnation in LOF,
                  | watch out!
 71245 | Elf:3    | Danger: deep elf sorcerer |T3| Reason: Banishment and low
                  | Will
 71245 | Elf:3    | Danger: deep elf sorcerer |T3| Reason: Damnation in LOF,
                  | watch out!
 71246 | Elf:3    | Danger: deep elf sorcerer |T3| Reason: Banishment and low
                  | Will
 71246 | Elf:3    | Danger: deep elf sorcerer |T3| Reason: Damnation in LOF,
                  | watch out!
 71261 | Elf:3    | Danger: deep elf demonologist |T3| Reason: Banishment and
                  | low Will
 71262 | Elf:3    | Danger: deep elf demonologist |T3| Reason: Banishment and
                  | low Will
 71265 | Elf:3    | Danger: deep elf demonologist |T3| Reason: Banishment and
                  | low Will
 71266 | Elf:3    | Danger: deep elf demonologist |T3| Reason: Banishment and
                  | low Will
 71267 | Elf:3    | Danger: deep elf demonologist |T3| Reason: Banishment and
                  | low Will
 71268 | Elf:3    | Danger: deep elf demonologist |T3| Reason: Banishment and
                  | low Will
 71273 | Elf:3    | Found the +6 arbalest "Damnation" {damnation}
 71331 | Elf:3    | Identified the ring of Letozuan {Fly rF+ Int+2 Dex+6}
 71346 | Elf:3    | Identified the +7 dagger "Anaos" {antimagic, *Corrode rF+
                  | Will+ Str+2}
 71354 | Elf:3    | Identified the +7 flail "Afoy" {flame, rElec MP+9}
 71360 | Elf:3    | Identified the staff of earth "Finuqusch" {rF+ rC+ rN+
                  | Int+3}
 71460 | Elf:3    | Identified the ring of the Genius {rElec rF+ Will+ Dex+3
                  | Slay-2}
 71474 | Elf:3    | Identified the +5 ring mail of the Saviour {Fly rF+ rC-
                  | Dex+2}
 71475 | Elf:3    | Identified the +4 trident "Vuckurr" {freeze, Fragile rCorr
                  | Str+4 Dex+3}
 71489 | Elf:3    | Identified the staff of death "Quoxtap" {rN+ rCorr Str+4}
 71542 | Elf:3    | Identified the staff of conjuration "Saip" {rC++}
 71654 | Elf:3    | Danger: deep elf archer |T2| Reason: Slow and low Will,
                  | careful
 71656 | Elf:3    | Noticed Donald
 71657 | Elf:3    | Danger: Donald |T2| Reason: Unique monster, careful!
 71665 | Elf:3    | Killed Donald
 72150 | Snake:4  | Bought a potion of haste for 180 gold pieces
 72150 | Snake:4  | Bought a potion of haste for 180 gold pieces
 72150 | Snake:4  | Bought a potion of heal wounds for 90 gold pieces
 72150 | Snake:4  | Bought a potion of heal wounds for 90 gold pieces
 72150 | Snake:4  | Bought a potion of might for 72 gold pieces
 72209 | Snake:3  | Bought a potion of haste for 200 gold pieces
 72713 | Zot:3    | Found a transporter.
 72821 | Zot:3    | Danger: Low HP Warning |T2| Reason: 55% HP (111/201)
 72822 | Zot:3    | Danger: Low HP Warning |T2| Reason: 55% HP (111/201)
 72823 | Zot:3    | Danger: Low HP Warning |T2| Reason: 55% HP (112/201)
 72824 | Zot:3    | Danger: Low HP Warning |T2| Reason: 55% HP (112/201)
 72825 | Zot:3    | Danger: Low HP Warning |T2| Reason: 55% HP (112/201)
 72826 | Zot:3    | Danger: Low HP Warning |T2| Reason: 56% HP (113/201)
 72827 | Zot:3    | Danger: Low HP Warning |T2| Reason: 56% HP (113/201)
 72828 | Zot:3    | Danger: Low HP Warning |T2| Reason: 56% HP (113/201)
 72829 | Zot:3    | Danger: Low HP Warning |T2| Reason: 56% HP (114/201)
 72830 | Zot:3    | Danger: Low HP Warning |T2| Reason: 56% HP (114/201)
 72831 | Zot:3    | Danger: Low HP Warning |T2| Reason: 57% HP (115/201)
 72832 | Zot:3    | Danger: Low HP Warning |T2| Reason: 53% HP (108/201)
 72833 | Zot:3    | Danger: Low HP Warning |T2| Reason: 50% HP (101/201)
 72834 | Zot:3    | Danger: Low HP Warning |T2| Reason: 50% HP (102/201)
 72835 | Zot:3    | Danger: Low HP Warning |T2| Reason: 50% HP (102/201)
 72836 | Zot:3    | Danger: Low HP Warning |T2| Reason: 47% HP (96/201)
 72837 | Zot:3    | Danger: Low HP Warning |T2| Reason: 48% HP (97/201)
 72838 | Zot:3    | Danger: Low HP Warning |T2| Reason: 45% HP (91/201)
 72839 | Zot:3    | Danger: Low HP Warning |T2| Reason: 41% HP (84/201)
 72840 | Zot:3    | Danger: Low HP Warning |T2| Reason: 41% HP (84/201)
 72841 | Zot:3    | Danger: Low HP Warning |T2| Reason: 41% HP (84/201)
 72842 | Zot:3    | Danger: Low HP Warning |T2| Reason: 42% HP (85/201)
 72844 | Zot:3    | Danger: Low HP Warning |T2| Reason: 42% HP (86/201)
 72845 | Zot:3    | Danger: Low HP Warning |T2| Reason: 42% HP (86/201)
 72846 | Zot:3    | Danger: Low HP Warning |T2| Reason: 43% HP (87/201)
 72847 | Zot:3    | Danger: Low HP Warning |T2| Reason: 43% HP (87/201)
 72848 | Zot:3    | Danger: Low HP Warning |T2| Reason: 43% HP (88/201)
 72849 | Zot:3    | Danger: Low HP Warning |T2| Reason: 43% HP (88/201)
 72850 | Zot:3    | Danger: Low HP Warning |T2| Reason: 44% HP (89/201)
 72851 | Zot:3    | Danger: Low HP Warning |T2| Reason: 44% HP (89/201)
 72852 | Zot:3    | Danger: Low HP Warning |T2| Reason: 44% HP (90/201)
 72853 | Zot:3    | Danger: Low HP Warning |T2| Reason: 44% HP (90/201)
 72854 | Zot:3    | Danger: Low HP Warning |T2| Reason: 43% HP (87/201)
 72855 | Zot:3    | Danger: Low HP Warning |T2| Reason: 43% HP (87/201)
 72856 | Zot:3    | Danger: Low HP Warning |T2| Reason: 26% HP (54/201)
 72857 | Zot:3    | Danger: Low HP Warning |T2| Reason: 27% HP (55/201)
 72858 | Zot:3    | Danger: Low HP Warning |T2| Reason: 27% HP (55/201)
 72859 | Zot:3    | Danger: Low HP Warning |T2| Reason: 26% HP (53/201)
 72860 | Zot:3    | Danger: electric golem |T3| Reason: IMMINENT DEATH:
                  | Lightning Bolt deals 60 damage, you have 53 HP!!
 72860 | Zot:3    | Danger: Low HP Warning |T2| Reason: 26% HP (53/201)
 72861 | Zot:3    | Danger: electric golem |T3| Reason: IMMINENT DEATH:
                  | Lightning Bolt deals 60 damage, you have 54 HP!!
 72861 | Zot:3    | Danger: Low HP Warning |T2| Reason: 26% HP (54/201)
 72862 | Zot:3    | Danger: Low HP Warning |T2| Reason: 26% HP (54/201)
 72863 | Zot:3    | Danger: Low HP Warning |T2| Reason: 27% HP (55/201)
 72864 | Zot:3    | Danger: Low HP Warning |T2| Reason: 27% HP (55/201)
 72865 | Zot:3    | Danger: Low HP Warning |T3| Reason: 18% HP (37/201)
 72866 | Zot:3    | Danger: Low HP Warning |T3| Reason: 18% HP (37/201)
 72868 | Zot:3    | Danger: Low HP Warning |T3| Reason: 21% HP (43/201)
 72869 | Zot:3    | Danger: Low HP Warning |T2| Reason: 26% HP (53/201)
 72870 | Zot:3    | Danger: Low HP Warning |T2| Reason: 26% HP (53/201)
 72871 | Zot:3    | Danger: Low HP Warning |T2| Reason: 26% HP (54/201)
 72872 | Zot:3    | Danger: Low HP Warning |T2| Reason: 26% HP (54/201)
 72873 | Zot:3    | Danger: Low HP Warning |T2| Reason: 27% HP (55/201)
 72874 | Zot:3    | Danger: Low HP Warning |T2| Reason: 27% HP (55/201)
 72875 | Zot:3    | Danger: Low HP Warning |T2| Reason: 27% HP (56/201)
 72876 | Zot:3    | Danger: Low HP Warning |T2| Reason: 27% HP (56/201)
 72877 | Zot:3    | Danger: Low HP Warning |T2| Reason: 28% HP (57/201)
 72878 | Zot:3    | Danger: Low HP Warning |T2| Reason: 28% HP (57/201)
 72879 | Zot:3    | Danger: Low HP Warning |T2| Reason: 28% HP (58/201)
 72880 | Zot:3    | Danger: Low HP Warning |T2| Reason: 28% HP (58/201)
 72881 | Zot:3    | Danger: Low HP Warning |T2| Reason: 29% HP (59/201)
 72882 | Zot:3    | Danger: Low HP Warning |T2| Reason: 29% HP (60/201)
 73447 | Zot:3    | Danger: curse toe |T3| Reason: Torment and not torment
                  | immune!
 73454 | Zot:3    | Danger: curse toe |T3| Reason: Torment and not torment
                  | immune!
 73455 | Zot:3    | Danger: curse toe |T3| Reason: Torment and not torment
                  | immune!
 73456 | Zot:3    | Danger: curse toe |T3| Reason: Torment and not torment
                  | immune!
 73457 | Zot:3    | Danger: curse toe |T3| Reason: Torment and not torment
                  | immune!
 73458 | Zot:3    | Danger: curse toe |T3| Reason: Torment and not torment
                  | immune!
 73508 | Zot:3    | Found Diyxzuipt's Changing Room.
 73574 | Zot:3    | Found a transporter.
 73619 | Zot:3    | Danger: yellow draconian annihilator |T2| Reason: Lehudib's
                  | Crystal Spear deals more than 50% MHP!
 73763 | Zot:3    | Noticed an ancient lich
 73764 | Zot:3    | Danger: ancient lich |T3| Reason: Petrify and low Will
 73764 | Zot:3    | Danger: ancient lich |T2| Reason: Corrosive Bolt deals more
                  | than 50% MHP!
 73764 | Zot:3    | Danger: ancient lich |T2| Reason: Lehudib's Crystal Spear
                  | deals more than 50% MHP!
 73765 | Zot:3    | Danger: ancient lich |T3| Reason: Petrify and low Will
 73766 | Zot:3    | Danger: ancient lich |T3| Reason: Petrify and low Will
 73767 | Zot:3    | Danger: ancient lich |T3| Reason: Petrify and low Will
 73768 | Zot:3    | Danger: ancient lich |T3| Reason: Petrify and low Will
 73784 | Zot:3    | Killed an ancient lich
 73852 | Zot:3    | Identified the ring of Xom's Flight of Fancy {rF++ rC- AC+4
                  | Str+8 Stlth-}
 73865 | Zot:3    | Identified the amulet "Opaqol" {Faith Will+ Int+2 Dex+3}
 73969 | Zot:4    | Danger: Low HP Warning |T2| Reason: 50% HP (87/172)
 73970 | Zot:4    | Danger: Low HP Warning |T2| Reason: 50% HP (87/172)
 73971 | Zot:4    | Danger: Low HP Warning |T2| Reason: 46% HP (78/168)
 73972 | Zot:4    | Danger: Low HP Warning |T2| Reason: 47% HP (79/168)
 73973 | Zot:4    | Danger: Low HP Warning |T2| Reason: 47% HP (79/168)
 73975 | Zot:4    | Danger: Low HP Warning |T2| Reason: 47% HP (80/170)
 73979 | Zot:4    | Danger: Low HP Warning |T2| Reason: 48% HP (82/170)
 73980 | Zot:4    | Danger: Low HP Warning |T2| Reason: 44% HP (75/170)
 73982 | Zot:4    | Danger: Low HP Warning |T2| Reason: 44% HP (76/170)
 73983 | Zot:4    | Danger: Low HP Warning |T2| Reason: 45% HP (77/170)
 74187 | Zot:4    | Danger: Low HP Warning |T2| Reason: 50% HP (84/165)
 74188 | Zot:4    | Danger: Low HP Warning |T2| Reason: 50% HP (84/165)
 74189 | Zot:4    | Danger: Low HP Warning |T2| Reason: 51% HP (85/165)
 74190 | Zot:4    | Danger: Low HP Warning |T2| Reason: 51% HP (85/165)
 74191 | Zot:4    | Danger: Low HP Warning |T2| Reason: 51% HP (85/165)
 74192 | Zot:4    | Danger: Low HP Warning |T2| Reason: 52% HP (86/165)
 74193 | Zot:4    | Danger: Low HP Warning |T2| Reason: 52% HP (86/165)
 74196 | Zot:4    | Danger: Low HP Warning |T2| Reason: 52% HP (88/167)
 74197 | Zot:4    | Danger: Low HP Warning |T2| Reason: 52% HP (88/167)
 74198 | Zot:4    | Danger: Low HP Warning |T2| Reason: 53% HP (89/167)
 74199 | Zot:4    | Danger: Low HP Warning |T2| Reason: 53% HP (89/167)
 74200 | Zot:4    | Danger: Low HP Warning |T2| Reason: 53% HP (90/167)
 74201 | Zot:4    | Danger: Low HP Warning |T2| Reason: 53% HP (90/167)
 74206 | Zot:4    | Danger: Low HP Warning |T2| Reason: 55% HP (93/167)
 74207 | Zot:4    | Danger: Low HP Warning |T2| Reason: 55% HP (93/167)
 74208 | Zot:4    | Danger: Low HP Warning |T2| Reason: 55% HP (93/167)
 74209 | Zot:4    | Danger: Low HP Warning |T2| Reason: 56% HP (94/167)
 74211 | Zot:4    | Danger: Low HP Warning |T2| Reason: 49% HP (83/167)
 74212 | Zot:4    | Danger: Low HP Warning |T2| Reason: 49% HP (83/167)
 74305 | Zot:4    | Danger: Low HP Warning |T2| Reason: 59% HP (101/169)
 74306 | Zot:4    | Danger: Low HP Warning |T2| Reason: 59% HP (101/169)
 74307 | Zot:4    | Danger: Low HP Warning |T2| Reason: 59% HP (101/169)
 74308 | Zot:4    | Danger: Low HP Warning |T2| Reason: 60% HP (102/169)
 74309 | Zot:4    | Danger: Low HP Warning |T2| Reason: 59% HP (102/171)
 74310 | Zot:4    | Danger: Low HP Warning |T2| Reason: 59% HP (102/171)
 74311 | Zot:4    | Danger: Low HP Warning |T2| Reason: 60% HP (103/171)
 74312 | Zot:4    | Danger: Low HP Warning |T2| Reason: 60% HP (103/171)
 74313 | Zot:4    | Danger: Low HP Warning |T2| Reason: 58% HP (100/171)
 74314 | Zot:4    | Danger: Low HP Warning |T2| Reason: 59% HP (101/171)
 74315 | Zot:4    | Danger: Low HP Warning |T2| Reason: 59% HP (101/171)
 74316 | Zot:4    | Danger: Low HP Warning |T2| Reason: 59% HP (102/171)
 74317 | Zot:4    | Danger: Low HP Warning |T2| Reason: 59% HP (102/171)
 74318 | Zot:4    | Danger: Low HP Warning |T2| Reason: 59% HP (102/171)
 74319 | Zot:4    | Danger: Low HP Warning |T2| Reason: 58% HP (103/175)
 74320 | Zot:4    | Danger: Low HP Warning |T2| Reason: 58% HP (103/175)
 74321 | Zot:4    | Danger: Low HP Warning |T2| Reason: 58% HP (103/175)
 74322 | Zot:4    | Danger: Low HP Warning |T2| Reason: 59% HP (104/175)
 74323 | Zot:4    | Danger: Low HP Warning |T2| Reason: 50% HP (84/168)
 74324 | Zot:4    | Danger: Low HP Warning |T2| Reason: 50% HP (84/168)
 74325 | Zot:4    | Danger: Low HP Warning |T2| Reason: 50% HP (85/168)
 74326 | Zot:4    | Danger: Low HP Warning |T2| Reason: 50% HP (85/170)
 74327 | Zot:4    | Danger: Low HP Warning |T2| Reason: 50% HP (85/170)
 74328 | Zot:4    | Danger: Low HP Warning |T2| Reason: 50% HP (86/170)
 74329 | Zot:4    | Danger: Low HP Warning |T2| Reason: 50% HP (86/170)
 74330 | Zot:4    | Danger: Low HP Warning |T2| Reason: 50% HP (86/172)
 74331 | Zot:4    | Danger: Low HP Warning |T2| Reason: 50% HP (87/172)
 74332 | Zot:4    | Danger: Low HP Warning |T2| Reason: 48% HP (84/172)
 74333 | Zot:4    | Danger: Low HP Warning |T2| Reason: 49% HP (85/172)
 74334 | Zot:4    | Danger: Low HP Warning |T2| Reason: 49% HP (85/172)
 74335 | Zot:4    | Danger: Low HP Warning |T2| Reason: 49% HP (85/172)
 74350 | Zot:4    | Danger: Low HP Warning |T2| Reason: 52% HP (93/176)
 74351 | Zot:4    | Danger: Low HP Warning |T2| Reason: 52% HP (93/176)
 74352 | Zot:4    | Danger: Low HP Warning |T2| Reason: 52% HP (93/176)
 74356 | Zot:4    | Danger: Low HP Warning |T2| Reason: 53% HP (95/176)
 74357 | Zot:4    | Danger: Low HP Warning |T2| Reason: 54% HP (96/176)
 74358 | Zot:4    | Danger: Low HP Warning |T2| Reason: 54% HP (96/176)
 74381 | Zot:4    | Identified the ring of Gatiut {*Slow rF+ AC+4 Str+2 Dex+2}
 74385 | Zot:4    | Identified the amulet "Nudick" {RegenMP -Tele rF+ Str+2
                  | Int+2 Slay+4}
 75062 | Zot:4    | Danger: yellow draconian annihilator |T2| Reason: Lehudib's
                  | Crystal Spear deals more than 50% MHP!
 75080 | Zot:4    | Reached XP level 25. HP: 158/197 MP: 20/29
 75258 | Zot:4    | Danger: curse toe |T3| Reason: Torment and not torment
                  | immune!
 75259 | Zot:4    | Danger: curse toe |T3| Reason: Torment and not torment
                  | immune!
 75260 | Zot:4    | Danger: curse toe |T3| Reason: Torment and not torment
                  | immune!
 75262 | Zot:4    | Danger: curse toe |T3| Reason: Torment and not torment
                  | immune!
 75263 | Zot:4    | Danger: curse toe |T3| Reason: Torment and not torment
                  | immune!
 75265 | Zot:4    | Danger: curse toe |T3| Reason: Torment and not torment
                  | immune!
 75268 | Zot:4    | Danger: curse toe |T3| Reason: Torment and not torment
                  | immune!
 75271 | Zot:4    | Danger: curse toe |T3| Reason: Torment and not torment
                  | immune!
 75272 | Zot:4    | Danger: curse toe |T3| Reason: Torment and not torment
                  | immune!
 75272 | Zot:4    | Danger: Low HP Warning |T2| Reason: 56% HP (115/202)
 75278 | Zot:4    | Danger: curse toe |T3| Reason: Torment and not torment
                  | immune!
 75278 | Zot:4    | Danger: Low HP Warning |T2| Reason: 57% HP (117/202)
 75542 | Zot:4    | Identified a scroll of acquirement
 75670 | Zot:4    | Acquired 316 gold pieces
 75711 | Zot:5    | Entered Level 5 of the Realm of Zot
 75859 | Zot:5    | Danger: red draconian scorcher |T3| Reason: Bolt of Magma
                  | (irresistible ~3d30+ equivalent) and not rF+++, watch out!
 75859 | Zot:5    | Danger: red draconian scorcher |T2| Reason: Damnation in
                  | LOS, careful!
 75859 | Zot:5    | Danger: red draconian scorcher |T3| Reason: Damnation
                  | (smite) in LOS, watch out!
 75863 | Zot:5    | Danger: red draconian scorcher |T3| Reason: Bolt of Magma
                  | (irresistible ~3d30+ equivalent) and not rF+++, watch out!
 75863 | Zot:5    | Danger: red draconian scorcher |T2| Reason: Damnation in
                  | LOS, careful!
 75863 | Zot:5    | Danger: red draconian scorcher |T3| Reason: Damnation
                  | (smite) in LOS, watch out!
 75864 | Zot:5    | Danger: red draconian scorcher |T3| Reason: Bolt of Magma
                  | (irresistible ~3d30+ equivalent) and not rF+++, watch out!
 75864 | Zot:5    | Danger: red draconian scorcher |T3| Reason: Damnation
                  | (smite) in LOS, watch out!
 75865 | Zot:5    | Danger: red draconian scorcher |T3| Reason: Bolt of Magma
                  | (irresistible ~3d30+ equivalent) and not rF+++, watch out!
 75865 | Zot:5    | Danger: red draconian scorcher |T3| Reason: Damnation
                  | (smite) in LOS, watch out!
 75866 | Zot:5    | Danger: red draconian scorcher |T3| Reason: Bolt of Magma
                  | (irresistible ~3d30+ equivalent) and not rF+++, watch out!
 75866 | Zot:5    | Danger: red draconian scorcher |T3| Reason: Damnation
                  | (smite) in LOS, watch out!
 75867 | Zot:5    | Danger: red draconian scorcher |T3| Reason: Bolt of Magma
                  | (irresistible ~3d30+ equivalent) and not rF+++, watch out!
 75867 | Zot:5    | Danger: red draconian scorcher |T3| Reason: Damnation
                  | (smite) in LOS, watch out!
 75868 | Zot:5    | Danger: red draconian scorcher |T3| Reason: Bolt of Magma
                  | (irresistible ~3d30+ equivalent) and not rF+++, watch out!
 75868 | Zot:5    | Danger: red draconian scorcher |T3| Reason: Damnation
                  | (smite) in LOS, watch out!
 75870 | Zot:5    | Danger: red draconian scorcher |T3| Reason: Bolt of Magma
                  | (irresistible ~3d30+ equivalent) and not rF+++, watch out!
 75870 | Zot:5    | Danger: red draconian scorcher |T3| Reason: Damnation
                  | (smite) in LOS, watch out!
 75871 | Zot:5    | Danger: red draconian scorcher |T3| Reason: Bolt of Magma
                  | (irresistible ~3d30+ equivalent) and not rF+++, watch out!
 75871 | Zot:5    | Danger: red draconian scorcher |T3| Reason: Damnation
                  | (smite) in LOS, watch out!
 75872 | Zot:5    | Danger: red draconian scorcher |T3| Reason: Bolt of Magma
                  | (irresistible ~3d30+ equivalent) and not rF+++, watch out!
 75872 | Zot:5    | Danger: red draconian scorcher |T3| Reason: Damnation
                  | (smite) in LOS, watch out!
 75873 | Zot:5    | Danger: red draconian scorcher |T3| Reason: Bolt of Magma
                  | (irresistible ~3d30+ equivalent) and not rF+++, watch out!
 75873 | Zot:5    | Danger: red draconian scorcher |T3| Reason: Damnation
                  | (smite) in LOS, watch out!
 75874 | Zot:5    | Danger: red draconian scorcher |T3| Reason: Bolt of Magma
                  | (irresistible ~3d30+ equivalent) and not rF+++, watch out!
 75874 | Zot:5    | Danger: red draconian scorcher |T3| Reason: Damnation
                  | (smite) in LOS, watch out!
 75875 | Zot:5    | Danger: red draconian scorcher |T3| Reason: Bolt of Magma
                  | (irresistible ~3d30+ equivalent) and not rF+++, watch out!
 75875 | Zot:5    | Danger: red draconian scorcher |T3| Reason: Damnation
                  | (smite) in LOS, watch out!
 75876 | Zot:5    | Danger: red draconian scorcher |T3| Reason: Bolt of Magma
                  | (irresistible ~3d30+ equivalent) and not rF+++, watch out!
 75876 | Zot:5    | Danger: red draconian scorcher |T3| Reason: Damnation
                  | (smite) in LOS, watch out!
 75877 | Zot:5    | Danger: red draconian scorcher |T3| Reason: Bolt of Magma
                  | (irresistible ~3d30+ equivalent) and not rF+++, watch out!
 75877 | Zot:5    | Danger: red draconian scorcher |T3| Reason: Damnation
                  | (smite) in LOS, watch out!
 75878 | Zot:5    | Danger: red draconian scorcher |T3| Reason: Bolt of Magma
                  | (irresistible ~3d30+ equivalent) and not rF+++, watch out!
 75878 | Zot:5    | Danger: red draconian scorcher |T3| Reason: Damnation
                  | (smite) in LOS, watch out!
 75879 | Zot:5    | Danger: red draconian scorcher |T3| Reason: Bolt of Magma
                  | (irresistible ~3d30+ equivalent) and not rF+++, watch out!
 75879 | Zot:5    | Danger: red draconian scorcher |T3| Reason: Damnation
                  | (smite) in LOS, watch out!
 75880 | Zot:5    | Danger: red draconian scorcher |T3| Reason: Bolt of Magma
                  | (irresistible ~3d30+ equivalent) and not rF+++, watch out!
 75880 | Zot:5    | Danger: red draconian scorcher |T3| Reason: Damnation
                  | (smite) in LOS, watch out!
 75881 | Zot:5    | Danger: red draconian scorcher |T3| Reason: Bolt of Magma
                  | (irresistible ~3d30+ equivalent) and not rF+++, watch out!
 75881 | Zot:5    | Danger: red draconian scorcher |T3| Reason: Damnation
                  | (smite) in LOS, watch out!
 75882 | Zot:5    | Danger: red draconian scorcher |T3| Reason: Bolt of Magma
                  | (irresistible ~3d30+ equivalent) and not rF+++, watch out!
 75882 | Zot:5    | Danger: red draconian scorcher |T3| Reason: Damnation
                  | (smite) in LOS, watch out!
 75883 | Zot:5    | Danger: red draconian scorcher |T3| Reason: Bolt of Magma
                  | (irresistible ~3d30+ equivalent) and not rF+++, watch out!
 75883 | Zot:5    | Danger: red draconian scorcher |T3| Reason: Damnation
                  | (smite) in LOS, watch out!
 75884 | Zot:5    | Danger: red draconian scorcher |T3| Reason: Bolt of Magma
                  | (irresistible ~3d30+ equivalent) and not rF+++, watch out!
 75884 | Zot:5    | Danger: red draconian scorcher |T3| Reason: Damnation
                  | (smite) in LOS, watch out!
 75885 | Zot:5    | Danger: red draconian scorcher |T3| Reason: Bolt of Magma
                  | (irresistible ~3d30+ equivalent) and not rF+++, watch out!
 75885 | Zot:5    | Danger: red draconian scorcher |T3| Reason: Damnation
                  | (smite) in LOS, watch out!
 75886 | Zot:5    | Danger: red draconian scorcher |T3| Reason: Bolt of Magma
                  | (irresistible ~3d30+ equivalent) and not rF+++, watch out!
 75886 | Zot:5    | Danger: red draconian scorcher |T3| Reason: Damnation
                  | (smite) in LOS, watch out!
 75886 | Zot:5    | Noticed an orb of fire
 75887 | Zot:5    | Danger: orb of fire |T2| Reason: Malmutator in LOS
 75887 | Zot:5    | Danger: orb of fire |T3| Reason: Orb of Fire and low rF
 75887 | Zot:5    | Danger: orb of fire |T2| Reason: Bolt of Fire deals more
                  | than 50% MHP!
 75887 | Zot:5    | Danger: orb of fire |T2| Reason: Fireball deals more than
                  | 50% MHP!
 75887 | Zot:5    | Danger: red draconian scorcher |T3| Reason: Bolt of Magma
                  | (irresistible ~3d30+ equivalent) and not rF+++, watch out!
 75887 | Zot:5    | Danger: red draconian scorcher |T3| Reason: Damnation
                  | (smite) in LOS, watch out!
 75888 | Zot:5    | Danger: red draconian scorcher |T3| Reason: Damnation in
                  | LOF, watch out!
 75888 | Zot:5    | Danger: red draconian scorcher |T3| Reason: Bolt of Magma
                  | (irresistible ~3d30+ equivalent) and not rF+++, watch out!
 75888 | Zot:5    | Danger: red draconian scorcher |T3| Reason: Damnation
                  | (smite) in LOS, watch out!
 75888 | Zot:5    | Danger: orb of fire |T3| Reason: Orb of Fire and low rF
 75889 | Zot:5    | Danger: orb of fire |T2| Reason: Malmutator in LOF!
 75889 | Zot:5    | Danger: red draconian scorcher |T3| Reason: Bolt of Magma
                  | (irresistible ~3d30+ equivalent) and not rF+++, watch out!
 75889 | Zot:5    | Danger: red draconian scorcher |T3| Reason: Damnation in
                  | LOF, watch out!
 75889 | Zot:5    | Danger: red draconian scorcher |T3| Reason: Damnation
                  | (smite) in LOS, watch out!
 75889 | Zot:5    | Danger: orb of fire |T3| Reason: Orb of Fire and low rF
 75890 | Zot:5    | Danger: red draconian scorcher |T2| Reason: Damnation in
                  | LOS, careful!
 75890 | Zot:5    | Danger: red draconian scorcher |T3| Reason: Bolt of Magma
                  | (irresistible ~3d30+ equivalent) and not rF+++, watch out!
 75890 | Zot:5    | Danger: red draconian scorcher |T3| Reason: Damnation
                  | (smite) in LOS, watch out!
 75890 | Zot:5    | Danger: orb of fire |T3| Reason: Orb of Fire and low rF
 75891 | Zot:5    | Danger: orb of fire |T3| Reason: Orb of Fire and low rF
 75892 | Zot:5    | Danger: orb of fire |T3| Reason: Orb of Fire and low rF
 75893 | Zot:5    | Danger: orb of fire |T3| Reason: Orb of Fire and low rF
 75894 | Zot:5    | Danger: orb of fire |T2| Reason: Malmutator in LOF!
 75894 | Zot:5    | Danger: orb of fire |T3| Reason: Orb of Fire and low rF
 75895 | Zot:5    | Danger: red draconian scorcher |T3| Reason: Bolt of Magma
                  | (irresistible ~3d30+ equivalent) and not rF+++, watch out!
 75895 | Zot:5    | Danger: red draconian scorcher |T2| Reason: Damnation in
                  | LOS, careful!
 75895 | Zot:5    | Danger: red draconian scorcher |T3| Reason: Damnation
                  | (smite) in LOS, watch out!
 75895 | Zot:5    | Danger: orb of fire |T3| Reason: Orb of Fire and low rF
 75896 | Zot:5    | Danger: orb of fire |T3| Reason: Orb of Fire and low rF
 75896 | Zot:5    | Danger: red draconian scorcher |T3| Reason: Bolt of Magma
                  | (irresistible ~3d30+ equivalent) and not rF+++, watch out!
 75896 | Zot:5    | Danger: red draconian scorcher |T3| Reason: Damnation
                  | (smite) in LOS, watch out!
 75897 | Zot:5    | Danger: orb of fire |T3| Reason: Orb of Fire and low rF
 75897 | Zot:5    | Danger: red draconian scorcher |T3| Reason: Bolt of Magma
                  | (irresistible ~3d30+ equivalent) and not rF+++, watch out!
 75897 | Zot:5    | Danger: red draconian scorcher |T3| Reason: Damnation
                  | (smite) in LOS, watch out!
 75898 | Zot:5    | Danger: orb of fire |T3| Reason: Orb of Fire and low rF
 75898 | Zot:5    | Danger: red draconian scorcher |T3| Reason: Bolt of Magma
                  | (irresistible ~3d30+ equivalent) and not rF+++, watch out!
 75898 | Zot:5    | Danger: red draconian scorcher |T3| Reason: Damnation
                  | (smite) in LOS, watch out!
 75899 | Zot:5    | Danger: orb of fire |T3| Reason: Orb of Fire and low rF
 75899 | Zot:5    | Danger: red draconian scorcher |T3| Reason: Bolt of Magma
                  | (irresistible ~3d30+ equivalent) and not rF+++, watch out!
 75899 | Zot:5    | Danger: red draconian scorcher |T3| Reason: Damnation
                  | (smite) in LOS, watch out!
 75900 | Zot:5    | Danger: orb of fire |T3| Reason: Orb of Fire and low rF
 75900 | Zot:5    | Danger: red draconian scorcher |T3| Reason: Bolt of Magma
                  | (irresistible ~3d30+ equivalent) and not rF+++, watch out!
 75900 | Zot:5    | Danger: red draconian scorcher |T3| Reason: Damnation
                  | (smite) in LOS, watch out!
 75901 | Zot:5    | Danger: orb of fire |T3| Reason: Orb of Fire and low rF
 75901 | Zot:5    | Danger: red draconian scorcher |T3| Reason: Bolt of Magma
                  | (irresistible ~3d30+ equivalent) and not rF+++, watch out!
 75901 | Zot:5    | Danger: red draconian scorcher |T3| Reason: Damnation
                  | (smite) in LOS, watch out!
 75901 | Zot:5    | Killed an orb of fire
 75902 | Zot:5    | Danger: red draconian scorcher |T3| Reason: Damnation in
                  | LOF, watch out!
 75902 | Zot:5    | Danger: red draconian scorcher |T3| Reason: Bolt of Magma
                  | (irresistible ~3d30+ equivalent) and not rF+++, watch out!
 75902 | Zot:5    | Danger: red draconian scorcher |T3| Reason: Damnation
                  | (smite) in LOS, watch out!
 75903 | Zot:5    | Danger: red draconian scorcher |T3| Reason: Bolt of Magma
                  | (irresistible ~3d30+ equivalent) and not rF+++, watch out!
 75903 | Zot:5    | Danger: red draconian scorcher |T3| Reason: Damnation in
                  | LOF, watch out!
 75903 | Zot:5    | Danger: red draconian scorcher |T3| Reason: Damnation
                  | (smite) in LOS, watch out!
 75905 | Zot:5    | Danger: red draconian scorcher |T3| Reason: Bolt of Magma
                  | (irresistible ~3d30+ equivalent) and not rF+++, watch out!
 75905 | Zot:5    | Danger: red draconian scorcher |T3| Reason: Damnation in
                  | LOF, watch out!
 75905 | Zot:5    | Danger: red draconian scorcher |T3| Reason: Damnation
                  | (smite) in LOS, watch out!
 75906 | Zot:5    | :dear god i need to tone down that rc
 75908 | Zot:5    | Danger: red draconian scorcher |T3| Reason: Bolt of Magma
                  | (irresistible ~3d30+ equivalent) and not rF+++, watch out!
 75908 | Zot:5    | Danger: red draconian scorcher |T3| Reason: Damnation in
                  | LOF, watch out!
 75908 | Zot:5    | Danger: red draconian scorcher |T3| Reason: Damnation
                  | (smite) in LOS, watch out!
 75909 | Zot:5    | Danger: red draconian scorcher |T3| Reason: Bolt of Magma
                  | (irresistible ~3d30+ equivalent) and not rF+++, watch out!
 75909 | Zot:5    | Danger: red draconian scorcher |T3| Reason: Damnation in
                  | LOF, watch out!
 75909 | Zot:5    | Danger: red draconian scorcher |T3| Reason: Damnation
                  | (smite) in LOS, watch out!
 75910 | Zot:5    | Danger: red draconian scorcher |T3| Reason: Bolt of Magma
                  | (irresistible ~3d30+ equivalent) and not rF+++, watch out!
 75910 | Zot:5    | Danger: red draconian scorcher |T3| Reason: Damnation in
                  | LOF, watch out!
 75910 | Zot:5    | Danger: red draconian scorcher |T3| Reason: Damnation
                  | (smite) in LOS, watch out!
 75912 | Zot:5    | Danger: red draconian scorcher |T3| Reason: Bolt of Magma
                  | (irresistible ~3d30+ equivalent) and not rF+++, watch out!
 75912 | Zot:5    | Danger: red draconian scorcher |T3| Reason: Damnation in
                  | LOF, watch out!
 75912 | Zot:5    | Danger: red draconian scorcher |T3| Reason: Damnation
                  | (smite) in LOS, watch out!
 75913 | Zot:5    | Danger: red draconian scorcher |T3| Reason: Bolt of Magma
                  | (irresistible ~3d30+ equivalent) and not rF+++, watch out!
 75913 | Zot:5    | Danger: red draconian scorcher |T3| Reason: Damnation in
                  | LOF, watch out!
 75913 | Zot:5    | Danger: red draconian scorcher |T3| Reason: Damnation
                  | (smite) in LOS, watch out!
 75914 | Zot:5    | Danger: red draconian scorcher |T3| Reason: Bolt of Magma
                  | (irresistible ~3d30+ equivalent) and not rF+++, watch out!
 75914 | Zot:5    | Danger: red draconian scorcher |T3| Reason: Damnation in
                  | LOF, watch out!
 75914 | Zot:5    | Danger: red draconian scorcher |T3| Reason: Damnation
                  | (smite) in LOS, watch out!
 75919 | Zot:5    | Danger: red draconian scorcher |T3| Reason: Bolt of Magma
                  | (irresistible ~3d30+ equivalent) and not rF+++, watch out!
 75919 | Zot:5    | Danger: red draconian scorcher |T3| Reason: Damnation in
                  | LOF, watch out!
 75919 | Zot:5    | Danger: red draconian scorcher |T3| Reason: Damnation
                  | (smite) in LOS, watch out!
 75920 | Zot:5    | Danger: yellow draconian annihilator |T2| Reason: Lehudib's
                  | Crystal Spear deals more than 50% MHP!
 75920 | Zot:5    | Danger: red draconian scorcher |T3| Reason: Bolt of Magma
                  | (irresistible ~3d30+ equivalent) and not rF+++, watch out!
 75920 | Zot:5    | Danger: red draconian scorcher |T3| Reason: Damnation in
                  | LOF, watch out!
 75920 | Zot:5    | Danger: red draconian scorcher |T3| Reason: Damnation
                  | (smite) in LOS, watch out!
 75922 | Zot:5    | Danger: red draconian scorcher |T3| Reason: Bolt of Magma
                  | (irresistible ~3d30+ equivalent) and not rF+++, watch out!
 75922 | Zot:5    | Danger: red draconian scorcher |T3| Reason: Damnation in
                  | LOF, watch out!
 75922 | Zot:5    | Danger: red draconian scorcher |T3| Reason: Damnation
                  | (smite) in LOS, watch out!
 76092 | Zot:5    | Noticed an orb of fire
 76093 | Zot:5    | Danger: orb of fire |T2| Reason: Malmutator in LOS
 76093 | Zot:5    | Danger: orb of fire |T2| Reason: Malmutator in LOF!
 76093 | Zot:5    | Danger: orb of fire |T3| Reason: Orb of Fire and low rF
 76093 | Zot:5    | Danger: orb of fire |T2| Reason: Bolt of Fire deals more
                  | than 50% MHP!
 76093 | Zot:5    | Danger: orb of fire |T2| Reason: Fireball deals more than
                  | 50% MHP!
 76094 | Zot:5    | Danger: orb of fire |T3| Reason: Orb of Fire and low rF
 76095 | Zot:5    | Danger: orb of fire |T2| Reason: Malmutator in LOF!
 76095 | Zot:5    | Danger: orb of fire |T3| Reason: Orb of Fire and low rF
 76096 | Zot:5    | Danger: orb of fire |T3| Reason: Orb of Fire and low rF
 76097 | Zot:5    | Danger: orb of fire |T2| Reason: Malmutator in LOF!
 76097 | Zot:5    | Danger: orb of fire |T3| Reason: Orb of Fire and low rF
 76098 | Zot:5    | Danger: orb of fire |T3| Reason: Orb of Fire and low rF
 76099 | Zot:5    | Danger: orb of fire |T3| Reason: Orb of Fire and low rF
 76100 | Zot:5    | Danger: orb of fire |T3| Reason: Orb of Fire and low rF
 76101 | Zot:5    | Danger: orb of fire |T3| Reason: Orb of Fire and low rF
 76102 | Zot:5    | Danger: orb of fire |T3| Reason: Orb of Fire and low rF
 76103 | Zot:5    | Danger: orb of fire |T3| Reason: Orb of Fire and low rF
 76104 | Zot:5    | Danger: orb of fire |T3| Reason: Orb of Fire and low rF
 76104 | Zot:5    | Killed an orb of fire
 76378 | Zot:5    | Noticed a Killer Klown
 76382 | Zot:5    | Noticed a dread lich
 76382 | Zot:5    | Gained mutation: A frigid envelope surrounds you and
                  | freezes all who hurt you. [mutagenic glow]
 76383 | Zot:5    | Danger: dread lich |T3| Reason: Paralyse and low Will
 76384 | Zot:5    | Danger: dread lich |T3| Reason: Paralyse and low Will
 76387 | Zot:5    | Danger: dread lich |T3| Reason: Paralyse and low Will
 76395 | Zot:5    | Killed a dread lich
 76398 | Zot:5    | Gained mutation: Your spells are easier to cast, but less
                  | powerful. [mutagenic glow]
 76399 | Zot:5    | Killed a Killer Klown
 76405 | Zot:5    | Noticed an orb of fire
 76406 | Zot:5    | Danger: orb of fire |T2| Reason: Malmutator in LOS
 76406 | Zot:5    | Danger: orb of fire |T2| Reason: Malmutator in LOF!
 76406 | Zot:5    | Danger: orb of fire |T3| Reason: Orb of Fire and low rF
 76406 | Zot:5    | Danger: orb of fire |T2| Reason: Bolt of Fire deals more
                  | than 50% MHP!
 76406 | Zot:5    | Danger: orb of fire |T2| Reason: Fireball deals more than
                  | 50% MHP!
 76407 | Zot:5    | Danger: orb of fire |T3| Reason: IMMINENT DEATH: Bolt of
                  | Fire deals 120 damage, you have 119 HP!!
 76407 | Zot:5    | Danger: orb of fire |T3| Reason: IMMINENT DEATH: Fireball
                  | deals 129 damage, you have 119 HP!!
 76407 | Zot:5    | Danger: orb of fire |T3| Reason: Orb of Fire and low rF
 76407 | Zot:5    | Danger: Low HP Warning |T2| Reason: 57% HP (119/207)
 76423 | Zot:5    | Noticed a Killer Klown
 76428 | Zot:5    | Noticed an orb of fire
 76428 | Zot:5    | Danger: orb of fire |T2| Reason: Malmutator in LOS
 76428 | Zot:5    | Danger: orb of fire |T3| Reason: Orb of Fire and low rF
 76428 | Zot:5    | Danger: orb of fire |T2| Reason: Bolt of Fire deals more
                  | than 50% MHP!
 76428 | Zot:5    | Danger: orb of fire |T2| Reason: Fireball deals more than
                  | 50% MHP!
 76429 | Zot:5    | Danger: orb of fire |T3| Reason: Orb of Fire and low rF
 76430 | Zot:5    | Danger: orb of fire |T3| Reason: Orb of Fire and low rF
 76431 | Zot:5    | Danger: orb of fire |T3| Reason: IMMINENT DEATH: Fireball
                  | deals 129 damage, you have 124 HP!!
 76431 | Zot:5    | Danger: orb of fire |T3| Reason: Orb of Fire and low rF
 76431 | Zot:5    | Danger: Low HP Warning |T2| Reason: 59% HP (124/207)
 76432 | Zot:5    | Danger: orb of fire |T3| Reason: Orb of Fire and low rF
 76432 | Zot:5    | Danger: orb of fire |T3| Reason: IMMINENT DEATH: Fireball
                  | deals 129 damage, you have 124 HP!!
 76432 | Zot:5    | Danger: Low HP Warning |T2| Reason: 59% HP (124/207)
 76433 | Zot:5    | Danger: orb of fire |T3| Reason: IMMINENT DEATH: Fireball
                  | deals 129 damage, you have 125 HP!!
 76433 | Zot:5    | Danger: orb of fire |T3| Reason: Orb of Fire and low rF
 76433 | Zot:5    | Danger: Low HP Warning |T2| Reason: 60% HP (125/207)
 76434 | Zot:5    | Danger: orb of fire |T2| Reason: Malmutator in LOF!
 76434 | Zot:5    | Danger: orb of fire |T3| Reason: Orb of Fire and low rF
 76438 | Zot:5    | Noticed an orb of fire
 76439 | Zot:5    | Danger: orb of fire |T2| Reason: Malmutator in LOS
 76439 | Zot:5    | Danger: orb of fire |T2| Reason: Bolt of Fire deals more
                  | than 50% MHP!
 76439 | Zot:5    | Danger: orb of fire |T2| Reason: Fireball deals more than
                  | 50% MHP!
 76440 | Zot:5    | Danger: orb of fire |T2| Reason: Malmutator in LOF!
 76441 | Zot:5    | Killed an orb of fire
 76442 | Zot:5    | Killed a Killer Klown
 76442 | Zot:5    | Gained mutation: You are frail. (-10% HP) [an orb of fire]
 76445 | Zot:5    | Danger: red draconian scorcher |T2| Reason: Damnation in
                  | LOS, careful!
 76445 | Zot:5    | Danger: red draconian scorcher |T3| Reason: Damnation
                  | (smite) in LOS, watch out!
 76446 | Zot:5    | Danger: red draconian scorcher |T3| Reason: Damnation
                  | (smite) in LOS, watch out!
 76447 | Zot:5    | Danger: red draconian scorcher |T3| Reason: Damnation
                  | (smite) in LOS, watch out!
 76448 | Zot:5    | Danger: red draconian scorcher |T3| Reason: Damnation
                  | (smite) in LOS, watch out!
 76448 | Zot:5    | Killed an orb of fire
 76449 | Zot:5    | Danger: red draconian scorcher |T3| Reason: Damnation
                  | (smite) in LOS, watch out!
 76450 | Zot:5    | Danger: red draconian scorcher |T3| Reason: Damnation
                  | (smite) in LOS, watch out!
 76451 | Zot:5    | Danger: red draconian scorcher |T3| Reason: Damnation in
                  | LOF, watch out!
 76451 | Zot:5    | Danger: red draconian scorcher |T3| Reason: Damnation
                  | (smite) in LOS, watch out!
 76452 | Zot:5    | Danger: red draconian scorcher |T3| Reason: Damnation in
                  | LOF, watch out!
 76452 | Zot:5    | Danger: red draconian scorcher |T3| Reason: Damnation
                  | (smite) in LOS, watch out!
 76453 | Zot:5    | Danger: red draconian scorcher |T3| Reason: Damnation in
                  | LOF, watch out!
 76453 | Zot:5    | Danger: red draconian scorcher |T3| Reason: Damnation
                  | (smite) in LOS, watch out!
 76454 | Zot:5    | Danger: red draconian scorcher |T3| Reason: Damnation in
                  | LOF, watch out!
 76454 | Zot:5    | Danger: red draconian scorcher |T3| Reason: Damnation
                  | (smite) in LOS, watch out!
 76455 | Zot:5    | Danger: red draconian scorcher |T3| Reason: Damnation in
                  | LOF, watch out!
 76455 | Zot:5    | Danger: red draconian scorcher |T3| Reason: Damnation
                  | (smite) in LOS, watch out!
 76456 | Zot:5    | Danger: red draconian scorcher |T3| Reason: Damnation in
                  | LOF, watch out!
 76456 | Zot:5    | Danger: red draconian scorcher |T3| Reason: Damnation
                  | (smite) in LOS, watch out!
 76457 | Zot:5    | Danger: red draconian scorcher |T3| Reason: Damnation in
                  | LOF, watch out!
 76457 | Zot:5    | Danger: red draconian scorcher |T3| Reason: Damnation
                  | (smite) in LOS, watch out!
 76458 | Zot:5    | Danger: red draconian scorcher |T2| Reason: Damnation in
                  | LOS, careful!
 76458 | Zot:5    | Danger: red draconian scorcher |T3| Reason: Damnation
                  | (smite) in LOS, watch out!
 76461 | Zot:5    | Danger: red draconian scorcher |T3| Reason: Damnation in
                  | LOF, watch out!
 76461 | Zot:5    | Danger: red draconian scorcher |T3| Reason: Damnation
                  | (smite) in LOS, watch out!
 76462 | Zot:5    | Danger: red draconian scorcher |T2| Reason: Damnation in
                  | LOS, careful!
 76462 | Zot:5    | Danger: red draconian scorcher |T3| Reason: Damnation
                  | (smite) in LOS, watch out!
 76466 | Zot:5    | Danger: red draconian scorcher |T2| Reason: Damnation in
                  | LOS, careful!
 76466 | Zot:5    | Danger: red draconian scorcher |T3| Reason: Damnation
                  | (smite) in LOS, watch out!
 76467 | Zot:5    | Danger: red draconian scorcher |T3| Reason: Damnation
                  | (smite) in LOS, watch out!
 76473 | Zot:5    | Danger: red draconian scorcher |T2| Reason: Damnation in
                  | LOS, careful!
 76473 | Zot:5    | Danger: red draconian scorcher |T3| Reason: Damnation
                  | (smite) in LOS, watch out!
 76474 | Zot:5    | Danger: red draconian scorcher |T3| Reason: Damnation
                  | (smite) in LOS, watch out!
 76479 | Zot:5    | Danger: red draconian scorcher |T2| Reason: Damnation in
                  | LOS, careful!
 76479 | Zot:5    | Danger: red draconian scorcher |T3| Reason: Damnation
                  | (smite) in LOS, watch out!
 76480 | Zot:5    | Danger: red draconian scorcher |T3| Reason: Damnation
                  | (smite) in LOS, watch out!
 76481 | Zot:5    | Danger: red draconian scorcher |T3| Reason: Damnation
                  | (smite) in LOS, watch out!
 76488 | Zot:5    | Danger: red draconian scorcher |T2| Reason: Damnation in
                  | LOS, careful!
 76488 | Zot:5    | Danger: red draconian scorcher |T3| Reason: Damnation
                  | (smite) in LOS, watch out!
 76489 | Zot:5    | Danger: red draconian scorcher |T3| Reason: Damnation in
                  | LOF, watch out!
 76489 | Zot:5    | Danger: red draconian scorcher |T3| Reason: Damnation
                  | (smite) in LOS, watch out!
 76490 | Zot:5    | Danger: orb of fire |T2| Reason: Malmutator in LOS
 76490 | Zot:5    | Danger: orb of fire |T2| Reason: Bolt of Fire deals more
                  | than 50% MHP!
 76490 | Zot:5    | Danger: orb of fire |T2| Reason: Fireball deals more than
                  | 50% MHP!
 76490 | Zot:5    | Danger: orb of fire |T3| Reason: IMMINENT DEATH: Fireball
                  | deals 129 damage, you have 124 HP!!
 76490 | Zot:5    | Danger: red draconian scorcher |T3| Reason: Damnation in
                  | LOF, watch out!
 76490 | Zot:5    | Danger: red draconian scorcher |T3| Reason: Damnation
                  | (smite) in LOS, watch out!
 76491 | Zot:5    | Danger: orb of fire |T3| Reason: IMMINENT DEATH: Fireball
                  | deals 129 damage, you have 125 HP!!
 76491 | Zot:5    | Danger: red draconian scorcher |T3| Reason: Damnation in
                  | LOF, watch out!
 76491 | Zot:5    | Danger: red draconian scorcher |T3| Reason: Damnation
                  | (smite) in LOS, watch out!
 76492 | Zot:5    | Danger: orb of fire |T3| Reason: IMMINENT DEATH: Fireball
                  | deals 129 damage, you have 125 HP!!
 76492 | Zot:5    | Danger: red draconian scorcher |T3| Reason: Damnation in
                  | LOF, watch out!
 76492 | Zot:5    | Danger: red draconian scorcher |T3| Reason: Damnation
                  | (smite) in LOS, watch out!
 76493 | Zot:5    | Danger: orb of fire |T3| Reason: IMMINENT DEATH: Fireball
                  | deals 129 damage, you have 125 HP!!
 76493 | Zot:5    | Danger: red draconian scorcher |T3| Reason: Damnation in
                  | LOF, watch out!
 76493 | Zot:5    | Danger: red draconian scorcher |T3| Reason: Damnation
                  | (smite) in LOS, watch out!
 76494 | Zot:5    | Danger: orb of fire |T3| Reason: IMMINENT DEATH: Fireball
                  | deals 129 damage, you have 126 HP!!
 76494 | Zot:5    | Danger: red draconian scorcher |T3| Reason: Damnation in
                  | LOF, watch out!
 76494 | Zot:5    | Danger: red draconian scorcher |T3| Reason: Damnation
                  | (smite) in LOS, watch out!
 76496 | Zot:5    | Danger: orb of fire |T2| Reason: Malmutator in LOS
 76496 | Zot:5    | Danger: orb of fire |T3| Reason: Orb of Fire and low rF
 76496 | Zot:5    | Danger: orb of fire |T2| Reason: Bolt of Fire deals more
                  | than 50% MHP!
 76496 | Zot:5    | Danger: orb of fire |T2| Reason: Fireball deals more than
                  | 50% MHP!
 76496 | Zot:5    | Danger: orb of fire |T3| Reason: IMMINENT DEATH: Fireball
                  | deals 129 damage, you have 121 HP!!
 76497 | Zot:5    | Danger: orb of fire |T3| Reason: Orb of Fire and low rF
 76497 | Zot:5    | Danger: orb of fire |T3| Reason: IMMINENT DEATH: Fireball
                  | deals 129 damage, you have 121 HP!!
 76498 | Zot:5    | Danger: orb of fire |T3| Reason: Orb of Fire and low rF
 76498 | Zot:5    | Danger: orb of fire |T3| Reason: IMMINENT DEATH: Fireball
                  | deals 129 damage, you have 121 HP!!
 76499 | Zot:5    | Danger: orb of fire |T3| Reason: Orb of Fire and low rF
 76499 | Zot:5    | Danger: orb of fire |T3| Reason: IMMINENT DEATH: Fireball
                  | deals 129 damage, you have 121 HP!!
 76500 | Zot:5    | Danger: orb of fire |T3| Reason: IMMINENT DEATH: Fireball
                  | deals 129 damage, you have 122 HP!!
 76501 | Zot:5    | Danger: orb of fire |T2| Reason: Malmutator in LOF!
 76501 | Zot:5    | Danger: orb of fire |T3| Reason: IMMINENT DEATH: Fireball
                  | deals 129 damage, you have 122 HP!!
 76501 | Zot:5    | Gained mutation: You are vulnerable to heat. (rF-) [an orb
                  | of fire]
 76502 | Zot:5    | Danger: orb of fire |T3| Reason: Orb of Fire and low rF
 76502 | Zot:5    | Danger: orb of fire |T3| Reason: IMMINENT DEATH: Fireball
                  | deals 129 damage, you have 122 HP!!
 76503 | Zot:5    | Danger: orb of fire |T3| Reason: IMMINENT DEATH: Fireball
                  | deals 129 damage, you have 123 HP!!
 76503 | Zot:5    | Danger: orb of fire |T3| Reason: Orb of Fire and low rF
 76504 | Zot:5    | Danger: orb of fire |T3| Reason: Orb of Fire and low rF
 76504 | Zot:5    | Danger: orb of fire |T3| Reason: IMMINENT DEATH: Fireball
                  | deals 129 damage, you have 123 HP!!
 76505 | Zot:5    | Danger: orb of fire |T3| Reason: Orb of Fire and low rF
 76505 | Zot:5    | Danger: orb of fire |T3| Reason: IMMINENT DEATH: Fireball
                  | deals 129 damage, you have 123 HP!!
 76506 | Zot:5    | Danger: orb of fire |T3| Reason: IMMINENT DEATH: Bolt of
                  | Fire deals 120 damage, you have 114 HP!!
 76506 | Zot:5    | Danger: orb of fire |T3| Reason: IMMINENT DEATH: Fireball
                  | deals 129 damage, you have 114 HP!!
 76506 | Zot:5    | Danger: orb of fire |T3| Reason: Orb of Fire and low rF
 76507 | Zot:5    | Danger: orb of fire |T3| Reason: IMMINENT DEATH: Bolt of
                  | Fire deals 120 damage, you have 97 HP!!
 76507 | Zot:5    | Danger: orb of fire |T3| Reason: IMMINENT DEATH: Fireball
                  | deals 129 damage, you have 97 HP!!
 76507 | Zot:5    | Danger: orb of fire |T3| Reason: Orb of Fire and low rF
 76507 | Zot:5    | Danger: Low HP Warning |T2| Reason: 52% HP (97/184)
 76508 | Zot:5    | Danger: orb of fire |T3| Reason: IMMINENT DEATH: Bolt of
                  | Fire deals 120 damage, you have 87 HP!!
 76508 | Zot:5    | Danger: orb of fire |T3| Reason: IMMINENT DEATH: Fireball
                  | deals 129 damage, you have 87 HP!!
 76508 | Zot:5    | Danger: orb of fire |T3| Reason: Orb of Fire and low rF
 76508 | Zot:5    | Danger: Low HP Warning |T2| Reason: 47% HP (87/184)
 76509 | Zot:5    | Danger: orb of fire |T3| Reason: Orb of Fire and low rF
 76509 | Zot:5    | Danger: orb of fire |T3| Reason: IMMINENT DEATH: Bolt of
                  | Fire deals 120 damage, you have 87 HP!!
 76509 | Zot:5    | Danger: orb of fire |T3| Reason: IMMINENT DEATH: Fireball
                  | deals 129 damage, you have 87 HP!!
 76509 | Zot:5    | Danger: Low HP Warning |T2| Reason: 47% HP (87/184)
 76510 | Zot:5    | Danger: orb of fire |T3| Reason: Orb of Fire and low rF
 76510 | Zot:5    | Danger: orb of fire |T3| Reason: IMMINENT DEATH: Bolt of
                  | Fire deals 120 damage, you have 87 HP!!
 76510 | Zot:5    | Danger: orb of fire |T3| Reason: IMMINENT DEATH: Fireball
                  | deals 129 damage, you have 87 HP!!
 76510 | Zot:5    | Danger: Low HP Warning |T2| Reason: 47% HP (87/184)
 76512 | Zot:5    | Danger: golden dragon |T3| Reason: IMMINENT DEATH: Bolt of
                  | Fire deals 81 damage, you have 76 HP!!
 76512 | Zot:5    | Danger: golden dragon |T3| Reason: IMMINENT DEATH: Bolt of
                  | Cold deals 81 damage, you have 76 HP!!
 76512 | Zot:5    | Danger: orb of fire |T3| Reason: IMMINENT DEATH: Bolt of
                  | Fire deals 120 damage, you have 76 HP!!
 76512 | Zot:5    | Danger: orb of fire |T3| Reason: IMMINENT DEATH: Fireball
                  | deals 129 damage, you have 76 HP!!
 76512 | Zot:5    | Danger: orb of fire |T3| Reason: Orb of Fire and low rF
 76512 | Zot:5    | Danger: Low HP Warning |T2| Reason: 41% HP (76/184)
 76513 | Zot:5    | Danger: orb of fire |T3| Reason: IMMINENT DEATH: Bolt of
                  | Fire deals 120 damage, you have 109 HP!!
 76513 | Zot:5    | Danger: orb of fire |T3| Reason: IMMINENT DEATH: Fireball
                  | deals 129 damage, you have 109 HP!!
 76513 | Zot:5    | Danger: orb of fire |T3| Reason: Orb of Fire and low rF
 76513 | Zot:5    | Danger: Low HP Warning |T2| Reason: 59% HP (109/184)
 76514 | Zot:5    | Danger: orb of fire |T3| Reason: IMMINENT DEATH: Fireball
                  | deals 129 damage, you have 123 HP!!
 76514 | Zot:5    | Danger: orb of fire |T3| Reason: Orb of Fire and low rF
 76514 | Zot:5    | Gained mutation: You frequently scream uncontrollably at
                  | your foes. [an orb of fire]
 76515 | Zot:5    | Danger: orb of fire |T3| Reason: Orb of Fire and low rF
 76515 | Zot:5    | Danger: orb of fire |T3| Reason: IMMINENT DEATH: Fireball
                  | deals 129 damage, you have 123 HP!!
 76516 | Zot:5    | Danger: orb of fire |T3| Reason: Orb of Fire and low rF
 76516 | Zot:5    | Danger: orb of fire |T3| Reason: IMMINENT DEATH: Fireball
                  | deals 129 damage, you have 123 HP!!
 76517 | Zot:5    | Danger: orb of fire |T3| Reason: IMMINENT DEATH: Bolt of
                  | Fire deals 120 damage, you have 117 HP!!
 76517 | Zot:5    | Danger: orb of fire |T3| Reason: IMMINENT DEATH: Fireball
                  | deals 129 damage, you have 117 HP!!
 76517 | Zot:5    | Danger: orb of fire |T3| Reason: Orb of Fire and low rF
 76518 | Zot:5    | Danger: orb of fire |T3| Reason: Orb of Fire and low rF
 76518 | Zot:5    | Danger: orb of fire |T3| Reason: IMMINENT DEATH: Bolt of
                  | Fire deals 120 damage, you have 117 HP!!
 76518 | Zot:5    | Danger: orb of fire |T3| Reason: IMMINENT DEATH: Fireball
                  | deals 129 damage, you have 117 HP!!
 76519 | Zot:5    | Danger: orb of fire |T3| Reason: IMMINENT DEATH: Bolt of
                  | Fire deals 120 damage, you have 118 HP!!
 76519 | Zot:5    | Danger: orb of fire |T3| Reason: IMMINENT DEATH: Fireball
                  | deals 129 damage, you have 118 HP!!
 76519 | Zot:5    | Danger: orb of fire |T3| Reason: Orb of Fire and low rF
 76520 | Zot:5    | Danger: orb of fire |T3| Reason: Orb of Fire and low rF
 76520 | Zot:5    | Danger: orb of fire |T3| Reason: IMMINENT DEATH: Bolt of
                  | Fire deals 120 damage, you have 118 HP!!
 76520 | Zot:5    | Danger: orb of fire |T3| Reason: IMMINENT DEATH: Fireball
                  | deals 129 damage, you have 118 HP!!
 76520 | Zot:5    | Killed an orb of fire
 76521 | Zot:5    | Noticed an orb of fire
 76522 | Zot:5    | Danger: orb of fire |T2| Reason: Malmutator in LOS
 76522 | Zot:5    | Danger: orb of fire |T3| Reason: Orb of Fire and low rF
 76522 | Zot:5    | Danger: orb of fire |T2| Reason: Bolt of Fire deals more
                  | than 50% MHP!
 76522 | Zot:5    | Danger: orb of fire |T3| Reason: IMMINENT DEATH: Bolt of
                  | Fire deals 120 damage, you have 118 HP!!
 76522 | Zot:5    | Danger: orb of fire |T2| Reason: Fireball deals more than
                  | 50% MHP!
 76522 | Zot:5    | Danger: orb of fire |T3| Reason: IMMINENT DEATH: Fireball
                  | deals 129 damage, you have 118 HP!!
 76523 | Zot:5    | Danger: orb of fire |T3| Reason: IMMINENT DEATH: Bolt of
                  | Fire deals 120 damage, you have 119 HP!!
 76523 | Zot:5    | Danger: orb of fire |T3| Reason: IMMINENT DEATH: Fireball
                  | deals 129 damage, you have 119 HP!!
 76523 | Zot:5    | Danger: orb of fire |T3| Reason: Orb of Fire and low rF
 76524 | Zot:5    | Danger: orb of fire |T3| Reason: Orb of Fire and low rF
 76524 | Zot:5    | Danger: orb of fire |T3| Reason: IMMINENT DEATH: Bolt of
                  | Fire deals 120 damage, you have 119 HP!!
 76524 | Zot:5    | Danger: orb of fire |T3| Reason: IMMINENT DEATH: Fireball
                  | deals 129 damage, you have 119 HP!!
 76525 | Zot:5    | Danger: orb of fire |T3| Reason: Orb of Fire and low rF
 76525 | Zot:5    | Danger: orb of fire |T3| Reason: IMMINENT DEATH: Bolt of
                  | Fire deals 120 damage, you have 119 HP!!
 76525 | Zot:5    | Danger: orb of fire |T3| Reason: IMMINENT DEATH: Fireball
                  | deals 129 damage, you have 119 HP!!
 76526 | Zot:5    | Danger: orb of fire |T3| Reason: Orb of Fire and low rF
 76526 | Zot:5    | Danger: orb of fire |T3| Reason: IMMINENT DEATH: Bolt of
                  | Fire deals 120 damage, you have 119 HP!!
 76526 | Zot:5    | Danger: orb of fire |T3| Reason: IMMINENT DEATH: Fireball
                  | deals 129 damage, you have 119 HP!!
 76527 | Zot:5    | Danger: orb of fire |T3| Reason: IMMINENT DEATH: Fireball
                  | deals 129 damage, you have 120 HP!!
 76527 | Zot:5    | Danger: orb of fire |T3| Reason: Orb of Fire and low rF
 76528 | Zot:5    | Danger: orb of fire |T2| Reason: Malmutator in LOF!
 76528 | Zot:5    | Danger: orb of fire |T3| Reason: Orb of Fire and low rF
 76528 | Zot:5    | Danger: orb of fire |T3| Reason: IMMINENT DEATH: Fireball
                  | deals 129 damage, you have 120 HP!!
 76529 | Zot:5    | Danger: orb of fire |T3| Reason: Orb of Fire and low rF
 76529 | Zot:5    | Danger: orb of fire |T3| Reason: IMMINENT DEATH: Fireball
                  | deals 129 damage, you have 120 HP!!
 76530 | Zot:5    | Danger: orb of fire |T3| Reason: IMMINENT DEATH: Fireball
                  | deals 129 damage, you have 121 HP!!
 76530 | Zot:5    | Danger: orb of fire |T3| Reason: Orb of Fire and low rF
 76531 | Zot:5    | Danger: orb of fire |T3| Reason: Orb of Fire and low rF
 76531 | Zot:5    | Danger: orb of fire |T3| Reason: IMMINENT DEATH: Fireball
                  | deals 129 damage, you have 121 HP!!
 76532 | Zot:5    | Danger: orb of fire |T3| Reason: Orb of Fire and low rF
 76532 | Zot:5    | Danger: orb of fire |T3| Reason: IMMINENT DEATH: Fireball
                  | deals 129 damage, you have 121 HP!!
 76533 | Zot:5    | Danger: orb of fire |T3| Reason: Orb of Fire and low rF
 76533 | Zot:5    | Danger: orb of fire |T3| Reason: IMMINENT DEATH: Fireball
                  | deals 129 damage, you have 121 HP!!
 76534 | Zot:5    | Danger: orb of fire |T3| Reason: IMMINENT DEATH: Fireball
                  | deals 129 damage, you have 122 HP!!
 76534 | Zot:5    | Danger: orb of fire |T3| Reason: Orb of Fire and low rF
 76535 | Zot:5    | Danger: orb of fire |T3| Reason: IMMINENT DEATH: Bolt of
                  | Fire deals 120 damage, you have 115 HP!!
 76535 | Zot:5    | Danger: orb of fire |T3| Reason: IMMINENT DEATH: Fireball
                  | deals 129 damage, you have 115 HP!!
 76535 | Zot:5    | Danger: orb of fire |T3| Reason: Orb of Fire and low rF
 76536 | Zot:5    | Danger: orb of fire |T3| Reason: Orb of Fire and low rF
 76536 | Zot:5    | Danger: orb of fire |T3| Reason: IMMINENT DEATH: Bolt of
                  | Fire deals 120 damage, you have 115 HP!!
 76536 | Zot:5    | Danger: orb of fire |T3| Reason: IMMINENT DEATH: Fireball
                  | deals 129 damage, you have 115 HP!!
 76537 | Zot:5    | Danger: orb of fire |T3| Reason: Orb of Fire and low rF
 76537 | Zot:5    | Danger: orb of fire |T3| Reason: IMMINENT DEATH: Bolt of
                  | Fire deals 120 damage, you have 115 HP!!
 76537 | Zot:5    | Danger: orb of fire |T3| Reason: IMMINENT DEATH: Fireball
                  | deals 129 damage, you have 115 HP!!
 76538 | Zot:5    | Danger: orb of fire |T3| Reason: IMMINENT DEATH: Bolt of
                  | Fire deals 120 damage, you have 116 HP!!
 76538 | Zot:5    | Danger: orb of fire |T3| Reason: IMMINENT DEATH: Fireball
                  | deals 129 damage, you have 116 HP!!
 76538 | Zot:5    | Danger: orb of fire |T3| Reason: Orb of Fire and low rF
 76539 | Zot:5    | Danger: orb of fire |T3| Reason: Orb of Fire and low rF
 76539 | Zot:5    | Danger: orb of fire |T3| Reason: IMMINENT DEATH: Bolt of
                  | Fire deals 120 damage, you have 116 HP!!
 76539 | Zot:5    | Danger: orb of fire |T3| Reason: IMMINENT DEATH: Fireball
                  | deals 129 damage, you have 116 HP!!
 76540 | Zot:5    | Danger: orb of fire |T3| Reason: Orb of Fire and low rF
 76540 | Zot:5    | Danger: orb of fire |T3| Reason: IMMINENT DEATH: Bolt of
                  | Fire deals 120 damage, you have 116 HP!!
 76540 | Zot:5    | Danger: orb of fire |T3| Reason: IMMINENT DEATH: Fireball
                  | deals 129 damage, you have 116 HP!!
 76541 | Zot:5    | Danger: orb of fire |T3| Reason: Orb of Fire and low rF
 76541 | Zot:5    | Danger: orb of fire |T3| Reason: IMMINENT DEATH: Bolt of
                  | Fire deals 120 damage, you have 116 HP!!
 76541 | Zot:5    | Danger: orb of fire |T3| Reason: IMMINENT DEATH: Fireball
                  | deals 129 damage, you have 116 HP!!
 76543 | Zot:5    | Danger: orb of fire |T3| Reason: IMMINENT DEATH: Bolt of
                  | Fire deals 120 damage, you have 117 HP!!
 76543 | Zot:5    | Danger: orb of fire |T3| Reason: IMMINENT DEATH: Fireball
                  | deals 129 damage, you have 117 HP!!
 76543 | Zot:5    | Danger: orb of fire |T3| Reason: Orb of Fire and low rF
 76544 | Zot:5    | Danger: orb of fire |T3| Reason: Orb of Fire and low rF
 76544 | Zot:5    | Danger: orb of fire |T3| Reason: IMMINENT DEATH: Bolt of
                  | Fire deals 120 damage, you have 117 HP!!
 76544 | Zot:5    | Danger: orb of fire |T3| Reason: IMMINENT DEATH: Fireball
                  | deals 129 damage, you have 117 HP!!
 76545 | Zot:5    | Danger: orb of fire |T3| Reason: IMMINENT DEATH: Bolt of
                  | Fire deals 120 damage, you have 118 HP!!
 76545 | Zot:5    | Danger: orb of fire |T3| Reason: IMMINENT DEATH: Fireball
                  | deals 129 damage, you have 118 HP!!
 76545 | Zot:5    | Danger: orb of fire |T3| Reason: Orb of Fire and low rF
 76546 | Zot:5    | Danger: orb of fire |T3| Reason: IMMINENT DEATH: Bolt of
                  | Fire deals 120 damage, you have 105 HP!!
 76546 | Zot:5    | Danger: orb of fire |T3| Reason: IMMINENT DEATH: Fireball
                  | deals 129 damage, you have 105 HP!!
 76546 | Zot:5    | Danger: orb of fire |T3| Reason: Orb of Fire and low rF
 76546 | Zot:5    | Danger: Low HP Warning |T2| Reason: 57% HP (105/184)
 76547 | Zot:5    | Danger: orb of fire |T3| Reason: Orb of Fire and low rF
 76547 | Zot:5    | Danger: orb of fire |T3| Reason: IMMINENT DEATH: Bolt of
                  | Fire deals 120 damage, you have 105 HP!!
 76547 | Zot:5    | Danger: orb of fire |T3| Reason: IMMINENT DEATH: Fireball
                  | deals 129 damage, you have 105 HP!!
 76547 | Zot:5    | Danger: Low HP Warning |T2| Reason: 57% HP (105/184)
 76548 | Zot:5    | Danger: orb of fire |T3| Reason: Orb of Fire and low rF
 76548 | Zot:5    | Danger: orb of fire |T3| Reason: IMMINENT DEATH: Bolt of
                  | Fire deals 120 damage, you have 105 HP!!
 76548 | Zot:5    | Danger: orb of fire |T3| Reason: IMMINENT DEATH: Fireball
                  | deals 129 damage, you have 105 HP!!
 76548 | Zot:5    | Danger: Low HP Warning |T2| Reason: 57% HP (105/184)
 76550 | Zot:5    | Danger: orb of fire |T3| Reason: IMMINENT DEATH: Bolt of
                  | Fire deals 120 damage, you have 106 HP!!
 76550 | Zot:5    | Danger: orb of fire |T3| Reason: IMMINENT DEATH: Fireball
                  | deals 129 damage, you have 106 HP!!
 76550 | Zot:5    | Danger: orb of fire |T3| Reason: Orb of Fire and low rF
 76550 | Zot:5    | Danger: Low HP Warning |T2| Reason: 57% HP (106/184)
 76551 | Zot:5    | Danger: orb of fire |T3| Reason: Orb of Fire and low rF
 76551 | Zot:5    | Danger: orb of fire |T3| Reason: IMMINENT DEATH: Bolt of
                  | Fire deals 120 damage, you have 106 HP!!
 76551 | Zot:5    | Danger: orb of fire |T3| Reason: IMMINENT DEATH: Fireball
                  | deals 129 damage, you have 106 HP!!
 76551 | Zot:5    | Danger: Low HP Warning |T2| Reason: 57% HP (106/184)
 76551 | Zot:5    | Killed an orb of fire
 76553 | Zot:5    | Danger: Low HP Warning |T2| Reason: 57% HP (106/184)
 76554 | Zot:5    | Danger: Low HP Warning |T2| Reason: 58% HP (107/184)
 76555 | Zot:5    | Danger: Low HP Warning |T2| Reason: 58% HP (107/184)
 76556 | Zot:5    | Danger: Low HP Warning |T2| Reason: 58% HP (107/184)
 76557 | Zot:5    | Danger: Low HP Warning |T2| Reason: 58% HP (108/184)
 76558 | Zot:5    | Danger: Low HP Warning |T2| Reason: 58% HP (108/184)
 76559 | Zot:5    | Danger: Low HP Warning |T2| Reason: 58% HP (108/184)
 76560 | Zot:5    | Danger: Low HP Warning |T2| Reason: 58% HP (108/184)
 76561 | Zot:5    | Danger: Low HP Warning |T2| Reason: 58% HP (108/184)
 76562 | Zot:5    | Danger: Low HP Warning |T2| Reason: 59% HP (109/184)
 76563 | Zot:5    | Danger: Low HP Warning |T2| Reason: 59% HP (109/184)
 76564 | Zot:5    | Danger: Low HP Warning |T2| Reason: 59% HP (109/184)
 76565 | Zot:5    | Danger: Low HP Warning |T2| Reason: 59% HP (109/184)
 76566 | Zot:5    | Danger: Low HP Warning |T2| Reason: 59% HP (110/184)
 76567 | Zot:5    | Danger: Low HP Warning |T2| Reason: 59% HP (110/184)
 76568 | Zot:5    | Danger: Low HP Warning |T2| Reason: 55% HP (102/184)
 76569 | Zot:5    | Danger: Low HP Warning |T2| Reason: 46% HP (86/184)
 76570 | Zot:5    | Danger: Low HP Warning |T2| Reason: 47% HP (87/184)
 76571 | Zot:5    | Danger: Low HP Warning |T2| Reason: 47% HP (87/184)
 76572 | Zot:5    | Danger: Low HP Warning |T2| Reason: 47% HP (87/184)
 76573 | Zot:5    | Danger: Low HP Warning |T2| Reason: 47% HP (88/184)
 76574 | Zot:5    | Danger: Low HP Warning |T2| Reason: 47% HP (88/184)
 76575 | Zot:5    | Danger: Low HP Warning |T2| Reason: 47% HP (88/184)
 76576 | Zot:5    | Danger: Low HP Warning |T2| Reason: 48% HP (89/184)
 76577 | Zot:5    | Danger: Low HP Warning |T2| Reason: 48% HP (89/184)
 76578 | Zot:5    | Danger: Low HP Warning |T2| Reason: 48% HP (90/184)
 76579 | Zot:5    | Danger: Low HP Warning |T2| Reason: 48% HP (90/184)
 76580 | Zot:5    | Danger: Low HP Warning |T2| Reason: 49% HP (91/184)
 76581 | Zot:5    | Danger: Low HP Warning |T2| Reason: 47% HP (87/184)
 76582 | Zot:5    | Danger: Low HP Warning |T2| Reason: 47% HP (88/184)
 76583 | Zot:5    | Danger: Low HP Warning |T2| Reason: 47% HP (88/184)
 76584 | Zot:5    | Danger: Low HP Warning |T2| Reason: 48% HP (89/184)
 76585 | Zot:5    | Danger: Low HP Warning |T2| Reason: 48% HP (89/184)
 76586 | Zot:5    | Danger: Low HP Warning |T2| Reason: 47% HP (87/184)
 76587 | Zot:5    | Danger: Low HP Warning |T2| Reason: 47% HP (88/184)
 76588 | Zot:5    | Danger: Low HP Warning |T2| Reason: 47% HP (88/184)
 76589 | Zot:5    | Danger: Low HP Warning |T2| Reason: 47% HP (88/184)
 76590 | Zot:5    | Danger: Low HP Warning |T2| Reason: 48% HP (89/184)
 76595 | Zot:5    | Danger: Low HP Warning |T2| Reason: 49% HP (91/184)
 76596 | Zot:5    | Danger: Low HP Warning |T2| Reason: 49% HP (91/184)
 76597 | Zot:5    | Danger: Low HP Warning |T2| Reason: 50% HP (92/184)
 76598 | Zot:5    | Danger: Low HP Warning |T2| Reason: 50% HP (92/184)
 76599 | Zot:5    | Danger: Low HP Warning |T2| Reason: 50% HP (93/184)
 76600 | Zot:5    | Danger: Low HP Warning |T2| Reason: 50% HP (93/184)
 76601 | Zot:5    | Danger: Low HP Warning |T2| Reason: 51% HP (94/184)
 76602 | Zot:5    | Danger: Low HP Warning |T2| Reason: 51% HP (94/184)
 76603 | Zot:5    | Danger: Low HP Warning |T2| Reason: 51% HP (95/184)
 76620 | Zot:5    | Lost mutation: A frigid envelope surrounds you and freezes
                  | all who hurt you. [potion of mutation]
 76620 | Zot:5    | Lost mutation: You are frail. (-10% HP) [potion of
                  | mutation]
 76620 | Zot:5    | Gained mutation: You have sharp toenails. [potion of
                  | mutation]
 76621 | Zot:5    | Lost mutation: You frequently scream uncontrollably at your
                  | foes. [potion of mutation]
 76621 | Zot:5    | Lost mutation: Your tail ends in a venomous barb. [potion
                  | of mutation]
 76621 | Zot:5    | Lost mutation: You occasionally shout uncontrollably at
                  | your foes. [potion of mutation]
 76621 | Zot:5    | Gained mutation: You expend magic power (3 MP) to
                  | strengthen your wands. [potion of mutation]
 76621 | Zot:5    | Gained mutation: You have a somewhat thin skeletal
                  | structure. (Dex +2, Stealth+) [potion of mutation]
 76621 | Zot:5    | Gained mutation: Your tail ends in a venomous barb. [potion
                  | of mutation]
 76622 | Zot:5    | Lost mutation: You have a somewhat thin skeletal structure.
                  | (Dex +2, Stealth+) [potion of mutation]
 76622 | Zot:5    | Lost mutation: You are vulnerable to heat. (rF-) [potion of
                  | mutation]
 76622 | Zot:5    | Lost mutation: Your tail ends in a venomous barb. [potion
                  | of mutation]
 76622 | Zot:5    | Gained mutation: You have razor-sharp toenails. [potion of
                  | mutation]
 76622 | Zot:5    | Gained mutation: Your system is resistant to poisons.
                  | (rPois) [potion of mutation]
 76622 | Zot:5    | Gained mutation: Your muscles are strong. (Str +4, Int/Dex
                  | -1) [potion of mutation]
 76627 | Zot:5    | Noticed an ancient lich
 76628 | Zot:5    | Danger: ancient lich |T3| Reason: Petrify and low Will
 76628 | Zot:5    | Danger: ancient lich |T2| Reason: Lehudib's Crystal Spear
                  | deals more than 50% MHP!
 76628 | Zot:5    | Danger: ancient lich |T3| Reason: IMMINENT DEATH: Lehudib's
                  | Crystal Spear deals 144 damage, you have 107 HP!!
 76628 | Zot:5    | Danger: Low HP Warning |T2| Reason: 51% HP (107/207)
 76629 | Zot:5    | Danger: ancient lich |T3| Reason: IMMINENT DEATH: Lehudib's
                  | Crystal Spear deals 144 damage, you have 108 HP!!
 76629 | Zot:5    | Danger: ancient lich |T3| Reason: Petrify and low Will
 76629 | Zot:5    | Danger: Low HP Warning |T2| Reason: 52% HP (108/207)
 76630 | Zot:5    | Danger: ancient lich |T3| Reason: Petrify and low Will
 76630 | Zot:5    | Danger: ancient lich |T3| Reason: IMMINENT DEATH: Lehudib's
                  | Crystal Spear deals 144 damage, you have 108 HP!!
 76630 | Zot:5    | Danger: Low HP Warning |T2| Reason: 52% HP (108/207)
 76952 | Zot:5    | Danger: ancient lich |T3| Reason: Petrify and low Will
 76952 | Zot:5    | Danger: ancient lich |T2| Reason: Lehudib's Crystal Spear
                  | deals more than 50% MHP!
 76954 | Zot:5    | Danger: ancient lich |T3| Reason: Petrify and low Will
 76955 | Zot:5    | Danger: ancient lich |T3| Reason: Petrify and low Will
 76956 | Zot:5    | Danger: ancient lich |T3| Reason: Petrify and low Will
 76957 | Zot:5    | Danger: ancient lich |T3| Reason: Petrify and low Will
 76958 | Zot:5    | Danger: ancient lich |T3| Reason: Petrify and low Will
 76959 | Zot:5    | Danger: ancient lich |T3| Reason: Petrify and low Will
 76960 | Zot:5    | Danger: ancient lich |T3| Reason: Petrify and low Will
 76961 | Zot:5    | Danger: ancient lich |T3| Reason: Petrify and low Will
 76963 | Zot:5    | Killed an ancient lich
 76983 | Zot:5    | Noticed a Killer Klown
 77003 | Zot:5    | :this vane nerf might be a little too much
 77008 | Zot:5    | Killed a Killer Klown
 77049 | Zot:5    | Got the Orb of Zot
 77135 | Zot:4    | Noticed Puzy the pandemonium lord
 77313 | Depths:1 | Noticed Ohot the pandemonium lord
 77372 | D:14     | Noticed Ibemoera the pandemonium lord
 77468 | D:11     | Danger: Hell Sentinel |T3| Reason: Damnation in LOF, watch
                  | out!
 77524 | D:9      | Danger: rakshasa |T2| Reason: OOD monster, careful!
 77697 | D:$      | Escaped with the Orb!

Illustrated notes #.#*** ***** *,.# *,,, #.###### *..# *,,, #.##..^##########..#*****,,, #..............d....,,,,,,,, #.##.......#*......#,,,,,,** #..........##.d....#,,,,,,* ###......####R).)....#**,,,,* ####.......#####d))###โŒ .#**,,,*** ................@d.......,,,,,,,, ...................โ€ .....,,,,,,,, .........................,,,,,,,, ..####################..#******** ### *,..,,,,,,,, ######################,,#,,,,,,,* ..............<.......,,,,,,,,,,, .[....................,,,,,,,,,,, ......................,,,,,,,,,,, Turn 75906 on Zot:5: :dear god i need to tone down that rc

โ–“โ–“.............,,****
โ–“โ–“........^..^.......โ–“##
โ–“โ–“.......^....^.........#*
โ–“..................^.....* ******
โ–“^....(..................***,,,,,
โ–“โ–“.^.......^.............**,,,,,,
โ–“โ–“..............ยง.ยง(....*,,^,,^,
โ–“โ–“............ยงX.ยง.....,,,,,,,,
*โ–“.............@Xยงยง.....*,,,,,,,
*โ–“...............ยงยงยง.....**,,,,,,
โ–“.....................ยง..***,,,,,
โ–“.........^......p..ยงยงยง..* ******
โ–“โ–“.............R....ยงยงยง.โ–“*
โ–“โ–“...................โ–“โ–“โ–“
โ–“โ–“โ–“โ–“.............โ–“โ–“โ–“โ–“


โ–“โ–“โ–“โ–“โ–“โ–“โ–“โ–“โ–“โ–“โ–“โ–“โ–“โ–“โ–“ Turn 77003 on Zot:5: :this vane
nerf might be a little too much

Levels and vault maps discovered:
D:1:      lemuel_arrival_tunnels, layout_loops_ring
D:2:      layout_rooms
D:3:      layout_basic, uniq_terence, uniq_grinder
D:4:      layout_basic, temple_statues, uniq_menkaure, uniq_edmund
D:5:      corexii_shantytown, layout_basic, mainiacjoe_overflow_six_doors_small,
          serial_shops, nicolae_shop_advertising_works
          [nicolae_subvault_shop_adworks]
D:6:      layout_loops_corners
D:7:      layout_loops_ring, eino_curves_03, due_unseen_surprise
D:8:      layout_basic, lemuel_tele_altar, sword_in_stone, uniq_maurice
D:9:      layout_rooms
D:10:     layout_rooms, grunt_temple_overflow_cloverleaf, erik_orc_1,
          enter_bailey_5, small_chamber_with_monster, kennysheep_nondescript,
          uniq_lodul
D:11:     minmay_chambers_of_sevens, layout_gridville, erik_lair_orcish_takeover
D:12:     layout_rooms, portal_ice_cave_demonic_guard, serial_shops, shop,
          gammafunk_ghost_icy, pdpol_wu_jian_five_deadly_venoms
D:13:     layout_basic, hex_tiny, nicolae_elevator_lobby_plus
D:14:     layout_gridville, grunt_vaults_entry_fortified,
          ploomutoo_gammafunk_ghost_potion_laboratory,
          nicolae_dithmenos_shadow_blocks, minmay_misc_feat_roman,
          lightli_corner_chamber, uniq_agnes, uniq_azrael, uniq_frances,
          uniq_jorgrun
D:15:     hangedman_depths_entry_try_elsewhere_first, layout_loops_ring,
          serial_shops, nicolae_shop_tiny_waterfront, yredelemnul_altar_generic
Temple:   nicolae_temple_slightly_damp_pantheon
Lair:1:   layout_cave_shapes, minmay_holes
Lair:2:   layout_concentric_octagons, uniq_maggie
Lair:3:   layout_cave_pods, minmay_swamp_entry_swarm, dummy_snake_entry,
          basic_altar, grunt_megastairs_1, serial_bayou_shore_a,
          infiniplex_staircase_pool, uniq_snorg
Lair:4:   layout_roguey, st_stairs_5
Lair:5:   guppyfry_lair_end_dragon, layout_regular_city,
          hangedman_lair_in_review, slime_entry_1
Swamp:1:  layout_basic_swamp, evilmike_swamp_ruin_house_2,
          infiniplex_staircase_pool_2
Swamp:2:  layout_falls_marsh, evilmike_swamp_ruin_rubble_2, swamp_pool1
Swamp:3:  layout_basic_swamp, evilmike_swamp_ruin_house_5,
          nicolae_swamp_tree_designs
Swamp:4:  swamp_alternative, layout_basic_swamp, swamp_pool4, uniq_roxanne
Snake:1:  layout_basic, serial_bayou_pond_e, nicolae_shop_overcharged_wands,
          minmay_shoptagon
Snake:2:  layout_onion_interference, grunt_megastairs_2
Snake:3:  layout_onion, abandoned_shop, nicolae_snake_naga_rites,
          minmay_shop_star
Snake:4:  hellmonk_snake_rune_quicksilver_temple, layout_misc_corridors,
          serial_shops, nicolae_shop_just_a_little_nook, drop_trap
Slime:1:  layout_caves
Slime:2:  layout_caves, nicolae_slime_getting_an_eyeful
Slime:3:  cheibrodos_slime_lost_civilization_8, layout_caves,
          cheibrodos_slime_lost_civilization_6
Slime:4:  cheibrodos_slime_lost_civilization_10, layout_caves,
          cheibrodos_slime_lost_civilization_4
Slime:5
Orc:1:    layout_caves, basic_altar, rock_pile
Orc:2:    st_orc_mages, layout_caves, minmay_orc_keep
Elf:1:    layout_geoelf_octagon, gammafunk_ghost_grave,
          nicolae_trove_entry_isolated, serial_shops, shop, shop,
          nicolae_take_the_stairs, shop, evilmike_minifort,
          lemuel_upstairs_altar, grunt_megastairs_5
Elf:2:    nicolae_elf_blades_splatter_lattice [grunt_blade_entry_basic],
          layout_rooms
Elf:3:    minmay_elf_hall_spiked, layout_gridlike, uniq_donald
Vaults:1: nicolae_vaults_murderbox, vaults_room_boxed, ontoclasm_vaults_chip,
          v_misc_24, nicolae_vaults_network_quinsquares
          [nicolae_vaults_network_quincunx_subvault,
          nicolae_vaults_network_quincunx_subvault,
          nicolae_vaults_network_quincunx_subvault,
          nicolae_vaults_network_quincunx_subvault],
          nicolae_vaults_angled_halls, hangedman_vaults_stretched_pinwheel,
          nicolae_vaults_hallways_thing, vaults_dpeg_emergency_exit,
          v_pattern_1, ontoclasm_vaults_tryst, vaults_room_semicircle,
          grunt_vaults_focal, v_misc_30, layout_vaults_omnibox
Vaults:2: dpeg_vaults_pockets_of_resistance, nicolae_vaults_circle_grid_b,
          hangedman_vaults_trim, v_misc_31,
          vaults_standard_mumra_enter_the_diamond,
          minmay_crypt_entry_necro_gods, vaults_mumra_hexcomb,
          nicolae_vaults_twisting_passages, nicolae_vaults_border_crossing,
          v_misc_24, nicolae_vaults_little_squares_5, nicolae_vaults_rhombus_6,
          layout_vaults_quadrants, uniq_saint_roka, uniq_asterion
Vaults:3: nicolae_vaults_big_angled_halls, st_star, vaults_mumra_minichess,
          v_misc_33, v_alt_pattern_5, nicolae_vaults_disjoint_gnomons,
          v_misc_23, vaults_room_large_hall, grunt_vaults_hallway_long,
          v_misc_29, v_misc_11, nicolae_vaults_angled_halls, vaults_mumra_lcd,
          layout_vaults_maze, serial_shops, nicolae_square_shop, uniq_mara
Vaults:4: nicolae_vaults_network_barrier, ontoclasm_vaults_idyll,
          hangedman_vaults_hard_town_square, nicolae_vaults_asterisk,
          nicolae_vaults_yaktaur_gun_rack, vaults_mumra_hex,
          vaults_dpeg_diagonal, v_misc_19, ontoclasm_vaults_gateway,
          ontoclasm_vaults_misaligned, layout_vaults_omnicross
Depths:1: layout_forbidden_donut, enter_ziggurat_f, rand_demon_pan_entry_9,
          hell_entry, nicolae_abyss_entry_one_way_or_another,
          amcnicky_altar_lugonu_corruption, serial_bayou_shore_b,
          kennysheep_random_hallway, uniq_enchantress, uniq_bai_suzhen
Depths:2: minmay_inner_zag, layout_basic, grunt_mini_vestibule,
          grunt_pan_entry_in_and_out, minmay_staircase_bubble
Depths:3: hangedman_cross_stitches, layout_cave_pools, minmay_tree_intersection,
          abyss_entry, pf_hell_entry_tar_spiral, grunt_decor_junction,
          moated_statue, kennysheep_generic_room_11
Depths:4: grunt_zot_entry_pinwheel, layout_gridlike, hell_entry, pan_entry,
          grunt_megastairs_4, uniq_boris
Zot:1:    layout_concentric_octagons
Zot:2:    layout_twisted_circle, ebering_ghost_inner_flame, uniq_vv
Zot:3:    gammafunk_its_a_trap, layout_misc_corridors, grunt_ministairs_5,
          st_stairs_3, nicolae_transmutations_shop
Zot:4:    layout_cathedral_of_symmetry, st_large_dragon_hoard_3
Zot:5:    layout_misc_corridors, uniq_tiamat

Skill      XL: |  1  2  3  4  5  6  7  8  9 10 11 12 13 14 15 16 17 18 19 20 21 22 23 24 25 |
---------------+----------------------------------------------------------------------------+-----
Short Blades   | 4 5 6 7 10 | 10.0
Fighting       | 4 6 8 10 14 15 18 20 | 20.0
Stealth        | 4 5 6 8 |  8.0
Throwing       | 3 7 |  7.0
Evocations     | 3 8 12 16 17 | 17.0
Dodging        | 6 7 12 15 17 19 20 22 | 22.8
Long Blades    | 1 7 11 12 15 18 19 21 | 21.2
Invocations    | 8 |  8.0
Shields        | 3 8 9 14 15 17 21 22 | 22.0

Action                     |  1- 3 |  4- 6 |  7- 9 | 10-12 | 13-15 | 16-18 | 19-21 | 22-24 | 25-27 || total
---------------------------+-------+-------+-------+-------+-------+-------+-------+-------+-------++-------
  Melee: Rapier            |   161 |   151 |   384 |       |       |       |       |       |       ||   696
         Tailslap          |    23 |    23 |    71 |    85 |   193 |   286 |   317 |   386 |    97 ||  1481
         Punch             |     2 |     3 |     4 |     3 |       |       |       |       |       ||    12
         Dagger            |       |     4 |       |    35 |     6 |       |       |       |       ||    45
         Demon blade       |       |       |    12 |   499 |  1043 |  1281 |  1328 |  1547 |   360 ||  6070
         Short sword       |       |       |       |       |    33 |     1 |       |       |       ||    34
         Bite              |       |       |       |       |   123 |   235 |   257 |   300 |    83 ||   998
         Scimitar          |       |       |       |       |       |    53 |       |       |       ||    53
         Double sword      |       |       |       |       |       |       |     1 |    14 |       ||    15
  Throw: Stone             |     2 |     6 |     4 |       |       |       |       |       |       ||    12
         Javelin           |     1 |     1 |       |       |       |       |       |     6 |       ||     8
         Throwing net      |       |     6 |     2 |     1 |     4 |       |       |     2 |       ||    15
         Dart              |       |     7 |    13 |     6 |     1 |     1 |       |       |       ||    28
         Boomerang         |       |       |       |    10 |       |     5 |       |     1 |     3 ||    19
 Invoke: Ancestor Identity |       |       |     1 |       |       |       |       |       |       ||     1
         Ancestor Life: He |       |       |     1 |       |       |       |       |       |       ||     1
         Recall Ancestor   |       |       |     4 |     9 |     6 |     9 |     7 |     5 |     3 ||    43
         Idealise          |       |       |       |     3 |     7 |     9 |    12 |    13 |     5 ||    49
  Evoke: Wand              |       |     4 |     5 |    20 |     1 |     4 |     1 |     1 |       ||    36
         Box of beasts     |       |       |       |       |     1 |     2 |     3 |     1 |       ||     7
         Phantom mirror    |       |       |       |       |     1 |     3 |     2 |     3 |       ||     9
         Phial of floods   |       |       |       |       |     1 |     1 |     1 |     3 |       ||     6
         Condenser vane    |       |       |       |       |       |     4 |     6 |     5 |     1 ||    16
    Use: Scroll            |       |     7 |     6 |    28 |     7 |    15 |    13 |    11 |    10 ||    97
         Potion            |       |     4 |     3 |     3 |     1 |    16 |    11 |    16 |    23 ||    77
   Stab: Sleeping          |     4 |     1 |     8 |     3 |    11 |    15 |     7 |     8 |     1 ||    58
         Held in net/web   |       |     4 |       |       |       |       |       |     1 |       ||     5
         Distracted        |       |       |     6 |    12 |    16 |    39 |    22 |    35 |     9 ||   139
         Confused          |       |       |     5 |    13 |    37 |    22 |   120 |   100 |    14 ||   311
         Paralysed         |       |       |       |     2 |    39 |   124 |   102 |    88 |    11 ||   366
         Petrified         |       |       |       |       |     2 |       |       |       |       ||     2
         Petrifying        |       |       |       |       |     1 |       |       |       |       ||     1
         Invisible         |       |       |       |       |       |       |     3 |       |       ||     3
 Armour: Skin              |    50 |    65 |   111 |   196 |   196 |   246 |   200 |   339 |    53 ||  1456
  Dodge: Dodged            |    96 |   139 |   247 |   395 |   601 |  1049 |   702 |   859 |   162 ||  4250
  Block: Buckler           |       |       |       |   107 |   593 |   933 |   698 |    70 |       ||  2401
         Reflection        |       |       |       |       |    28 |    71 |    35 |     5 |       ||   139
         Tower shield      |       |       |       |       |       |       |       |  1257 |   320 ||  1577

Table legend: (Time is in decaauts)
 A = Elapsed time spent in this place.
 B = Non-inter-level travel time spent in this place.
 C = Inter-level travel time spent in this place.
 D = Time resting spent in this place.
 E = Time spent auto-exploring this place.
 F = Levels seen in this place.
 G = Mean time per level.
                   A        B        C        D        E       F      G
               +--------+--------+--------+--------+--------+-----+--------+
         Total |  76148 |  69141 |   7007 |  10895 |  41111 |  54 | 1410.1 |
       Dungeon |  20040 |  17059 |   2981 |   1773 |  10551 |  15 | 1336.0 |
        Temple |    247 |    194 |     53 |      0 |    176 |   1 |  247.0 |
          Lair |   7857 |   7065 |    792 |    568 |   5170 |   5 | 1571.4 |
         Swamp |   4658 |   4517 |    141 |    926 |   2544 |   4 | 1164.5 |
     Snake Pit |   8128 |   7441 |    687 |   1977 |   4040 |   4 | 2032.0 |
    Slime Pits |   1676 |   1617 |     59 |    438 |    473 |   5 |  335.2 |
  Orcish Mines |   2316 |   2102 |    214 |    506 |   1156 |   2 | 1158.0 |
   Elven Halls |   3946 |   3774 |    172 |    238 |   2349 |   3 | 1315.3 |
        Vaults |   9197 |   8545 |    652 |    998 |   5705 |   4 | 2299.2 |
        Depths |   7966 |   7262 |    704 |   1032 |   4778 |   4 | 1991.5 |
           Zot |   8416 |   7867 |    549 |   1546 |   4006 |   5 | 1683.2 |
        Bailey |    688 |    688 |      0 |    208 |    159 |   1 |  688.0 |
      Ice Cave |   1007 |   1007 |      0 |    684 |      0 |   1 | 1007.0 |
               +--------+--------+--------+--------+--------+-----+--------+

Top non-repeatable levels by time:
 Snake:3: 3500 daAuts
Vaults:1: 2969 daAuts
Depths:1: 2799 daAuts
  Lair:5: 2608 daAuts
    D:11: 2570 daAuts
Vaults:2: 2554 daAuts
   Zot:1: 2442 daAuts
Vaults:3: 2253 daAuts
Depths:2: 2172 daAuts
 Swamp:4: 2100 daAuts
    D:14: 2046 daAuts
Depths:4: 1993 daAuts
   Zot:2: 1991 daAuts
  Lair:3: 1901 daAuts
   Zot:4: 1738 daAuts
